 Dungeon Crawl Stone Soup version 0.29-a0-925-g0a7a3d12f8 (webtiles) character file.

Game seed: 3908611769454933833

8906404 spiderkeys the Conqueror (level 27, 293/293 HPs)
             Began as an Octopode Conjurer on July 22, 2022.
             Was an Initiate of Gozag.
             Escaped with the Orb
             ... and 15 runes on July 29, 2022!
             The game lasted 13:40:51 (208567 turns).

spiderkeys the Conqueror (Octopode Conjurer)      Turns: 208567, Time: 13:40:51

Health: 293/293    AC: 51    Str:  8    XL:     27
Magic:  63/63      EV: 44    Int: 59    God:    Gozag
Gold:   42372      SH: 39    Dex: 29    Spells: 2/80 levels left

rFire   + + +      SeeInvis +   H - +3 Elemental Staff {rElec rF++ rC++ AC+5}
rCold   + + +      Faith    .   I - +8 tower shield {reflect}
rNeg    + + .      Spirit   .   T - -2 hat of the Alchemist {rElec rPois rF+ rC+ rN+ Will+ rMut rCorr}
rPois   ∞          Reflect  +   Q - amulet of Vitality {RegenMP++ Regen++}
rElec   +          Harm     .   v - ring "Rares Usemass" {rF+ Will+ Dex+3 SInv Stlth+}
rCorr   +          Rampage  .   s - ring of the Locust {rCorr AC+4 Int+7 Dex+4 Stlth+}
rMut    +          Archmagi +   f - ring "Zivvuh" {Fire Will+++ Int+5 Dex-3}
Will    +++++      Clarity  +   l - ring "Cyjiuf" {rPois Int+7 Dex+6}
Stlth   +++++.....              D - ring "Ysitol" {Contam +Blink AC+4 Str+2 Int+3}
HPRegen 2.18/turn               O - ring of the Mage {Wiz Archmagi}
MPRegen 1.18/turn               j - ring of the Octopus King {HP+2 MP+9 AC+2 EV+2 SH+2}
                                L - ring "Ekafihun" {rC+ Int+6 Dex+5 Slay-6}

@: statue-form, gold aura, studying 3 skills, bribing [the Dungeon], very slow
A: slow and powerful, torment resistance 1, boosted hp, almost no armour,
amphibious, 8 rings, camouflage 1, (gelatinous body 1), (nimble swimmer 1),
tentacles, (iridescent scales 1), clarity
0: Orb of Zot
}: 15/15 runes: decaying, slimy, silver, golden, iron, obsidian, icy, bone,
abyssal, demonic, glowing, magical, fiery, dark, gossamer
a: End Transformation, Renounce Religion, Evoke Blink, Potion Petition, Call
Merchant, Bribe Branch


You escaped.
You worshipped Gozag.
Gozag was extremely pleased with you.
You were a living statue of rough stone.
You visited 18 branches of the dungeon, and saw 87 of its levels.
You visited Pandemonium 2 times, and saw 30 of its levels.
You visited the Abyss 2 times.
You visited 1 bazaar.
You visited 9 ziggurats (completing 8), and saw 239 of their levels.
You also visited: Sewer.

You collected 233738 gold pieces.
You spent 12118 gold pieces at shops.
You paid 179248 gold pieces to Gozag.


Innate Abilities, Weirdness & Mutations

You are a living statue of rough stone.
Your actions are slow, but your melee attacks are powerful.
You are resistant to unholy torment.
Your maximum health is greatly increased.
You are immune to poison.
You cannot wear most types of armour.
You are amphibious.
You can wear up to eight rings at the same time.
Your skin changes colour to match your surroundings (Stealth+).
((Your rubbery body absorbs attacks. (AC +1, EV +1)))
((You are camouflaged when in or above water. (Stealth+)))
You have tentacles for arms and can constrict up to eight enemies at once.
((You are partially covered in iridescent scales. (AC +2)))
You possess an exceptional clarity of mind.


   Skills:
 O Level 27 Fighting
 O Level 27 Short Blades
 O Level 27 Long Blades
 O Level 27 Axes
 O Level 27 Maces & Flails
 O Level 27 Polearms
 O Level 27 Staves
 O Level 27 Ranged Weapons
 O Level 27 Throwing
 O Level 27 Dodging
 O Level 27 Stealth
 O Level 27 Shields
 O Level 27 Unarmed Combat
 O Level 27 Spellcasting
 O Level 27 Conjurations
 O Level 27 Hexes
 O Level 27 Summonings
 O Level 27 Necromancy
 O Level 27 Translocations
 O Level 27 Transmutations
 O Level 27 Fire Magic
 O Level 27 Ice Magic
 O Level 27 Air Magic
 O Level 27 Earth Magic
 O Level 27 Poison Magic
 O Level 27 Invocations
 O Level 27 Evocations


You had 2 spell levels left.
You knew the following spells:

 Your Spells              Type           Power      Damage    Failure   Level
a - Apportation           Tloc           100%       N/A       0%          1
c - Chain Lightning       Conj/Air       100%       3d133     1%          9
d - Discord               Hex            92%        N/A       0%          8
i - Ignition              Fire           100%       3d25      0%          8
m - Summon Small Mammal   Summ           100%       N/A       0%          1
n - Necromutation         Tmut/Necr      92%        N/A       0%          8
p - Passage of Golubria   Tloc           100%       N/A       0%          4
r - Shatter               Erth           100%       3d71*     1%          9
s - Iron Shot             Conj/Erth      100%       9d18      0%          6
v - Polar Vortex          Ice            100%       N/A       1%          9
D - Death's Door          Necr           92%        N/A       1%          9
S - Statue Form           Tmut/Erth      100%       N/A       0%          6

Your spell library contained the following spells:

 Spells                   Type           Power      Damage    Failure   Level
 Beastly Appendage        Tmut           100%       N/A       0%          1
 Foxfire                  Conj/Fire      100%       2x1d9     0%          1
 Freeze                   Ice            100%       1d11      0%          1
 Magic Dart               Conj           100%       1d8       0%          1
 Necrotise                Necr           100%       1d9       0%          1
 Sandblast                Erth           100%       2d20      0%          1
 Shock                    Conj/Air       100%       1d9       0%          1
 Slow                     Hex            100%       N/A       0%          1
 Sting                    Tmut/Pois      100%       1d8       0%          1
 Blink                    Tloc           100%       N/A       0%          2
 Call Imp                 Summ           100%       N/A       0%          2
 Ensorcelled Hibernation  Hex/Ice        100%       N/A       0%          2
 Passwall                 Tmut/Erth      100%       N/A       0%          2
 Poisonous Vapours        Pois/Air       100%       N/A       0%          2
 Scorch                   Fire           100%       2d10      0%          2
 Searing Ray              Conj           100%       2d8       0%          2
 Static Discharge         Conj/Air       100%       3-16/arc  0%          2
 Sublimation of Blood     Necr           100%       N/A       0%          2
 Wereblood                Tmut           100%       N/A       0%          2
 Call Canine Familiar     Summ           100%       N/A       0%          3
 Confusing Touch          Hex            100%       N/A       0%          3
 Conjure Flame            Conj/Fire      100%       6-21      0%          3
 Dazzling Flash           Conj/Hex       100%       N/A       0%          3
 Frozen Ramparts          Ice            100%       1d12      0%          3
 Gell's Gravitas          Tloc           100%       N/A       0%          3
 Ignite Poison            Fire/Tmut/Pois 100%       N/A       0%          3
 Inner Flame              Hex/Fire       100%       N/A       0%          3
 Lesser Beckoning         Tloc           100%       N/A       0%          3
 Mephitic Cloud           Conj/Pois/Air  100%       N/A       0%          3
 Ozocubu's Armour         Ice            100%       N/A       0%          3
 Portal Projectile        Hex/Tloc       100%       N/A       0%          3
 Spider Form              Tmut/Pois      100%       N/A       0%          3
 Stone Arrow              Conj/Erth      100%       3d13      0%          3
 Summon Guardian Golem    Hex/Summ       100%       N/A       0%          3
 Swiftness                Air            100%       N/A       0%          3
 Teleport Other           Tloc           100%       N/A       0%          3
 Tukima's Dance           Hex            100%       N/A       0%          3
 Vampiric Draining        Necr           100%       2d13      0%          3
 Airstrike                Air            100%       0-30+     0%          4
 Anguish                  Hex/Necr       92%        N/A       0%          4
 Cause Fear               Hex            92%        N/A       0%          4
 Dispel Undead            Necr           100%       3d31      0%          4
 Flame Wave               Conj/Fire      100%       2d21      0%          4
 Fulminant Prism          Conj/Hex       92%        3d37      0%          4
 Hailstorm                Conj/Ice       100%       3d20      0%          4
 Ice Form                 Ice/Tmut       100%       N/A       0%          4
 Iskenderun's Mystic Bla  Conj/Tloc      100%       2d19      0%          4
 Leda's Liquefaction      Hex/Erth       100%       N/A       0%          4
 Olgreb's Toxic Radiance  Pois           100%       N/A       0%          4
 Petrify                  Tmut/Erth      100%       N/A       0%          4
 Sticky Flame             Conj/Fire      100%       2d11      0%          4
 Summon Ice Beast         Ice/Summ       100%       N/A       0%          4
 Summon Lightning Spire   Summ/Air       100%       N/A       0%          4
 Agony                    Necr           100%       N/A       0%          5
 Alistair's Intoxication  Tmut/Pois      100%       N/A       0%          5
 Blade Hands              Tmut           92%        N/A       0%          5
 Borgnjor's Vile Clutch   Necr/Erth      100%       N/A       0%          5
 Fireball                 Conj/Fire      100%       3d36      0%          5
 Freezing Cloud           Conj/Ice/Air   100%       6-21      0%          5
 Irradiate                Conj/Tmut      92%        3d42      0%          5
 Iskenderun's Battlesphe  Conj           100%       2d15      0%          5
 Lee's Rapid Deconstruct  Erth           100%       3d45*     0%          5
 Lightning Bolt           Conj/Air       100%       1d131     0%          5
 Manifold Assault         Tloc           100%       N/A       0%          5
 Metabolic Englaciation   Hex/Ice        100%       N/A       0%          5
 Silence                  Hex/Air        100%       N/A       0%          5
 Summon Forest            Summ/Tloc      92%        N/A       0%          5
 Summon Mana Viper        Hex/Summ       100%       N/A       0%          5
 Yara's Violent Unravell  Hex/Tmut       92%        3d33      0%          5
 Conjure Ball Lightning   Conj/Air       100%       3x3d38    0%          6
 Death Channel            Necr           92%        N/A       0%          6
 Dispersal                Tloc           92%        N/A       0%          6
 Eringya's Noxious Bog    Tmut/Pois      92%        N/A       0%          6
 Starburst                Conj/Fire      100%       6d25      0%          6
 Summon Cactus Giant      Summ           92%        N/A       0%          6
 Dragon Form              Tmut           92%        N/A       0%          7
 Enfeeble                 Hex            92%        N/A       0%          7
 Haunt                    Necr/Summ      92%        N/A       0%          7
 Malign Gateway           Summ/Tloc      92%        N/A       0%          7
 Monstrous Menagerie      Summ           92%        N/A       0%          7
 Orb of Destruction       Conj           92%        9d20      0%          7
 Ozocubu's Refrigeration  Ice            100%       4d25      0%          7
 Spellforged Servitor     Conj/Summ      92%        N/A       0%          7
 Storm Form               Tmut/Air       100%       N/A       0%          7
 Summon Hydra             Summ           92%        N/A       0%          7
 Borgnjor's Revivificati  Necr           92%        N/A       0%          8
 Disjunction              Tloc           92%        N/A       0%          8
 Infestation              Necr           92%        N/A       0%          8
 Lehudib's Crystal Spear  Conj/Erth      100%       10d22     0%          8
 Maxwell's Capacitive Co  Air            100%       ∞         0%          8
 Summon Horrible Things   Summ           92%        N/A       0%          8
 Dragon's Call            Summ           92%        N/A       1%          9
 Fire Storm               Conj/Fire      100%       8d25      1%          9
 Animate Armour           Summ/Erth      Unusable   N/A       N/A         4
 Animate Dead             Necr           Unusable   N/A       N/A         4
 Corpse Rot               Necr/Pois/Air  Unusable   N/A       N/A         4
 Simulacrum               Ice/Necr       Unusable   N/A       N/A         6

Inventory:

Hand Weapons
 A - the +8 demon trident "Rift" {distort, reach+}
   (You found it on level 12 of a ziggurat)

   It warps and distorts space around it, and may blink, banish, or inflict
   extra damage upon those it strikes.
   Unwielding it can cause banishment or high damage.
   It can reach especially far, and its reaching attacks ignore other creatures
   in the way.
 H - the +3 Elemental Staff (weapon) {rElec rF++ rC++ AC+5}
   (You found it on level 15 of a ziggurat)

   If the wielder is skilled in Evocations, they can discharge powerful blasts
   of elemental energy when striking with it.
   It enhances your fire, ice, earth and air magic.
   AC:        It affects your AC (+5).
   rF:        It greatly protects you from fire.
   rC:        It greatly protects you from cold.
   rElec:     It insulates you from electricity.
 R - the +9 staff of Wucad Mu {*channel}
   (You found it on level 16 of a ziggurat)

   It occasionally powers its wielder's spells, but with a chance of causing
   confusion or draining the wielder's intelligence.
   It becomes more likely to activate and less likely to backfire with increased
   Evocations skill.
Missiles
 d - 132 silver javelins
Armour
 B - a +8 tower shield of protection
   (You took it off a demonspawn warmonger on level 16 of a ziggurat)
 G - the +2 shield of Resistance {rF++ rC++ Will++}
   (You found it on level 25 of a ziggurat)

   rF:        It greatly protects you from fire.
   rC:        It greatly protects you from cold.
   Will:      It greatly increases your willpower.
 I - a +8 tower shield of reflection (worn)
   (You took it off a daeva on level 14 of a ziggurat)
 T - the -2 hat of the Alchemist (worn) {rElec rPois rF+ rC+ rN+ Will+ rMut rCorr}
   (You acquired it on level 5 of the Pits of Slime)

   rF:        It protects you from fire.
   rC:        It protects you from cold.
   rElec:     It insulates you from electricity.
   rPois:     It protects you from poison.
   rN:        It protects you from negative energy.
   rCorr:     It protects you from acid and corrosion.
   rMut:      It protects you from mutation.
   Will:      It increases your willpower.
Jewellery
 f - the ring "Zivvuh" (on tentacle) {Fire Will+++ Int+5 Dex-3}
   (You found it on level 26 of a ziggurat)

   [ring of fire]

   It enhances your fire magic.
   Int:       It affects your intelligence (+5).
   Dex:       It affects your dexterity (-3).
   rF:        It protects you from fire.
   rC:        It makes you vulnerable to cold.
   Will:      It greatly increases your willpower.
 h - the ring of Lugonu's Hatred {rF- rN+ rCorr Int+8 Dex-3}
   (You found it on level 20 of a ziggurat)

   [ring of positive energy]

   Int:       It affects your intelligence (+8).
   Dex:       It affects your dexterity (-3).
   rF:        It makes you vulnerable to fire.
   rN:        It protects you from negative energy.
   rCorr:     It protects you from acid and corrosion.
 j - a ring of the Octopus King (on tentacle) {HP+2 MP+9 AC+2 EV+2 SH+2}
   (You found it on level 25 of a ziggurat)

   [ring of magical power]

   AC:        It affects your AC (+2).
   EV:        It affects your evasion (+2).
   HP:        It affects your health (+2).
   MP:        It affects your magic capacity (+9).
   SH:        It affects your SH (+2).
 k - the ring "Jerorphie" {rF+ rC+ AC+4}
   (You found it on level 4 of a ziggurat)

   [ring of protection]

   AC:        It affects your AC (+4).
   rF:        It protects you from fire.
   rC:        It protects you from cold.
 l - the ring "Cyjiuf" (on tentacle) {rPois Int+7 Dex+6}
   (You bought it in a shop on level 2 of the Depths)

   [ring of dexterity]

   Int:       It affects your intelligence (+7).
   Dex:       It affects your dexterity (+6).
   rPois:     It protects you from poison.
 q - the ring of Xom's Ringing Laughter {Will+ Str+9 Int+5 SInv Stlth-}
   (You found it on level 23 of a ziggurat)

   [ring of willpower]

   Str:       It affects your strength (+9).
   Int:       It affects your intelligence (+5).
   SInv:      It lets you see invisible.
   Will:      It increases your willpower.
   Stlth:     It makes you less stealthy.
 s - the ring of the Locust (right tentacle) {rCorr AC+4 Int+7 Dex+4 Stlth+}
   (You found it on level 14 of a ziggurat)

   [ring of protection]

   AC:        It affects your AC (+4).
   Int:       It affects your intelligence (+7).
   Dex:       It affects your dexterity (+4).
   rCorr:     It protects you from acid and corrosion.
   Stlth:     It makes you more stealthy.
 v - the ring "Rares Usemass" (left tentacle) {rF+ Will+ Dex+3 SInv Stlth+}
   (You found it on level 21 of a ziggurat)

   [ring of see invisible]

   Dex:       It affects your dexterity (+3).
   rF:        It protects you from fire.
   SInv:      It lets you see invisible.
   Will:      It increases your willpower.
   Stlth:     It makes you more stealthy.
 D - the ring "Ysitol" (on tentacle) {Contam +Blink AC+4 Str+2 Int+3}
   (You found it on level 10 of a ziggurat)

   [ring of protection]

   AC:        It affects your AC (+4).
   Str:       It affects your strength (+2).
   Int:       It affects your intelligence (+3).
   +Blink:    It lets you blink.
   Contam:    It causes magical contamination when unequipped.
 L - the ring "Ekafihun" (on tentacle) {rC+ Int+6 Dex+5 Slay-6}
   (You found it on level 25 of a ziggurat)

   [ring of intelligence]

   Int:       It affects your intelligence (+6).
   Dex:       It affects your dexterity (+5).
   Slay:      It affects your accuracy & damage with ranged weapons and melee
   (-6).
   rC:        It protects you from cold.
 O - the ring of the Mage (on tentacle) {Wiz Archmagi}
   (You bought it in a shop on level 2 of the Depths)

   [ring of wizardry]

   It improves your spell success rate.
   Archmagi:  It increases the power of your magical spells.
 Q - the amulet of Vitality (around mantle) {RegenMP++ Regen++}
   (You found it on level 19 of a ziggurat)

   [amulet of magic regeneration]

   It increases your rate of magic regeneration.
   Regen:     It increases your rate of health regeneration.
 V - the dreamshard necklace {*Dream Drain}
   (You bought it in a shop in a bazaar)

   [amulet of nothing]

   It shatters if its wearer takes lethal or near-lethal damage, preventing the
   blow and releasing protective dreams that heal and fight for the wearer.
   Drain:     It drains your maximum health when unequipped.
 Z - the ring "Boung" {+Blink MP+9 Int+4 Dex+4}
   (You found it on level 24 of a ziggurat)

   [ring of magical power]

   Int:       It affects your intelligence (+4).
   Dex:       It affects your dexterity (+4).
   MP:        It affects your magic capacity (+9).
   +Blink:    It lets you blink.
Wands
 m - a wand of quicksilver (69)
   (You found it on level 3 of the Dungeon)
Scrolls
 b - 15 scrolls of summoning
 o - 61 scrolls of immolation {!r!r}
 t - 134 scrolls of fog
 w - 25 scrolls of torment {!r}
 y - 59 scrolls of amnesia
 z - 53 scrolls of silence {!r}
 J - 220 scrolls of teleportation {@r4}
 K - 69 scrolls of magic mapping {!r}
 N - 49 scrolls of vulnerability {!r!r}
 P - a scroll of fear
 Y - 67 scrolls of blinking {!r}
Potions
 a - 55 potions of magic
 c - 38 potions of attraction {!q}
 e - 59 potions of curing {@q1}
 g - 35 potions of heal wounds {@q2}
 n - 171 potions of mutation {!q}
 p - 36 potions of cancellation
 r - 24 potions of might
 x - 5 potions of invisibility
 E - 62 potions of haste {@q3}
 F - 7 potions of lignification {!q}
 M - 5 potions of ambrosia
 W - 24 potions of brilliance
 X - 12 potions of resistance
Miscellaneous
 i - a tin of tremorstones (2/2)
   (You found it on level 3 of the Depths)
 u - a phantom mirror
   (You found it on level 3 of the Depths)
 C - the horn of Geryon
   (You took it off Geryon in the Vestibule of Hell)
 U - a condenser vane
   (You found it on level 5 of the Lair of Beasts)

Dungeon Overview and Level Annotations

Branches:
Dungeon (15/15)            Temple (1/1) D:4            Lair (5/5) D:9
  Swamp (4/4) Lair:2       Spider (4/4) Lair:2        Slime (5/5) Lair:4
    Orc (2/2) D:9             Elf (3/3) Orc:2        Vaults (5/5) D:13
  Crypt (3/3) Vaults:3       Tomb (3/3) Crypt:3      Depths (4/4) D:15
   Hell (visited)             Dis (7/7) Hell            Geh (7/7) Hell
    Coc (7/7) Hell            Tar (7/7) Hell            Zot (5/5) Depths:4
  Sewer (visited)

Altars:
Ashenzari
Cheibriados
Dithmenos
Elyvilon
Fedhas
Gozag
Hepliaklqana
Kikubaaqudgha
Makhleb
Nemelex Xobeh
Okawaru
Qazlal
Ru
Sif Muna
Trog
Uskayaw
Vehumet
Wu Jian
Xom
Yredelemnul
Zin
The Shining One
Jiyva

Shops:
D:1 (   D:6 =   D:11 :   D:14 *   Orc:1 :   Orc:2 =[(*   Elf:2 ?   Elf:3 ?**
Vaults:2 ?[[   Vaults:3 :   Depths:1 *   Depths:2 *?!(===(=*=*(==*=*=**=(*

Portals:
Hell: Depths:1 Depths:2 Depths:3 Depths:4
Abyss: Depths:3
Pandemonium: Depths:2
Ziggurat: Depths:2

Annotations:
D:8 1 runed translucent door, SneepSnoop's ghost, novice MiBe
Swamp:3 1 runed translucent door, Zonian's ghost, adept DsIE
Spider:3 2 transporters, exclusion: orange crystal statue

###############
#≈≈≈≈≈≈≈≈≈≈≈≈≈#
#≈≈≈≈≈≈≈≈≈≈≈≈≈#
#≈≈≈≈≈≈≈≈≈≈≈≈≈#
#≈≈≈≈≈≈≈≈≈≈≈≈≈#
#≈≈≈≈≈...≈≈≈≈≈# #####
#≈≈≈≈..8..≈≈≈≈# #....
#≈≈≈≈≈.X.≈≈≈≈≈# #.###
#≈≈≈≈≈≈$≈≈≈≈≈≈######....
#≈≈≈≈≈≈≈≈≈≈≈≈≈#......###
#≈≈≈≈≈≈≈≈≈≈≈≈≈#####..#
#≈≈≈≈≈≈≈≈≈≈≈≈≈#####..###
#≈≈≈≈≈≈≈≈≈≈≈≈≈#.........
#≈≈≈≈≈≈≈≈≈≈≈≈≈#.###..#.#
#≈≈≈≈≈≈≈≈≈≈≈≈≈#...######


You could see a friendly Orb Guardian.


Message History

You now have 293 max hp (+67).
Your hp is fully restored (293).
You lost 5 mp, and now have 58/63 mp.
Casting: Statue Form (safe; 0% risk of failure)
Confirm with . or Enter, or press ? or * to list all spells.
You feel a strong surge of power! Lightning arcs from your tentacles!
The bolt of lightning hits the large abomination!!!!!
You destroy the large abomination!
The bolt of lightning hits the Hell Sentinel!!!
The Hell Sentinel resists.
The bolt of lightning hits you. You resist.
The bolt of lightning hits Xulum!!!!
The bolt of lightning hits the lich!!!
The lich is distracted by your dazzling golden aura. 😎 MP[-7]
You lost 7 mp, and now have 51/63 mp.
Casting: Chain Lightning (mildly dangerous; 1% risk of failure)
Confirm with . or Enter, or press ? or * to list all spells.
You feel a strong surge of power! Lightning arcs from your tentacles!
The bolt of lightning hits Xulum!!!!!
You kill Xulum!
The bolt of lightning hits the Hell Sentinel!!!
The Hell Sentinel resists.
The bolt of lightning hits you!! You resist.
The bolt of lightning hits the lich!!!!
You destroy the lich! 😕 HP[-14] MP[-8]
You take 14 damage, and now have 279/293 hp.
You lost 8 mp, and now have 43/63 mp.
Casting: Chain Lightning (mildly dangerous; 1% risk of failure)
Confirm with . or Enter, or press ? or * to list all spells.
You feel a strong surge of power! Lightning arcs from your tentacles!
The bolt of lightning hits the Hell Sentinel!!!!
The Hell Sentinel resists.
You kill the Hell Sentinel!
The bolt of lightning hits you but does no damage. 😕 HP[+3] MP[-7]
You regained 3 hp, and now have 282/293 hp.
You lost 7 mp, and now have 36/63 mp.
You now have 45372 gold pieces (gained 14).
A sixfirhy comes into view. 😎 HP[+11] MP[+13]
Your hp is fully restored (293).
You regained 13 mp, and now have 49/63 mp.
Casting: Chain Lightning (mildly dangerous; 1% risk of failure)
Confirm with . or Enter, or press ? or * to list all spells.
You feel a strong surge of power! Lightning arcs from your tentacles!
The bolt of lightning hits the sixfirhy!!!!
The sixfirhy resists.
You kill the sixfirhy! 😎 MP[-8]
You lost 8 mp, and now have 41/63 mp. 😎 MP[+2]
You regained 2 mp, and now have 43/63 mp. 😎 MP[+2]
You regained 2 mp, and now have 45/63 mp.
You open the door.
There is an open door here.
There is a dry fountain here.
You enter the shallow water.
Moving in this stuff is going to be slow.
An Orb Guardian comes into view. 😎 MP[+18]
Your mp is fully restored (63).
You block the Orb Guardian's attack.
Do you want to bribe the denizens of the Dungeon?
Gozag spreads your bribe to the Dungeon!
The Orb Guardian misses you. You block the Orb Guardian's attack.
Unknown command.
You block the Orb Guardian's attack. x2; The Orb Guardian hits you!
You block the Orb Guardian's attack. 😕 HP[-7]
You take 7 damage, and now have 286/293 hp.
The Orb Guardian attacks as you move away!
You block the Orb Guardian's attack. x3
Your Orb Guardian grins greedily, jangling a coin purse.
An Orb Guardian comes into view. 😕 HP[+5]
You regained 5 hp, and now have 291/293 hp.
You block the Orb Guardian's attack.
The Orb Guardian completely misses you. 😎 HP[+2]
Your hp is fully restored (293).
The Orb Guardian attacks as you move away!
You block the Orb Guardian's attack. x3; The Orb Guardian hits you! 😕 HP[-10]
You take 10 damage, and now have 283/293 hp.
Casting: Chain Lightning (mildly dangerous; 1% risk of failure)
Confirm with . or Enter, or press ? or * to list all spells.
Okay, then.
Your Orb Guardian hits the Orb Guardian! x2
You block the Orb Guardian's attack.
Your Orb Guardian hits the Orb Guardian!
You block the Orb Guardian's attack. 😕 HP[+5]
You regained 5 hp, and now have 288/293 hp.
Your Orb Guardian hits the Orb Guardian!!!
Your Orb Guardian hits the Orb Guardian!!
You block the Orb Guardian's attack.
Your Orb Guardian hits the Orb Guardian!!
The Orb Guardian dies! 😎 HP[+5]
Your hp is fully restored (293).
There is a staircase leading out of the dungeon here.
You have escaped!

Skill      XL: |  1  2  3  4  5  6  7  8  9 10 11 12 13 14 15 16 17 18 19 20 21 22 23 24 25 26 27 |
---------------+----------------------------------------------------------------------------------+-----
Spellcasting   | 3 4 5 7 8 10 12 14 16 17 18 27 | 27.0
Conjurations   | 5 6 7 8 9 10 12 14 15 16 18 19 21 22 27 | 27.0
Hexes          | 2 4 7 10 27 | 27.0
Translocations | 2 5 7 10 27 | 27.0
Fighting       | 3 5 6 9 12 14 15 18 27 | 27.0
Dodging        | 4 7 11 15 27 | 27.0
Earth Magic    | 8 12 14 15 16 27 | 27.0
Shields        | 4 27 | 27.0
Transmutations | 4 10 12 27 | 27.0
Stealth        | 7 27 | 27.0
Necromancy     | 6 8 27 | 27.0
Air Magic      | 10 14 17 18 27 | 27.0
Fire Magic     | 27 | 27.0
Short Blades   | 27 | 27.0
Evocations     | 27 | 27.0
Throwing       | 27 | 27.0
Ice Magic      | 27 | 27.0
Staves         | 27 | 27.0
Unarmed Combat | 27 | 27.0
Ranged Weapons | 27 | 27.0
Long Blades    | 27 | 27.0
Axes           | 27 | 27.0
Maces & Flails | 27 | 27.0
Polearms       | 27 | 27.0
Poison Magic   | 27 | 27.0
Invocations    | 27 | 27.0
Summonings     | 27 | 27.0

Action                   |  1- 3 |  4- 6 |  7- 9 | 10-12 | 13-15 | 16-18 | 19-21 | 22-24 | 25-27 || total
-------------------------+-------+-------+-------+-------+-------+-------+-------+-------+-------++-------
Melee: Unarmed           |     6 |       |       |       |       |       |       |       |       ||     6
       Constrict         |     1 |     1 |     2 |       |       |     1 |       |     2 |   106 ||   113
       Tentacles         |     1 |     2 |     3 |       |       |     5 |     3 |     4 |   297 ||   315
       Staff             |       |     3 |    18 |       |     6 |    19 |     6 |    11 |   731 ||   794
       Punch             |       |       |       |       |     1 |       |       |     1 |    40 ||    42
       Rapier            |       |       |       |       |       |       |       |       |    41 ||    41
Throw: Javelin           |       |       |       |       |       |       |       |       |    25 ||    25
 Cast: Magic Dart        |    65 |    23 |   282 |   254 |   576 |   645 |    23 |       |       ||  1868
       Searing Ray       |     1 |     8 |    49 |    50 |    12 |     1 |       |       |       ||   121
       Fulminant Prism   |       |       |     7 |    89 |    76 |    20 |    11 |     4 |     1 ||   208
       Iskenderun's Myst |       |       |       |    55 |   122 |   220 |    61 |    47 |     3 ||   508
       Iskenderun's Batt |       |       |       |    19 |   105 |   136 |    11 |       |       ||   271
       Mephitic Cloud    |       |       |       |     1 |       |       |       |       |       ||     1
       Lee's Rapid Decon |       |       |       |       |     5 |       |    51 |    67 |    31 ||   154
       Statue Form       |       |       |       |       |     4 |    94 |    67 |    67 |   637 ||   869
       Yara's Violent Un |       |       |       |       |     1 |     5 |    37 |    21 |     9 ||    73
       Iron Shot         |       |       |       |       |       |    26 |   231 |   320 |  2101 ||  2678
       Borgnjor's Vile C |       |       |       |       |       |       |    31 |    11 |       ||    42
       Chain Lightning   |       |       |       |       |       |       |       |    78 |  2280 ||  2358
       Shatter           |       |       |       |       |       |       |       |       |   718 ||   718
       Ignition          |       |       |       |       |       |       |       |       |   518 ||   518
       Necromutation     |       |       |       |       |       |       |       |       |   241 ||   241
       Irradiate         |       |       |       |       |       |       |       |       |    13 ||    13
       Maxwell's Capacit |       |       |       |       |       |       |       |       |    11 ||    11
       Polar Vortex      |       |       |       |       |       |       |       |       |     7 ||     7
       Infestation       |       |       |       |       |       |       |       |       |     2 ||     2
       Discord           |       |       |       |       |       |       |       |       |     2 ||     2
       Fire Storm        |       |       |       |       |       |       |       |       |     1 ||     1
       Apportation       |       |       |       |       |       |       |       |       |     1 ||     1
Invok: Potion Petition   |       |       |       |       |       |       |       |       |   310 ||   310
       Call Merchant     |       |       |       |       |       |       |       |       |    22 ||    22
       Bribe Branch      |       |       |       |       |       |       |       |       |     1 ||     1
 Abil: Evoke Blink       |       |       |       |       |       |       |       |       |    20 ||    20
       End Transformatio |       |       |       |       |       |       |       |       |     6 ||     6
Evoke: Wand              |       |     5 |     2 |     7 |     1 |     2 |       |       |    18 ||    35
       Tin of tremorston |       |       |       |       |       |     2 |       |       |     5 ||     7
       Condenser vane    |       |       |       |       |       |     1 |       |       |     4 ||     5
       Figurine of a zig |       |       |       |       |       |       |       |       |     9 ||     9
       Horn of Geryon    |       |       |       |       |       |       |       |       |     2 ||     2
       Phantom mirror    |       |       |       |       |       |       |       |       |     1 ||     1
  Use: Scroll            |       |     3 |     9 |     4 |     8 |     6 |     3 |     3 |   106 ||   142
       Potion            |       |       |     6 |     1 |     4 |     4 |       |     4 |   142 ||   161
 Stab: Distracted        |       |       |       |       |       |       |       |       |    24 ||    24
       Invisible         |       |       |       |       |       |       |       |       |     3 ||     3
       Sleeping          |       |       |       |       |       |       |       |       |     1 ||     1
Armor: Skin              |     3 |     1 |     2 |     1 |     9 |   331 |    56 |   166 |   848 ||  1417
Dodge: Dodged            |     5 |    14 |    70 |    51 |    92 |   326 |    73 |   135 |  2378 ||  3144
Block: Buckler           |       |       |     5 |     6 |    30 |   407 |    80 |    93 |   419 ||  1040
       Reflection        |       |       |       |       |    10 |     8 |    26 |       |    54 ||    98
       Tower shield      |       |       |       |       |       |       |       |       |  2170 ||  2170
       Kite shield       |       |       |       |       |       |       |       |       |    40 ||    40

Levels and vault maps discovered:
D:1:      zaba_arrival_water, layout_loops_ring, serial_shops,
          nicolae_shop_bloodbath_and_beyond,
          hellmonk_ecumenical_altar_prayer_group
D:2:      layout_basic, uniq_sigmund
D:3:      minmay_chambers_of_twos, layout_loops_ring,
          mainiacjoe_overflow_cross_hatched, lightli_sewer_entry_pipes,
          minmay_unequal, uniq_grinder, uniq_natasha
D:4:      layout_rooms, lemuel_tele_altar, beargit_hepliaklqana_dungeon_heroes,
          minmay_temple_entry_butterflies, serial_undead, serial_undead_f,
          serial_undead_c, serial_undead_f, serial_undead_e,
          grunt_ministairs_10, uniq_pargi, uniq_crazy_yiuf_cottage
D:5:      layout_loops_cross, kennysheep_mini, mainiacjoe_overflow_alcove_2,
          nicolae_eternal_life, uniq_blork_the_orc
D:6:      layout_basic, kennysheep_mini_moat, nicolae_overflow_hidden_temple,
          serial_shops, shop, minmay_door_square,
          hangedman_abyss_or_decor_stagger, hangedman_abyss_or_decor_passed
D:7:      layout_basic, fedhas_ov_isle_minmay, amcnicky_altar_gilded,
          grunt_gozag_breadcrumbs, general_overflow_altar,
          ebering_ghost_rock_garden
D:8:      layout_basic, lemuel_round_altar, special_room [special_room_orc],
          ebering_ghost_inner_flame, minmay_quadrilaterals, uniq_erica
D:9:      layout_grid_maze, david_lair_generic, zombieorc2_lemuel,
          uniq_prince_ribbit1, uniq_erolcha
D:10:     layout_loops_ring, nicolae_sif_muna_condensation, marbit_many_paths,
          ebering_ghost_funeral_grove, uniq_urug
D:11:     layout_basic, serial_shops, nicolae_shop_behind_doors, uniq_fannar
D:12:     layout_big_octagon, uniq_kirke
D:13:     layout_basic, skrybe_vaults_entry_preservation,
          nicolae_ru_great_annihilating_truth, uniq_sonja, uniq_nessos
D:14:     layout_rooms, bloody_makhleb, nicolae_shop_fire_sale
          [nicolae_sub_dead_trees], uniq_louise
D:15:     grunt_enter_depths_hoard, layout_stronghold, reono_crystal_passage
Temple:   nicolae_temple_two_arcs
Lair:1:   layout_chaotic_city, lemuel_fruit_tree, grunt_megastairs_3, uniq_grum
Lair:2:   layout_cave_pods, skrybe_swamp_entry_bodies, spider_nest_entry_rubble
Lair:3:   nzn_winding_woodlands_stair_cross [nzn_winding_woodlands_5x15_parted,
          nzn_winding_woodlands_center_diamonds,
          nzn_winding_woodlands_5x15_garden, nzn_winding_woodlands_hourglass,
          nzn_winding_woodlands_5x5_cross, nzn_winding_woodlands_5x15_twine,
          nzn_winding_woodlands_center_pierced_h,
          nzn_winding_woodlands_5x15_lazy_stream], layout_small_grid
Lair:4:   layout_concentric_octagons, minmay_slime_entry_pillars
Lair:5:   minmay_lair_end_frog_pond, layout_misc_corridors
Swamp:1:  layout_basic_swamp, evilmike_swamp_ruin_house_6, swamp_pool1,
          st_swamp_ruins_3, uniq_frances
Swamp:2:  layout_basic_swamp, nicolae_swamp_little_swirl, swamp_pool1
Swamp:3:  layout_basic_swamp, ebering_ghost_reflecting_pool,
          nicolae_swamp_treefoil, infiniplex_staircase_pool
Swamp:4:  swamp_icy, layout_basic_swamp, swamp_pool3,
          nicolae_swamp_frolicking_bunyips, infiniplex_staircase_pool_2
Spider:1: layout_spider_delve
Spider:2: layout_spider_delve, nicolae_spider_rock_and_or_roll
Spider:3: gammafunk_sealed_arena, drop_trap, hellmonk_watch_for_rolling_rocks
Spider:4: guppyfry_spider_rune, uniq_nikola
Slime:1:  layout_caves
Slime:2:  layout_caves, basic_altar
Slime:3:  layout_caves
Slime:4:  layout_caves
Slime:5
Orc:1:    layout_caves, serial_shops, shop, basic_altar
Orc:2:    grunt_orc_gardens, layout_caves, grunt_orc_garden, grunt_orc_garden,
          grunt_orc_garden, grunt_orc_garden
Elf:1:    nicolae_elf_arrival_aired_out, layout_geoelf_octagon,
          hangedman_elf_represent, onia_ninara_cookie
Elf:2:    nicolae_elf_blades_crystal_corner, layout_geoelf_octagon,
          serial_shops, shop, serial_glass, glass_columns_a, glass_columns_a
Elf:3:    elf_hall, layout_rooms, serial_shops, nicolae_lakefront_shop,
          special_room [special_room_orc], minmay_shoptagon, uniq_donald
Vaults:1: nicolae_vaults_an_arrangement, v_rooms_2, v_alt_pattern_5,
          nicolae_vaults_little_squares_2, v_misc_5,
          nicolae_vaults_angled_halls, vaults_mumra_minichess,
          hangedman_vaults_snaps, ontoclasm_vaults_ring_square,
          layout_vaults_chaotic_city
Vaults:2: ontoclasm_vaults_decontamination, v_misc_15,
          vaults_room_stairs_pillars, hangedman_vaults_variations, v_misc_15,
          v_misc_13, v_misc_23, hangedman_vaults_impose, grunt_vaults_funnel,
          v_misc_3, vaults_dpeg_hooks, layout_vaults_omnicross, serial_shops,
          nicolae_lakefront_shop, shop_statue, nicolae_shop_hallway_plus
Vaults:3: serial_ice_m, hangedman_vaults_restitches, hangedman_vaults_corner,
          minmay_crypt_entry_simple_plaza, nicolae_vaults_mini_display_case,
          grunt_vaults_diagonal, nicolae_vaults_gold_heap,
          nicolae_vaults_little_squares_1, ontoclasm_vaults_misaligned,
          vaults_standard_mumra_lines, nicolae_vaults_ring_of_whatevers,
          layout_vaults_omnigrid, serial_shops, nicolae_shop_stone
Vaults:4: v_misc_13, nicolae_vaults_circle_grid_b, ontoclasm_vaults_pinch,
          vaults_standard_mumra_enter_the_diamond, st_more_cells,
          nicolae_vaults_three_branches, nicolae_vaults_little_ls, v_pattern_1,
          hangedman_vaults_locks, vaults_mumra_chevron, layout_vaults_omnibox
Vaults:5
Crypt:1:  layout_catacombs, basic_altar
Crypt:2:  layout_misc_corridors, beargit_elvish_explorers, uniq_xtahua,
          uniq_josephina, uniq_margery, uniq_frederick
Crypt:3:  grunt_crypt_end_deaths_head, uniq_boris, uniq_zenata, uniq_vv
Tomb:1
Tomb:2
Tomb:3
Depths:1: layout_cave_pools, hell_entry, grunt_decor_junction,
          guppyfry_shop_earth, serial_bayou_shore_a,
          infiniplex_staircase_pool_lava, uniq_aizul, uniq_mara, uniq_asterion
Depths:2: thingy_vault, layout_small_grid, grunt_hell_horde, pan_entry,
          nicolae_elyvilon_temple_path, nzn_random_ring, minmay_shop_star
Depths:3: minmay_the_grid_square_5x5_5x5_mashed
          [minmay_the_grid_square_5x5_three,
          minmay_the_grid_square_5x5_three_small,
          minmay_the_grid_square_5x5_beaten_path,
          minmay_the_grid_square_5x5_percent,
          minmay_the_grid_square_5x5_fancy_junction,
          minmay_the_grid_square_5x5_trominoes,
          minmay_the_grid_square_5x5_prize_monsterx,
          minmay_the_grid_square_5x5_eight,
          minmay_the_grid_square_5x5_prize_waves,
          minmay_the_grid_square_5x5_spiral_small,
          minmay_the_grid_square_5x5_gyroscope,
          minmay_the_grid_square_5x5_two_walls_b,
          minmay_the_grid_square_5x5_prize_deathbox,
          minmay_the_grid_square_5x5_bridge, minmay_the_grid_square_5x5_forky,
          minmay_the_grid_square_5x5_empty,
          minmay_the_grid_square_5x5_prize_junk,
          minmay_the_grid_square_5x5_slash,
          minmay_the_grid_square_5x5_prize_snowflake,
          minmay_the_grid_square_5x5_inverted_slash,
          minmay_the_grid_square_5x5_misaligned,
          minmay_the_grid_square_5x5_eight_small,
          minmay_the_grid_square_5x5_shuriken,
          minmay_the_grid_square_5x5_shrine1, minmay_the_grid_square_5x5_z],
          layout_cave_shapes, minmay_room_of_horrors,
          chequers_serial_rivers_micro_a, serial_shops, bzr_entry_lakeside,
          hangedman_coc_ice_floe, serial_bayou_shore_b, uniq_parghit
Depths:4: grunt_zot_entry_funnels, layout_long_grid, enter_ziggurat_a,
          hex_medium, serial_sigils, serial_sigils_hangedman_confine,
          serial_sigils_hangedman_writhe, serial_sigils_hangedman_leer,
          serial_sigils_hangedman_scratch, pf_hell_entry_tar_spiral,
          serial_bayou_shore_b
Hell
Dis:1:    layout_regular_city, nicolae_dis_distal_crystal
Dis:2:    layout_subdivisions
Dis:3:    layout_gridville
Dis:4:    layout_gridville
Dis:6:    layout_gridville
Dis:7:    dis_st
Geh:1:    hangedman_generic_boss_arena
Geh:2:    layout_gehenna_pools_basic, minmay_fire_ice_demons
Geh:3:    layout_gehenna_pools_box
Geh:4:    layout_gehenna_lava_caves, nicolae_geh_lava_shack
Geh:5:    nicolae_geh_tyrants_menagerie, layout_gehenna_pools_box
Geh:6:    layout_gehenna_pools_basic
Geh:7:    geh_grunt
Coc:1:    layout_cocytus_delve, nicolae_coc_kraken_the_ice
Coc:2:    layout_cocytus_delve
Coc:3:    nicolae_coc_city_of_iceburg
Coc:4:    layout_ice_bergs
Coc:5:    layout_cocytus_delve
Coc:6:    layout_cocytus_water_paths
Coc:7:    coc_dpeg
Tar:1:    layout_grid_maze, nicolae_tar_cuneiform_oil
Tar:2:    layout_cathedral_of_symmetry
Tar:3:    layout_grid_maze
Tar:4:    layout_grid_maze
Tar:5:    layout_grid_maze
Tar:6:    layout_grid_maze
Tar:7:    tar_mu [tar_mu_maze]
Zot:1:    layout_basic
Zot:2:    layout_gridville
Zot:3:    layout_basic, grunt_megastairs_4
Zot:4:    layout_basic
Zot:5:    layout_onion, st_stairs_10, grunt_ministairs_4

Notes
Turn   | Place    | Note
-------+----------+-------------------------------------------
     0 | D:1      | spiderkeys the Octopode Conjurer began the quest for the
                  | Orb.
     0 | D:1      | Reached XP level 1. HP: 11/11 MP: 3/3
     0 | D:1      | magus.rc [v1.11.3]
   250 | D:1      | Reached XP level 2. HP: 17/17 MP: 1/5
   426 | D:1      | Learned a level 2 spell: Searing Ray
   437 | D:1      | Found a faded altar of an unknown god.
  1037 | D:1      | Found Feevvaf's Weapon Boutique.
  1040 | D:1      | Reached XP level 3. HP: 21/21 MP: 4/6
  1545 | D:2      | Reached skill level 3 in Spellcasting
  1638 | D:2      | Reached XP level 4. HP: 27/27 MP: 5/8
  1698 | D:2      | Noticed Sigmund
  1755 | D:3      | Noticed Grinder
  1762 | D:3      | Killed Grinder
  1763 | D:3      | Reached skill level 4 in Spellcasting
  1763 | D:3      | Reached skill level 5 in Conjurations
  1763 | D:3      | Reached XP level 5. HP: 31/31 MP: 3/11
  1763 | D:3      | Reached XP level 6. HP: 36/36 MP: 3/12
  1814 | D:3      | Noticed Natasha
  1817 | D:3      | Killed Natasha
  1818 | D:3      | Reached skill level 6 in Conjurations
  1974 | D:3      | Noticed Natasha
  1979 | D:3      | Found a sacrificial altar of Ru.
  2007 | D:3      | Identified the +1 ring mail of the Butcher {Str+3}
  2103 | D:3      | Found a glowing drain.
  2173 | Sewer    | Entered a sewer
  2265 | Sewer    | Noticed a water moccasin
  2268 | Sewer    | Killed a water moccasin
  2269 | Sewer    | Reached XP level 7. HP: 41/41 MP: 11/14
  2381 | D:3      | Reached skill level 5 in Spellcasting
  2909 | D:3      | Killed Natasha
  3471 | D:2      | Identified the +0 helmet "Tenouklu" {rElec Will+ Int+2}
  3621 | D:2      | Killed Sigmund
  3622 | D:2      | Reached skill level 7 in Conjurations
  4000 | D:4      | Noticed Pargi
  4005 | D:4      | Killed Pargi
  4197 | D:4      | Reached XP level 8. HP: 46/46 MP: 9/16
  4285 | D:4      | Reached skill level 6 in Spellcasting
  4454 | D:4      | Found a staircase to the Ecumenical Temple.
  4464 | Temple   | Entered the Ecumenical Temple
  4578 | Temple   | Became a worshipper of Vehumet
  4611 | D:4      | Found a runed translucent door.
  4612 | D:4      | Noticed Crazy Yiuf
  4809 | D:3      | Noticed Natasha
  4892 | D:3      | Killed Natasha
  5051 | D:4      | Learned a level 4 spell: Fulminant Prism
  5056 | D:4      | Learned a level 4 spell: Iskenderun's Mystic Blast
  5124 | D:4      | Reached skill level 8 in Conjurations
  5152 | D:4      | Found a faded altar of an unknown god.
  5153 | D:4      | Found a hazy altar of Hepliaklqana.
  5224 | D:4      | Found a glowing silver altar of Zin.
  5490 | D:4      | Killed Crazy Yiuf
  5683 | D:5      | Entered Level 5 of the Dungeon
  5808 | D:5      | Reached * piety under Vehumet
  5808 | D:5      | Offered knowledge of Freeze by Vehumet.
  6002 | D:5      | Reached skill level 7 in Spellcasting
  6335 | D:5      | Noticed Blork the orc
  6344 | D:5      | Reached skill level 1 in Hexes
  6344 | D:5      | Reached skill level 1 in Translocations
  6350 | D:5      | Killed Blork the orc
  6440 | D:5      | Reached skill level 2 in Hexes
  6440 | D:5      | Reached skill level 2 in Translocations
  6440 | D:5      | Reached XP level 9. HP: 51/51 MP: 14/19
  6734 | D:5      | Found a white marble altar of Elyvilon.
  6843 | D:5      | Found a snail-covered altar of Cheibriados.
  7379 | D:6      | Reached skill level 3 in Hexes
  7379 | D:6      | Reached skill level 3 in Translocations
  7510 | D:6      | Found a stormy altar of Qazlal.
  7627 | D:6      | Found Ostiton's Jewellery Shoppe.
  7636 | D:6      | Bought a ring of see invisible for 150 gold pieces
  7733 | D:6      | Reached skill level 9 in Conjurations
  8049 | D:6      | Found a burning altar of Makhleb.
  8167 | D:6      | Offered knowledge of Shock by Vehumet.
  8167 | D:6      | Reached ** piety under Vehumet
  8463 | D:7      | Reached skill level 4 in Hexes
  8600 | D:7      | Reached skill level 4 in Translocations
  8679 | D:7      | Found a runed translucent gate.
  8990 | D:7      | Found a runed translucent gate.
  8991 | D:7      | Found a runed translucent gate.
  8993 | D:7      | Noticed Jackthecabe's ghost (amateur OpSu)
  9258 | D:7      | Found an opulent altar of Gozag.
  9436 | D:7      | Found a blossoming altar of Fedhas.
  9460 | D:7      | Found a shimmering altar of Xom.
  9563 | D:7      | Found a hide-covered altar of Uskayaw.
 10205 | D:7      | Gained mutation: A frigid envelope surrounds you and
                  | freezes all who hurt you. [potion of mutation]
 10275 | D:7      | Killed Jackthecabe's ghost
 10276 | D:7      | Reached skill level 5 in Translocations
 10276 | D:7      | Reached XP level 10. HP: 47/56 MP: 14/21
 10383 | D:7      | HP: 13/56 [poisoned by a kobold brigand (curare-tipped
                  | dart)]
 10668 | D:8      | Reached skill level 5 in Hexes
 10672 | D:8      | Reached skill level 8 in Spellcasting
 10675 | D:8      | Offered knowledge of Frozen Ramparts by Vehumet.
 10797 | D:8      | Reached skill level 6 in Hexes
 10797 | D:8      | Reached skill level 6 in Translocations
 10987 | D:8      | You pick up a book of Spectacle and begin reading...
 11129 | D:8      | Found a runed translucent door.
 11129 | D:8      | Noticed a cyclops
 11129 | D:8      | Noticed SneepSnoop's ghost (novice MiBe)
 11160 | D:8      | Reached *** piety under Vehumet
 11507 | D:8      | Found an iron altar of Okawaru.
 11602 | D:8      | Noticed Erica
 11616 | D:8      | Killed Erica
 11912 | D:8      | Reached skill level 7 in Hexes
 11915 | D:8      | Reached skill level 7 in Translocations
 12083 | D:8      | Offered knowledge of Mephitic Cloud by Vehumet.
 12088 | D:8      | Learned a level 3 spell: Mephitic Cloud
 12186 | D:8      | Reached skill level 10 in Conjurations
 12186 | D:8      | Reached XP level 11. HP: 56/61 MP: 15/23
 12365 | D:8      | You pick up a book of Dreams and begin reading...
 12365 | D:8      | You add the spells Ensorcelled Hibernation, Spider Form and
                  | Anguish to your library.
 12539 | D:9      | Noticed Erolcha
 12868 | D:9      | Reached **** piety under Vehumet
 12872 | D:9      | Reached skill level 9 in Spellcasting
 12971 | D:9      | Offered knowledge of Iskenderun's Battlesphere by Vehumet.
 12987 | D:9      | Learned a level 5 spell: Iskenderun's Battlesphere
 13284 | D:9      | Found a staircase to the Orcish Mines.
 13388 | D:9      | Noticed Prince Ribbit
 13394 | D:9      | Killed Prince Ribbit
 13565 | D:9      | Noticed a two-headed ogre
 13571 | D:9      | Killed a two-headed ogre
 13753 | D:9      | Reached ***** piety under Vehumet
 13760 | D:9      | Offered knowledge of Airstrike by Vehumet.
 13761 | D:9      | Reached skill level 11 in Conjurations
 14232 | D:9      | Killed Erolcha
 14233 | D:9      | Reached skill level 10 in Spellcasting
 14337 | D:9      | Found a staircase to the Lair.
 14979 | D:10     | Entered Level 10 of the Dungeon
 15172 | D:10     | Reached skill level 12 in Conjurations
 15253 | D:10     | Found a broken altar of Ashenzari.
 15391 | D:10     | Noticed Urug
 15432 | D:10     | Killed Urug
 16054 | D:10     | Found a shimmering blue altar of Sif Muna.
 16074 | D:10     | Found a runed translucent door.
 16076 | D:10     | Noticed tself55's ghost (journeyman PaDe)
 16077 | D:10     | Identified the +4 spear "Tetaxuid" {drain, rF- Str+4 Dex+3}
 16340 | Lair:1   | Entered Level 1 of the Lair of Beasts
 16346 | Lair:1   | Reached XP level 12. HP: 43/66 MP: 21/26
 16361 | Lair:1   | Reached skill level 8 in Hexes
 16361 | Lair:1   | Reached skill level 8 in Translocations
 16363 | Lair:1   | HP: 15/66 [basilisk (5)]
 16605 | D:9      | Upgraded the game from 0.29-a0-887-gcbe080d7e0 to
                  | 0.29-a0-892-g2c4c91d9db
 16605 | D:9      | magus.rc [v1.11.3]
 16821 | Lair:1   | Noticed a boulder beetle
 17302 | Lair:1   | Killed a boulder beetle
 17475 | Lair:1   | Noticed Grum
 17479 | Lair:1   | Killed Grum
 18052 | Lair:1   | Reached skill level 9 in Hexes
 18052 | Lair:1   | Reached skill level 9 in Translocations
 18361 | Lair:1   | You pick up a book of Party Tricks and begin reading...
 18361 | Lair:1   | You add the spells Apportation and Alistair's Intoxication
                  | to your library.
 18784 | Lair:2   | Noticed a death yak
 18786 | Lair:2   | Noticed a death yak
 18789 | Lair:2   | Noticed a death yak
 18790 | Lair:2   | Killed a death yak
 18792 | Lair:2   | Killed a death yak
 18792 | Lair:2   | Noticed a death yak
 18799 | Lair:2   | Killed a death yak
 18803 | Lair:2   | Killed a death yak
 18804 | Lair:2   | Reached skill level 10 in Hexes
 18804 | Lair:2   | Reached skill level 10 in Translocations
 18804 | Lair:2   | Reached skill level 1 in Fighting
 18814 | Lair:1   | Offered knowledge of Lee's Rapid Deconstruction by Vehumet.
 18821 | Lair:1   | Learned a level 5 spell: Lee's Rapid Deconstruction
 18981 | Lair:2   | Reached skill level 2 in Fighting
 18981 | Lair:2   | Reached skill level 3 in Dodging
 19017 | Lair:2   | You pick up a book of Debilitation and begin reading...
 19017 | Lair:2   | You add the spells Slow, Vampiric Draining and Confusing
                  | Touch to your library.
 19097 | Lair:2   | Found a hole to the Spider Nest.
 19133 | Lair:2   | Found a staircase to the Swamp.
 19147 | Lair:2   | Reached skill level 3 in Fighting
 19158 | Lair:2   | Noticed a boulder beetle
 19285 | Lair:2   | Killed a boulder beetle
 19286 | Lair:2   | Reached skill level 4 in Dodging
 19286 | Lair:2   | Reached XP level 13. HP: 78/78 MP: 5/27
 19448 | Lair:2   | Reached skill level 4 in Fighting
 19820 | Lair:2   | You add the spells Conjure Flame, Ignite Poison and Sticky
                  | Flame to your library.
 19895 | Lair:2   | Reached skill level 5 in Dodging
 20656 | Lair:3   | Reached skill level 5 in Fighting
 20657 | Lair:2   | HP: 16/81 [poisoned by a cane toad]
 21231 | Lair:3   | Reached skill level 6 in Dodging
 21375 | Lair:3   | Reached skill level 1 in Earth Magic
 21385 | Lair:3   | Reached skill level 2 in Earth Magic
 21396 | Lair:3   | HP: 16/81 [eight-headed hydra (16)]
 21462 | Lair:3   | Reached skill level 3 in Earth Magic
 21462 | Lair:3   | HP: 7/81 [death yak (25)]
 21464 | Lair:3   | Reached skill level 7 in Dodging
 21594 | Lair:3   | HP: 12/81 [seven-headed hydra (12)]
 21598 | Lair:3   | Reached skill level 4 in Earth Magic
 22989 | Lair:4   | Reached skill level 5 in Earth Magic
 23103 | Lair:4   | Found a viscous altar of Jiyva.
 23161 | Lair:4   | Found a staircase to the Slime Pits.
 23381 | Lair:4   | Reached skill level 6 in Earth Magic
 23566 | Lair:4   | You pick up a book of Spatial Translocations and begin
                  | reading...
 23566 | Lair:4   | You add the spells Blink, Lesser Beckoning and Manifold
                  | Assault to your library.
 24092 | Lair:4   | Reached skill level 7 in Earth Magic
 24223 | Lair:5   | Entered Level 5 of the Lair of Beasts
 24332 | Lair:5   | Reached skill level 8 in Earth Magic
 24335 | Lair:5   | Reached XP level 14. HP: 57/88 MP: 10/28
 24483 | Lair:5   | Reached skill level 9 in Earth Magic
 24490 | Lair:5   | Offered knowledge of Yara's Violent Unravelling by Vehumet.
 24623 | Lair:5   | Reached skill level 10 in Earth Magic
 25334 | Lair:5   | Reached skill level 11 in Earth Magic
 25627 | Lair:5   | You pick up a book of the Warp and begin reading...
 25627 | Lair:5   | You add the spells Dispersal and Disjunction to your
                  | library.
 25909 | Lair:5   | Reached skill level 12 in Earth Magic
 25915 | Lair:5   | Learned a level 5 spell: Yara's Violent Unravelling
 26035 | Lair:5   | Got the Guidebook on Bewitchment
 26043 | Lair:5   | Reached skill level 1 in Shields
 26093 | Lair:5   | Identified the ring of the Well-Known Xenops {Ice Int+3}
 26663 | D:11     | Reached skill level 1 in Transmutations
 26683 | D:11     | Noticed Fannar
 26687 | D:11     | Killed Fannar
 26825 | D:11     | Reached skill level 2 in Shields
 26825 | D:11     | Reached skill level 2 in Transmutations
 27120 | D:11     | Found Dunu's Book Emporium.
 27175 | D:11     | Bought a book of Sloth for 396 gold pieces
 27175 | D:11     | You pick up a book of Sloth and begin reading...
 27175 | D:11     | You add the spells Petrify, Metabolic Englaciation and
                  | Statue Form to your library.
 27183 | D:11     | Learned a level 6 spell: Statue Form
 27325 | D:11     | You pick up a book of the Tundra and begin reading...
 27325 | D:11     | You add the spells Hailstorm, Ice Form and Simulacrum to
                  | your library.
 27963 | D:12     | Noticed Kirke
 27970 | D:12     | Reached skill level 6 in Fighting
 27970 | D:12     | Reached skill level 3 in Shields
 27989 | D:12     | Killed Kirke
 27990 | D:12     | Reached skill level 3 in Transmutations
 28693 | D:12     | Reached skill level 4 in Shields
 28696 | D:12     | Reached skill level 4 in Transmutations
 28696 | D:12     | Reached XP level 15. HP: 96/96 MP: 15/29
 29226 | D:13     | Reached skill level 7 in Fighting
 29479 | Orc:1    | Entered Level 1 of the Orcish Mines
 29493 | Orc:1    | Offered knowledge of Fireball by Vehumet.
 29961 | Orc:1    | Reached skill level 5 in Transmutations
 30242 | Orc:1    | Found Origa's Book Emporium.
 30248 | Orc:1    | magus.rc [v1.11.3]
 30658 | Orc:2    | Entered Level 2 of the Orcish Mines
 30684 | Orc:2    | Reached skill level 6 in Transmutations
 30774 | Orc:2    | Found Ihouzi Gall's Antique Armour Emporium.
 31132 | Orc:2    | Found Aneosum's General Store.
 31242 | Orc:2    | Found Zutajas's Antique Weapon Emporium.
 31344 | Orc:2    | Found a staircase to the Elven Halls.
 31494 | Orc:2    | Reached skill level 7 in Transmutations
 31496 | Orc:2    | Reached skill level 8 in Fighting
 31664 | Orc:2    | Noticed an orc warlord
 31671 | Orc:2    | Killed an orc warlord
 31821 | Orc:2    | Found Zinlotwi's Jewellery Boutique.
 32104 | Orc:2    | Bought a ring of magical power for 260 gold pieces
 32104 | Orc:2    | Bought a +6 ring of intelligence for 468 gold pieces
 32146 | Orc:2    | Bought a +6 ring of intelligence for 468 gold pieces
 32289 | D:10     | Offered knowledge of Eringya's Noxious Bog by Vehumet.
 32330 | D:10     | Killed tself55's ghost
 32674 | D:13     | Found a sacrificial altar of Ru.
 32698 | D:13     | Noticed Sonja
 32701 | D:13     | Killed Sonja
 32702 | D:13     | Reached skill level 8 in Transmutations
 32750 | D:13     | You pick up a book of Frost and begin reading...
 32750 | D:13     | You add the spells Freeze and Frozen Ramparts to your
                  | library.
 32961 | D:13     | Noticed Nessos
 32967 | D:13     | Killed Nessos
 33287 | D:13     | Found a gate to the Vaults.
 33650 | D:14     | Reached skill level 9 in Transmutations
 33687 | D:14     | Found Zoixka's Fire Supplies.
 33799 | D:14     | Reached skill level 9 in Fighting
 34211 | D:14     | Noticed Louise
 34218 | D:14     | Killed Louise
 34379 | D:14     | Found a burning altar of Makhleb.
 34470 | D:15     | Entered Level 15 of the Dungeon
 34495 | D:15     | Reached skill level 10 in Transmutations
 34497 | D:15     | Reached XP level 16. HP: 108/108 MP: 30/30
 35837 | D:15     | Found a staircase to the Depths.
 36177 | Swamp:1  | Entered Level 1 of the Swamp
 36240 | Swamp:1  | Reached skill level 10 in Fighting
 36240 | Swamp:1  | Reached skill level 11 in Transmutations
 36243 | Swamp:1  | HP: 19/109 [six-headed hydra (16)]
 36601 | Swamp:1  | Offered knowledge of Spellforged Servitor by Vehumet.
 36898 | Swamp:1  | Noticed Frances
 36912 | Swamp:1  | Killed Frances
 37129 | Swamp:1  | Reached skill level 12 in Transmutations
 37542 | Swamp:2  | Reached skill level 11 in Fighting
 37974 | Swamp:2  | You add the spells Summon Small Mammal and Summon Mana
                  | Viper to your library.
 37974 | Swamp:2  | Got the Octavo of Transposition and Calling
 38010 | Swamp:2  | You pick up a book of Touch and begin reading...
 38010 | Swamp:2  | You add the spells Static Discharge and Dispel Undead to
                  | your library.
 38259 | Swamp:3  | Found a runed translucent door.
 38265 | Swamp:3  | Reached skill level 12 in Fighting
 38751 | Swamp:3  | Identified the +7 long sword of Inference {flame, rPois
                  | rC+}
 39274 | Swamp:3  | Noticed Zonian's ghost (adept DsIE)
 39332 | Swamp:3  | magus.rc [v1.11.3]
 39347 | Swamp:4  | Entered Level 4 of the Swamp
 39402 | Swamp:4  | Reached XP level 17. HP: 109/119 MP: 27/31
 40307 | Swamp:4  | Offered knowledge of Iron Shot by Vehumet.
 40468 | Swamp:4  | Reached skill level 11 in Spellcasting
 40579 | Swamp:4  | Identified the +10 falchion "Demonbane" {elec, rElec rF+}
 40666 | Swamp:4  | Found the +8 storm bow {elec, penet}
 41100 | Swamp:4  | HP: 34/154 [ice dragon/blast of cold (22)]
 41103 | Swamp:4  | Reached skill level 13 in Conjurations
 41103 | Swamp:4  | Reached skill level 13 in Earth Magic
 41150 | Swamp:4  | Learned a level 6 spell: Iron Shot
 41375 | Swamp:4  | Got a decaying rune of Zot
 41514 | Spider:1 | Entered Level 1 of the Spider Nest
 42878 | Spider:2 | Reached ****** piety under Vehumet
 43437 | Spider:2 | Offered knowledge of Lehudib's Crystal Spear by Vehumet.
 43437 | Spider:2 | Offered knowledge of Chain Lightning by Vehumet.
 43437 | Spider:2 | Offered knowledge of Ignition by Vehumet.
 43574 | Spider:2 | Identified a scroll of acquirement
 43581 | Spider:2 | Acquired a +2 hat of stealth
 43785 | Spider:3 | Reached skill level 12 in Spellcasting
 43873 | Spider:3 | Reached skill level 14 in Conjurations
 44028 | Spider:3 | Found a transporter.
 44028 | Spider:3 | Found a transporter.
 44078 | Spider:3 | Reached skill level 14 in Earth Magic
 44078 | Spider:3 | Reached XP level 18. HP: 126/126 MP: 34/34
 45160 | Spider:4 | Entered Level 4 of the Spider Nest
 45984 | Spider:4 | Noticed Nikola
 45989 | Spider:4 | Killed Nikola
 46124 | Spider:4 | Reached skill level 13 in Spellcasting
 46128 | Spider:4 | Reached skill level 15 in Conjurations
 46523 | Spider:3 | Upgraded the game from 0.29-a0-892-g2c4c91d9db to
                  | 0.29-a0-919-gd064cfad1c
 46523 | Spider:3 | magus.rc [v1.11.3]
 46885 | Spider:4 | HP: 13/126 [culicivora (23)]
 47439 | Spider:4 | Got a gossamer rune of Zot
 47461 | Spider:4 | Reached skill level 14 in Spellcasting
 47526 | Spider:4 | Identified a potion of experience
 47567 | Spider:4 | Reached skill level 7 in Stealth
 47567 | Spider:4 | Reached XP level 19. HP: 131/131 MP: 37/37
 47853 | Vaults:1 | Entered Level 1 of the Vaults
 48373 | Vaults:1 | Acquired 1082 gold pieces
 49021 | Vaults:1 | Reached skill level 15 in Earth Magic
 49047 | Vaults:1 | Reached XP level 20. HP: 117/137 MP: 14/38
 49210 | D:13     | magus.rc [v1.11.3]
 49264 | D:11     | Bought Great Wizards, Vol. II for 418 gold pieces
 49264 | D:11     | You add the spells Borgnjor's Vile Clutch and Eringya's
                  | Noxious Bog to your library.
 49270 | D:11     | Learned a level 5 spell: Borgnjor's Vile Clutch
 50059 | Vaults:1 | Reached skill level 15 in Spellcasting
 50276 | Vaults:1 | You pick up a book of the Warp and begin reading...
 50565 | Vaults:2 | Identified the +1 lajatang of Jiprobir {venom, rPois rC+
                  | Stlth+}
 50639 | Vaults:2 | Found Ytsuteag's Magic Scroll Boutique.
 50874 | Vaults:2 | Found Fuesiaq's Armour Shoppe.
 51017 | Vaults:2 | Identified the +11 hand axe of Saorchutt {vorpal, rPois
                  | Str+2}
 51401 | Vaults:2 | Reached skill level 16 in Earth Magic
 51890 | Vaults:2 | Reached skill level 1 in Necromancy
 51976 | Vaults:2 | Found Guutz's Antique Armour Emporium.
 51984 | Vaults:2 | Bought a runed buckler for 232 gold pieces
 52045 | Vaults:3 | Reached skill level 2 in Necromancy
 52332 | Vaults:3 | Reached skill level 3 in Necromancy
 52631 | Vaults:3 | Reached skill level 16 in Spellcasting
 52633 | Vaults:3 | Reached skill level 4 in Necromancy
 52877 | Vaults:3 | Found Curinip's Book Shop.
 52896 | Vaults:3 | Identified the +6 hand axe of the Cursing Big Fish {vorpal,
                  | rC- rCorr SInv}
 53036 | Vaults:3 | You are sucked into a shaft and drop 1 floor!
 53072 | Vaults:4 | Reached skill level 5 in Necromancy
 53614 | Vaults:4 | Reached skill level 6 in Necromancy
 53807 | Vaults:4 | Reached XP level 21. HP: 143/143 MP: 39/41
 54048 | Vaults:4 | Reached skill level 7 in Necromancy
 54745 | Vaults:3 | Found a staircase to the Crypt.
 55093 | Vaults:3 | Learned a level 9 spell: Chain Lightning
 55308 | Depths:1 | Entered Level 1 of the Depths
 55474 | Elf:1    | Entered Level 1 of the Elven Halls
 55561 | Elf:1    | Reached skill level 1 in Air Magic
 55604 | Elf:1    | Reached skill level 17 in Spellcasting
 55651 | Elf:1    | Reached skill level 2 in Air Magic
 55681 | Elf:1    | Reached skill level 3 in Air Magic
 55814 | Elf:1    | Reached skill level 8 in Necromancy
 55817 | Elf:1    | Reached skill level 4 in Air Magic
 56128 | Elf:1    | Reached skill level 5 in Air Magic
 56759 | Elf:2    | Reached skill level 6 in Air Magic
 56811 | Elf:2    | Found Mued's Magic Scroll Shop.
 56944 | Elf:2    | Found a runed translucent gate.
 56951 | Elf:2    | Found a runed translucent gate.
 56951 | Elf:2    | Found a runed translucent gate.
 57047 | Elf:2    | You pick up a book of Armaments and begin reading...
 57047 | Elf:2    | You add the spells Stone Arrow and Lehudib's Crystal Spear
                  | to your library.
 57189 | Elf:2    | Reached skill level 7 in Air Magic
 57713 | Elf:3    | Entered Level 3 of the Elven Halls
 57800 | Elf:3    | Noticed Donald
 57809 | Elf:3    | Killed Donald
 57813 | Elf:3    | Reached skill level 8 in Air Magic
 58296 | Elf:3    | Found Wiuz's Assorted Antiques.
 58296 | Elf:3    | Found Ewepeageo's Assorted Antiques.
 58469 | Elf:3    | Reached skill level 9 in Air Magic
 58874 | Elf:3    | Found Miowy's Magic Scroll Shop.
 59070 | Elf:3    | Reached skill level 10 in Air Magic
 59071 | Elf:3    | You are cast into the Abyss!
 59071 | Abyss:2  | Found a corrupted altar of Lugonu.
 59071 | Abyss:2  | Cast into level 2 of the Abyss (a ghostly deep elf
                  | sorcerer)
 59230 | Abyss:2  | Reached XP level 22. HP: 148/148 MP: 41/43
 59237 | Abyss:2  | Reached skill level 11 in Air Magic
 59260 | Abyss:2  | Found a radiant altar of Vehumet.
 59461 | Elf:3    | You pass through the gate.
 59461 | Elf:3    | Escaped the Abyss
 59469 | Elf:3    | Reached skill level 12 in Air Magic
 59749 | Elf:3    | Identified the amulet of Xaqaug {Faith Fragile Dex+5}
 59914 | Elf:3    | Identified the +4 whip of the Twelve Tales {vorpal, Will+
                  | Int+4}
 59934 | Elf:3    | You pick up a book of Cantrips and begin reading...
 59936 | Elf:3    | You pick up a book of Transfigurations and begin reading...
 59936 | Elf:3    | You add the spells Irradiate, Blade Hands and Dragon Form
                  | to your library.
 59943 | Elf:3    | Got the Teachings on Cunning Glaciation
 59944 | Elf:3    | Identified the +0 chain mail of the Sky {rC+ Dex+4 Stlth+}
 59947 | Elf:3    | Got the Papyrus of Shaping
 59966 | Elf:3    | Identified the +1 scale mail "Xerphoc" {Stlth+}
 60129 | Elf:2    | a +1 antimagic triple sword {rare}; a +0 rapier; a +0
                  | leather armour
 60130 | Elf:2    | a +0 short sword; a +0 ring mail; a +0 quick blade of holy
                  | wrath {rare}
 60149 | Elf:2    | a +0 short sword; a +0 ring mail; a +0 quick blade of holy
                  | wrath {rare}
 60150 | Elf:2    | a +1 antimagic triple sword {rare}; a +0 rapier; a +0
                  | leather armour
 60716 | Crypt:1  | Entered Level 1 of the Crypt
 60747 | Crypt:1  | You pick up a book of Conjurations and begin reading...
 60787 | Crypt:1  | Reached skill level 13 in Air Magic
 61249 | Crypt:1  | Reached skill level 16 in Conjurations
 61370 | Crypt:1  | Found an ancient bone altar of Kikubaaqudgha.
 62043 | Crypt:2  | You pick up a book of Ice and begin reading...
 62043 | Crypt:2  | You add the spells Freezing Cloud and Polar Vortex to your
                  | library.
 62083 | Crypt:2  | Noticed Frederick
 62089 | Crypt:2  | Killed Frederick
 62151 | Crypt:2  | Identified the ring of Ytekuar {Ice rElec Will- Dex+6}
 62151 | Crypt:2  | Noticed Josephina
 62158 | Crypt:2  | Killed Josephina
 62201 | Crypt:2  | You pick up a book of Cantrips and begin reading...
 62315 | Crypt:2  | Identified the +8 longbow "Goblin's Demise" {speed, *Slow
                  | rPois Will+}
 62318 | Crypt:2  | Paralysed by a vampire knight for 2 turns
 62326 | Crypt:2  | Noticed an ancient lich
 62337 | Crypt:2  | Killed an ancient lich
 62338 | Crypt:2  | Reached skill level 14 in Air Magic
 62677 | Crypt:2  | Noticed Xtahua
 62682 | Crypt:2  | Killed Xtahua
 62700 | Crypt:2  | Noticed Margery
 62707 | Crypt:2  | Killed Margery
 63103 | Crypt:2  | Found the +18 Lear's hauberk
 63158 | Crypt:3  | Entered Level 3 of the Crypt
 63160 | Crypt:3  | Reached XP level 23. HP: 153/153 MP: 44/44
 63162 | Crypt:3  | Reached skill level 17 in Conjurations
 63392 | Crypt:3  | Identified the +1 pair of boots of Roghitoo {rF- rC+ Str+4}
 63437 | Crypt:3  | Noticed Boris
 63445 | Crypt:3  | Killed Boris
 63628 | Crypt:3  | Found a basalt altar of Yredelemnul.
 63631 | Crypt:3  | Noticed Zenata
 63640 | Crypt:3  | Reached skill level 15 in Air Magic
 63660 | Crypt:3  | Killed Zenata
 63729 | Crypt:3  | a +3 executioner's axe {rare}; a +0 ring mail
 63923 | Crypt:3  | Noticed Vv
 63935 | Crypt:3  | Killed Vv
 64409 | Crypt:3  | You pick up a book of Alchemy and begin reading...
 64465 | Crypt:3  | Noticed Khufu
 64570 | Crypt:3  | Reached skill level 18 in Conjurations
 64908 | Crypt:3  | A death knight is wielding the +13 scythe of Curses {drain,
                  | Drain}. A death knight is wielding a +2 battleaxe of
                  | freezing. A death knight is wielding a +4 battleaxe of
                  | electrocution.
 64913 | Crypt:3  | Aim: a death knight, wielding the +13 scythe of Curses
                  | {drain, Drain} and wearing a +0 chain mail (heavily
                  | wounded, misshapen and mutated, 82% to hit)
 64913 | Crypt:3  | Aim: a death knight, wielding the +13 scythe of Curses
                  | {drain, Drain} and wearing a +0 chain mail (heavily
                  | wounded, misshapen and mutated, 82% to hit)
 65024 | Crypt:3  | You add the spells Shock, Poisonous Vapours and Summon
                  | Lightning Spire to your library.
 65024 | Crypt:3  | Got the Almanac of Deathly Weather
 65062 | Crypt:3  | Reached skill level 16 in Air Magic
 65132 | Crypt:3  | Killed Khufu
 65307 | Crypt:3  | Acquired the +3 buckler of Untruth {Contam +Blink Int+4}
 65320 | Crypt:3  | Found a staircase to the Tomb.
 65485 | Crypt:3  | Got Sif Muna's Book of the Frostbitten Summer
 65824 | Depths:1 | Noticed Aizul
 65827 | Depths:1 | Killed Aizul
 65831 | Depths:1 | Noticed Asterion
 66045 | Depths:1 | Noticed Mara
 66281 | Depths:1 | Reached skill level 17 in Air Magic
 66544 | Depths:1 | Noticed spiderkeys's illusion
 66786 | Depths:1 | Killed Mara
 66790 | Depths:1 | Killed Asterion
 67034 | Depths:1 | Found a gateway to Hell.
 67053 | Depths:1 | Reached XP level 24. HP: 162/162 MP: 36/44
 67313 | Depths:1 | Found Icaklubes's Pet Rocks.
 67792 | Depths:2 | Found a white marble altar of Elyvilon.
 67818 | Depths:2 | Found Xehuekokh's General Store.
 67826 | Depths:2 | Bought a potion of magic for 144 gold pieces
 67826 | Depths:2 | Found Atworgh's Weapon Shoppe.
 67837 | Depths:2 | Reached skill level 13 in Fighting
 67906 | Depths:2 | Reached skill level 18 in Air Magic
 68451 | Depths:2 | Found a one-way gate leading to the halls of Pandemonium.
 68504 | Depths:2 | Noticed a juggernaut
 68507 | Depths:2 | Killed a juggernaut
 68507 | Depths:2 | Noticed a juggernaut
 68508 | Depths:2 | Reached skill level 14 in Fighting
 68509 | Depths:2 | Killed a juggernaut
 68959 | Depths:2 | Identified the +0 tower shield of the Kangaroo {Dex+3 SInv}
 69081 | Depths:2 | Noticed a juggernaut
 69085 | Depths:2 | Killed a juggernaut
 69124 | Depths:2 | Noticed a caustic shrike
 69126 | Depths:2 | Noticed a caustic shrike
 69129 | Depths:2 | Killed a caustic shrike
 69151 | Depths:2 | Noticed a caustic shrike
 69154 | Depths:2 | Killed a caustic shrike
 69154 | Depths:2 | Killed a caustic shrike
 69157 | Depths:2 | Paralysed by a floating eye for 4 turns
 69268 | Depths:2 | Reached skill level 19 in Conjurations
 69662 | Vaults:5 | Entered Level 5 of the Vaults
 69664 | Vaults:5 | Reached skill level 18 in Spellcasting
 69664 | Vaults:5 | Noticed an ancient lich
 69667 | Vaults:5 | Noticed an ancient lich
 69927 | Vaults:5 | Reached XP level 25. HP: 171/171 MP: 45/45
 69928 | Vaults:5 | Reached skill level 20 in Conjurations
 69928 | Vaults:5 | Killed an ancient lich
 69928 | Vaults:5 | Killed an ancient lich
 69929 | Vaults:5 | Identified the +11 halberd of Duty {spect, Will- Dex+5}
 70143 | Vaults:5 | Noticed an ancient lich
 70737 | Vaults:5 | Killed an ancient lich
 70738 | Vaults:5 | Reached skill level 21 in Conjurations
 71021 | Vaults:5 | Reached skill level 8 in Dodging
 71452 | Vaults:5 | Reached skill level 9 in Dodging
 71464 | Vaults:5 | Reached skill level 15 in Fighting
 71726 | Vaults:5 | Got a silver rune of Zot
 71732 | Vaults:5 | You pick up a book of Conjurations and begin reading...
 71750 | Vaults:5 | Reached skill level 10 in Dodging
 71782 | Vaults:5 | +0 storm dragon scales {rare}; a +0 arbalest; a storm
                  | dragon corpse
 72144 | Vaults:5 | You pick up a book of Rime and begin reading...
 72235 | Vaults:5 | You add the spells Swiftness, Airstrike and Lightning Bolt
                  | to your library.
 72235 | Vaults:5 | Got the Directory of the Zephyr
 72527 | Vaults:5 | Found the +0 pair of fencer's gloves {Riposte Dex+3}
 72533 | Vaults:5 | You add the spells Tukima's Dance, Portal Projectile and
                  | Silence to your library.
 72533 | Vaults:5 | Got Cunoarr's Monograph on Injurious Imprecation
 72535 | Vaults:5 | Identified the +10 sling "Ozuxaepinn" {flame, Drain rElec
                  | rC++}
 72579 | Vaults:5 | Identified the +2 robe of the Moneychanger {rElec Str+3}
 72581 | Vaults:5 | You pick up a book of Sloth and begin reading...
 72595 | Vaults:5 | Got Canur's Reference Book on Septic Fascination
 72679 | Vaults:5 | +0 storm dragon scales {rare}; a storm dragon corpse
 72726 | Vaults:5 | a +7 quick blade {rare}; a +0 scale mail; an elf corpse
 72835 | Vaults:5 | You pick up a book of the Senses and begin reading...
 72887 | Vaults:5 | Identified the +8 chain mail "Mioziv Erei" {rF- rC+++ Str+5
                  | Stlth+}
 72893 | Vaults:5 | Identified the +6 quarterstaff "Cering" {vamp, rElec rC+
                  | Str-4 Int+4}
 72894 | Vaults:5 | Reached skill level 11 in Dodging
 73301 | Depths:3 | Noticed Boris
 73362 | Depths:3 | Killed Boris
 73366 | Depths:3 | Reached XP level 26. HP: 134/181 MP: 45/45
 73375 | Depths:3 | Reached skill level 12 in Dodging
 73376 | Depths:3 | Noticed a juggernaut
 73380 | Depths:3 | Killed a juggernaut
 73413 | Depths:2 | +0 storm dragon scales {rare}; a storm dragon corpse; an
                  | ugly thing corpse
 73473 | Depths:3 | Identified the ring of Lauppeit {Fire rElec rCorr Str+2}
 73475 | Depths:3 | Reached skill level 13 in Dodging
 73479 | Depths:3 | Identified +0 gold dragon scales
 73481 | Depths:3 | Reached skill level 16 in Fighting
 73484 | Depths:3 | Reached skill level 14 in Dodging
 73484 | Depths:3 | HP: 31/237 [frost giant/bolt of cold (38)]
 73491 | Depths:3 | Found a one-way gate to the infinite horrors of the Abyss.
 73494 | Depths:3 | HP: 9/239 [deep troll earth mage/Lee's Rapid Deconstruction
                  | (27)]
 73499 | Depths:3 | HP: 34/239 [deep troll earth mage/Lee's Rapid
                  | Deconstruction (8)]
 73501 | Depths:3 | Reached skill level 22 in Conjurations
 73514 | Depths:3 | Found a flickering gateway to a bazaar.
 73523 | Bazaar   | Entered a bazaar
 73523 | Bazaar   | Found Dualil's Jewellery Boutique.
 73523 | Bazaar   | Found Vamewn's Armour Shop.
 73900 | Bazaar   | Found Yteorphu's Distillery.
 73905 | Bazaar   | Found Waply's Armour Shop.
 73908 | Bazaar   | Bought a potion of curing for 27 gold pieces
 73908 | Bazaar   | Bought a potion of lignification for 27 gold pieces
 73908 | Bazaar   | Bought a potion of lignification for 27 gold pieces
 73908 | Bazaar   | Bought a potion of heal wounds for 45 gold pieces
 73920 | Bazaar   | Found Savine's Assorted Antiques.
 73928 | Bazaar   | Bought a potion of brilliance for 108 gold pieces
 73954 | Bazaar   | Bought the dreamshard necklace {*Dream Drain} for 2800 gold
                  | pieces
 73954 | Bazaar   | Found the dreamshard necklace {*Dream Drain}
 74104 | Depths:3 | Found the +3 Mad Mage's Maulers {Infuse+∞ RegenMP Int-3}
 74129 | Depths:3 | You pick up a book of Callings and begin reading...
 74129 | Depths:3 | You add the spells Call Canine Familiar and Summon Guardian
                  | Golem to your library.
 74151 | Depths:3 | +0 gold dragon scales {rare}; a +2 battleaxe of freezing; 3
                  | large rocks {=f}
 74458 | Depths:3 | You pick up a book of Storms and begin reading...
 74478 | Depths:3 | You pick up a book of Hexes and begin reading...
 74478 | Depths:3 | You add the spells Inner Flame, Cause Fear and Discord to
                  | your library.
 74699 | Depths:3 | Reached skill level 15 in Dodging
 75084 | Depths:4 | Entered Level 4 of the Depths
 75389 | Depths:4 | Identified +0 gold dragon scales
 75486 | Depths:4 | Identified +0 gold dragon scales
 75487 | Depths:4 | Reached skill level 17 in Fighting
 75526 | Depths:4 | +0 gold dragon scales {rare}; a golden dragon corpse
 75598 | Depths:4 | Noticed Boris
 75606 | Depths:4 | Killed Boris
 75786 | Depths:4 | Found a gate to the Realm of Zot.
 75876 | Depths:4 | Found a one-way gateway to a ziggurat.
 76104 | Depths:4 | You pick up a book of Minor Magic and begin reading...
 76594 | Slime:1  | Entered Level 1 of the Pits of Slime
 76597 | Slime:1  | Reached skill level 18 in Fighting
 76946 | Slime:2  | Found a viscous altar of Jiyva.
 77125 | Slime:3  | Reached XP level 27. HP: 182/196 MP: 36/45
 77665 | Slime:4  | Reached skill level 16 in Dodging
 77847 | Slime:5  | Entered Level 5 of the Pits of Slime
 77885 | Slime:5  | Noticed the Royal Jelly
 78018 | Slime:5  | Reached skill level 19 in Fighting
 78456 | Slime:5  | Killed the Royal Jelly
 78539 | Slime:5  | Found the necklace of Bloodlust {*Rage Will++ Int-3 Slay+6}
 78542 | Slime:5  | Acquired the -2 hat of the Alchemist {rElec rPois rF+ rC+
                  | rN+ Will+ rMut rCorr}
 78542 | Slime:5  | Found the -2 hat of the Alchemist {rElec rPois rF+ rC+ rN+
                  | Will+ rMut rCorr}
 78548 | Slime:5  | You pick up a book of the Hunter and begin reading...
 78552 | Slime:5  | Identified the ring "Ohisudul" {rC+ rN+ rCorr}
 78571 | Slime:5  | You pick up a book of Touch and begin reading...
 78579 | Slime:5  | Identified the +8 spear "Gyixt" {drain, Int+3}
 78584 | Slime:5  | Got a slimy rune of Zot
 78591 | Slime:5  | Identified the +0 ring mail of the Robin {rF+ rN+}
 78614 | Slime:5  | Identified the amulet "Agruno" {Faith Int+4 SInv}
 78629 | Slime:5  | Identified the +12 chain mail of the Ladybird {rF- rN+
                  | Str+4 Dex+2}
 78635 | Slime:5  | You pick up a book of Changes and begin reading...
 78635 | Slime:5  | You add the spells Beastly Appendage and Wereblood to your
                  | library.
 78646 | Slime:5  | Acquired 941 gold pieces
 79317 | Elf:2    | Bought a scroll of summoning for 95 gold pieces
 79317 | Elf:2    | Bought a scroll of immolation for 40 gold pieces
 79317 | Elf:2    | Bought a scroll of teleportation for 30 gold pieces
 79317 | Elf:2    | Bought a scroll of teleportation for 30 gold pieces
 79369 | Elf:3    | Bought a scroll of teleportation for 51 gold pieces
 79369 | Elf:3    | Bought a scroll of vulnerability for 68 gold pieces
 79369 | Elf:3    | Bought a scroll of teleportation for 51 gold pieces
 79369 | Elf:3    | Bought a scroll of fear for 68 gold pieces
 79369 | Elf:3    | Bought a scroll of blinking for 127 gold pieces
 79369 | Elf:3    | Bought a scroll of teleportation for 51 gold pieces
 79369 | Elf:3    | Bought a scroll of vulnerability for 68 gold pieces
 79647 | Vaults:2 | Bought a scroll of amnesia for 76 gold pieces
 79647 | Vaults:2 | Bought a scroll of amnesia for 76 gold pieces
 79647 | Vaults:2 | Bought a scroll of summoning for 180 gold pieces
 79647 | Vaults:2 | Bought a scroll of teleportation for 57 gold pieces
 79647 | Vaults:2 | Bought a scroll of fear for 76 gold pieces
 79852 | Depths:2 | Bought a scroll of teleportation for 54 gold pieces
 80150 | Elf:3    | Bought a scroll of teleportation for 105 gold pieces
 80150 | Elf:3    | Bought a potion of curing for 105 gold pieces
 80150 | Elf:3    | Bought a potion of heal wounds for 175 gold pieces
 80150 | Elf:3    | Bought a potion of curing for 105 gold pieces
 80150 | Elf:3    | Bought a scroll of immolation for 140 gold pieces
 80167 | Elf:3    | Bought a potion of cancellation for 288 gold pieces
 80292 | Orc:2    | Bought a potion of heal wounds for 70 gold pieces
 80629 | Zot:1    | Entered Level 1 of the Realm of Zot
 80769 | Zot:1    | Identified the +12 short sword of Ompuorut {protect, rC+
                  | Will+}
 80840 | Zot:1    | quicksilver dragon scales {rare}; a quicksilver dragon
                  | corpse
 80841 | Zot:1    | quicksilver dragon scales {rare}; a quicksilver dragon
                  | corpse
 81106 | Zot:1    | Reached skill level 20 in Fighting
 81285 | Zot:1    | Noticed an orb of fire
 81287 | Zot:1    | Noticed a curse toe
 81288 | Zot:1    | Gained mutation: You are frail. (-10% HP) [an orb of fire]
 81290 | Zot:1    | Killed an orb of fire
 81292 | Zot:1    | Killed a curse toe
 81293 | Zot:1    | Reached skill level 17 in Dodging
 81609 | Zot:2    | Identified the +7 sling of Autumn {venom, Will+ Int+4
                  | Stlth-}
 81806 | Zot:2    | quicksilver dragon scales {rare}; a quicksilver dragon
                  | corpse
 81986 | Zot:2    | quicksilver dragon scales {rare}; a quicksilver dragon
                  | corpse
 82020 | Zot:2    | You pick up a book of the Spheres and begin reading...
 82020 | Zot:2    | You add the spells Conjure Ball Lightning and Orb of
                  | Destruction to your library.
 82104 | Zot:3    | Identified +0 gold dragon scales
 82528 | Zot:3    | Noticed an electric golem
 82532 | Zot:3    | Killed an electric golem
 82556 | Zot:3    | You fall into a shaft and drop 1 floor!
 82563 | Zot:4    | Reached skill level 19 in Spellcasting
 82758 | Zot:3    | Reached skill level 19 in Air Magic
 83539 | Zot:4    | You pick up a book of Touch and begin reading...
 83766 | Zot:4    | Noticed a curse toe
 83769 | Zot:4    | Killed a curse toe
 83770 | Zot:4    | Reached skill level 23 in Conjurations
 84226 | Zot:5    | Entered Level 5 of the Realm of Zot
 84282 | Zot:5    | You pick up a book of the Dragon and begin reading...
 84375 | Zot:4    | magus.rc [v1.11.3]
 84440 | Zot:5    | +0 storm dragon scales {rare}; a storm dragon corpse
 84456 | Zot:5    | Noticed a curse toe
 84459 | Zot:5    | Killed a curse toe
 84513 | Zot:5    | Identified +0 gold dragon scales
 84522 | Zot:5    | +0 gold dragon scales {rare}; a golden dragon corpse
 84560 | Zot:5    | Noticed a dread lich
 84570 | Zot:5    | Killed a dread lich
 84686 | Zot:5    | +0 storm dragon scales {rare}; a storm dragon corpse
 85281 | D:14     | Bought a +0 buckler of fire resistance for 218 gold pieces
 86052 | Depths:1 | Bought a wand of digging (7) for 470 gold pieces
 86182 | D:11     | Bought a book of the Sky for 484 gold pieces
 86182 | D:11     | You pick up a book of the Sky and begin reading...
 86191 | D:11     | Learned a level 8 spell: Maxwell's Capacitive Coupling
 86332 | Hell     | Entered the Vestibule of Hell
 86332 | Hell     | Noticed Geryon
 86338 | Hell     | Killed Geryon
 86342 | Hell     | Reached skill level 20 in Spellcasting
 86342 | Hell     | Noticed Murray
 86411 | Hell     | Killed Murray
 86415 | Hell     | Reached skill level 21 in Fighting
 86636 | Hell     | Found a gateway to the freezing wastes of Cocytus.
 86756 | Hell     | Found a gateway to the ashen valley of Gehenna.
 86822 | Hell     | Found a gateway to the Iron City of Dis.
 86886 | Hell     | Found a gateway to the decaying netherworld of Tartarus.
 87028 | Zig:1    | Entered Level 1 of a ziggurat
 87057 | Zig:2    | Entered Level 2 of a ziggurat
 87058 | Zig:2    | Noticed Johoucuset the pandemonium lord
 87063 | Zig:2    | Killed Johoucuset the pandemonium lord
 87122 | Zig:3    | Entered Level 3 of a ziggurat
 87155 | Zig:4    | Entered Level 4 of a ziggurat
 87157 | Zig:4    | Noticed an electric golem
 87163 | Zig:4    | Killed an electric golem
 87199 | Zig:5    | Entered Level 5 of a ziggurat
 87230 | Zig:5    | You pick up a book of Alchemy and begin reading...
 87246 | Zig:6    | Entered Level 6 of a ziggurat
 87443 | Zig:6    | Learned a level 4 spell: Passage of Golubria
 87455 | Zig:6    | Learned a level 6 spell: Dispersal
 87456 | Zig:7    | Entered Level 7 of a ziggurat
 87480 | Zig:7    | Identified the +1 sling "Ultimatum" {flame, Fragile rN+
                  | Int+2 SInv}
 87494 | Zig:8    | Entered Level 8 of a ziggurat
 87502 | Zig:8    | Noticed a caustic shrike
 87503 | Zig:8    | Killed a caustic shrike
 87503 | Zig:8    | Noticed a caustic shrike
 87504 | Zig:8    | Killed a caustic shrike
 87678 | Zig:8    | Identified the +2 great sword of Otyb {freeze, rPois rC-
                  | Dex+7}
 87681 | Zig:8    | You pick up a book of the Dragon and begin reading...
 87712 | Zig:9    | Entered Level 9 of a ziggurat
 87783 | Zig:9    | Got Tisow's Compendium of Frostbite
 87791 | Zig:9    | Identified the +0 cloak of Prudence {rF++}
 87795 | Zig:9    | You pick up a book of Air and begin reading...
 87804 | Zig:10   | Entered Level 10 of a ziggurat
 87816 | Zig:10   | Reached skill level 21 in Spellcasting
 87834 | Zig:10   | Identified the +10 scimitar "Otaptem" {drain, Int+4}
 87837 | Zig:10   | You pick up a book of the Spheres and begin reading...
 87848 | Zig:10   | Identified the +4 long sword "Pixys" {drain, Fly Will+++
                  | rCorr Dex-4}
 87851 | Zig:10   | Identified the ring "Ysitol" {Contam +Blink AC+4 Str+2
                  | Int+3}
 87867 | Zig:11   | Entered Level 11 of a ziggurat
 87878 | Zig:11   | Noticed a caustic shrike
 87879 | Zig:11   | Noticed a caustic shrike
 87880 | Zig:11   | Killed a caustic shrike
 87881 | Zig:11   | Killed a caustic shrike
 87884 | Zig:11   | Reached skill level 22 in Fighting
 87988 | Zig:11   | You pick up a book of Decay and begin reading...
 88021 | Zig:12   | Entered Level 12 of a ziggurat
 88275 | Zig:12   | You pick up a book of the Hunter and begin reading...
 88278 | Zig:12   | Identified the ring "Davu" {Fire *Corrode Will++ Int+2}
 88285 | Zig:12   | You pick up a book of the Senses and begin reading...
 88299 | Zig:13   | Entered Level 13 of a ziggurat
 88305 | Zig:13   | Identified a +2 robe of the Archmagi
 88311 | Zig:13   | Reached skill level 22 in Spellcasting
 88539 | Zig:13   | You pick up a book of Rime and begin reading...
 88545 | Zig:13   | You pick up a book of Dreams and begin reading...
 88547 | Zig:13   | You pick up a book of Spatial Translocations and begin
                  | reading...
 88587 | Zig:14   | Entered Level 14 of a ziggurat
 88603 | Zig:14   | Noticed a dread lich
 88604 | Zig:14   | Identified +0 gold dragon scales
 88605 | Zig:14   | Reached skill level 5 in Shields
 88605 | Zig:14   | Killed a dread lich
 88615 | Zig:14   | Reached skill level 7 in Shields
 88619 | Zig:14   | You add the spells Malign Gateway and Summon Horrible
                  | Things to your library.
 88620 | Zig:14   | Identified the +10 halberd "Ynnetiho" {venom, rPois Stlth+}
 88624 | Zig:14   | Reached skill level 9 in Shields
 88629 | Zig:14   | You pick up a book of Power and begin reading...
 88670 | Zig:15   | Entered Level 15 of a ziggurat
 88687 | Zig:15   | Reached skill level 10 in Shields
 88745 | Zig:15   | You pick up a book of the Hunter and begin reading...
 88799 | Zig:15   | Learned a level 8 spell: Ignition
 88801 | Zig:16   | Entered Level 16 of a ziggurat
 88810 | Zig:16   | Reached skill level 1 in Fire Magic
 88813 | Zig:16   | Reached skill level 2 in Fire Magic
 88817 | Zig:16   | Reached skill level 3 in Fire Magic
 88818 | Zig:16   | Reached skill level 4 in Fire Magic
 88821 | Zig:16   | Reached skill level 5 in Fire Magic
 88825 | Zig:16   | Reached skill level 6 in Fire Magic
 89008 | Zig:16   | You pick up a book of the Wilderness and begin reading...
 89008 | Zig:16   | You add the spells Summon Forest and Summon Cactus Giant to
                  | your library.
 89011 | Zig:16   | Reached skill level 8 in Fire Magic
 89015 | Zig:16   | You add the spells Foxfire and Shatter to your library.
 89015 | Zig:16   | Got the Omnibus of the Violent Boulder
 89016 | Zig:16   | Identified the amulet "Ceuhior" {Acrobat rF+ Regen+ Int-5}
 89023 | Zig:16   | Identified the +1 pair of gloves of Kaloc {Int+6}
 89036 | Zig:16   | Identified the +10 quarterstaff "Joqeqip" {flame, +Blink
                  | rElec Int+7}
 89042 | Zig:17   | Entered Level 17 of a ziggurat
 89055 | Zig:17   | Reached skill level 17 in Earth Magic
 89078 | Zig:17   | Reached skill level 9 in Fire Magic
 89090 | Zig:17   | Reached skill level 18 in Earth Magic
 89103 | Zig:17   | Learned a level 9 spell: Shatter
 89104 | Zig:17   | You pick up a book of Frost and begin reading...
 89106 | Zig:17   | Got Ylunut's Incunabulum of the Pestilent Iceberg
 89110 | Zig:17   | Identified the +0 scale mail of Fashionability {Fly rElec}
 89122 | Zig:17   | Identified the ring "Qiadwoa" {*Slow rCorr Dex+4 Slay+3}
 89140 | Zig:17   | Identified the ring "Pughig" {rF- rCorr Dex+4}
 89180 | Zig:18   | Entered Level 18 of a ziggurat
 89197 | Zig:18   | Reached skill level 10 in Fire Magic
 89203 | Zig:18   | Reached skill level 11 in Fire Magic
 89254 | Zig:18   | Found the +8 trishula "Condemnation" {holy, anguish, *Noise
                  | Fly rN+}
 89261 | Zig:18   | You pick up a book of Conjurations and begin reading...
 89266 | Zig:18   | Identified the +7 morningstar "Gusohow" {holy, rF++}
 89267 | Zig:18   | Identified the +9 great sword "Hunlor" {holy, Dex+4}
 89276 | Zig:18   | Identified the ring of Life {AC+4 Int+4}
 89287 | Zig:18   | Identified the +1 chain mail of Etsaupp {rC+}
 89332 | Zig:19   | Entered Level 19 of a ziggurat
 89347 | Zig:19   | Reached skill level 12 in Fire Magic
 89351 | Zig:19   | Reached skill level 13 in Fire Magic
 89392 | Zig:19   | You pick up a book of Geomancy and begin reading...
 89392 | Zig:19   | You add the spells Sandblast and Passwall to your library.
 89401 | Zig:19   | You pick up a book of Death and begin reading...
 89401 | Zig:19   | You add the spells Animate Dead, Haunt and Infestation to
                  | your library.
 89411 | Zig:19   | Identified the +9 rapier of Arrival {elec, rF+ rC+ rN+
                  | Str+3}
 89414 | Zig:19   | Identified the ring "Saoh Haa" {Str+3 Dex+6}
 89422 | Zig:19   | Identified the +0 scale mail "Nufihij" {Harm MP-9 Int+4}
 89527 | Zig:20   | Entered Level 20 of a ziggurat
 89551 | Zig:20   | Reached skill level 14 in Fire Magic
 89555 | Zig:20   | Reached skill level 15 in Fire Magic
 89613 | Zig:20   | Found the +5 glaive of the Guard {elec, spectral, AC+5}
 89618 | Zig:20   | Identified the ring of Kuborudd {rPois MP+9 Str-5 Dex+5
                  | Stlth+}
 89622 | Zig:20   | You pick up a book of Transfigurations and begin reading...
 89625 | Zig:20   | You pick up a book of Ice and begin reading...
 89627 | Zig:20   | You add the spells Sting and Olgreb's Toxic Radiance to
                  | your library.
 89634 | Zig:20   | Got Nutud's Discourse on Enchanting Fog
 89638 | Zig:20   | You pick up a book of Fire and begin reading...
 89648 | Zig:20   | You pick up a book of Decay and begin reading...
 89708 | Zig:21   | Entered Level 21 of a ziggurat
 89718 | Zig:21   | Noticed a dread lich
 89718 | Zig:21   | Noticed an ancient lich
 89720 | Zig:21   | Killed an ancient lich
 89720 | Zig:21   | Killed a dread lich
 89727 | Zig:21   | Noticed a dread lich
 89728 | Zig:21   | Reached skill level 16 in Fire Magic
 89728 | Zig:21   | Noticed a dread lich
 89739 | Zig:21   | Killed a dread lich
 89744 | Zig:21   | Killed a dread lich
 89839 | Zig:21   | Noticed an ancient lich
 89842 | Zig:21   | Killed an ancient lich
 89974 | Zig:21   | Identified the +1 pair of gloves of the Sunfish {rF+++
                  | Regen+ Int+2 Slay-3}
 89987 | Zig:21   | Identified the ring "Rares Usemass" {rF+ Will+ Dex+3 SInv
                  | Stlth+}
 90068 | Zig:22   | Entered Level 22 of a ziggurat
 90079 | Zig:22   | Noticed an orb of fire
 90082 | Zig:22   | Noticed an orb of fire
 90084 | Zig:22   | Noticed an orb of fire
 90086 | Zig:22   | Killed an orb of fire
 90087 | Zig:22   | Noticed an orb of fire
 90091 | Zig:22   | Killed an orb of fire
 90091 | Zig:22   | Gained mutation: Your body sometimes deteriorates upon
                  | taking damage. [an orb of fire]
 90092 | Zig:22   | Killed an orb of fire
 90094 | Zig:22   | Reached skill level 23 in Fighting
 90095 | Zig:22   | Noticed an orb of fire
 90095 | Zig:22   | Noticed an orb of fire
 90096 | Zig:22   | Killed an orb of fire
 90099 | Zig:22   | Noticed an orb of fire
 90100 | Zig:22   | HP: 57/245 [fire giant/fireball (10)]
 90105 | Zig:22   | Identified the ring of Hospitality {Wiz rC++}
 90113 | Zig:22   | Got the Tome of the Necrotic Zephyr
 90116 | Zig:22   | Killed an orb of fire
 90118 | Zig:22   | Noticed an orb of fire
 90121 | Zig:23   | Entered Level 23 of a ziggurat
 90147 | Zig:23   | Reached skill level 17 in Fire Magic
 90151 | Zig:23   | Noticed a royal mummy
 90155 | Zig:23   | Noticed a royal mummy
 90159 | Zig:23   | Noticed a royal mummy
 90159 | Zig:23   | Noticed a royal mummy
 90159 | Zig:23   | Noticed a royal mummy
 90159 | Zig:23   | Noticed a royal mummy
 90159 | Zig:23   | Noticed a royal mummy
 90159 | Zig:23   | Noticed a royal mummy
 90159 | Zig:23   | Noticed a royal mummy
 90159 | Zig:23   | Noticed a royal mummy
 90159 | Zig:23   | Noticed a royal mummy
 90160 | Zig:23   | Noticed a royal mummy
 90160 | Zig:23   | HP: 60/245 [??? (14)]
 90160 | Zig:23   | HP: 27/245 [royal mummy/divine providence (15)]
 90161 | Zig:23   | Found the +6 Majin-Bo {vamp, MP+6 Int+6}
 90671 | Depths:4 | Lost mutation: A frigid envelope surrounds you and freezes
                  | all who hurt you. [potion of mutation]
 90671 | Depths:4 | Lost mutation: You are frail. (-10% HP) [potion of
                  | mutation]
 90671 | Depths:4 | Gained mutation: You are weak. (Str -2) [potion of
                  | mutation]
 90671 | Depths:4 | Gained mutation: You passively map a small area around you.
                  | [potion of mutation]
 90672 | Depths:4 | Lost mutation: Your body sometimes deteriorates upon taking
                  | damage. [potion of mutation]
 90672 | Depths:4 | Lost mutation: You passively map a small area around you.
                  | [potion of mutation]
 90672 | Depths:4 | Gained mutation: You are very weak. (Str -4) [potion of
                  | mutation]
 90672 | Depths:4 | Lost mutation: You are very weak. (Str -4) [potion of
                  | mutation]
 90672 | Depths:4 | Gained mutation: You have a beak for a mouth. [potion of
                  | mutation]
 90673 | Depths:4 | Lost mutation: You have a beak for a mouth. [potion of
                  | mutation]
 90673 | Depths:4 | Lost mutation: You are weak. (Str -2) [potion of mutation]
 90673 | Depths:4 | Gained mutation: Your muscles are strong. (Str +4, Int/Dex
                  | -1) [potion of mutation]
 90673 | Depths:4 | Gained mutation: You occasionally lose the ability to drink
                  | potions when taking damage. [potion of mutation]
 90673 | Depths:4 | Gained mutation: Your magical capacity is low. (-10% MP)
                  | [potion of mutation]
 90673 | Depths:4 | Gained mutation: Your spells are a little harder to cast,
                  | but a little more powerful. [potion of mutation]
 90674 | Depths:4 | Lost mutation: Your spells are a little harder to cast, but
                  | a little more powerful. [potion of mutation]
 90674 | Depths:4 | Lost mutation: Your magical capacity is low. (-10% MP)
                  | [potion of mutation]
 90674 | Depths:4 | Lost mutation: You occasionally lose the ability to drink
                  | potions when taking damage. [potion of mutation]
 90674 | Depths:4 | Gained mutation: You are dopey. (Int -2) [potion of
                  | mutation]
 90675 | Depths:4 | Lost mutation: You are dopey. (Int -2) [potion of mutation]
 90675 | Depths:4 | Lost mutation: Your muscles are strong. (Str +4, Int/Dex
                  | -1) [potion of mutation]
 90675 | Depths:4 | Gained mutation: You passively map a small area around you.
                  | [potion of mutation]
 90675 | Depths:4 | Gained mutation: You are weak. (Str -2) [potion of
                  | mutation]
 90675 | Depths:4 | Gained mutation: You passively dampen the noise of your
                  | surroundings. [potion of mutation]
 90675 | Depths:4 | Gained mutation: You have a pair of small antennae on your
                  | head. [potion of mutation]
 90730 | Depths:4 | Learned a level 8 spell: Necromutation
 90869 | Coc:1    | Entered Level 1 of Cocytus
 90869 | Coc:1    | Lost strength.
 90879 | Coc:1    | Reached skill level 23 in Spellcasting
 90883 | Coc:1    | Paralysed by a wendigo for 1 turns
 91043 | Coc:2    | Reached skill level 9 in Necromancy
 91126 | Coc:3    | Reached skill level 10 in Necromancy
 91179 | Coc:4    | Noticed an ancient lich
 91181 | Coc:4    | Reached skill level 11 in Necromancy
 91181 | Coc:4    | Killed an ancient lich
 91182 | Coc:4    | Paralysed by a wendigo for 1 turns
 91461 | Coc:5    | Reached skill level 12 in Necromancy
 91477 | Coc:5    | Reached skill level 13 in Necromancy
 91653 | Coc:6    | Noticed an ancient lich
 91657 | Coc:7    | Entered Level 7 of Cocytus
 92057 | Coc:7    | Found the +7 captain's cutlass {speed, disarm}
 92137 | Coc:7    | HP: 65/274 [Ice Fiend/bolt of cold (9)]
 92142 | Coc:7    | HP: 34/274 [arc of chain lightning (3)]
 92561 | Coc:7    | Reached skill level 14 in Necromancy
 92769 | Coc:7    | Paralysed by a wendigo for 1 turns
 92779 | Coc:7    | Paralysed by a wendigo for 1 turns
 93273 | Coc:7    | Noticed Antaeus
 93457 | Coc:7    | Killed Antaeus
 93463 | Coc:7    | Reached skill level 18 in Fire Magic
 93501 | Coc:7    | Got an icy rune of Zot
 93611 | Depths:3 | Voluntarily entered the Abyss.
 93732 | Abyss:2  | Reached skill level 1 in Short Blades
 93790 | Abyss:3  | Reached skill level 2 in Short Blades
 93838 | Abyss:3  | Reached skill level 24 in Fighting
 93838 | Abyss:3  | Reached skill level 3 in Short Blades
 93983 | Abyss:3  | Reached skill level 4 in Short Blades
 94013 | Abyss:3  | Reached skill level 5 in Short Blades
 94213 | Abyss:3  | Reached skill level 6 in Short Blades
 94244 | Abyss:3  | Reached skill level 7 in Short Blades
 94292 | Abyss:3  | Found a corrupted altar of Lugonu.
 94294 | Abyss:3  | Got an abyssal rune of Zot
 94298 | Depths:3 | You pass through the gate.
 94298 | Depths:3 | Escaped the Abyss
 94418 | Geh:1    | Entered Level 1 of Gehenna
 94422 | Geh:1    | Reached skill level 8 in Short Blades
 94540 | Geh:3    | Reached skill level 9 in Short Blades
 94792 | Geh:5    | Reached skill level 10 in Short Blades
 94922 | Geh:5    | Reached skill level 11 in Short Blades
 95015 | Geh:5    | Reached skill level 12 in Short Blades
 95183 | Geh:6    | Noticed an ancient lich
 95185 | Geh:6    | Killed an ancient lich
 95243 | Geh:7    | Entered Level 7 of Gehenna
 95247 | Geh:7    | Reached skill level 13 in Short Blades
 95857 | Geh:7    | Reached skill level 14 in Short Blades
 95971 | Geh:7    | You pick up a book of Rime and begin reading...
 96027 | Geh:7    | You pick up a book of Chaos and begin reading...
 96134 | Geh:7    | Identified the amulet of Kaqaomp {Acrobat rN+ rCorr Int+6
                  | Dex-2}
 96217 | Geh:7    | You pick up a book of Transfigurations and begin reading...
 96372 | Geh:7    | Found the +7 sceptre of Asmodeus
 96372 | Geh:7    | Noticed Asmodeus
 96372 | Geh:7    | Asmodeus is wielding the +7 sceptre of Asmodeus.
 96379 | Geh:7    | Killed Asmodeus
 96380 | Geh:7    | Reached skill level 24 in Spellcasting
 96455 | Geh:7    | Got an obsidian rune of Zot
 96698 | Dis:1    | Entered Level 1 of the Iron City of Dis
 96828 | Dis:2    | Learned a level 5 spell: Irradiate
 97213 | Dis:4    | You fall into a shaft and drop 2 floors!
 97236 | Dis:7    | Entered Level 7 of the Iron City of Dis
 97418 | Dis:7    | Reached skill level 25 in Fighting
 97705 | Dis:7    | Noticed a caustic shrike
 97708 | Dis:7    | Killed a caustic shrike
 97804 | Dis:7    | Noticed a juggernaut
 97806 | Dis:7    | Killed a juggernaut
 97838 | Dis:7    | You pick up a book of the Tundra and begin reading...
 97841 | Dis:7    | Got the Incunable of Arenous Transmigration
 98318 | Dis:7    | Reached skill level 8 in Stealth
 98318 | Dis:7    | Reached skill level 1 in Evocations
 98706 | Dis:7    | Reached skill level 2 in Evocations
 98812 | Dis:7    | Reached skill level 3 in Evocations
 98812 | Dis:7    | Noticed a caustic shrike
 98814 | Dis:7    | Killed a caustic shrike
 98815 | Dis:7    | Reached skill level 9 in Stealth
 98815 | Dis:7    | Reached skill level 25 in Spellcasting
 98843 | Dis:7    | Noticed a caustic shrike
 98857 | Dis:7    | Noticed a caustic shrike
 98859 | Dis:7    | Killed a caustic shrike
 98861 | Dis:7    | Killed a caustic shrike
 98862 | Dis:7    | Reached skill level 4 in Evocations
 98878 | Dis:7    | Noticed a caustic shrike
 98880 | Dis:7    | Killed a caustic shrike
 98919 | Dis:7    | Reached skill level 10 in Stealth
 98939 | Dis:7    | Reached skill level 5 in Evocations
 99488 | Dis:7    | Reached skill level 11 in Stealth
 99490 | Dis:7    | Reached skill level 6 in Evocations
 99492 | Dis:7    | Reached skill level 12 in Stealth
100157 | Dis:7    | Reached skill level 13 in Stealth
100765 | Dis:7    | Noticed the Serpent of Hell
100767 | Dis:7    | Killed the Serpent of Hell
100768 | Dis:7    | Reached skill level 7 in Evocations
100972 | Dis:7    | Found the +4 staff of Dispater
100972 | Dis:7    | Noticed Dispater
100972 | Dis:7    | Noticed a juggernaut
100972 | Dis:7    | Dispater is wielding the +4 staff of Dispater.
100976 | Dis:7    | Killed a juggernaut
100981 | Dis:7    | Killed Dispater
100982 | Dis:7    | Reached skill level 14 in Stealth
101023 | Dis:7    | You pick up a book of Storms and begin reading...
101025 | Dis:7    | Got the Handbook of Fiery Air
101027 | Dis:7    | You pick up a book of Blood and begin reading...
101031 | Dis:7    | Got an iron rune of Zot
101217 | Tar:1    | Entered Level 1 of Tartarus
101266 | Tar:1    | Reached skill level 8 in Evocations
101539 | Tar:6    | Reached skill level 15 in Stealth
101611 | Tar:6    | Reached skill level 26 in Fighting
101611 | Tar:6    | Reached skill level 9 in Evocations
101713 | Tar:7    | Entered Level 7 of Tartarus
102031 | Tar:7    | Reached skill level 16 in Stealth
102036 | Tar:7    | Reached skill level 10 in Evocations
102198 | Tar:7    | You pick up a book of Storms and begin reading...
102350 | Tar:7    | Reached skill level 17 in Stealth
102561 | Tar:7    | You pick up a book of Iron and begin reading...
102563 | Tar:7    | Got the Essays on the Boulder and Graupel
102574 | Tar:7    | Identified the +6 hand axe of the Eggplant {vamp, *Corrode
                  | rElec rPois Int+3}
102704 | Tar:7    | Got the Directory of the Voyage and Evolution
102765 | Tar:7    | Reached skill level 18 in Stealth
102837 | Tar:7    | Identified the ring "Waluguc" {rC- rCorr Str+5 Int+3}
103190 | Tar:7    | Identified the +0 pair of gloves of Dyrcheziu {rElec rN++
                  | Will+ Regen+}
103191 | Tar:7    | Identified the +1 chain mail of Yhatz {MP+9 Str-3 Int+2}
103718 | Tar:7    | Reached skill level 27 in Fighting
103951 | Tar:7    | Reached skill level 19 in Stealth
104973 | Tar:7    | Noticed Ereshkigal
104974 | Tar:7    | Paralysed by Ereshkigal for 3 turns
105298 | Tar:7    | Reached skill level 18 in Dodging
105359 | Tar:7    | Killed Ereshkigal
105378 | Tar:7    | Got a bone rune of Zot
105548 | Depths:1 | Upgraded the game from 0.29-a0-919-gd064cfad1c to
                  | 0.29-a0-923-g6e406bff71
105548 | Depths:1 | magus.rc [v1.11.3]
105764 | D:11     | Bought a manual of Evocations for 880 gold pieces
106122 | Pan      | Entered Pandemonium
106307 | Pan      | Found an exit through the horrors of the Abyss.
106313 | Pan      | Reached skill level 20 in Stealth
106489 | Pan      | You pick up a book of Iron and begin reading...
106755 | Pan      | Noticed Obloukel the pandemonium lord
106759 | Pan      | Reached skill level 11 in Evocations
106762 | Pan      | Killed Obloukel the pandemonium lord
106790 | Pan      | You pick up a book of Iron and begin reading...
106855 | Pan      | Found a transporter.
107315 | Pan      | Reached skill level 19 in Dodging
107438 | Pan      | Found a transporter.
107453 | Pan      | Identified the ring of Birdsong {Ice Str+3 Int-4 Dex+2}
107461 | Pan      | Reached skill level 12 in Evocations
107523 | Pan      | Identified the amulet of Summertime {Rampage Regen+ Dex+8
                  | Slay+5 Stlth-}
107538 | Pan      | Identified +0 pearl dragon scales
107627 | Pan      | Identified the +1 plate armour of Bouvyrph {Int-5 Slay+6}
107956 | Pan      | Reached skill level 13 in Evocations
108321 | Pan      | You pick up a book of Misfortune and begin reading...
108389 | Pan      | Identified the ring "Nereuwue" {Drain rPois rF++ rN+ Int-4}
108391 | Pan      | Found an exit through the horrors of the Abyss.
108668 | Pan      | Noticed Ezarrun the pandemonium lord
108676 | Pan      | Reached skill level 20 in Dodging
108678 | Pan      | Killed Ezarrun the pandemonium lord
108719 | Pan      | Reached skill level 14 in Evocations
108752 | Pan      | You pick up a book of Hexes and begin reading...
109712 | Pan      | Noticed Daticaj the pandemonium lord
109714 | Pan      | Killed Daticaj the pandemonium lord
109787 | Pan      | Found an exit through the horrors of the Abyss.
110026 | Pan      | Reached skill level 15 in Evocations
110117 | Pan      | Reached skill level 26 in Spellcasting
110251 | Pan      | You pick up a book of Winter and begin reading...
110380 | Pan      | Noticed Nuhuw the pandemonium lord
110383 | Pan      | Killed Nuhuw the pandemonium lord
110384 | Pan      | Reached skill level 21 in Dodging
110778 | Pan      | Acquired 643 gold pieces
110832 | Pan      | You add the spells Gell's Gravitas and Teleport Other to
                  | your library.
110834 | Pan      | Got a demonic rune of Zot
110836 | Pan      | Identified the +8 falchion "Plog" {flame, Str+4}
111135 | Pan      | Identified the +0 chain mail of Wosomupn {rC+}
111245 | Pan      | Noticed Dimuwaxopt the pandemonium lord
111253 | Pan      | Killed Dimuwaxopt the pandemonium lord
111317 | Pan      | Reached skill level 11 in Shields
111602 | Pan      | Entered the realm of Mnoleg.
111921 | Pan      | Noticed Mnoleg
111925 | Pan      | Killed Mnoleg
111980 | Pan      | Got a glowing rune of Zot
112243 | Pan      | Reached skill level 12 in Shields
112490 | Pan      | Reached skill level 27 in Spellcasting
112600 | Pan      | Found an exit through the horrors of the Abyss.
112946 | Pan      | Identified the +1 cloak "Sureatekua" {+Inv}
113131 | Pan      | Reached skill level 13 in Shields
113136 | Pan      | Found an exit through the horrors of the Abyss.
113553 | Pan      | You pick up a book of Blood and begin reading...
113740 | Pan      | Noticed Onoacs the pandemonium lord
113744 | Pan      | Killed Onoacs the pandemonium lord
113881 | Pan      | Entered the realm of Cerebov.
113904 | Pan      | Reached skill level 14 in Shields
113926 | Pan      | Identified the ring of Enics {rF+ rN+ rCorr Int-5}
113932 | Pan      | Got Kafuezempi's Atlas of Malignant Rites and Clouds
113982 | Pan      | You pick up a book of Touch and begin reading...
114014 | Pan      | Reached skill level 20 in Air Magic
114030 | Pan      | You pick up a book of Winter and begin reading...
114032 | Pan      | Identified the ring of Ceofoqu {rC+ SInv Stlth+}
114067 | Pan      | Found the +6 sword of Cerebov {flame}
114067 | Pan      | Noticed Cerebov
114067 | Pan      | Cerebov, Demon Lord of Fire and Steel comes into view. They
                  | are wielding the +6 sword of Cerebov {flame}.
114071 | Pan      | Aim: Cerebov, wielding the +6 sword of Cerebov {flame}
                  | (heavily wounded, fast)
114071 | Pan      | Aim: Cerebov, wielding the +6 sword of Cerebov {flame}
                  | (heavily wounded, fast)
114075 | Pan      | Killed Cerebov
114104 | Pan      | Got a fiery rune of Zot
114108 | Pan      | You pick up a book of Spectacle and begin reading...
114124 | Pan      | Got Qiunec's Excursus on Injurious Terrain
114143 | Pan      | Identified the amulet "Ziopo" {Reflect Harm SH+5}
114144 | Pan      | Identified the amulet of Moodiness {RegenMP Int-2 Dex+4}
114180 | Pan      | Identified the +10 halberd "Xiurchea" {vorpal, Drain *Slow
                  | Str+9 Stlth+}
114773 | Pan      | Reached skill level 15 in Shields
115431 | Pan      | Entered the realm of Gloorx Vloq.
115459 | Pan      | Reached skill level 21 in Air Magic
116004 | Pan      | Reached skill level 22 in Air Magic
116020 | Pan      | Noticed a curse skull
116037 | Pan      | Killed a curse skull
116093 | Pan      | Noticed a curse skull
116099 | Pan      | Killed a curse skull
116179 | Pan      | Noticed Gloorx Vloq
116184 | Pan      | Killed Gloorx Vloq
116327 | Pan      | Got a dark rune of Zot
116416 | Pan      | Found an exit through the horrors of the Abyss.
116461 | Pan      | Noticed Ekkit the pandemonium lord
116464 | Pan      | Killed Ekkit the pandemonium lord
116464 | Pan      | Gained mutation: You occasionally lose the ability to read
                  | scrolls when taking damage. [a cacodemon]
116465 | Pan      | Reached skill level 23 in Air Magic
116467 | Pan      | Identified a +2 robe of the Archmagi
117254 | Pan      | You pick up a book of Callings and begin reading...
117442 | Pan      | Noticed Hacigor the pandemonium lord
117478 | Pan      | Killed Hacigor the pandemonium lord
117643 | Pan      | Entered the realm of Lom Lobon.
118278 | Pan      | Reached skill level 22 in Dodging
118430 | Pan      | Noticed Lom Lobon
118433 | Pan      | Killed Lom Lobon
118460 | Pan      | Got a magical rune of Zot
118567 | Depths:2 | You pass through the gate.
118567 | Depths:2 | Escaped Pandemonium
119089 | Tomb:1   | Entered Level 1 of the Tomb of the Ancients
119143 | Tomb:1   | Reached skill level 24 in Conjurations
119143 | Tomb:1   | Reached skill level 24 in Air Magic
119230 | Tomb:1   | Lost mutation: You are weak. (Str -2) [potion of mutation]
119230 | Tomb:1   | Lost mutation: You have a pair of small antennae on your
                  | head. [potion of mutation]
119230 | Tomb:1   | Lost mutation: You occasionally lose the ability to read
                  | scrolls when taking damage. [potion of mutation]
119230 | Tomb:1   | Gained mutation: You expend magic power (3 MP) to
                  | strengthen your wands. [potion of mutation]
119231 | Tomb:1   | Lost mutation: You passively dampen the noise of your
                  | surroundings. [potion of mutation]
119231 | Tomb:1   | Lost mutation: You expend magic power (3 MP) to strengthen
                  | your wands. [potion of mutation]
119231 | Tomb:1   | Gained mutation: Your spells are a little easier to cast,
                  | but a little less powerful. [potion of mutation]
119231 | Tomb:1   | Gained mutation: You have a pair of small antennae on your
                  | head. [potion of mutation]
119231 | Tomb:1   | Gained mutation: You occasionally lose the ability to read
                  | scrolls when taking damage. [potion of mutation]
119231 | Tomb:1   | Gained mutation: One of your tentacles bears a spike.
                  | [potion of mutation]
119232 | Tomb:1   | Lost mutation: Your spells are a little easier to cast, but
                  | a little less powerful. [potion of mutation]
119232 | Tomb:1   | Lost mutation: One of your tentacles bears a spike. [potion
                  | of mutation]
119232 | Tomb:1   | Lost mutation: You occasionally lose the ability to read
                  | scrolls when taking damage. [potion of mutation]
119232 | Tomb:1   | Gained mutation: You have an increased reservoir of magic.
                  | (+10% MP) [potion of mutation]
119232 | Tomb:1   | Gained mutation: You expend magic power (3 MP) to
                  | strengthen your wands. [potion of mutation]
119329 | Tomb:1   | Noticed a royal mummy
119334 | Tomb:1   | Killed a royal mummy
119511 | Tomb:1   | Noticed a royal mummy
119514 | Tomb:1   | Noticed a royal mummy
119515 | Tomb:1   | Killed a royal mummy
119517 | Tomb:1   | Killed a royal mummy
119518 | Tomb:1   | Noticed a royal mummy
119620 | Tomb:1   | Killed a royal mummy
119620 | Tomb:1   | Noticed a royal mummy
119624 | Tomb:1   | Killed a royal mummy
119626 | Tomb:1   | Noticed a royal mummy
119694 | Tomb:1   | Killed a royal mummy
119694 | Tomb:1   | Noticed a royal mummy
119695 | Tomb:1   | Reached skill level 15 in Necromancy
119763 | Tomb:1   | Killed a royal mummy
119774 | Tomb:1   | Noticed a royal mummy
119864 | Tomb:1   | Killed a royal mummy
120142 | Tomb:1   | Noticed a royal mummy
120143 | Tomb:1   | Noticed a royal mummy
120145 | Tomb:1   | Noticed a royal mummy
120147 | Tomb:1   | Killed a royal mummy
120147 | Tomb:1   | Killed a royal mummy
120147 | Tomb:1   | Noticed a royal mummy
120147 | Tomb:1   | Noticed a royal mummy
120148 | Tomb:1   | Killed a royal mummy
120150 | Tomb:1   | Killed a royal mummy
120150 | Tomb:1   | Noticed a royal mummy
120151 | Tomb:1   | Noticed a royal mummy
120153 | Tomb:1   | Noticed a royal mummy
120162 | Tomb:1   | Noticed a royal mummy
120163 | Tomb:1   | Noticed a royal mummy
120165 | Tomb:1   | Noticed Boris
120169 | Tomb:1   | Killed Boris
120170 | Tomb:1   | Reached skill level 23 in Dodging
120493 | Tomb:1   | Killed a royal mummy
120496 | Tomb:1   | Killed a royal mummy
120711 | Tomb:1   | You pick up a book of Conjurations and begin reading...
120792 | Tomb:1   | Noticed a royal mummy
120797 | Tomb:1   | Killed a royal mummy
120838 | Tomb:1   | Noticed a royal mummy
120840 | Tomb:1   | Noticed a royal mummy
120840 | Tomb:1   | Noticed a royal mummy
120841 | Tomb:1   | Killed a royal mummy
120842 | Tomb:1   | Reached skill level 16 in Necromancy
120842 | Tomb:1   | Killed a royal mummy
120842 | Tomb:1   | Noticed a royal mummy
120844 | Tomb:1   | Killed a royal mummy
120845 | Tomb:1   | Noticed a royal mummy
120846 | Tomb:1   | Killed a royal mummy
120847 | Tomb:1   | Noticed a royal mummy
120848 | Tomb:1   | Killed a royal mummy
120850 | Tomb:1   | Killed a royal mummy
121333 | Tomb:1   | Killed a royal mummy
121334 | Tomb:1   | Killed a royal mummy
121338 | Tomb:1   | Killed a royal mummy
121344 | Tomb:1   | Killed a royal mummy
122048 | Tomb:2   | Noticed a royal mummy
122059 | Tomb:2   | Reached skill level 17 in Necromancy
122395 | Tomb:2   | Noticed a royal mummy
122396 | Tomb:2   | Noticed a royal mummy
122399 | Tomb:2   | Killed a royal mummy
122401 | Tomb:2   | Killed a royal mummy
122450 | Tomb:2   | Killed a royal mummy
122451 | Tomb:2   | Reached skill level 24 in Dodging
122459 | Tomb:2   | Noticed a royal mummy
122462 | Tomb:2   | Killed a royal mummy
122601 | Tomb:2   | Acquired 662 gold pieces
122897 | Tomb:2   | Learned a level 8 spell: Discord
122959 | Tomb:3   | Entered Level 3 of the Tomb of the Ancients
122969 | Tomb:3   | Reached skill level 18 in Necromancy
122972 | Tomb:3   | Noticed a royal mummy
122974 | Tomb:3   | Noticed a royal mummy
122976 | Tomb:3   | Reached skill level 11 in Hexes
122976 | Tomb:3   | Killed a royal mummy
122979 | Tomb:3   | Killed a royal mummy
122979 | Tomb:3   | Noticed a royal mummy
122980 | Tomb:3   | Noticed a royal mummy
122982 | Tomb:3   | Killed a royal mummy
122985 | Tomb:3   | Noticed a royal mummy
122986 | Tomb:3   | Noticed a royal mummy
122987 | Tomb:3   | Killed a royal mummy
122987 | Tomb:3   | Noticed a royal mummy
122988 | Tomb:3   | Noticed a royal mummy
123332 | Tomb:3   | Killed a royal mummy
123333 | Tomb:3   | Reached skill level 19 in Earth Magic
123333 | Tomb:3   | Killed a royal mummy
123333 | Tomb:3   | Killed a royal mummy
123334 | Tomb:3   | Reached skill level 12 in Hexes
123334 | Tomb:3   | Killed a royal mummy
123488 | Tomb:3   | Identified the +4 plate armour "Qetot" {rC+ Str+4}
123489 | Tomb:3   | Identified the +5 longbow "Karchev" {venom, rElec rN+ Str+5
                  | Dex-2}
123505 | Tomb:3   | Got the Handbook of Shifting
123508 | Tomb:3   | You pick up a book of Minor Magic and begin reading...
123515 | Tomb:3   | Identified the ring "Qywirolyn" {Fire Fly rCorr Str+5
                  | Stlth-}
123516 | Tomb:3   | Identified the +5 quarterstaff "Duvus" {freeze, Will++
                  | Dex+2}
123525 | Tomb:3   | Identified the +2 plate armour of Words of Power {rF+
                  | rCorr}
123530 | Tomb:3   | Identified the +1 cloak "Noogov" {rC+ Int+4}
123646 | Tomb:3   | You pick up a book of Geomancy and begin reading...
123650 | Tomb:3   | Got a golden rune of Zot
124950 | Zig:1    | Entered Level 1 of a ziggurat
124977 | Zig:2    | Entered Level 2 of a ziggurat
125003 | Zig:3    | Entered Level 3 of a ziggurat
125007 | Zig:3    | Noticed an ancient lich
125012 | Zig:3    | Killed an ancient lich
125046 | Zig:3    | Identified the +3 trident of Koatzogat {vorpal, Str+4}
125061 | Zig:4    | Entered Level 4 of a ziggurat
125086 | Zig:5    | Entered Level 5 of a ziggurat
125112 | Zig:5    | Identified the +7 battleaxe "Demonbane" {flame, Fly}
125118 | Zig:6    | Entered Level 6 of a ziggurat
125125 | Zig:6    | Noticed Ukuj the pandemonium lord
125128 | Zig:6    | Killed Ukuj the pandemonium lord
125195 | Zig:6    | You pick up a book of Debilitation and begin reading...
125203 | Zig:6    | Identified the +2 robe of the Northern Lights {Will+ rCorr
                  | MP+9 Dex+2}
125243 | Zig:7    | Entered Level 7 of a ziggurat
125256 | Zig:7    | Identified the +1 plate armour "Geudif" {Rampage Will+}
125288 | Zig:8    | Entered Level 8 of a ziggurat
125297 | Zig:8    | Reached skill level 13 in Hexes
125345 | Zig:8    | Learned a level 8 spell: Infestation
125353 | Zig:8    | Learned a level 7 spell: Haunt
125355 | Zig:9    | Entered Level 9 of a ziggurat
125358 | Zig:9    | Noticed a curse skull
125360 | Zig:9    | Killed a curse skull
125393 | Zig:9    | Reached skill level 14 in Hexes
125396 | Zig:9    | Got the Guide on the Traveller
125406 | Zig:9    | Identified the +3 quarterstaff "Ixuqobes" {vamp, rF+ Dex+4}
125426 | Zig:10   | Entered Level 10 of a ziggurat
125436 | Zig:10   | Noticed a curse skull
125438 | Zig:10   | Killed a curse skull
125451 | Zig:10   | Got Favuyg's Textbook on the Union
125460 | Zig:10   | Identified the +3 dagger "Worm's Wrath" {holy, +Blink}
125465 | Zig:10   | You pick up a book of Spectacle and begin reading...
125471 | Zig:10   | Identified the +5 leather armour of Intuition {+Inv rPois
                  | Will+}
125475 | Zig:11   | Entered Level 11 of a ziggurat
125482 | Zig:11   | Noticed a juggernaut
125483 | Zig:11   | Noticed a juggernaut
125486 | Zig:11   | Killed a juggernaut
125486 | Zig:11   | Killed a juggernaut
125487 | Zig:11   | Reached skill level 15 in Hexes
125487 | Zig:11   | Reached skill level 20 in Earth Magic
125505 | Zig:11   | Identified the +7 mace of Moral Flaws {protect, rF+ Int+4}
125534 | Zig:12   | Entered Level 12 of a ziggurat
125546 | Zig:12   | Reached skill level 16 in Hexes
125757 | Zig:12   | Reached skill level 16 in Shields
125760 | Zig:12   | You pick up a book of the Hunter and begin reading...
125761 | Zig:12   | Identified the +3 spear of Execution {speed, Fly rF- rC+}
125764 | Zig:12   | Identified the ring of the Ghostly God {rPois rCorr Int+2
                  | Dex+3}
125768 | Zig:12   | Identified the +5 fire dragon scales of New Discoveries
                  | {Harm rF++ rC- rCorr}
125770 | Zig:12   | You pick up a book of Armaments and begin reading...
125779 | Zig:12   | You pick up a book of Ice and begin reading...
125803 | Zig:13   | Entered Level 13 of a ziggurat
125994 | Zig:13   | Identified the +0 pair of boots of the Crypt {rPois rF+ rC-
                  | Dex+2}
126010 | Zig:14   | Entered Level 14 of a ziggurat
126019 | Zig:14   | Noticed an orb of fire
126022 | Zig:14   | Noticed an orb of fire
126023 | Zig:14   | Reached skill level 17 in Hexes
126025 | Zig:14   | Killed an orb of fire
126025 | Zig:14   | Killed an orb of fire
126066 | Zig:14   | Identified the +1 robe of the Sea {rN+ Str+2}
126068 | Zig:14   | Identified the +1 plate armour "Ceurop" {Rampage Stlth+}
126077 | Zig:14   | Identified the +7 glaive of the Blowfly {freeze, rF+ rCorr}
126079 | Zig:14   | Got Wevatatt's Discursus on Septic Air
126084 | Zig:14   | Identified the +4 morningstar of the Unliving {pain, rElec
                  | rPois Int-4 Dex-4}
126089 | Zig:14   | Identified the +1 ring mail of Valiance {Regen+}
126090 | Zig:14   | Identified the +3 quarterstaff "Memeqil" {flame, +Blink
                  | Str-4 Int-3 SInv}
126094 | Zig:14   | Got the Guidebook on Snowy Putrescence
126203 | Zig:15   | Entered Level 15 of a ziggurat
126208 | Zig:15   | Noticed an ancient lich
126210 | Zig:15   | Killed an ancient lich
126211 | Zig:15   | Reached skill level 18 in Hexes
126226 | Zig:15   | Found the +7 sceptre of Torment {pain, torment}
126252 | Zig:15   | You pick up a book of Iron and begin reading...
126255 | Zig:15   | Got the Tome of Distorted Transformation
126259 | Zig:15   | Reached skill level 19 in Hexes
126261 | Zig:15   | You pick up a book of the Tundra and begin reading...
126263 | Zig:15   | You pick up a book of Transfigurations and begin reading...
126272 | Zig:15   | You pick up a book of Scorching and begin reading...
126273 | Zig:15   | Identified the ring "Ithryata" {rCorr Int+3 Dex+4}
126278 | Zig:15   | You pick up a book of Burglary and begin reading...
126302 | Zig:16   | Entered Level 16 of a ziggurat
126313 | Zig:16   | Noticed Taisopne the pandemonium lord
126314 | Zig:16   | Reached skill level 20 in Hexes
126315 | Zig:16   | Killed Taisopne the pandemonium lord
126508 | Zig:16   | Identified the +1 spear "Etanet" {flame, rC+ Dex+2}
126511 | Zig:16   | Reached skill level 17 in Shields
126512 | Zig:16   | Identified the ring of Aficiamo {Slay+2 SInv}
126514 | Zig:16   | Identified the +8 great mace "Dakhlab" {drain, *Rage rPois
                  | Int+4}
126518 | Zig:16   | Got the Vellum of Lofty Ignition
126587 | Zig:17   | Entered Level 17 of a ziggurat
126591 | Zig:17   | Noticed a caustic shrike
126591 | Zig:17   | Noticed a caustic shrike
126593 | Zig:17   | Noticed a caustic shrike
126594 | Zig:17   | Killed a caustic shrike
126595 | Zig:17   | Killed a caustic shrike
126595 | Zig:17   | Killed a caustic shrike
126855 | Zig:17   | Found the +7 Spriggan's Knife {stab, EV+4 Stlth+}
126859 | Zig:17   | Identified the ring "Nuask" {rF+ Str+6 SInv}
126870 | Zig:17   | Identified the +11 morningstar of Tortfeasance {vorpal, rC+
                  | Will+ Int+2}
126879 | Zig:17   | You pick up a book of Beasts and begin reading...
126887 | Zig:17   | Identified the +4 morningstar "Quceax" {flame, rElec Will++
                  | SInv}
126908 | Zig:18   | Entered Level 18 of a ziggurat
127001 | Zig:18   | Identified the amulet of Xom's Malicious Joy {Spirit Dex+4}
127007 | Zig:18   | Identified the +5 eveningstar of Harmony {holy, rPois}
127008 | Zig:18   | P - the +5 eveningstar of Harmony {holy, rPois, rare}
127016 | Zig:18   | Identified the +1 buckler of the Stars {rC+ Str+4}
127020 | Zig:18   | Reached skill level 18 in Shields
127023 | Zig:18   | R - the +5 eveningstar of Harmony {holy, rPois, rare}
127026 | Zig:18   | You pick up a book of the Sky and begin reading...
127048 | Zig:18   | You drop the +5 eveningstar of Harmony {holy, rPois, rare}.
127053 | Zig:19   | Entered Level 19 of a ziggurat
127068 | Zig:19   | Paralysed by a wendigo for 1 turns
127268 | Zig:19   | Found the +8 Vampire's Tooth {vamp}
127276 | Zig:19   | Identified the ring "Enateus" {AC+4 Str+3 Int+3}
127283 | Zig:19   | You pick up a book of Annihilations and begin reading...
127285 | Zig:19   | You pick up a book of Scorching and begin reading...
127288 | Zig:19   | Identified the +5 trident of Disharmony {flame, Int+7
                  | Dex-4}
127293 | Zig:19   | Identified the +7 hand axe "Woomak" {venom, Str+5}
127302 | Zig:19   | Got the Atlas of the Map and the Assassin
127338 | Zig:19   | Learned a level 9 spell: Fire Storm
127340 | Zig:20   | Entered Level 20 of a ziggurat
127351 | Zig:20   | Reached skill level 19 in Shields
127353 | Zig:20   | Reached skill level 25 in Dodging
127353 | Zig:20   | Reached skill level 25 in Conjurations
127371 | Zig:20   | Found the +2 hood of the Assassin {Detection Stab+ Stlth++}
127376 | Zig:20   | Identified the amulet "Kyfux" {Faith rElec rCorr Dex+2
                  | Slay+3}
127379 | Zig:20   | Identified the +0 storm dragon scales "Olagon" {+Blink
                  | rElec}
127388 | Zig:20   | You pick up a book of the Warp and begin reading...
127391 | Zig:20   | Identified the +9 scimitar of Discomfort {vamp, +Blink
                  | rPois Will- Int+4}
127395 | Zig:20   | Identified the +4 chain mail of the Volcano {rC+}
127422 | Zig:20   | Reached skill level 20 in Shields
127425 | Zig:21   | Entered Level 21 of a ziggurat
127466 | Zig:21   | HP: 47/224 [arc of chain lightning (12)]
127470 | Zig:21   | Reached skill level 21 in Shields
127474 | Zig:21   | HP: 35/291 [arc of chain lightning (10)]
127479 | Zig:21   | Reached skill level 19 in Fire Magic
127883 | Zig:21   | You pick up a book of Necromancy and begin reading...
127884 | Zig:21   | Identified the amulet "Corhikhla" {Acrobat MP+9}
127887 | Zig:21   | Identified the +3 shortbow of the Assorted Loafs {flame,
                  | Str+3 Int+4}
127891 | Zig:21   | You pick up a book of Touch and begin reading...
127892 | Zig:21   | Identified the amulet of Huallu Cuips {Reflect Int+4 SH+5}
127895 | Zig:21   | Got Zorarghau's Precepts of Assembling
127901 | Zig:21   | Identified the ring "Zean" {rC+ MP+9}
127911 | Zig:21   | You pick up a book of Cantrips and begin reading...
127916 | Zig:21   | Identified the +4 shortbow of Theory {speed, rN++ MP+9
                  | Dex+3 Stlth+}
128002 | Zig:22   | Entered Level 22 of a ziggurat
128015 | Zig:22   | Reached skill level 22 in Shields
128022 | Zig:22   | Reached skill level 20 in Fire Magic
128069 | Zig:22   | Got the Tractate on Ghoulish Lightning
128072 | Zig:22   | Identified the +8 morningstar "Ehaory" {elec, Int+4}
128075 | Zig:22   | Identified the +10 whip of Gloom {vorpal, +Blink rElec}
128078 | Zig:22   | Identified the +2 chain mail of the Five Deaths {rElec}
128081 | Zig:22   | Identified the +11 morningstar of the Evening {venom, rF-
                  | Int+7}
128087 | Zig:22   | You pick up a book of Annihilations and begin reading...
128094 | Zig:22   | Got Maekiecehe's Lessons on the Noxious Oath
128151 | Zig:23   | Entered Level 23 of a ziggurat
128157 | Zig:23   | Noticed a caustic shrike
128160 | Zig:23   | Killed a caustic shrike
128161 | Zig:23   | Noticed a caustic shrike
128162 | Zig:23   | Noticed a caustic shrike
128163 | Zig:23   | Killed a caustic shrike
128165 | Zig:23   | Killed a caustic shrike
128167 | Zig:23   | Reached skill level 21 in Fire Magic
128237 | Zig:23   | You pick up a book of the Moon and begin reading...
128241 | Zig:23   | Identified the amulet "Cigu" {Acrobat Str+2}
128245 | Zig:23   | You pick up a book of Hexes and begin reading...
128247 | Zig:23   | You pick up a book of the Spheres and begin reading...
128249 | Zig:23   | You pick up a book of the Spheres and begin reading...
128253 | Zig:23   | You add the spells Borgnjor's Revivification and Death's
                  | Door to your library.
128255 | Zig:23   | Got the Precepts of Arenous Production
128260 | Zig:23   | Identified the +2 scale mail "Xotoukhlo" {Drain Will+
                  | Regen+ Stlth+}
128262 | Zig:23   | Identified the +11 chain mail "Bodif" {+Inv Str+3}
128267 | Zig:23   | Identified the +3 leather armour of the Trees {Int+4 Dex+4}
128297 | Zig:24   | Entered Level 24 of a ziggurat
128309 | Zig:24   | Reached skill level 22 in Fire Magic
128361 | Zig:24   | Identified the +1 robe of Tempters {Harm rF- rN+++}
128363 | Zig:24   | Identified the +9 short sword of the Pyrrhic Victory
                  | {vorpal, Dex+8}
128366 | Zig:24   | You pick up a book of Ice and begin reading...
128374 | Zig:24   | You pick up a book of Sloth and begin reading...
128375 | Zig:24   | Identified the +7 great sword of the Illusory Beds {flame,
                  | Contam +Blink rElec Str+4}
128443 | Zig:25   | Entered Level 25 of a ziggurat
128448 | Zig:25   | Noticed a juggernaut
128448 | Zig:25   | Noticed a juggernaut
128451 | Zig:25   | Noticed a juggernaut
128451 | Zig:25   | Noticed a juggernaut
128452 | Zig:25   | Noticed a juggernaut
128452 | Zig:25   | Noticed a juggernaut
128452 | Zig:25   | Noticed a juggernaut
128453 | Zig:25   | Killed a juggernaut
128453 | Zig:25   | Noticed a juggernaut
128453 | Zig:25   | Noticed a juggernaut
128453 | Zig:25   | Noticed a juggernaut
128453 | Zig:25   | Identified a +0 robe of the Archmagi
128454 | Zig:25   | Killed a juggernaut
128454 | Zig:25   | Killed a juggernaut
128454 | Zig:25   | Noticed a juggernaut
128455 | Zig:25   | Killed a juggernaut
128455 | Zig:25   | Killed a juggernaut
128455 | Zig:25   | Killed a juggernaut
128455 | Zig:25   | Killed a juggernaut
128455 | Zig:25   | Killed a juggernaut
128456 | Zig:25   | Reached skill level 21 in Earth Magic
128456 | Zig:25   | Killed a juggernaut
128457 | Zig:25   | Reached skill level 26 in Dodging
128457 | Zig:25   | Killed a juggernaut
128457 | Zig:25   | Killed a juggernaut
128463 | Zig:25   | Identified a +1 robe of the Archmagi
128474 | Zig:25   | Found the +7 great mace "Firestarter" {inner flame, rF++}
128501 | Zig:25   | You pick up a book of Callings and begin reading...
128512 | Zig:25   | Identified the ring "Ekafihun" {rC+ Int+6 Dex+5 Slay-6}
128517 | Zig:25   | Identified the ring "Ysmam" {*Corrode Fly rF+ Int+4}
128522 | Zig:25   | You pick up a book of Annihilations and begin reading...
128524 | Zig:25   | Identified the amulet "Eshryeps Queh" {Spirit -Cast Harm
                  | Fly rF+}
128527 | Zig:25   | Identified the +9 glaive of Uskayaw's Generosity {vorpal,
                  | rF++ Str+4}
128536 | Zig:25   | Got Midem's Secrets of the Supportive Blaze
128590 | Zig:26   | Entered Level 26 of a ziggurat
128613 | Zig:26   | Reached skill level 27 in Dodging
128613 | Zig:26   | Reached skill level 22 in Earth Magic
128697 | Zig:26   | Got the Incunable of Bloody Pyromania
128698 | Zig:26   | Identified the +14 chain mail "Neshradgh" {Fly rN+}
128699 | Zig:26   | Identified the +10 long sword "Nuufoll" {speed, Fragile
                  | +Blink rPois rN+}
128700 | Zig:26   | Identified the +11 rapier of Gijamubb {holy, rPois}
128703 | Zig:26   | Got the Reference Book on Dislocation
128706 | Zig:26   | Reached skill level 23 in Earth Magic
128712 | Zig:26   | Identified the +9 storm dragon scales "Hidalet" {rElec rF+
                  | Str-4 Int+4}
128716 | Zig:26   | Got the Atlas of Red-Hot Summoning
128723 | Zig:26   | Identified the amulet "Koel Ucs" {Acrobat Fly}
128725 | Zig:26   | Identified the +2 pair of boots "Nitsobol" {Will+}
128732 | Zig:26   | You pick up a book of Fire and begin reading...
128784 | Zig:27   | Entered Level 27 of a ziggurat
128795 | Zig:27   | Noticed a caustic shrike
128797 | Zig:27   | Noticed a caustic shrike
128798 | Zig:27   | Killed a caustic shrike
128801 | Zig:27   | Killed a caustic shrike
128807 | Zig:27   | Reached skill level 24 in Earth Magic
128848 | Zig:27   | Identified the +6 war axe of Onguiduwk {vorpal, rC++}
128852 | Zig:27   | Identified the ring of Nuvuis {Wiz Fly rC++ Slay-5}
128869 | Zig:27   | Identified the +1 pair of boots of Boomn {rC+}
128873 | Zig:27   | Identified the +1 scale mail of Shielding {rPois rF+
                  | Stlth-}
128874 | Zig:27   | Identified the ring "Toptar" {rPois rCorr Str+2 Dex-4}
128876 | Zig:27   | Got the Spellbook of the Charred Sky
128877 | Zig:27   | Identified the +5 ring mail of the Sacrificial Victim
                  | {rElec rF+ Str-3}
128888 | Zig:27   | Got Wesaum's Papyrus of Metamorphic Rime
128947 | Crypt:3  | Upgraded the game from 0.29-a0-923-g6e406bff71 to
                  | 0.29-a0-925-g0a7a3d12f8
128947 | Crypt:3  | magus.rc [v1.11.3]
129345 | D:7      | Learned a level 8 spell: Ignition
129361 | D:7      | Fell from the grace of Vehumet
129361 | D:7      | Became a worshipper of Gozag Ym Sagoz the Greedy
130770 | Pan      | Entered Pandemonium
130791 | Pan      | Noticed Ulem the pandemonium lord
130794 | Pan      | Reached skill level 1 in Throwing
130794 | Pan      | Reached skill level 1 in Ice Magic
130795 | Pan      | Reached skill level 2 in Throwing
130795 | Pan      | Reached skill level 2 in Ice Magic
130795 | Pan      | Killed Ulem the pandemonium lord
130796 | Pan      | Reached skill level 3 in Throwing
130796 | Pan      | Reached skill level 3 in Ice Magic
130798 | Pan      | Reached skill level 4 in Throwing
130798 | Pan      | Reached skill level 4 in Ice Magic
131064 | Pan      | Noticed Mennas
131078 | Pan      | Killed Mennas
131079 | Pan      | Reached skill level 5 in Throwing
131079 | Pan      | Reached skill level 5 in Ice Magic
131124 | Pan      | magus.rc [v1.11.3]
131277 | Pan      | Found an exit through the horrors of the Abyss.
131338 | Pan      | Reached skill level 6 in Throwing
131338 | Pan      | Reached skill level 6 in Ice Magic
131600 | Pan      | You pick up a book of Dangerous Friends and begin
                  | reading...
131634 | Pan      | Reached skill level 7 in Throwing
131634 | Pan      | Reached skill level 7 in Ice Magic
131980 | Pan      | Reached skill level 8 in Throwing
131980 | Pan      | Reached skill level 8 in Ice Magic
132356 | Pan      | Reached skill level 9 in Throwing
132356 | Pan      | Reached skill level 9 in Ice Magic
132392 | Pan      | Noticed Gimoiph the pandemonium lord
132398 | Pan      | Killed Gimoiph the pandemonium lord
132399 | Pan      | Reached skill level 10 in Throwing
132399 | Pan      | Reached skill level 10 in Ice Magic
132639 | Pan      | Found an exit through the horrors of the Abyss.
132928 | Pan      | Acquired 527 gold pieces
132932 | Pan      | Acquired 798 gold pieces
133362 | Pan      | Reached skill level 11 in Throwing
133362 | Pan      | Reached skill level 11 in Ice Magic
133476 | Pan      | You pick up a book of Dreams and begin reading...
133808 | Pan      | Found an exit through the horrors of the Abyss.
133874 | Pan      | Reached skill level 12 in Throwing
133874 | Pan      | Reached skill level 12 in Ice Magic
134481 | Pan      | Noticed Guan Ypp the pandemonium lord
134482 | Pan      | Killed Guan Ypp the pandemonium lord
134483 | Pan      | Reached skill level 13 in Throwing
134726 | Pan      | Reached skill level 13 in Ice Magic
134823 | Pan      | Noticed Ifauweg the pandemonium lord
134827 | Pan      | Killed Ifauweg the pandemonium lord
134845 | Pan      | Reached skill level 14 in Throwing
135244 | Pan      | Gained mutation: You are dopey. (Int -2) [a neqoxec]
135386 | Pan      | Found an exit through the horrors of the Abyss.
135753 | Pan      | Reached skill level 14 in Ice Magic
135835 | Pan      | Found an exit through the horrors of the Abyss.
136277 | Pan      | Reached skill level 15 in Throwing
136530 | Pan      | Noticed Jiddimn the pandemonium lord
136532 | Pan      | Killed Jiddimn the pandemonium lord
136549 | Pan      | You pick up a book of Alchemy and begin reading...
136861 | Pan      | Reached skill level 15 in Ice Magic
137100 | Pan      | Found an exit through the horrors of the Abyss.
137220 | Pan      | Noticed Duxy the pandemonium lord
137224 | Pan      | Killed Duxy the pandemonium lord
137336 | Pan      | You pick up a book of Iron and begin reading...
137438 | Pan      | Reached skill level 16 in Ice Magic
137474 | Pan      | Found an exit through the horrors of the Abyss.
137538 | Pan      | Noticed Ukucakka the pandemonium lord
137540 | Pan      | Killed Ukucakka the pandemonium lord
137873 | Pan      | Was forgiven by Vehumet
137887 | Pan      | Reached skill level 17 in Ice Magic
138580 | Pan      | Got Paehimm's Exposition on Entrancing Fog
138594 | Pan      | Reached skill level 18 in Ice Magic
138753 | Pan      | Learned a level 9 spell: Polar Vortex
139131 | Pan      | You pick up a book of Decay and begin reading...
139168 | Pan      | Noticed Leymeo the pandemonium lord
139171 | Pan      | Killed Leymeo the pandemonium lord
139517 | Pan      | Identified the +11 flail of Okawaru's Displeasure {vorpal,
                  | rN+ Int+3}
139720 | Pan      | Reached skill level 19 in Ice Magic
139737 | Pan      | Found an exit through the horrors of the Abyss.
140755 | Pan      | Found an exit through the horrors of the Abyss.
140845 | Pan      | Noticed Guen the pandemonium lord
140848 | Pan      | Killed Guen the pandemonium lord
141427 | Pan      | Reached skill level 20 in Ice Magic
142369 | Pan      | Found an exit through the horrors of the Abyss.
142399 | Pan      | Reached skill level 16 in Throwing
142631 | Pan      | You pick up a book of the Wilderness and begin reading...
142867 | Pan      | Noticed Oramm the pandemonium lord
142869 | Pan      | Killed Oramm the pandemonium lord
142976 | Pan      | Identified the +6 whip of Fresh Forgiveness {antimagic, Fly
                  | Int+2 Dex+6}
143141 | Pan      | Reached skill level 17 in Throwing
143207 | Pan      | Identified a +1 robe of the Archmagi
143743 | Pan      | Noticed Bixkyfeo the pandemonium lord
143746 | Pan      | Killed Bixkyfeo the pandemonium lord
143756 | Pan      | Reached skill level 18 in Throwing
144732 | Pan      | Noticed Romosudd the pandemonium lord
144745 | Pan      | Killed Romosudd the pandemonium lord
145029 | Pan      | You pick up a book of Cantrips and begin reading...
145198 | Pan      | Found an exit through the horrors of the Abyss.
145577 | Pan      | Reached skill level 19 in Throwing
145862 | Pan      | Noticed Rifrizee the pandemonium lord
145868 | Pan      | Killed Rifrizee the pandemonium lord
145880 | Pan      | Found a runed translucent door.
146222 | Pan      | Reached skill level 21 in Ice Magic
147273 | Pan      | Reached skill level 20 in Throwing
147512 | Pan      | Identified the ring of the Empty Page {rElec Will++ Str-5
                  | SInv Stlth+}
147558 | Pan      | Found an exit through the horrors of the Abyss.
147696 | Pan      | Found a huge runed translucent gate.
147698 | Pan      | Found a huge runed translucent gate.
147699 | Pan      | Found a huge runed translucent gate.
147700 | Pan      | Found a huge runed translucent gate.
147700 | Pan      | Found a huge runed translucent gate.
147700 | Pan      | Found a huge runed translucent gate.
147704 | Pan      | Found a huge runed translucent gate.
147710 | Pan      | Noticed Tiser the pandemonium lord
147714 | Pan      | Killed Tiser the pandemonium lord
147715 | Pan      | Reached skill level 22 in Ice Magic
148406 | Pan      | Noticed Zeutiomu the pandemonium lord
148410 | Pan      | Killed Zeutiomu the pandemonium lord
148648 | Pan      | Reached skill level 16 in Evocations
149159 | Pan      | Found an exit through the horrors of the Abyss.
149221 | Pan      | You pick up a book of Sloth and begin reading...
149778 | Pan      | Reached skill level 17 in Evocations
149844 | Pan      | Noticed Qopuiv the pandemonium lord
149846 | Pan      | Killed Qopuiv the pandemonium lord
150419 | Pan      | Found an exit through the horrors of the Abyss.
150425 | Pan      | Identified the +5 ring mail of the Evening Star {Str+5}
151207 | Pan      | Reached skill level 18 in Evocations
151211 | Pan      | Identified the +7 short sword "spiderkeys's Foe" {vorpal,
                  | rCorr Stlth+}
151348 | Pan      | Reached skill level 21 in Throwing
151769 | Pan      | Found a huge runed translucent gate.
151776 | Pan      | Found a huge runed translucent gate.
151776 | Pan      | Found a huge runed translucent gate.
151777 | Pan      | Found a huge runed translucent gate.
151777 | Pan      | Found a huge runed translucent gate.
151778 | Pan      | Found a huge runed translucent gate.
151779 | Pan      | Found a huge runed translucent gate.
151781 | Pan      | Noticed Ethoopa the pandemonium lord
151783 | Pan      | Reached skill level 23 in Ice Magic
151787 | Pan      | Killed Ethoopa the pandemonium lord
151788 | Pan      | HP: 63/291 [spore (14)]
152688 | Pan      | Found an exit through the horrors of the Abyss.
152865 | Depths:2 | You pass through the gate.
152865 | Depths:2 | Escaped Pandemonium
152901 | Depths:2 | Bought a potion of heal wounds for 95 gold pieces
152901 | Depths:2 | Bought a potion of magic for 152 gold pieces
152904 | Depths:2 | Bought the ring of the Mage {Wiz Archmagi} for 816 gold
                  | pieces
152904 | Depths:2 | Found the ring of the Mage {Wiz Archmagi}
152910 | Depths:2 | Lost mutation: You have a pair of small antennae on your
                  | head. [potion of mutation]
152910 | Depths:2 | Lost mutation: You passively map a small area around you.
                  | [potion of mutation]
152910 | Depths:2 | Lost mutation: You have an increased reservoir of magic.
                  | (+10% MP) [potion of mutation]
152910 | Depths:2 | Gained mutation: One of your tentacles bears a spike.
                  | [potion of mutation]
152911 | Depths:2 | Lost mutation: You are dopey. (Int -2) [potion of mutation]
152911 | Depths:2 | Lost mutation: You expend magic power (3 MP) to strengthen
                  | your wands. [potion of mutation]
152911 | Depths:2 | Lost mutation: One of your tentacles bears a spike. [potion
                  | of mutation]
152911 | Depths:2 | Gained mutation: Potions are less effective at restoring
                  | your health. [potion of mutation]
152911 | Depths:2 | Gained mutation: You are clumsy. (Dex -2) [potion of
                  | mutation]
152911 | Depths:2 | Gained mutation: You expend magic power (3 MP) to
                  | strengthen your wands. [potion of mutation]
152912 | Depths:2 | Lost mutation: You expend magic power (3 MP) to strengthen
                  | your wands. [potion of mutation]
152912 | Depths:2 | Lost mutation: Potions are less effective at restoring your
                  | health. [potion of mutation]
152912 | Depths:2 | Lost mutation: You are clumsy. (Dex -2) [potion of
                  | mutation]
152912 | Depths:2 | Gained mutation: You passively map a small area around you.
                  | [potion of mutation]
152912 | Depths:2 | Gained mutation: You are partially covered in iridescent
                  | scales. (AC +2) [potion of mutation]
152913 | Depths:2 | Lost mutation: You passively map a small area around you.
                  | [potion of mutation]
152913 | Depths:2 | Lost mutation: You are partially covered in iridescent
                  | scales. (AC +2) [potion of mutation]
152913 | Depths:2 | Gained mutation: You occasionally lose the ability to drink
                  | potions when taking damage. [potion of mutation]
152913 | Depths:2 | Gained mutation: You are agile. (Dex +4, Str/Int -1)
                  | [potion of mutation]
152913 | Depths:2 | Gained mutation: A frigid envelope surrounds you and
                  | freezes all who hurt you. [potion of mutation]
152919 | Depths:2 | Lost mutation: You occasionally lose the ability to drink
                  | potions when taking damage. [potion of mutation]
152919 | Depths:2 | Lost mutation: You are agile. (Dex +4, Str/Int -1) [potion
                  | of mutation]
152919 | Depths:2 | Lost mutation: A frigid envelope surrounds you and freezes
                  | all who hurt you. [potion of mutation]
152919 | Depths:2 | Gained mutation: You are weak. (Str -2) [potion of
                  | mutation]
152919 | Depths:2 | Gained mutation: You are clumsy. (Dex -2) [potion of
                  | mutation]
152919 | Depths:2 | Gained mutation: One of your tentacles bears a spike.
                  | [potion of mutation]
152919 | Depths:2 | Gained mutation: Your spells are a little harder to cast,
                  | but a little more powerful. [potion of mutation]
152924 | Depths:2 | Lost mutation: Your spells are a little harder to cast, but
                  | a little more powerful. [potion of mutation]
152924 | Depths:2 | Lost mutation: You are clumsy. (Dex -2) [potion of
                  | mutation]
152924 | Depths:2 | Gained mutation: You have very sharp teeth. [potion of
                  | mutation]
152924 | Depths:2 | Gained mutation: You are somewhat resistant to further
                  | mutation. [potion of mutation]
152932 | Depths:2 | Lost mutation: You are somewhat resistant to further
                  | mutation. [potion of mutation]
152932 | Depths:2 | Lost mutation: One of your tentacles bears a spike. [potion
                  | of mutation]
152932 | Depths:2 | Lost mutation: You have very sharp teeth. [potion of
                  | mutation]
152932 | Depths:2 | Gained mutation: You are resistant to electric shocks.
                  | (rElec) [potion of mutation]
152932 | Depths:2 | Gained mutation: You expend magic power (3 MP) to
                  | strengthen your wands. [potion of mutation]
152935 | Depths:2 | Lost mutation: You are resistant to electric shocks.
                  | (rElec) [potion of mutation]
152935 | Depths:2 | Lost mutation: You are weak. (Str -2) [potion of mutation]
152935 | Depths:2 | Gained mutation: Your flesh is cold resistant. (rC+)
                  | [potion of mutation]
152935 | Depths:2 | Gained mutation: You have a pair of small antennae on your
                  | head. [potion of mutation]
152979 | Depths:2 | Learned a level 9 spell: Death's Door
152981 | Depths:2 | Learned a level 1 spell: Apportation
152984 | Zig:1    | Entered Level 1 of a ziggurat
153047 | Zig:2    | Entered Level 2 of a ziggurat
153106 | Zig:3    | Entered Level 3 of a ziggurat
153152 | Zig:3    | a +5 long sword of freezing; a +0 cloak; a +0 double sword
                  | of holy wrath {rare}
153154 | Zig:3    | You pick up a book of Alchemy and begin reading...
153158 | Zig:4    | Entered Level 4 of a ziggurat
153223 | Zig:5    | Entered Level 5 of a ziggurat
153224 | Zig:5    | Noticed a curse skull
153224 | Zig:5    | Noticed a curse toe
153227 | Zig:5    | Killed a curse skull
153228 | Zig:5    | Killed a curse toe
153274 | Zig:5    | Identified the +1 chain mail of Qupnuod {rPois Int-5 Dex+7}
153289 | Zig:6    | Entered Level 6 of a ziggurat
153295 | Zig:6    | Reached skill level 19 in Evocations
153330 | Zig:6    | Identified the ring "Daruthru" {rPois SInv}
153335 | Zig:6    | Got Ysyecu's Discourse on Nocuous Glaciation
153344 | Zig:6    | Identified the +8 demon trident of Hell's Wrath {flame, rN+
                  | Will- Dex+2}
153380 | Zig:7    | Entered Level 7 of a ziggurat
153382 | Zig:7    | Noticed an ancient lich
153385 | Zig:7    | Killed an ancient lich
153462 | Zig:8    | Entered Level 8 of a ziggurat
153467 | Zig:8    | Noticed Xongirru the pandemonium lord
153468 | Zig:8    | Noticed Ral Felo the pandemonium lord
153470 | Zig:8    | Killed Xongirru the pandemonium lord
153470 | Zig:8    | Killed Ral Felo the pandemonium lord
153471 | Zig:8    | Reached skill level 22 in Throwing
153532 | Zig:8    | You pick up a book of Iron and begin reading...
153537 | Zig:8    | Identified the +6 bardiche of the Messenger {antimagic,
                  | Str+4 Dex+2 Stlth-}
153540 | Zig:8    | You pick up a book of Spectacle and begin reading...
153567 | Zig:9    | Entered Level 9 of a ziggurat
153633 | Zig:9    | Identified the ring "Roihaus" {+Blink rPois rC- Str-3 Int+8
                  | Dex+6}
153685 | Zig:10   | Entered Level 10 of a ziggurat
153695 | Zig:10   | Reached skill level 19 in Necromancy
153803 | Zig:10   | You pick up a book of Chaos and begin reading...
153808 | Zig:10   | Identified the ring "Noigazamp" {+Blink rPois rC+++ Str+6
                  | Dex-3 Stlth-}
153855 | Zig:11   | Entered Level 11 of a ziggurat
153866 | Zig:11   | Reached skill level 20 in Evocations
153868 | Zig:11   | Reached skill level 23 in Throwing
153932 | Zig:11   | Identified the +9 shortbow of Dust {vorpal, Will+}
153956 | Zig:11   | Got the Almanac of Metamorphosis
153958 | Zig:11   | You pick up a book of Dangerous Friends and begin
                  | reading...
153959 | Zig:11   | Identified the ring "Yceziak" {Fire rElec}
154006 | Zig:12   | Entered Level 12 of a ziggurat
154014 | Zig:12   | Noticed a curse skull
154014 | Zig:12   | Noticed a curse skull
154015 | Zig:12   | Noticed a curse skull
154015 | Zig:12   | Noticed a dread lich
154015 | Zig:12   | Found the +0 staff of Battle
154016 | Zig:12   | Noticed a curse skull
154017 | Zig:12   | Killed a curse skull
154017 | Zig:12   | Killed a curse skull
154018 | Zig:12   | Killed a curse skull
154018 | Zig:12   | Killed a curse skull
154019 | Zig:12   | Killed a dread lich
154138 | Zig:12   | Identified the +1 robe "Ziefismu" {*Slow Will++ rCorr Str-4
                  | Dex+2}
154141 | Zig:12   | You pick up a book of the Sky and begin reading...
154143 | Zig:12   | Identified the +2 whip "Oqeer" {drain, rElec rN+ Will-}
154148 | Zig:12   | You pick up a book of Spectacle and begin reading...
154212 | Zig:13   | Entered Level 13 of a ziggurat
154221 | Zig:13   | Noticed a royal mummy
154222 | Zig:13   | Noticed a royal mummy
154225 | Zig:13   | Reached skill level 20 in Necromancy
154225 | Zig:13   | Killed a royal mummy
154226 | Zig:13   | Killed a royal mummy
154226 | Zig:13   | Noticed a royal mummy
154229 | Zig:13   | Noticed a royal mummy
154230 | Zig:13   | Killed a royal mummy
154232 | Zig:13   | Reached skill level 24 in Throwing
154233 | Zig:13   | Killed a royal mummy
154343 | Zig:13   | You pick up a book of the Earth and begin reading...
154349 | Zig:13   | You pick up a book of the Earth and begin reading...
154352 | Zig:13   | Identified the +11 whip of Dullness {vorpal, rCorr Str+4
                  | Int+6}
154391 | Zig:13   | Identified the quicksilver dragon scales "Bittok" {Rampage
                  | +Blink Will+ Str-4}
154447 | Zig:14   | Entered Level 14 of a ziggurat
154457 | Zig:14   | Noticed a dread lich
154460 | Zig:14   | Killed a dread lich
154476 | Zig:14   | Reached skill level 25 in Throwing
154626 | Zig:14   | You pick up a book of Scorching and begin reading...
154631 | Zig:14   | You pick up a book of the Dragon and begin reading...
154642 | Zig:14   | You pick up a book of Spectacle and begin reading...
154709 | Zig:15   | Entered Level 15 of a ziggurat
154900 | Zig:15   | You pick up a book of Callings and begin reading...
154907 | Zig:15   | Identified the +1 leather armour "Fefume" {Rampage rElec
                  | rC+++ Dex-5}
154910 | Zig:15   | Got Lidghigyo's Directory of Shifting and Graupel
154912 | Zig:15   | Got the Compendium of Vexing Firn
154914 | Zig:15   | You pick up a book of Chaos and begin reading...
154915 | Zig:15   | Identified the ring "Cypsy" {Wiz rElec rF+}
154922 | Zig:15   | Identified the +7 falchion "Sesutt" {spect, rN+}
155018 | Zig:16   | Entered Level 16 of a ziggurat
155336 | Zig:16   | Got the Papyrus of Stones
155338 | Zig:16   | Identified the +1 quarterstaff of Osyo {vorpal, rElec
                  | Will+}
155340 | Zig:16   | Identified the +8 rapier "Astoq" {venom, rCorr}
155342 | Zig:16   | You pick up a book of Beasts and begin reading...
155343 | Zig:16   | Identified the +6 war axe of the Teaching Priest {vorpal,
                  | rF+ Str+2 Dex-2}
155353 | Zig:16   | You pick up a book of the Earth and begin reading...
155408 | Zig:17   | Entered Level 17 of a ziggurat
155416 | Zig:17   | Noticed a royal mummy
155420 | Zig:17   | Killed a royal mummy
155421 | Zig:17   | Noticed a royal mummy
155423 | Zig:17   | Noticed a royal mummy
155423 | Zig:17   | Noticed an ancient lich
155423 | Zig:17   | Noticed a royal mummy
155423 | Zig:17   | Noticed a royal mummy
155425 | Zig:17   | Killed an ancient lich
155425 | Zig:17   | Killed a royal mummy
155427 | Zig:17   | Noticed a royal mummy
155428 | Zig:17   | Killed a royal mummy
155428 | Zig:17   | Killed a royal mummy
155428 | Zig:17   | Noticed a royal mummy
155429 | Zig:17   | Killed a royal mummy
155430 | Zig:17   | Reached skill level 26 in Throwing
155445 | Zig:17   | Killed a royal mummy
155446 | Zig:17   | Killed a royal mummy
155447 | Zig:17   | Reached skill level 24 in Ice Magic
155827 | Zig:17   | You pick up a book of the Sky and begin reading...
155831 | Zig:17   | Got the Opusculum on the Baneful Figure
155833 | Zig:17   | Got Sif Muna's Vellum of Flames and Clouds
155835 | Zig:17   | Identified the +9 chain mail of Xom's Esteem {Int+3}
155837 | Zig:17   | You pick up a book of Chaos and begin reading...
155839 | Zig:17   | Identified the +6 dagger of Equilibrium {venom, Dex+5}
155849 | Zig:17   | You pick up a book of Power and begin reading...
155921 | Zig:18   | Entered Level 18 of a ziggurat
155930 | Zig:18   | Noticed a curse skull
155931 | Zig:18   | Noticed a curse skull
155931 | Zig:18   | Noticed a curse skull
155932 | Zig:18   | Noticed a curse skull
155936 | Zig:18   | Killed a curse skull
155936 | Zig:18   | Killed a curse skull
155937 | Zig:18   | Noticed an ancient lich
155938 | Zig:18   | Noticed an ancient lich
155938 | Zig:18   | Noticed a curse skull
155939 | Zig:18   | Killed an ancient lich
155939 | Zig:18   | Killed a curse skull
155939 | Zig:18   | Killed a curse skull
155940 | Zig:18   | Reached skill level 21 in Necromancy
155940 | Zig:18   | Noticed a dread lich
155941 | Zig:18   | Reached skill level 23 in Fire Magic
155941 | Zig:18   | Noticed a dread lich
155942 | Zig:18   | Killed a curse skull
155942 | Zig:18   | Killed an ancient lich
155942 | Zig:18   | Noticed an ancient lich
155943 | Zig:18   | Killed a dread lich
155943 | Zig:18   | Killed a dread lich
155944 | Zig:18   | Killed an ancient lich
156101 | Zig:18   | Identified the +0 chain mail of the Shining Light {Dex+3}
156102 | Zig:18   | Identified the +3 ring mail of Syndicalism {Str+7 Int-2}
156104 | Zig:18   | You pick up a book of Dreams and begin reading...
156120 | Zig:18   | Identified the +5 long sword of Wealth {elec, Fly rPois rN+
                  | Dex-3}
156138 | Zig:18   | Identified the amulet of Gudaq {Spirit rPois Regen+}
156231 | Zig:19   | Entered Level 19 of a ziggurat
156245 | Zig:19   | Noticed a royal mummy
156245 | Zig:19   | Noticed a royal mummy
156248 | Zig:19   | Killed a royal mummy
156248 | Zig:19   | Noticed an ancient lich
156251 | Zig:19   | Killed a royal mummy
156251 | Zig:19   | Killed an ancient lich
156262 | Zig:19   | Reached skill level 27 in Throwing
156337 | Zig:19   | Got the Vellum of Vexing Gloom
156345 | Zig:19   | Identified the +6 leather armour of the Thistle {rN+}
156348 | Zig:19   | You pick up a book of Changes and begin reading...
156350 | Zig:19   | You pick up a book of Displacement and begin reading...
156351 | Zig:19   | Identified the +1 ring mail of Ciafer {*Slow rF- Int+2
                  | Dex+8}
156388 | Zig:19   | You pick up a book of Maledictions and begin reading...
156585 | Zig:20   | Entered Level 20 of a ziggurat
156610 | Zig:20   | Reached skill level 21 in Evocations
156732 | Zig:20   | Identified the amulet "Hog Xeco" {rC+ rN+ Regen+}
156757 | Zig:20   | You pick up a book of Air and begin reading...
156759 | Zig:20   | Got the Parchment of Molten Metal
156763 | Zig:20   | Identified the +10 quarterstaff of the Tired Shrikes
                  | {vorpal, rF- rN++ Int+4}
156769 | Zig:20   | Got Sif Muna's Vellum of Called Gloom
156894 | Zig:21   | Entered Level 21 of a ziggurat
156919 | Zig:21   | Reached skill level 22 in Evocations
156924 | Zig:21   | Reached skill level 22 in Necromancy
156928 | Zig:21   | Reached skill level 25 in Ice Magic
157021 | Zig:21   | Found the +6 arbalest "Damnation" {damnation}
157161 | Zig:21   | Got the Spellbook of Malediction
157174 | Zig:21   | Got the Directory of the Commander
157189 | Zig:21   | You pick up a book of Storms and begin reading...
157194 | Zig:21   | Identified the +8 chain mail "Rocow" {rC+ Int+5}
157302 | Zig:22   | Entered Level 22 of a ziggurat
157323 | Zig:22   | Reached skill level 23 in Shields
157324 | Zig:22   | Reached skill level 24 in Fire Magic
157355 | Zig:22   | Reached skill level 23 in Evocations
157536 | Zig:22   | Found the +5 lochaber axe {reach-cleave, poleaxe}
157609 | Zig:22   | Got the Handbook of the Gathering
157611 | Zig:22   | Identified the +8 shortbow of Valour {flame, rCorr Int+2
                  | Dex-2}
157616 | Zig:22   | Identified the amulet "Xisot" {Regen+ Dex+4 Slay+2}
157619 | Zig:22   | Got the Grimoire of Pestilence and Execration
157724 | Zig:23   | Entered Level 23 of a ziggurat
157736 | Zig:23   | Identified a +0 robe of the Archmagi
157750 | Zig:23   | Found the +5 sword of Power {vorpal}
157752 | Zig:23   | Reached skill level 24 in Shields
157870 | Zig:23   | Found the +3 giant club "Skullcrusher" {speed, Str+7}
157881 | Zig:23   | Identified the +7 war axe "Veroel" {freeze, Fly rElec rC-
                  | Str+4}
157883 | Zig:23   | Identified the +1 shortbow "Fekh" {flame, *Corrode rC+
                  | Str+3 Int+3}
157892 | Zig:23   | You pick up a book of Frost and begin reading...
157919 | Zig:23   | You pick up a book of Decay and begin reading...
157951 | Zig:23   | You pick up a book of Power and begin reading...
158098 | Zig:24   | Entered Level 24 of a ziggurat
158116 | Zig:24   | Noticed an ancient lich
158116 | Zig:24   | Noticed a dread lich
158117 | Zig:24   | Noticed an ancient lich
158117 | Zig:24   | Paralysed by a floating eye for 3 turns
158118 | Zig:24   | Noticed a dread lich
158119 | Zig:24   | Noticed an ancient lich
158120 | Zig:24   | Killed a dread lich
158120 | Zig:24   | Killed an ancient lich
158120 | Zig:24   | Killed a dread lich
158121 | Zig:24   | Reached skill level 24 in Evocations
158121 | Zig:24   | Killed an ancient lich
158121 | Zig:24   | Killed an ancient lich
158124 | Zig:24   | Noticed a dread lich
158126 | Zig:24   | Killed a dread lich
158504 | Zig:24   | You pick up a book of Iron and begin reading...
158508 | Zig:24   | You pick up a book of Weapons and begin reading...
158515 | Zig:24   | You pick up a book of Lightning and begin reading...
158520 | Zig:24   | Identified the +5 short sword of Halih {venom, Int+3
                  | Stlth+}
158526 | Zig:24   | Identified the +10 rapier "Weisan" {freeze, Will++ Dex+5}
158529 | Zig:24   | You pick up a book of Maledictions and begin reading...
158537 | Zig:24   | Got the Papyrus of Clay and Fire
158540 | Zig:24   | Identified the +1 morningstar of Impermanence {vorpal,
                  | rCorr}
158543 | Zig:24   | Identified the +5 scale mail "Qukuemo" {rF++ Int+2 Dex-3}
158629 | Zig:25   | Entered Level 25 of a ziggurat
158647 | Zig:25   | Reached skill level 25 in Shields
158647 | Zig:25   | Noticed Eddewn the pandemonium lord
158648 | Zig:25   | Reached skill level 25 in Evocations
158649 | Zig:25   | Reached skill level 25 in Fire Magic
158653 | Zig:25   | Killed Eddewn the pandemonium lord
158967 | Zig:25   | Found the ring of the Octopus King
158974 | Zig:25   | Reached skill level 26 in Evocations
158976 | Zig:25   | Got Wukit's Directory of Virous Displacement
158982 | Zig:25   | Got the Directory of Loathsome Frostbite
158986 | Zig:25   | Identified a ring of the Octopus King {HP+2 MP+9 AC+2 EV+2
                  | SH+2}
158996 | Zig:25   | Identified the +2 long sword "Siosumn" {vorpal, rC+ Will+
                  | Int+2}
158997 | Zig:25   | Identified the +3 dagger of Sloth {flame, *Noise *Corrode
                  | rPois Int+6}
159001 | Zig:25   | Got Sif Muna's Incunabulum of the Pyre and Combat Magic
159003 | Zig:25   | You pick up a book of Beasts and begin reading...
159113 | Zig:26   | Entered Level 26 of a ziggurat
159141 | Zig:26   | Reached skill level 26 in Shields
159141 | Zig:26   | Reached skill level 27 in Evocations
159151 | Zig:26   | Reached skill level 27 in Shields
159319 | Zig:26   | Found the +5 robe of Misfortune {Harm *Corrode *Slow EV+5}
159328 | Zig:26   | Found the +7 Singing Sword {vorpal, sonic wave}
159367 | Zig:26   | Got Oniew's Directory of Striking
159382 | Zig:26   | Identified the ring "Hyngack" {rElec rF+ rC++ Str+4 Dex-5}
159394 | Zig:26   | Identified the +0 quarterstaff of Dim Light {pain, rPois
                  | Str+2}
159400 | Zig:26   | You pick up a book of Blasting and begin reading...
159406 | Zig:26   | Got the Discourse on Fetid Transmogrification
159407 | Zig:26   | Identified the +1 scale mail "Rinwih" {+Blink Fly rF+
                  | Str+4}
159420 | Zig:26   | Identified the ring of Get Irhidgh {Fire rElec Will+ Str+2}
159433 | Zig:26   | You pick up a book of Power and begin reading...
159437 | Zig:26   | Identified the +6 falchion "Giant's Funeral" {speed, rPois
                  | rC++ Will+ rCorr}
159444 | Zig:26   | Identified the +8 dagger of Red Wine {pain, rN+ Str+4
                  | Int+3}
159605 | Zig:27   | Entered Level 27 of a ziggurat
159622 | Zig:27   | Noticed an ancient lich
159626 | Zig:27   | Killed an ancient lich
159626 | Zig:27   | Noticed a dread lich
159627 | Zig:27   | Noticed an ancient lich
159627 | Zig:27   | Noticed a dread lich
159628 | Zig:27   | Reached skill level 25 in Earth Magic
159628 | Zig:27   | Killed a dread lich
159628 | Zig:27   | Killed an ancient lich
159629 | Zig:27   | Noticed a dread lich
159630 | Zig:27   | Noticed an ancient lich
159631 | Zig:27   | Killed a dread lich
159631 | Zig:27   | Killed an ancient lich
159632 | Zig:27   | Noticed a dread lich
159632 | Zig:27   | Noticed an ancient lich
159633 | Zig:27   | Killed a dread lich
159634 | Zig:27   | Killed a dread lich
159634 | Zig:27   | Killed an ancient lich
159634 | Zig:27   | Noticed a dread lich
159634 | Zig:27   | Noticed a dread lich
159635 | Zig:27   | Noticed an ancient lich
159639 | Zig:27   | Killed a dread lich
159640 | Zig:27   | Killed an ancient lich
159642 | Zig:27   | Killed a dread lich
159644 | Zig:27   | Noticed a dread lich
159646 | Zig:27   | Killed a dread lich
159773 | Zig:27   | Found the +3 hat of Pondering {ponderous, Will+ MP+10
                  | Int+5}
159964 | Zig:27   | Identified the +8 fire dragon scales of Vaupo {rF++ rC-
                  | Int+2 Slay+3}
159978 | Zig:27   | Got Suass's Papyrus of Hexes
159992 | Zig:27   | You pick up a book of the Earth and begin reading...
159994 | Zig:27   | You pick up a book of Blasting and begin reading...
159998 | Zig:27   | Identified the +5 morningstar of Pupaf {vamp, Int+3}
160133 | Zig:1    | Entered Level 1 of a ziggurat
160177 | Zig:2    | Entered Level 2 of a ziggurat
160207 | Zig:2    | Acquired 649 gold pieces
160221 | Zig:3    | Entered Level 3 of a ziggurat
160227 | Zig:3    | Reached skill level 26 in Conjurations
160227 | Zig:3    | Reached skill level 26 in Fire Magic
160227 | Zig:3    | Reached skill level 26 in Ice Magic
160322 | Zig:4    | Entered Level 4 of a ziggurat
160453 | Zig:4    | Identified the +0 ring mail "Ifri" {Rampage +Inv Will+}
160473 | Zig:5    | Entered Level 5 of a ziggurat
160562 | Zig:6    | Entered Level 6 of a ziggurat
160569 | Zig:6    | Noticed a royal mummy
160569 | Zig:6    | Noticed a royal mummy
160573 | Zig:6    | Killed a royal mummy
160574 | Zig:6    | Killed a royal mummy
160670 | Zig:6    | Got the Enchiridion on Poisonous Unholy Rites
160672 | Zig:6    | Got the Secrets of the Scorching Snake
160693 | Zig:7    | Entered Level 7 of a ziggurat
160808 | Zig:7    | Identified the ring of Uggiyts {rN+ Will+ EV+4 Int+3}
160811 | Zig:7    | Got the Compilation of Imprecation and Graupel
160847 | Zig:8    | Entered Level 8 of a ziggurat
160851 | Zig:8    | Noticed a dread lich
160852 | Zig:8    | Noticed an ancient lich
160855 | Zig:8    | Killed a dread lich
160856 | Zig:8    | Killed an ancient lich
161058 | Zig:8    | Identified the amulet "Gyusimi" {-Cast Harm rPois Regen+}
161066 | Zig:8    | Identified the +1 shortbow "Ufruv" {venom, rF++ Will+++
                  | Dex-3 Stlth-}
161068 | Zig:8    | Identified the +2 robe of Myatz {Fly}
161071 | Zig:8    | Identified the amulet "Plog" {Faith Fly rPois rCorr Str+4}
161091 | Zig:9    | Entered Level 9 of a ziggurat
161098 | Zig:9    | Noticed a dread lich
161098 | Zig:9    | Noticed a dread lich
161099 | Zig:9    | Noticed an ancient lich
161099 | Zig:9    | Noticed a dread lich
161099 | Zig:9    | Noticed a dread lich
161100 | Zig:9    | Noticed a dread lich
161101 | Zig:9    | Killed an ancient lich
161101 | Zig:9    | Killed a dread lich
161102 | Zig:9    | Reached skill level 27 in Conjurations
161102 | Zig:9    | Killed a dread lich
161102 | Zig:9    | Killed a dread lich
161102 | Zig:9    | Killed a dread lich
161102 | Zig:9    | Killed a dread lich
161164 | Zig:9    | Identified the +7 halberd "Heocvunt" {flame, rElec SInv}
161168 | Zig:9    | Identified the +2 sling of Articulation {venom, rN++ Int+4}
161180 | Zig:9    | Got Rori's Octavo of Toxins and Arcane Weapons
161182 | Zig:9    | Got the Volume of Metal and the Birds
161227 | Zig:10   | Entered Level 10 of a ziggurat
161237 | Zig:10   | Reached skill level 27 in Fire Magic
161237 | Zig:10   | Reached skill level 27 in Ice Magic
161237 | Zig:10   | Reached skill level 2 in Staves
161334 | Zig:10   | Identified the amulet "Watzo" {Spirit Fly rC+ Int+2 Slay+3}
161350 | Zig:10   | Identified the +1 steam dragon scales of Greed {-Tele +Inv
                  | Int+4}
161354 | Zig:10   | Acquired a manual of Transmutations
161394 | Zig:11   | Entered Level 11 of a ziggurat
161401 | Zig:11   | Noticed a curse skull
161403 | Zig:11   | Noticed a curse skull
161404 | Zig:11   | Killed a curse skull
161405 | Zig:11   | Reached skill level 4 in Staves
161405 | Zig:11   | Killed a curse skull
161405 | Zig:11   | Noticed an ancient lich
161406 | Zig:11   | Reached skill level 5 in Staves
161408 | Zig:11   | Noticed an ancient lich
161410 | Zig:11   | Killed an ancient lich
161411 | Zig:11   | Killed an ancient lich
161412 | Zig:11   | Reached skill level 6 in Staves
161531 | Zig:11   | You pick up a book of Necromancy and begin reading...
161533 | Zig:11   | You pick up a book of Storms and begin reading...
161638 | Zig:12   | Entered Level 12 of a ziggurat
161645 | Zig:12   | Noticed an ancient lich
161645 | Zig:12   | Noticed a dread lich
161646 | Zig:12   | Noticed an ancient lich
161646 | Zig:12   | Noticed an ancient lich
161646 | Zig:12   | Noticed a dread lich
161647 | Zig:12   | Noticed an ancient lich
161648 | Zig:12   | Killed an ancient lich
161648 | Zig:12   | Killed a dread lich
161649 | Zig:12   | Reached skill level 7 in Staves
161649 | Zig:12   | Killed an ancient lich
161649 | Zig:12   | Killed a dread lich
161649 | Zig:12   | Killed an ancient lich
161649 | Zig:12   | Noticed an ancient lich
161650 | Zig:12   | Reached skill level 9 in Staves
161650 | Zig:12   | Reached skill level 21 in Hexes
161650 | Zig:12   | Killed an ancient lich
161650 | Zig:12   | Noticed a dread lich
161651 | Zig:12   | Reached skill level 10 in Staves
161651 | Zig:12   | Killed an ancient lich
161652 | Zig:12   | Found the +8 whip "Snakebite" {venom, curare, rPois}
161653 | Zig:12   | Killed a dread lich
161654 | Zig:12   | Reached skill level 11 in Staves
161744 | Zig:12   | Identified the +4 lajatang "Munu Tajo" {speed, Will+ Str+2
                  | Stlth+}
161749 | Zig:12   | Got Winga's Commentary on Unstable Striking
161756 | Zig:12   | Reached skill level 13 in Staves
161760 | Zig:12   | Acquired 1009 gold pieces
161782 | Zig:13   | Entered Level 13 of a ziggurat
161791 | Zig:13   | Reached skill level 14 in Staves
161792 | Zig:13   | Reached skill level 22 in Hexes
162071 | Zig:13   | Identified the +0 dagger "Ponlia" {vorpal, +Blink Dex+3
                  | Stlth+}
162073 | Zig:13   | Identified the +12 flail "Doetorau" {flame, Fly rElec rCorr
                  | Stlth-}
162115 | Zig:14   | Entered Level 14 of a ziggurat
162123 | Zig:14   | Noticed a juggernaut
162124 | Zig:14   | Reached skill level 15 in Staves
162127 | Zig:14   | Found the brooch of Shielding {Spirit SH+8}
162128 | Zig:14   | Killed a juggernaut
162129 | Zig:14   | Reached skill level 16 in Staves
162259 | Zig:14   | You pick up a book of Transfigurations and begin reading...
162260 | Zig:14   | Identified the +5 flail "Ogre's Funeral" {freeze, rF+
                  | Will+}
162310 | Zig:15   | Entered Level 15 of a ziggurat
162318 | Zig:15   | Noticed a caustic shrike
162318 | Zig:15   | Noticed a caustic shrike
162319 | Zig:15   | Noticed a caustic shrike
162319 | Zig:15   | Noticed a caustic shrike
162319 | Zig:15   | Noticed a caustic shrike
162321 | Zig:15   | Killed a caustic shrike
162321 | Zig:15   | Killed a caustic shrike
162321 | Zig:15   | Killed a caustic shrike
162321 | Zig:15   | Noticed a caustic shrike
162321 | Zig:15   | Noticed a caustic shrike
162322 | Zig:15   | Killed a caustic shrike
162322 | Zig:15   | Killed a caustic shrike
162323 | Zig:15   | Reached skill level 17 in Staves
162324 | Zig:15   | Killed a caustic shrike
162325 | Zig:15   | Reached skill level 18 in Staves
162325 | Zig:15   | Killed a caustic shrike
162614 | Zig:15   | You pick up a book of Hexes and begin reading...
162620 | Zig:15   | Got Sif Muna's Disquisition on the Displaced Blizzard
162628 | Zig:15   | Identified the +5 hand axe "Dulant" {holy, rCorr Str+4
                  | Int+4}
162649 | Zig:15   | Reached skill level 19 in Staves
162705 | Zig:16   | Entered Level 16 of a ziggurat
162709 | Zig:16   | Noticed Etank the pandemonium lord
162710 | Zig:16   | Noticed Peileeru the pandemonium lord
162710 | Zig:16   | Noticed Hiuteir the pandemonium lord
162711 | Zig:16   | Noticed Zemm the pandemonium lord
162712 | Zig:16   | Noticed Kocunuax the pandemonium lord
162714 | Zig:16   | Noticed Wuyp the pandemonium lord
162714 | Zig:16   | Noticed Ruhon the pandemonium lord
162716 | Zig:16   | Killed Kocunuax the pandemonium lord
162717 | Zig:16   | Killed Peileeru the pandemonium lord
162717 | Zig:16   | Killed Etank the pandemonium lord
162718 | Zig:16   | Reached skill level 20 in Staves
162718 | Zig:16   | Killed Wuyp the pandemonium lord
162719 | Zig:16   | Killed Zemm the pandemonium lord
162719 | Zig:16   | Killed Hiuteir the pandemonium lord
162719 | Zig:16   | Noticed Nipluvuiha the pandemonium lord
162720 | Zig:16   | Killed Ruhon the pandemonium lord
162720 | Zig:16   | Noticed Icladoma the pandemonium lord
162720 | Zig:16   | Noticed Ceer the pandemonium lord
162723 | Zig:16   | Killed Nipluvuiha the pandemonium lord
162724 | Zig:16   | Reached skill level 21 in Staves
162734 | Zig:16   | Killed Icladoma the pandemonium lord
162774 | Zig:16   | Killed Ceer the pandemonium lord
162924 | Zig:16   | Got Weemmak's Papyrus of the Wintry Swarm
162925 | Zig:16   | Identified the +7 dire flail "Ocippy" {vorpal, rF++ rC+
                  | Int-5}
162927 | Zig:16   | Got Sif Muna's Codex of Viperous Evolution
162929 | Zig:16   | Identified the +4 shortbow of the Sky {venom, Str+6 Dex+4}
162930 | Zig:16   | Identified the +9 broad axe "Ultimatum" {vorpal, Fragile
                  | rPois rF+}
162934 | Zig:16   | Identified the +7 falchion of Kismet {vamp, rF++}
162942 | Zig:16   | Acquired 685 gold pieces
162946 | Zig:16   | You pick up a book of Spatial Translocations and begin
                  | reading...
162986 | Zig:17   | Entered Level 17 of a ziggurat
163001 | Zig:17   | Reached skill level 22 in Staves
163144 | Zig:17   | Identified the +6 hand axe of the Kidney {holy, rPois}
163147 | Zig:17   | Identified the +6 arbalest of Evolution {elec, rElec rC+
                  | rN+++ Str-2}
163154 | Zig:17   | Identified the amulet "Cuitaklint" {rElec Regen+ SInv}
163158 | Zig:17   | Identified the +3 great mace "Xuuniela" {vorpal, *Rage
                  | Int+3 Dex+4 SInv}
163159 | Zig:17   | Identified the +3 halberd "Lamadd" {freeze, Str+6}
163163 | Zig:17   | Reached skill level 23 in Staves
163165 | Zig:17   | You pick up a book of Changes and begin reading...
163234 | Zig:18   | Entered Level 18 of a ziggurat
163250 | Zig:18   | Reached skill level 24 in Staves
163380 | Zig:18   | Got the Quarto of Shaping and the Crypt
163391 | Zig:18   | Identified the ring "Vopirgh" {Fire Str+3}
163396 | Zig:18   | You pick up a book of Party Tricks and begin reading...
163417 | Zig:18   | Identified the +1 robe of Magic {rElec Str-2 Archmagi}
163421 | Zig:18   | Identified the +6 flail of Pandemonium {elec, rElec rF++
                  | Will- SInv}
163443 | Zig:19   | Entered Level 19 of a ziggurat
163452 | Zig:19   | Noticed an ancient lich
163452 | Zig:19   | Noticed a caustic shrike
163452 | Zig:19   | Noticed a caustic shrike
163453 | Zig:19   | Noticed a dread lich
163453 | Zig:19   | Noticed an ancient lich
163454 | Zig:19   | Noticed a caustic shrike
163454 | Zig:19   | Noticed a caustic shrike
163455 | Zig:19   | Noticed a caustic shrike
163455 | Zig:19   | Killed an ancient lich
163456 | Zig:19   | Killed an ancient lich
163456 | Zig:19   | Killed a dread lich
163456 | Zig:19   | Noticed a caustic shrike
163457 | Zig:19   | Reached skill level 25 in Staves
163457 | Zig:19   | Killed a caustic shrike
163457 | Zig:19   | Killed a caustic shrike
163457 | Zig:19   | Killed a caustic shrike
163459 | Zig:19   | Killed a caustic shrike
163459 | Zig:19   | Killed a caustic shrike
163461 | Zig:19   | Reached skill level 26 in Staves
163461 | Zig:19   | Killed a caustic shrike
163468 | Zig:19   | Found the +4 robe of Folly {Brilliance Will-∞ Int+8}
163619 | Zig:19   | Identified the +6 shortbow of Migheq {flame, rCorr SInv}
163620 | Zig:19   | Identified the +3 quarterstaff "Derenaf" {spect, rPois rF+
                  | Str+6 Int-4}
163625 | Zig:19   | Identified the +2 war axe "Zidex" {drain, rPois rCorr
                  | Str+2}
163636 | Zig:19   | Identified the +9 dagger "Korgh" {vorpal, rPois rF- rCorr}
163691 | Zig:19   | You pick up a book of Rime and begin reading...
163735 | Zig:20   | Entered Level 20 of a ziggurat
163750 | Zig:20   | Reached skill level 27 in Staves
163870 | Zig:20   | You pick up a book of Annihilations and begin reading...
163871 | Zig:20   | Identified the +4 flail "Stringbean" {freeze, Str+3}
163872 | Zig:20   | Identified the +6 demon trident of the End {drain, SInv}
163876 | Zig:20   | Identified the +6 flail of Prudence {pain, *Noise Fragile
                  | rElec Str+7}
163883 | Zig:20   | Got the Vellum of Snowy Unhallowed Rites
163938 | Zig:20   | Got the Compilation of the Dark Glacier
164001 | Zig:21   | Entered Level 21 of a ziggurat
164010 | Zig:21   | Noticed a juggernaut
164010 | Zig:21   | Identified a +2 robe of the Archmagi
164011 | Zig:21   | Noticed a juggernaut
164012 | Zig:21   | Killed a juggernaut
164012 | Zig:21   | Killed a juggernaut
164013 | Zig:21   | Reached skill level 25 in Air Magic
164013 | Zig:21   | Reached skill level 26 in Earth Magic
164027 | Zig:21   | Reached skill level 26 in Air Magic
164211 | Zig:21   | Identified the +6 mace of Virtue {flame, rF+ Str+7}
164219 | Zig:21   | You pick up a book of Fire and begin reading...
164225 | Zig:21   | Identified the ring of the Original Sin {Drain Fly Str+5
                  | Int+7}
164237 | Zig:21   | Identified the +2 leather armour "Culebito" {rElec rPois
                  | Will+}
164255 | Zig:21   | Identified the +1 sling of Symmetry {venom, rElec Will-
                  | Stlth+}
164350 | Zig:22   | Entered Level 22 of a ziggurat
164362 | Zig:22   | Reached skill level 27 in Air Magic
164362 | Zig:22   | Reached skill level 27 in Earth Magic
164365 | Zig:22   | Reached skill level 13 in Transmutations
164377 | Zig:22   | Found the +10 zealot's sword {holy, *Rage rN+ EV+3}
164689 | Zig:22   | Found the +10 morningstar "Eos" {elec, Halo rElec}
164761 | Zig:22   | Identified the ring of Nute {Will+ EV+4}
164764 | Zig:22   | You pick up a book of Annihilations and begin reading...
164771 | Zig:22   | Identified the amulet "Awauluc" {Acrobat Fly rC- rCorr
                  | Int+3}
164778 | Zig:22   | Identified the +6 great sword of Coogul {vorpal, Int+5}
164782 | Zig:22   | Identified the +4 war axe of the Forest {holy, Dex+3}
164786 | Zig:22   | Identified the +0 helmet of the Camelopard {rF+ Regen+
                  | Str+3 Int+4 Stlth-}
164787 | Zig:22   | Identified the +0 scale mail of the Past {Str+4}
164791 | Zig:22   | Got the Tome of Telluric Fire
164848 | Zig:23   | Entered Level 23 of a ziggurat
164862 | Zig:23   | Reached skill level 14 in Transmutations
164866 | Zig:23   | Reached skill level 15 in Transmutations
164870 | Zig:23   | Reached skill level 23 in Hexes
164870 | Zig:23   | Reached skill level 23 in Necromancy
164870 | Zig:23   | Reached skill level 16 in Transmutations
164873 | Zig:23   | Found the +3 pair of mountain boots {steadfast, rC+}
164965 | Zig:23   | Identified the +8 falchion of the Witching Pill Bug {spect,
                  | Fly Int-3 Stlth+}
164974 | Zig:23   | Identified the ring "Lakhah" {Wiz Str+4}
164989 | Zig:23   | You pick up a book of Decay and begin reading...
164996 | Zig:23   | Identified the +1 fire dragon scales "Goxa Jov" {rF++ rC-
                  | Int+2}
165006 | Zig:23   | Identified the ring of Nilywnipt {Wiz rF+ rCorr Str-4
                  | Dex+2}
165072 | Zig:23   | Got the Spellbook of the Necrotic Blaze
165073 | Zig:23   | Identified the +12 scimitar "Zuha" {spect, rC+ SInv}
165078 | Zig:23   | You pick up a book of Unlife and begin reading...
165079 | Zig:23   | Identified the +9 mace "Dragonbane" {holy, Fly rElec
                  | Stlth+}
165080 | Zig:23   | Identified the +7 shortbow of Fedhas's Condemnation {venom,
                  | SInv}
165186 | Zig:24   | Entered Level 24 of a ziggurat
165198 | Zig:24   | Reached skill level 17 in Transmutations
165202 | Zig:24   | Identified a +1 robe of the Archmagi
165208 | Zig:24   | Reached skill level 18 in Transmutations
165434 | Zig:24   | You pick up a book of Scorching and begin reading...
165438 | Zig:24   | Identified the +1 pair of boots of Ferocious Happiness
                  | {rElec Str+3 Slay+3}
165441 | Zig:24   | You pick up a book of Burglary and begin reading...
165447 | Zig:24   | You pick up a book of Scorching and begin reading...
165448 | Zig:24   | Identified the ring "Lesch" {SInv Stlth+}
165450 | Zig:24   | You pick up a book of Party Tricks and begin reading...
165457 | Zig:24   | Identified the ring "Yseupso" {rC+ rN+}
165471 | Zig:24   | Identified the +1 leather armour of Melancholy {+Blink rF+
                  | rN+}
165474 | Zig:24   | Identified the +4 battleaxe of Wyrd {venom, rN+ Int+2}
165525 | Zig:25   | Entered Level 25 of a ziggurat
165531 | Zig:25   | Noticed a caustic shrike
165532 | Zig:25   | Noticed a caustic shrike
165535 | Zig:25   | Reached skill level 24 in Hexes
165535 | Zig:25   | Reached skill level 24 in Necromancy
165535 | Zig:25   | Reached skill level 19 in Transmutations
165535 | Zig:25   | Noticed a caustic shrike
165535 | Zig:25   | Noticed a caustic shrike
165536 | Zig:25   | Killed a caustic shrike
165536 | Zig:25   | Noticed a caustic shrike
165537 | Zig:25   | Noticed a caustic shrike
165537 | Zig:25   | Noticed a caustic shrike
165537 | Zig:25   | Noticed a caustic shrike
165538 | Zig:25   | Killed a caustic shrike
165539 | Zig:25   | Noticed a caustic shrike
165539 | Zig:25   | Killed a caustic shrike
165539 | Zig:25   | Noticed a caustic shrike
165540 | Zig:25   | Noticed a caustic shrike
165540 | Zig:25   | Killed a caustic shrike
165540 | Zig:25   | Noticed a caustic shrike
165541 | Zig:25   | Killed a caustic shrike
165541 | Zig:25   | Killed a caustic shrike
165541 | Zig:25   | Killed a caustic shrike
165541 | Zig:25   | Killed a caustic shrike
165541 | Zig:25   | Killed a caustic shrike
165541 | Zig:25   | Killed a caustic shrike
165542 | Zig:25   | Killed a caustic shrike
165543 | Zig:25   | Killed a caustic shrike
165556 | Zig:25   | Found the +15 Maxwell's patent armour {-Cast -Tele rElec
                  | Will+ rCorr}
165556 | Zig:25   | Found the amulet of the Four Winds {rN+ Will+++ Clar}
165557 | Zig:25   | Found the +2 shield of Resistance {rF++ rC++ Will++}
165805 | Zig:25   | You pick up a book of Misfortune and begin reading...
165816 | Zig:25   | Got the Parchment of Calling and Vapour
165824 | Zig:25   | Got Hofutuph's Reference Book on the Vile Excursion
165830 | Zig:25   | Identified the +3 broad axe of Haseofou {elec, rElec rPois
                  | Dex-4 Stlth+}
165833 | Zig:25   | Identified the +1 scale mail of Twilight {rN+}
165880 | Zig:26   | Entered Level 26 of a ziggurat
165889 | Zig:26   | Noticed a royal mummy
165889 | Zig:26   | Noticed a royal mummy
165891 | Zig:26   | Noticed a royal mummy
165892 | Zig:26   | Noticed a royal mummy
165892 | Zig:26   | Noticed a royal mummy
165893 | Zig:26   | Killed a royal mummy
165893 | Zig:26   | Killed a royal mummy
165894 | Zig:26   | Reached skill level 20 in Transmutations
165894 | Zig:26   | Killed a royal mummy
165894 | Zig:26   | Noticed a royal mummy
165895 | Zig:26   | Killed a royal mummy
165896 | Zig:26   | Noticed a royal mummy
165896 | Zig:26   | Noticed a royal mummy
165897 | Zig:26   | Noticed a royal mummy
165897 | Zig:26   | Noticed a royal mummy
165897 | Zig:26   | Noticed a royal mummy
165898 | Zig:26   | Killed a royal mummy
165898 | Zig:26   | Killed a royal mummy
165898 | Zig:26   | Noticed a royal mummy
165899 | Zig:26   | Noticed a royal mummy
165899 | Zig:26   | Killed a royal mummy
165899 | Zig:26   | Killed a royal mummy
165899 | Zig:26   | Killed a royal mummy
165899 | Zig:26   | Killed a royal mummy
165900 | Zig:26   | Reached skill level 25 in Hexes
165900 | Zig:26   | Reached skill level 25 in Necromancy
165900 | Zig:26   | Noticed a royal mummy
165900 | Zig:26   | Killed a royal mummy
165900 | Zig:26   | Killed a royal mummy
165900 | Zig:26   | Killed a royal mummy
165901 | Zig:26   | Noticed a royal mummy
165901 | Zig:26   | Noticed a royal mummy
165901 | Zig:26   | Noticed a royal mummy
165901 | Zig:26   | Noticed a royal mummy
165902 | Zig:26   | Noticed a royal mummy
165902 | Zig:26   | Noticed a royal mummy
165902 | Zig:26   | Noticed a royal mummy
165902 | Zig:26   | Noticed a royal mummy
165903 | Zig:26   | Killed a royal mummy
165903 | Zig:26   | Killed a royal mummy
165903 | Zig:26   | Killed a royal mummy
165903 | Zig:26   | Killed a royal mummy
165903 | Zig:26   | Killed a royal mummy
165903 | Zig:26   | Noticed a royal mummy
165904 | Zig:26   | Killed a royal mummy
165904 | Zig:26   | Killed a royal mummy
165904 | Zig:26   | Killed a royal mummy
165904 | Zig:26   | Noticed a royal mummy
165904 | Zig:26   | Noticed a royal mummy
165904 | Zig:26   | Noticed a royal mummy
165907 | Zig:26   | Killed a royal mummy
165907 | Zig:26   | Killed a royal mummy
165909 | Zig:26   | Reached skill level 21 in Transmutations
165909 | Zig:26   | Killed a royal mummy
165909 | Zig:26   | Killed a royal mummy
165910 | Zig:26   | Killed a royal mummy
166230 | Zig:26   | Identified the amulet "Ishiucs" {Spirit rElec rPois Will+
                  | Dex-2}
166231 | Zig:26   | Identified the ring "Luocaxu" {Str+6 Slay+2}
166252 | Zig:26   | Identified the +0 steam dragon scales of the Slug {Str+6
                  | Int+2}
166268 | Zig:26   | Got Uzaqoc's Handbook of Pyromania and Vapour
166271 | Zig:26   | Identified the +11 chain mail of the Barnacle {Str+6 Int+2}
166278 | Zig:26   | You pick up a book of Air and begin reading...
166332 | Zig:27   | Entered Level 27 of a ziggurat
166346 | Zig:27   | Reached skill level 22 in Transmutations
166348 | Zig:27   | Reached skill level 26 in Hexes
166348 | Zig:27   | Reached skill level 26 in Necromancy
166360 | Zig:27   | Found the +14 obsidian axe {vorpal, Mesm Drain Fly SInv}
166531 | Zig:27   | You pick up a book of Callings and begin reading...
166533 | Zig:27   | Identified the ring "Vugo" {rPois rF+ Dex+3}
166546 | Zig:27   | You pick up a book of the Warp and begin reading...
166551 | Zig:27   | You pick up a book of Callings and begin reading...
166557 | Zig:27   | You pick up a book of Spatial Translocations and begin
                  | reading...
166566 | Zig:27   | Got the Almanac of the Summer
166615 | Zig:27   | a +0 quick blade {rare}; a +0 quick blade {rare}; a +0
                  | leather armour
166716 | Depths:2 | Bought the ring "Cyjiuf" {rPois Int+7 Dex+6} for 1052 gold
                  | pieces
166736 | Depths:2 | Bought a bound tin ring for 195 gold pieces
166736 | Depths:2 | Identified the ring "Nuemom" {rPois rCorr Int-4 Slay+5
                  | Stlth+} (You bought it in a shop on level 2 of the Depths)
166788 | Zig:1    | Entered Level 1 of a ziggurat
166824 | Zig:2    | Entered Level 2 of a ziggurat
166922 | Zig:3    | Entered Level 3 of a ziggurat
167014 | Zig:4    | Entered Level 4 of a ziggurat
167139 | Zig:4    | You pick up a book of the Hunter and begin reading...
167141 | Zig:4    | Got the Disquisition on Wicked Magic
167143 | Zig:4    | You pick up a book of Touch and begin reading...
167150 | Zig:5    | Entered Level 5 of a ziggurat
167157 | Zig:5    | Reached skill level 23 in Transmutations
167254 | Zig:5    | Identified a +0 robe of the Archmagi
167257 | Zig:5    | Identified the +1 scale mail of Gevig {rPois Dex+4}
167263 | Zig:5    | Identified the ring of Puom {Wiz rF++ rN+ rCorr Dex-4}
167283 | Zig:6    | Entered Level 6 of a ziggurat
167382 | Zig:6    | Identified the +7 trident of Defiance {chaos, rN+ Str+8
                  | Int-3 Dex+6}
167384 | Zig:6    | Identified the +7 quick blade of Siepeas {holy, Fly Str+4}
167385 | Zig:6    | H - the +7 quick blade of Siepeas {holy, Fly Str+4, rare}
167406 | Zig:6    | You pick up a book of Power and begin reading...
167438 | Zig:7    | Entered Level 7 of a ziggurat
167443 | Zig:7    | Noticed Dot Yruff the pandemonium lord
167445 | Zig:7    | Noticed Lyoranto the pandemonium lord
167446 | Zig:7    | Noticed Ytiklaq the pandemonium lord
167447 | Zig:7    | Killed Lyoranto the pandemonium lord
167448 | Zig:7    | Reached skill level 27 in Hexes
167448 | Zig:7    | Reached skill level 27 in Necromancy
167449 | Zig:7    | Killed Dot Yruff the pandemonium lord
167451 | Zig:7    | Killed Ytiklaq the pandemonium lord
167583 | Zig:7    | Identified the +2 scale mail "Tyehoi" {rC+ Dex+2}
167587 | Zig:7    | You pick up a book of Weapons and begin reading...
167594 | Zig:7    | Identified the +6 battleaxe of Zin's Generosity {vorpal,
                  | Int+4}
167609 | Zig:8    | Entered Level 8 of a ziggurat
167619 | Zig:8    | Reached skill level 24 in Transmutations
167715 | Zig:8    | Identified the +0 leather armour of Nehuoss {Harm rElec
                  | rN+++ MP-9}
167717 | Zig:8    | Identified the amulet of the Bequeathed God {RegenMP rElec
                  | Stlth+}
167769 | Zig:9    | Entered Level 9 of a ziggurat
167775 | Zig:9    | Noticed a dread lich
167775 | Zig:9    | Noticed a dread lich
167776 | Zig:9    | Noticed a dread lich
167777 | Zig:9    | Noticed a dread lich
167777 | Zig:9    | Noticed a dread lich
167778 | Zig:9    | Noticed an ancient lich
167779 | Zig:9    | Reached skill level 25 in Transmutations
167779 | Zig:9    | Killed a dread lich
167779 | Zig:9    | Killed a dread lich
167779 | Zig:9    | Killed a dread lich
167779 | Zig:9    | Killed an ancient lich
167780 | Zig:9    | Killed a dread lich
167780 | Zig:9    | Killed a dread lich
167850 | Zig:9    | You pick up a book of the Wilderness and begin reading...
167852 | Zig:9    | You pick up a book of Fire and begin reading...
167859 | Zig:9    | Identified the +7 quarterstaff of the Winnowing Asp
                  | {vorpal, Contam *Rage rC+++ Will++}
167861 | Zig:9    | You pick up a book of Air and begin reading...
167894 | Zig:10   | Entered Level 10 of a ziggurat
167906 | Zig:10   | Reached skill level 26 in Transmutations
168004 | Zig:10   | Got the Encyclopedia of the Iceberg
168011 | Zig:10   | Identified the +1 robe of a treasure trove {rF++ rCorr
                  | Int+4 Stlth-}
168033 | Zig:10   | Identified the +11 spear of the Sky {protect, MP+9 Dex+3}
168069 | Zig:11   | Entered Level 11 of a ziggurat
168078 | Zig:11   | Reached skill level 27 in Transmutations
168078 | Zig:11   | Reached skill level 1 in Unarmed Combat
168079 | Zig:11   | Reached skill level 3 in Unarmed Combat
168080 | Zig:11   | Reached skill level 4 in Unarmed Combat
168083 | Zig:11   | Reached skill level 5 in Unarmed Combat
168084 | Zig:11   | Reached skill level 6 in Unarmed Combat
168088 | Zig:11   | Found the +7 mace of Variability {chain chaos}
168308 | Zig:11   | Got Lofu's Commentary on Hurtful Fascination
168313 | Zig:11   | Reached skill level 10 in Unarmed Combat
168322 | Zig:12   | Entered Level 12 of a ziggurat
168327 | Zig:12   | Noticed an electric golem
168327 | Zig:12   | Noticed an electric golem
168327 | Zig:12   | Noticed an electric golem
168327 | Zig:12   | Noticed an electric golem
168331 | Zig:12   | Reached skill level 21 in Stealth
168332 | Zig:12   | Noticed an electric golem
168333 | Zig:12   | Reached skill level 11 in Unarmed Combat
168333 | Zig:12   | Killed an electric golem
168334 | Zig:12   | Noticed an electric golem
168334 | Zig:12   | Noticed an electric golem
168335 | Zig:12   | Reached skill level 12 in Unarmed Combat
168335 | Zig:12   | Killed an electric golem
168335 | Zig:12   | Killed an electric golem
168336 | Zig:12   | Killed an electric golem
168337 | Zig:12   | Reached skill level 22 in Stealth
168337 | Zig:12   | Killed an electric golem
168342 | Zig:12   | Reached skill level 13 in Unarmed Combat
168344 | Zig:12   | Found the +8 demon trident "Rift" {distort, reach+}
168347 | Zig:12   | Killed an electric golem
168349 | Zig:12   | Killed an electric golem
168538 | Zig:12   | Identified the +8 mace "Qoben" {vorpal, rElec Will- Dex+8
                  | Stlth-}
168543 | Zig:12   | Identified the ring "Pirell" {rN+ Str+3 SInv Stlth+}
168578 | Zig:12   | You drop the +7 quick blade of Siepeas {holy, Fly Str+4,
                  | rare}.
168589 | Zig:13   | Entered Level 13 of a ziggurat
168600 | Zig:13   | Reached skill level 14 in Unarmed Combat
168607 | Zig:13   | Reached skill level 23 in Stealth
168628 | Zig:13   | Reached skill level 15 in Unarmed Combat
168718 | Zig:13   | Identified the +6 whip "Jifaf" {vorpal, *Slow Str+2 Int+4
                  | Dex+2 Stlth+}
168724 | Zig:13   | Identified the +2 ring mail of Simoriyn {rCorr Str+4}
168728 | Zig:13   | Identified the +7 arbalest of Abritaf {venom, Str+4 Dex+3}
168732 | Zig:13   | Got the Almanac of the Sepulchral Tempest
168740 | Zig:13   | Identified the +2 trident "Lifebane" {antimagic, rF- Str+5
                  | Dex+2 Stlth+}
168871 | Zig:13   | Acquired 1044 gold pieces
168875 | Zig:14   | Entered Level 14 of a ziggurat
168889 | Zig:14   | Noticed a caustic shrike
168889 | Zig:14   | Noticed a caustic shrike
168892 | Zig:14   | Reached skill level 16 in Unarmed Combat
168892 | Zig:14   | Killed a caustic shrike
168893 | Zig:14   | Reached skill level 24 in Stealth
168893 | Zig:14   | Killed a caustic shrike
168894 | Zig:14   | Noticed a caustic shrike
168896 | Zig:14   | Reached skill level 17 in Unarmed Combat
168900 | Zig:14   | Killed a caustic shrike
169081 | Zig:14   | You pick up a book of Weapons and begin reading...
169100 | Zig:14   | You pick up a book of Beasts and begin reading...
169102 | Zig:14   | You pick up a book of the Senses and begin reading...
169106 | Zig:14   | Got the Grimoire of Singed Silt
169112 | Zig:14   | Identified the +3 plate armour "Umoerott" {Will+ Int+7}
169147 | Zig:14   | Reached skill level 25 in Stealth
169166 | Zig:15   | Entered Level 15 of a ziggurat
169182 | Zig:15   | Reached skill level 18 in Unarmed Combat
169183 | Zig:15   | Found the +3 Elemental Staff {rElec rF++ rC++ AC+5}
169185 | Zig:15   | Reached skill level 26 in Stealth
169186 | Zig:15   | Reached skill level 19 in Unarmed Combat
169278 | Zig:15   | You pick up a book of Lightning and begin reading...
169280 | Zig:15   | You pick up a book of Scorching and begin reading...
169282 | Zig:15   | You pick up a book of Frost and begin reading...
169294 | Zig:15   | You pick up a book of Air and begin reading...
169405 | Zig:16   | Entered Level 16 of a ziggurat
169421 | Zig:16   | Reached skill level 27 in Stealth
169424 | Zig:16   | Found the +9 staff of Wucad Mu {*channel}
169426 | Zig:16   | Reached skill level 20 in Unarmed Combat
169675 | Zig:16   | You pick up a book of the Earth and begin reading...
169687 | Zig:16   | You pick up a book of Vapours and begin reading...
169691 | Zig:16   | You pick up a book of Misfortune and begin reading...
169694 | Zig:16   | You pick up a book of the Spheres and begin reading...
169695 | Zig:16   | Identified the +1 robe of the Hills {rPois rC+}
169703 | Zig:16   | You pick up a book of the Moon and begin reading...
169732 | Zig:17   | Entered Level 17 of a ziggurat
169740 | Zig:17   | Noticed a juggernaut
169741 | Zig:17   | Noticed a juggernaut
169742 | Zig:17   | Noticed a juggernaut
169742 | Zig:17   | Noticed a juggernaut
169743 | Zig:17   | Noticed a juggernaut
169744 | Zig:17   | Noticed a juggernaut
169744 | Zig:17   | Killed a juggernaut
169744 | Zig:17   | Noticed a juggernaut
169745 | Zig:17   | Reached skill level 21 in Unarmed Combat
169745 | Zig:17   | Killed a juggernaut
169745 | Zig:17   | Killed a juggernaut
169745 | Zig:17   | Noticed a juggernaut
169746 | Zig:17   | Noticed a juggernaut
169746 | Zig:17   | Killed a juggernaut
169746 | Zig:17   | Killed a juggernaut
169746 | Zig:17   | Killed a juggernaut
169746 | Zig:17   | Noticed a juggernaut
169747 | Zig:17   | Killed a juggernaut
169747 | Zig:17   | Killed a juggernaut
169747 | Zig:17   | Noticed a juggernaut
169747 | Zig:17   | Noticed a juggernaut
169748 | Zig:17   | Reached skill level 22 in Unarmed Combat
169748 | Zig:17   | Killed a juggernaut
169748 | Zig:17   | Killed a juggernaut
169748 | Zig:17   | Noticed a juggernaut
169749 | Zig:17   | Killed a juggernaut
169749 | Zig:17   | Killed a juggernaut
169751 | Zig:17   | Killed a juggernaut
169752 | Zig:17   | Reached skill level 23 in Unarmed Combat
169885 | Zig:17   | Got the Papyrus of Dark Incandescence
169886 | Zig:17   | Identified the +1 chain mail of Gatyiny {rC+ Stlth+}
169897 | Zig:17   | You pick up a book of Burglary and begin reading...
169905 | Zig:17   | Identified the +2 mace of Delightful Judgement {vorpal, rC+
                  | Int+2 Dex+2}
169907 | Zig:17   | Got the Precepts of the Summer and Guile
169915 | Zig:17   | Reached skill level 24 in Unarmed Combat
169921 | Zig:18   | Entered Level 18 of a ziggurat
169936 | Zig:18   | Noticed a dread lich
169938 | Zig:18   | Noticed an ancient lich
169939 | Zig:18   | Noticed an ancient lich
169939 | Zig:18   | Noticed a dread lich
169940 | Zig:18   | Noticed a dread lich
169940 | Zig:18   | Killed a dread lich
169940 | Zig:18   | Killed an ancient lich
169940 | Zig:18   | Killed an ancient lich
169940 | Zig:18   | Killed a dread lich
169941 | Zig:18   | Reached skill level 25 in Unarmed Combat
169941 | Zig:18   | Reached skill level 11 in Translocations
169941 | Zig:18   | Killed a dread lich
169941 | Zig:18   | Noticed an ancient lich
169943 | Zig:18   | Killed an ancient lich
169944 | Zig:18   | Reached skill level 12 in Translocations
169944 | Zig:18   | Noticed an ancient lich
169948 | Zig:18   | Killed an ancient lich
169949 | Zig:18   | Reached skill level 13 in Translocations
170098 | Zig:18   | You pick up a book of Decay and begin reading...
170099 | Zig:18   | Identified the +5 morningstar "Worm's Wrath" {vorpal, rElec
                  | Str+2 Dex+7}
170154 | Zig:18   | You pick up a book of Air and begin reading...
170155 | Zig:18   | Identified the +6 great mace of Netiaser {protect, Int+4}
170163 | Zig:18   | Got the Verses on the Caves
170176 | Zig:18   | Identified the +10 dagger of Focus {venom, rElec rN+}
170180 | Zig:18   | Identified the +2 sling of Arpheleo {freeze, rC+ rCorr
                  | Str+3 Dex+2}
170191 | Zig:18   | Identified the amulet "Detwatos" {Spirit Rampage rCorr
                  | Int-5 SInv}
170249 | Zig:19   | Entered Level 19 of a ziggurat
170260 | Zig:19   | Noticed a royal mummy
170261 | Zig:19   | Noticed a royal mummy
170261 | Zig:19   | Noticed a royal mummy
170263 | Zig:19   | Noticed a royal mummy
170264 | Zig:19   | Noticed a royal mummy
170264 | Zig:19   | Noticed a royal mummy
170266 | Zig:19   | Killed a royal mummy
170266 | Zig:19   | Killed a royal mummy
170266 | Zig:19   | Noticed a royal mummy
170267 | Zig:19   | Reached skill level 26 in Unarmed Combat
170267 | Zig:19   | Killed a royal mummy
170267 | Zig:19   | Noticed a royal mummy
170269 | Zig:19   | Killed a royal mummy
170269 | Zig:19   | Killed a royal mummy
170270 | Zig:19   | Noticed a royal mummy
170273 | Zig:19   | Killed a royal mummy
170274 | Zig:19   | Reached skill level 14 in Translocations
170274 | Zig:19   | Killed a royal mummy
170274 | Zig:19   | Killed a royal mummy
170276 | Zig:19   | Killed a royal mummy
170282 | Zig:19   | Noticed a royal mummy
170283 | Zig:19   | Noticed a royal mummy
170284 | Zig:19   | Noticed a royal mummy
170286 | Zig:19   | Killed a royal mummy
170286 | Zig:19   | Noticed a royal mummy
170287 | Zig:19   | Killed a royal mummy
170287 | Zig:19   | Killed a royal mummy
170289 | Zig:19   | Killed a royal mummy
170292 | Zig:19   | Reached skill level 15 in Translocations
170294 | Zig:19   | Noticed a royal mummy
170299 | Zig:19   | Killed a royal mummy
170471 | Zig:19   | Identified the ring "Cateteaha" {rF+ rN++ rCorr Int+3}
170473 | Zig:19   | Identified the quicksilver dragon scales "Qeesch" {Will+
                  | Str+2}
170477 | Zig:19   | You pick up a book of Changes and begin reading...
170481 | Zig:19   | You pick up a book of the Spheres and begin reading...
170492 | Zig:19   | You pick up a book of Spectacle and begin reading...
170498 | Zig:19   | Identified the +7 hand axe of the Realm of Zot {spect,
                  | Str-3 Int+5}
170506 | Zig:19   | Got the Exposition on Imprecation
170508 | Zig:19   | You pick up a book of Necromancy and begin reading...
170592 | Zig:20   | Entered Level 20 of a ziggurat
170611 | Zig:20   | Reached skill level 27 in Unarmed Combat
170613 | Zig:20   | Reached skill level 16 in Translocations
170618 | Zig:20   | Reached skill level 17 in Translocations
170742 | Zig:20   | Found the +7 lajatang of Order {silver, rMut}
170742 | Zig:20   | Found the +3 warlock's mirror {reflect}
170752 | Zig:20   | Found the +10 dark maul {vorpal}
170776 | Zig:20   | Identified the +12 mace "Qiewk" {venom, Dex+2}
170780 | Zig:20   | Got Dyesk's Almanac of the Coals
170791 | Zig:20   | Identified the ring "Xamuij" {Ice Will+}
170855 | Zig:21   | Entered Level 21 of a ziggurat
170875 | Zig:21   | Noticed Ysuhob the pandemonium lord
170876 | Zig:21   | Noticed Sauroopn the pandemonium lord
170876 | Zig:21   | Noticed Ebe Moes the pandemonium lord
170876 | Zig:21   | Noticed Hewaju the pandemonium lord
170876 | Zig:21   | Noticed Vaim the pandemonium lord
170877 | Zig:21   | Noticed Suplob the pandemonium lord
170877 | Zig:21   | Noticed Xiq Luedewu the pandemonium lord
170878 | Zig:21   | Killed Ebe Moes the pandemonium lord
170878 | Zig:21   | Killed Suplob the pandemonium lord
170878 | Zig:21   | Noticed Hity the pandemonium lord
170878 | Zig:21   | Noticed Ceomy the pandemonium lord
170878 | Zig:21   | Noticed Daolo the pandemonium lord
170878 | Zig:21   | Noticed Ompugiot the pandemonium lord
170879 | Zig:21   | Reached skill level 18 in Translocations
170879 | Zig:21   | Killed Ysuhob the pandemonium lord
170879 | Zig:21   | Killed Hewaju the pandemonium lord
170879 | Zig:21   | Killed Xiq Luedewu the pandemonium lord
170879 | Zig:21   | Killed Ceomy the pandemonium lord
170879 | Zig:21   | Noticed Zamob the pandemonium lord
170880 | Zig:21   | Reached skill level 19 in Translocations
170880 | Zig:21   | Killed Sauroopn the pandemonium lord
170880 | Zig:21   | Killed Daolo the pandemonium lord
170880 | Zig:21   | Noticed Maxte the pandemonium lord
170880 | Zig:21   | Noticed Kaqiycs the pandemonium lord
170881 | Zig:21   | Killed Zamob the pandemonium lord
170881 | Zig:21   | Noticed Vedet the pandemonium lord
170882 | Zig:21   | Reached skill level 20 in Translocations
170882 | Zig:21   | Killed Hity the pandemonium lord
170882 | Zig:21   | Killed Vaim the pandemonium lord
170883 | Zig:21   | Killed Ompugiot the pandemonium lord
170883 | Zig:21   | Killed Maxte the pandemonium lord
170883 | Zig:21   | Noticed Qotwuvon the pandemonium lord
170883 | Zig:21   | Noticed Vejiso the pandemonium lord
170883 | Zig:21   | Noticed Gimobica the pandemonium lord
170884 | Zig:21   | Killed Kaqiycs the pandemonium lord
170884 | Zig:21   | Killed Gimobica the pandemonium lord
170884 | Zig:21   | Noticed Gigith the pandemonium lord
170885 | Zig:21   | Killed Vedet the pandemonium lord
170885 | Zig:21   | Killed Gigith the pandemonium lord
170885 | Zig:21   | Noticed Latituot the pandemonium lord
170886 | Zig:21   | Reached skill level 21 in Translocations
170886 | Zig:21   | Killed Qotwuvon the pandemonium lord
170886 | Zig:21   | Noticed Cihip the pandemonium lord
170887 | Zig:21   | Killed Vejiso the pandemonium lord
170887 | Zig:21   | Noticed Lesk the pandemonium lord
170887 | Zig:21   | Noticed Ruliew the pandemonium lord
170888 | Zig:21   | Noticed Buevocurr the pandemonium lord
170888 | Zig:21   | Noticed Uzusing the pandemonium lord
170889 | Zig:21   | Noticed Papliurph the pandemonium lord
170890 | Zig:21   | Killed Latituot the pandemonium lord
170890 | Zig:21   | Killed Cihip the pandemonium lord
170891 | Zig:21   | Noticed Zoadosuo the pandemonium lord
170891 | Zig:21   | Killed Lesk the pandemonium lord
170891 | Zig:21   | Killed Ruliew the pandemonium lord
170892 | Zig:21   | Reached skill level 22 in Translocations
170892 | Zig:21   | Killed Buevocurr the pandemonium lord
170892 | Zig:21   | Killed Uzusing the pandemonium lord
170893 | Zig:21   | Killed Papliurph the pandemonium lord
170893 | Zig:21   | Killed Zoadosuo the pandemonium lord
170895 | Zig:21   | Found the +8 autumn katana {vorpal, manifold assault}
170899 | Zig:21   | Found the +8 mithril axe "Arga" {speed, Will+}
170987 | Zig:21   | Identified the +5 morningstar "Qemugaa" {vorpal, rCorr
                  | Str+7 Int+2}
171010 | Zig:21   | You pick up a book of Vapours and begin reading...
171014 | Zig:21   | Identified the +8 shortbow of Nuisem {speed, rF+ Str+5
                  | Int+9}
171111 | Zig:22   | Entered Level 22 of a ziggurat
171131 | Zig:22   | Reached skill level 23 in Translocations
171131 | Zig:22   | Noticed an ancient lich
171134 | Zig:22   | Noticed an ancient lich
171134 | Zig:22   | Killed an ancient lich
171136 | Zig:22   | Reached skill level 24 in Translocations
171136 | Zig:22   | Noticed an ancient lich
171136 | Zig:22   | Noticed an ancient lich
171137 | Zig:22   | Identified a +1 robe of the Archmagi
171139 | Zig:22   | Killed an ancient lich
171139 | Zig:22   | Killed an ancient lich
171139 | Zig:22   | Killed an ancient lich
171143 | Zig:22   | Reached skill level 25 in Translocations
171520 | Zig:22   | Found the +0 mask of the Dragon {Will+ Slay+3 SInv}
171566 | Zig:22   | Identified the +3 long sword of the Freezing Gods {holy,
                  | Int+2}
171576 | Zig:22   | Identified the +5 robe of Silly Miracles {Dex+4}
171577 | Zig:22   | Identified the amulet "Feaqac" {-Tele Regen+ Dex+7 Stlth-}
171582 | Zig:22   | Got Muzechyu's Vellum of Translocation
171595 | Zig:22   | You pick up a book of Blasting and begin reading...
171606 | Zig:22   | Identified the +3 trident of Untimely Demise {antimagic,
                  | rElec Int+2}
171672 | Zig:23   | Entered Level 23 of a ziggurat
171699 | Zig:23   | Reached skill level 26 in Translocations
171703 | Zig:23   | Reached skill level 27 in Translocations
171703 | Zig:23   | Reached skill level 4 in Ranged Weapons
171706 | Zig:23   | Reached skill level 6 in Ranged Weapons
171707 | Zig:23   | Reached skill level 7 in Ranged Weapons
171784 | Zig:23   | You pick up a book of Annihilations and begin reading...
171786 | Zig:23   | Identified the ring of Tuirom {rC+ Dex+6}
171798 | Zig:23   | Identified the ring of Ydghaz {rElec rC+ MP+9 Dex-3}
171800 | Zig:23   | Identified the +2 leather armour of the Turtledove {+Blink
                  | Fly rElec SInv}
171804 | Zig:23   | You pick up a book of Spectacle and begin reading...
171820 | Zig:23   | Got Sif Muna's Catalogue of Earthen Blasphemous Arts
171828 | Zig:23   | Got the Atlas of Fey Fog
172098 | Zig:24   | Entered Level 24 of a ziggurat
172116 | Zig:24   | Noticed a juggernaut
172119 | Zig:24   | Reached skill level 8 in Ranged Weapons
172120 | Zig:24   | Reached skill level 9 in Ranged Weapons
172120 | Zig:24   | Killed a juggernaut
172122 | Zig:24   | Noticed a juggernaut
172123 | Zig:24   | Noticed a juggernaut
172125 | Zig:24   | Killed a juggernaut
172125 | Zig:24   | Killed a juggernaut
172126 | Zig:24   | Reached skill level 13 in Ranged Weapons
172127 | Zig:24   | Reached skill level 14 in Ranged Weapons
172128 | Zig:24   | Noticed a juggernaut
172128 | Zig:24   | Noticed a juggernaut
172132 | Zig:24   | Reached skill level 15 in Ranged Weapons
172132 | Zig:24   | Killed a juggernaut
172133 | Zig:24   | Killed a juggernaut
172135 | Zig:24   | Found the +9 sword of Zonguldrok {reap}
172138 | Zig:24   | Reached skill level 16 in Ranged Weapons
172373 | Zig:24   | You pick up a book of Alchemy and begin reading...
172384 | Zig:24   | Identified the ring "Raunozyt" {Fly rElec rPois Will-
                  | Str+6}
172387 | Zig:24   | Got the Secrets of the Fey Tesseract
172388 | Zig:24   | Identified the amulet of Ephemeral Luck {Acrobat Will+
                  | Str+2}
172425 | Zig:24   | Identified the ring "Gaoceh" {Ice rPois rCorr Str+4}
172430 | Zig:24   | You pick up a book of Iron and begin reading...
172432 | Zig:24   | Identified the ring of Ogruefi {rF+ rN+ Will+}
172437 | Zig:24   | Identified the +1 plate armour of Sloth {Str+3 Dex+3}
172590 | Zig:24   | Acquired 831 gold pieces
172591 | Zig:24   | Acquired 382 gold pieces
172592 | Zig:24   | Acquired 304 gold pieces
172597 | Zig:25   | Entered Level 25 of a ziggurat
172618 | Zig:25   | Reached skill level 17 in Ranged Weapons
172623 | Zig:25   | Reached skill level 18 in Ranged Weapons
172626 | Zig:25   | Noticed a dread lich
172628 | Zig:25   | Killed a dread lich
172629 | Zig:25   | Reached skill level 19 in Ranged Weapons
172632 | Zig:25   | Reached skill level 20 in Ranged Weapons
172812 | Zig:25   | Found the +5 scythe "Finisher" {speed, eviscerate}
173016 | Zig:25   | Identified the +9 halberd "Rakhaoc" {spect, rN+ rCorr Str+2
                  | Stlth+}
173024 | Zig:25   | Got the Catalogue of Molten Translocation
173031 | Zig:25   | Got Sif Muna's Parchment of Putrid Snow
173034 | Zig:25   | Identified the +9 hand axe of Descent {vorpal, rC+ Str+9
                  | Stlth-}
173043 | Zig:25   | Identified the +0 plate armour of Hangman {Drain rC+ Will+
                  | rCorr}
173044 | Zig:25   | Identified the ring "Faseac" {rN+ Str+6 Int+4}
173050 | Zig:25   | Identified the ring of the Shining Light {rF+++ rC- rCorr
                  | Str+4}
173119 | Zig:26   | Entered Level 26 of a ziggurat
173146 | Zig:26   | Reached skill level 21 in Ranged Weapons
173151 | Zig:26   | Reached skill level 22 in Ranged Weapons
173156 | Zig:26   | Reached skill level 23 in Ranged Weapons
173165 | Zig:26   | Reached skill level 24 in Ranged Weapons
173554 | Zig:26   | You pick up a book of the Tundra and begin reading...
173575 | Zig:26   | Identified the ring "Xioridy" {EV+4 Dex+3}
173580 | Zig:26   | Got the Volume of Air and Despicable Mysteries
173582 | Zig:26   | You pick up a book of the Warp and begin reading...
173590 | Zig:26   | You pick up a book of Scorching and begin reading...
173595 | Zig:26   | You pick up a book of Sloth and begin reading...
173600 | Zig:26   | You pick up a book of Maledictions and begin reading...
173606 | Zig:26   | Identified the +6 shortbow of Bespelled True Grit {vorpal,
                  | Int+7}
173607 | Zig:26   | Identified the +5 mace of Avamn {chaos, Will+++ Str-2
                  | Int+4}
173612 | Zig:26   | You pick up a book of Maledictions and begin reading...
173744 | Zig:27   | Entered Level 27 of a ziggurat
173774 | Zig:27   | Reached skill level 25 in Ranged Weapons
173782 | Zig:27   | Reached skill level 26 in Ranged Weapons
173793 | Zig:27   | Reached skill level 27 in Ranged Weapons
173793 | Zig:27   | Reached skill level 1 in Long Blades
173794 | Zig:27   | Reached skill level 1 in Axes
173794 | Zig:27   | Reached skill level 1 in Maces & Flails
173794 | Zig:27   | Reached skill level 1 in Polearms
173794 | Zig:27   | Reached skill level 2 in Poison Magic
173794 | Zig:27   | Reached skill level 1 in Invocations
173795 | Zig:27   | Reached skill level 2 in Long Blades
173795 | Zig:27   | Reached skill level 2 in Axes
173795 | Zig:27   | Reached skill level 2 in Maces & Flails
173795 | Zig:27   | Reached skill level 2 in Invocations
173808 | Zig:27   | Reached skill level 2 in Polearms
173808 | Zig:27   | Reached skill level 3 in Poison Magic
173808 | Zig:27   | Reached skill level 3 in Invocations
173809 | Zig:27   | Reached skill level 3 in Long Blades
173809 | Zig:27   | Reached skill level 3 in Axes
173809 | Zig:27   | Reached skill level 3 in Maces & Flails
173809 | Zig:27   | Reached skill level 4 in Poison Magic
173809 | Zig:27   | Reached skill level 4 in Invocations
173810 | Zig:27   | Reached skill level 4 in Long Blades
173810 | Zig:27   | Reached skill level 4 in Axes
173810 | Zig:27   | Reached skill level 4 in Maces & Flails
173810 | Zig:27   | Reached skill level 5 in Poison Magic
173811 | Zig:27   | Reached skill level 3 in Polearms
173814 | Zig:27   | Reached skill level 5 in Invocations
173816 | Zig:27   | Reached skill level 5 in Long Blades
173816 | Zig:27   | Reached skill level 5 in Axes
173816 | Zig:27   | Reached skill level 5 in Maces & Flails
173816 | Zig:27   | Reached skill level 6 in Poison Magic
173818 | Zig:27   | HP: 51/226 [arc of chain lightning (13)]
174200 | Zig:27   | You pick up a book of Misfortune and begin reading...
174202 | Zig:27   | You pick up a book of Blood and begin reading...
174208 | Zig:27   | You pick up a book of Iron and begin reading...
174215 | Zig:27   | You pick up a book of Unlife and begin reading...
174224 | Zig:27   | You pick up a book of Misfortune and begin reading...
174234 | Zig:27   | Identified the amulet "Vakhleull" {rF++ Regen+}
174239 | Zig:27   | You pick up a book of Rime and begin reading...
174241 | Zig:27   | You pick up a book of Beasts and begin reading...
174245 | Zig:27   | Identified the amulet "Ogebrir" {Spirit Drain rC+++ Will+
                  | Int+4}
174595 | Depths:2 | Reached skill level 9 in Maces & Flails
174596 | Depths:2 | Reached skill level 15 in Short Blades
174596 | Depths:2 | Reached skill level 4 in Polearms
174596 | Depths:2 | Reached skill level 7 in Poison Magic
174596 | Depths:2 | Reached skill level 6 in Invocations
174597 | Depths:2 | Reached skill level 6 in Long Blades
174597 | Depths:2 | Reached skill level 6 in Axes
174597 | Depths:2 | Reached skill level 7 in Invocations
174598 | Depths:2 | Reached skill level 7 in Long Blades
174598 | Depths:2 | Reached skill level 7 in Axes
174598 | Depths:2 | Reached skill level 10 in Maces & Flails
174598 | Depths:2 | Reached skill level 8 in Poison Magic
174599 | Depths:2 | Reached skill level 5 in Polearms
174599 | Depths:2 | Reached skill level 9 in Poison Magic
174599 | Depths:2 | Reached skill level 8 in Invocations
174600 | Depths:2 | Reached skill level 8 in Long Blades
174600 | Depths:2 | Reached skill level 8 in Axes
174600 | Depths:2 | Reached skill level 11 in Maces & Flails
174608 | Depths:2 | Lost mutation: You expend magic power (3 MP) to strengthen
                  | your wands. [potion of mutation]
174608 | Depths:2 | Lost mutation: Your flesh is cold resistant. (rC+) [potion
                  | of mutation]
174608 | Depths:2 | Gained mutation: Your magical capacity is low. (-10% MP)
                  | [potion of mutation]
174608 | Depths:2 | Lost mutation: Your magical capacity is low. (-10% MP)
                  | [potion of mutation]
174608 | Depths:2 | Gained mutation: Your flesh is cold resistant. (rC+)
                  | [potion of mutation]
174608 | Depths:2 | Gained mutation: You have very sharp teeth. [potion of
                  | mutation]
174609 | Depths:2 | Lost mutation: Your flesh is cold resistant. (rC+) [potion
                  | of mutation]
174609 | Depths:2 | Lost mutation: You have a pair of small antennae on your
                  | head. [potion of mutation]
174609 | Depths:2 | Lost mutation: You have very sharp teeth. [potion of
                  | mutation]
174609 | Depths:2 | Gained mutation: One of your tentacles bears a spike.
                  | [potion of mutation]
174610 | Depths:2 | Lost mutation: One of your tentacles bears a spike. [potion
                  | of mutation]
174610 | Depths:2 | Gained mutation: You are resistant to electric shocks.
                  | (rElec) [potion of mutation]
174610 | Depths:2 | Gained mutation: Your magical capacity is low. (-10% MP)
                  | [potion of mutation]
174611 | Depths:2 | Lost mutation: Your magical capacity is low. (-10% MP)
                  | [potion of mutation]
174611 | Depths:2 | Lost mutation: You are resistant to electric shocks.
                  | (rElec) [potion of mutation]
174611 | Depths:2 | Gained mutation: One of your tentacles bears a spike.
                  | [potion of mutation]
174611 | Depths:2 | Gained mutation: You expend magic power (3 MP) to
                  | strengthen your wands. [potion of mutation]
174612 | Depths:2 | Lost mutation: You expend magic power (3 MP) to strengthen
                  | your wands. [potion of mutation]
174612 | Depths:2 | Lost mutation: One of your tentacles bears a spike. [potion
                  | of mutation]
174612 | Depths:2 | Gained mutation: You are weak. (Str -2) [potion of
                  | mutation]
174612 | Depths:2 | Gained mutation: Your magical capacity is low. (-10% MP)
                  | [potion of mutation]
174612 | Depths:2 | Gained mutation: Your magical capacity is very low. (-20%
                  | MP) [potion of mutation]
174613 | Depths:2 | Lost mutation: You are weak. (Str -2) [potion of mutation]
174613 | Depths:2 | Lost mutation: Your magical capacity is very low. (-20% MP)
                  | [potion of mutation]
174613 | Depths:2 | Lost mutation: Your magical capacity is low. (-10% MP)
                  | [potion of mutation]
174613 | Depths:2 | Gained mutation: You possess an exceptional clarity of
                  | mind. [potion of mutation]
174613 | Depths:2 | Gained mutation: You occasionally lose the ability to read
                  | scrolls when taking damage. [potion of mutation]
174614 | Depths:2 | Lost mutation: You occasionally lose the ability to read
                  | scrolls when taking damage. [potion of mutation]
174614 | Depths:2 | Lost mutation: You possess an exceptional clarity of mind.
                  | [potion of mutation]
174614 | Depths:2 | Gained mutation: A frigid envelope surrounds you and
                  | freezes all who hurt you. [potion of mutation]
174614 | Depths:2 | Gained mutation: You are partially covered in iridescent
                  | scales. (AC +2) [potion of mutation]
174614 | Depths:2 | Gained mutation: One of your tentacles bears a spike.
                  | [potion of mutation]
174614 | Depths:2 | Gained mutation: You passively map a small area around you.
                  | [potion of mutation]
174615 | Depths:2 | Lost mutation: One of your tentacles bears a spike. [potion
                  | of mutation]
174615 | Depths:2 | Lost mutation: You passively map a small area around you.
                  | [potion of mutation]
174615 | Depths:2 | Gained mutation: You are resistant to electric shocks.
                  | (rElec) [potion of mutation]
174615 | Depths:2 | Gained mutation: Your mind is acute. (Int +4, Str/Dex -1)
                  | [potion of mutation]
174615 | Depths:2 | Gained mutation: You are agile. (Dex +4, Str/Int -1)
                  | [potion of mutation]
174616 | Depths:2 | Lost mutation: You are agile. (Dex +4, Str/Int -1) [potion
                  | of mutation]
174616 | Depths:2 | Lost mutation: A frigid envelope surrounds you and freezes
                  | all who hurt you. [potion of mutation]
174616 | Depths:2 | Lost mutation: You are partially covered in iridescent
                  | scales. (AC +2) [potion of mutation]
174616 | Depths:2 | Lost mutation: Your mind is acute. (Int +4, Str/Dex -1)
                  | [potion of mutation]
174616 | Depths:2 | Gained mutation: You have a pair of small antennae on your
                  | head. [potion of mutation]
174616 | Depths:2 | Gained mutation: You are partially covered in iridescent
                  | scales. (AC +2) [potion of mutation]
174616 | Depths:2 | Gained mutation: You passively dampen the noise of your
                  | surroundings. [potion of mutation]
174617 | Depths:2 | Lost mutation: You passively dampen the noise of your
                  | surroundings. [potion of mutation]
174617 | Depths:2 | Lost mutation: You are partially covered in iridescent
                  | scales. (AC +2) [potion of mutation]
174617 | Depths:2 | Lost mutation: You are resistant to electric shocks.
                  | (rElec) [potion of mutation]
174617 | Depths:2 | Gained mutation: You are dopey. (Int -2) [potion of
                  | mutation]
174617 | Depths:2 | Gained mutation: Your magical capacity is low. (-10% MP)
                  | [potion of mutation]
174617 | Depths:2 | Gained mutation: You occasionally lose the ability to drink
                  | potions when taking damage. [potion of mutation]
174618 | Depths:2 | Lost mutation: You occasionally lose the ability to drink
                  | potions when taking damage. [potion of mutation]
174618 | Depths:2 | Lost mutation: You are dopey. (Int -2) [potion of mutation]
174618 | Depths:2 | Gained mutation: You expend magic power (3 MP) to
                  | strengthen your wands. [potion of mutation]
174618 | Depths:2 | Gained mutation: Your magical capacity is very low. (-20%
                  | MP) [potion of mutation]
174618 | Depths:2 | Gained mutation: Your system is resistant to poisons.
                  | (rPois) [potion of mutation]
174619 | Depths:2 | Lost mutation: Your system is resistant to poisons. (rPois)
                  | [potion of mutation]
174619 | Depths:2 | Lost mutation: You have a pair of small antennae on your
                  | head. [potion of mutation]
174619 | Depths:2 | Gained mutation: Your flesh is cold resistant. (rC+)
                  | [potion of mutation]
174620 | Depths:2 | Lost mutation: Your flesh is cold resistant. (rC+) [potion
                  | of mutation]
174620 | Depths:2 | Lost mutation: You expend magic power (3 MP) to strengthen
                  | your wands. [potion of mutation]
174620 | Depths:2 | Lost mutation: Your magical capacity is very low. (-20% MP)
                  | [potion of mutation]
174620 | Depths:2 | Gained mutation: You occasionally lose the ability to drink
                  | potions when taking damage. [potion of mutation]
174620 | Depths:2 | Gained mutation: Your flesh is cold resistant. (rC+)
                  | [potion of mutation]
174620 | Depths:2 | Gained mutation: You have hidden genetic potential. [potion
                  | of mutation]
174620 | Depths:2 | Gained mutation: Your system is resistant to poisons.
                  | (rPois) [potion of mutation]
174621 | Depths:2 | Lost mutation: Your magical capacity is low. (-10% MP)
                  | [potion of mutation]
174621 | Depths:2 | Lost mutation: You have hidden genetic potential. [potion
                  | of mutation]
174621 | Depths:2 | Lost mutation: Your system is resistant to poisons. (rPois)
                  | [potion of mutation]
174621 | Depths:2 | Gained mutation: One of your tentacles bears a spike.
                  | [potion of mutation]
174621 | Depths:2 | Gained mutation: You are partially covered in large bone
                  | plates. (SH +4) [potion of mutation]
174622 | Depths:2 | Lost mutation: You are partially covered in large bone
                  | plates. (SH +4) [potion of mutation]
174622 | Depths:2 | Lost mutation: One of your tentacles bears a spike. [potion
                  | of mutation]
174622 | Depths:2 | Gained mutation: Your body sometimes deteriorates upon
                  | taking damage. [potion of mutation]
174622 | Depths:2 | Gained mutation: You are partially covered in iridescent
                  | scales. (AC +2) [potion of mutation]
174622 | Depths:2 | Gained mutation: You have a pair of small antennae on your
                  | head. [potion of mutation]
174623 | Depths:2 | Lost mutation: Your body sometimes deteriorates upon taking
                  | damage. [potion of mutation]
174623 | Depths:2 | Lost mutation: Your flesh is cold resistant. (rC+) [potion
                  | of mutation]
174623 | Depths:2 | Gained mutation: You are clumsy. (Dex -2) [potion of
                  | mutation]
174623 | Depths:2 | Lost mutation: You are clumsy. (Dex -2) [potion of
                  | mutation]
174624 | Depths:2 | Lost mutation: You occasionally lose the ability to drink
                  | potions when taking damage. [potion of mutation]
174624 | Depths:2 | Lost mutation: You are partially covered in iridescent
                  | scales. (AC +2) [potion of mutation]
174624 | Depths:2 | Lost mutation: You have a pair of small antennae on your
                  | head. [potion of mutation]
174624 | Depths:2 | Gained mutation: Your spells are a little harder to cast,
                  | but a little more powerful. [potion of mutation]
174624 | Depths:2 | Gained mutation: Your mind is acute. (Int +4, Str/Dex -1)
                  | [potion of mutation]
174624 | Depths:2 | Gained mutation: Your spells are harder to cast, but more
                  | powerful. [potion of mutation]
174625 | Depths:2 | Lost mutation: Your mind is acute. (Int +4, Str/Dex -1)
                  | [potion of mutation]
174625 | Depths:2 | Lost mutation: Your spells are harder to cast, but more
                  | powerful. [potion of mutation]
174625 | Depths:2 | Lost mutation: Your spells are a little harder to cast, but
                  | a little more powerful. [potion of mutation]
174625 | Depths:2 | Gained mutation: You are partially covered in iridescent
                  | scales. (AC +2) [potion of mutation]
174625 | Depths:2 | Gained mutation: Your flesh is heat resistant. (rF+)
                  | [potion of mutation]
174626 | Depths:2 | Lost mutation: You are partially covered in iridescent
                  | scales. (AC +2) [potion of mutation]
174626 | Depths:2 | Lost mutation: Your flesh is heat resistant. (rF+) [potion
                  | of mutation]
174626 | Depths:2 | Gained mutation: You are strong-willed. (Will+) [potion of
                  | mutation]
174626 | Depths:2 | Gained mutation: Your flesh is heat resistant. (rF+)
                  | [potion of mutation]
174626 | Depths:2 | Gained mutation: You have hidden genetic defects. [potion
                  | of mutation]
174627 | Depths:2 | Lost mutation: You are strong-willed. (Will+) [potion of
                  | mutation]
174627 | Depths:2 | Lost mutation: Your flesh is heat resistant. (rF+) [potion
                  | of mutation]
174627 | Depths:2 | Lost mutation: You have hidden genetic defects. [potion of
                  | mutation]
174627 | Depths:2 | Gained mutation: One of your tentacles bears a spike.
                  | [potion of mutation]
174627 | Depths:2 | Gained mutation: Your mind is acute. (Int +4, Str/Dex -1)
                  | [potion of mutation]
174628 | Depths:2 | Lost mutation: One of your tentacles bears a spike. [potion
                  | of mutation]
174628 | Depths:2 | Lost mutation: Your mind is acute. (Int +4, Str/Dex -1)
                  | [potion of mutation]
174628 | Depths:2 | Gained mutation: You are somewhat resistant to further
                  | mutation. [potion of mutation]
174628 | Depths:2 | Gained mutation: You are covered in fur. (AC +1) [potion of
                  | mutation]
174628 | Depths:2 | Gained mutation: You are partially covered in iridescent
                  | scales. (AC +2) [potion of mutation]
174629 | Depths:2 | Lost mutation: You are covered in fur. (AC +1) [potion of
                  | mutation]
174629 | Depths:2 | Lost mutation: You are somewhat resistant to further
                  | mutation. [potion of mutation]
174629 | Depths:2 | Lost mutation: You are partially covered in iridescent
                  | scales. (AC +2) [potion of mutation]
174629 | Depths:2 | Gained mutation: You are clumsy. (Dex -2) [potion of
                  | mutation]
174629 | Depths:2 | Gained mutation: Your flesh is heat resistant. (rF+)
                  | [potion of mutation]
174629 | Depths:2 | Gained mutation: You are strong-willed. (Will+) [potion of
                  | mutation]
174630 | Depths:2 | Lost mutation: You are strong-willed. (Will+) [potion of
                  | mutation]
174630 | Depths:2 | Lost mutation: You are clumsy. (Dex -2) [potion of
                  | mutation]
174630 | Depths:2 | Lost mutation: Your flesh is heat resistant. (rF+) [potion
                  | of mutation]
174630 | Depths:2 | Gained mutation: A frigid envelope surrounds you and
                  | freezes all who hurt you. [potion of mutation]
174630 | Depths:2 | Gained mutation: Your mind is acute. (Int +4, Str/Dex -1)
                  | [potion of mutation]
174630 | Depths:2 | Gained mutation: Your body sometimes deteriorates upon
                  | taking damage. [potion of mutation]
174630 | Depths:2 | Gained mutation: One of your tentacles bears a spike.
                  | [potion of mutation]
174631 | Depths:2 | Lost mutation: A frigid envelope surrounds you and freezes
                  | all who hurt you. [potion of mutation]
174631 | Depths:2 | Lost mutation: Your body sometimes deteriorates upon taking
                  | damage. [potion of mutation]
174631 | Depths:2 | Lost mutation: Your mind is acute. (Int +4, Str/Dex -1)
                  | [potion of mutation]
174631 | Depths:2 | Gained mutation: Your system is resistant to poisons.
                  | (rPois) [potion of mutation]
174631 | Depths:2 | Gained mutation: You have hidden genetic defects. [potion
                  | of mutation]
174631 | Depths:2 | Gained mutation: You are robust. (+10% HP) [potion of
                  | mutation]
174632 | Depths:2 | Lost mutation: One of your tentacles bears a spike. [potion
                  | of mutation]
174632 | Depths:2 | Lost mutation: You are robust. (+10% HP) [potion of
                  | mutation]
174632 | Depths:2 | Gained mutation: One of your tentacles bears a spike.
                  | [potion of mutation]
174632 | Depths:2 | Gained mutation: You are clumsy. (Dex -2) [potion of
                  | mutation]
174632 | Depths:2 | Lost mutation: You have hidden genetic defects. [potion of
                  | mutation]
174632 | Depths:2 | Gained mutation: One of your tentacles bears a nasty spike.
                  | [potion of mutation]
174633 | Depths:2 | Lost mutation: You are clumsy. (Dex -2) [potion of
                  | mutation]
174633 | Depths:2 | Lost mutation: One of your tentacles bears a nasty spike.
                  | [potion of mutation]
174633 | Depths:2 | Lost mutation: Your system is resistant to poisons. (rPois)
                  | [potion of mutation]
174633 | Depths:2 | Gained mutation: You are agile. (Dex +4, Str/Int -1)
                  | [potion of mutation]
174633 | Depths:2 | Gained mutation: Your body sometimes deteriorates upon
                  | taking damage. [potion of mutation]
174633 | Depths:2 | Gained mutation: Your flesh is cold resistant. (rC+)
                  | [potion of mutation]
174634 | Depths:2 | Lost mutation: You are agile. (Dex +4, Str/Int -1) [potion
                  | of mutation]
174634 | Depths:2 | Lost mutation: One of your tentacles bears a spike. [potion
                  | of mutation]
174634 | Depths:2 | Lost mutation: Your flesh is cold resistant. (rC+) [potion
                  | of mutation]
174634 | Depths:2 | Gained mutation: You are partially covered in iridescent
                  | scales. (AC +2) [potion of mutation]
174634 | Depths:2 | Gained mutation: You have very sharp teeth. [potion of
                  | mutation]
174635 | Depths:2 | Lost mutation: You are partially covered in iridescent
                  | scales. (AC +2) [potion of mutation]
174635 | Depths:2 | Lost mutation: You have very sharp teeth. [potion of
                  | mutation]
174635 | Depths:2 | Lost mutation: Your body sometimes deteriorates upon taking
                  | damage. [potion of mutation]
174635 | Depths:2 | Gained mutation: You are robust. (+10% HP) [potion of
                  | mutation]
174635 | Depths:2 | Gained mutation: You are strong-willed. (Will+) [potion of
                  | mutation]
174636 | Depths:2 | Lost mutation: You are robust. (+10% HP) [potion of
                  | mutation]
174636 | Depths:2 | Lost mutation: You are strong-willed. (Will+) [potion of
                  | mutation]
174636 | Depths:2 | Gained mutation: Your spells are a little harder to cast,
                  | but a little more powerful. [potion of mutation]
174636 | Depths:2 | Gained mutation: You are frail. (-10% HP) [potion of
                  | mutation]
174636 | Depths:2 | Gained mutation: You are somewhat resistant to further
                  | mutation. [potion of mutation]
174637 | Depths:2 | Lost mutation: You are frail. (-10% HP) [potion of
                  | mutation]
174637 | Depths:2 | Lost mutation: You are somewhat resistant to further
                  | mutation. [potion of mutation]
174637 | Depths:2 | Gained mutation: Your magical capacity is low. (-10% MP)
                  | [potion of mutation]
174637 | Depths:2 | Gained mutation: You are resistant to electric shocks.
                  | (rElec) [potion of mutation]
174637 | Depths:2 | Gained mutation: You are robust. (+10% HP) [potion of
                  | mutation]
174637 | Depths:2 | Gained mutation: Your flesh is cold resistant. (rC+)
                  | [potion of mutation]
174638 | Depths:2 | Lost mutation: You are resistant to electric shocks.
                  | (rElec) [potion of mutation]
174638 | Depths:2 | Lost mutation: Your magical capacity is low. (-10% MP)
                  | [potion of mutation]
174638 | Depths:2 | Lost mutation: Your flesh is cold resistant. (rC+) [potion
                  | of mutation]
174638 | Depths:2 | Gained mutation: You are partially covered in iridescent
                  | scales. (AC +2) [potion of mutation]
174639 | Depths:2 | Lost mutation: You are partially covered in iridescent
                  | scales. (AC +2) [potion of mutation]
174639 | Depths:2 | Lost mutation: You are robust. (+10% HP) [potion of
                  | mutation]
174639 | Depths:2 | Lost mutation: Your spells are a little harder to cast, but
                  | a little more powerful. [potion of mutation]
174639 | Depths:2 | Gained mutation: You possess an exceptional clarity of
                  | mind. [potion of mutation]
174639 | Depths:2 | Gained mutation: You are partially covered in iridescent
                  | scales. (AC +2) [potion of mutation]
174694 | Zig:1    | Entered Level 1 of a ziggurat
174696 | Zig:1    | Reached skill level 16 in Short Blades
174696 | Zig:1    | Reached skill level 9 in Invocations
174721 | Zig:2    | Entered Level 2 of a ziggurat
174726 | Zig:2    | Reached skill level 10 in Poison Magic
174764 | Zig:3    | Entered Level 3 of a ziggurat
174767 | Zig:3    | Noticed a caustic shrike
174770 | Zig:3    | Reached skill level 6 in Polearms
174772 | Zig:3    | Killed a caustic shrike
174858 | Zig:3    | You pick up a book of Debilitation and begin reading...
174872 | Zig:4    | Entered Level 4 of a ziggurat
174876 | Zig:4    | Reached skill level 9 in Long Blades
174876 | Zig:4    | Reached skill level 9 in Axes
174876 | Zig:4    | Reached skill level 10 in Invocations
174878 | Zig:4    | Reached skill level 11 in Poison Magic
174987 | Zig:4    | Got Bonyahid's Excursus on Forms
175005 | Zig:5    | Entered Level 5 of a ziggurat
175008 | Zig:5    | Noticed an ancient lich
175008 | Zig:5    | Noticed a dread lich
175008 | Zig:5    | Noticed an ancient lich
175009 | Zig:5    | Noticed an ancient lich
175009 | Zig:5    | Noticed a dread lich
175012 | Zig:5    | Killed an ancient lich
175012 | Zig:5    | Killed an ancient lich
175012 | Zig:5    | Killed a dread lich
175012 | Zig:5    | Killed an ancient lich
175013 | Zig:5    | Reached skill level 12 in Maces & Flails
175013 | Zig:5    | Killed a dread lich
175014 | Zig:5    | Reached skill level 10 in Long Blades
175014 | Zig:5    | Reached skill level 10 in Axes
175014 | Zig:5    | Reached skill level 7 in Polearms
175080 | Zig:5    | Identified the +10 morningstar of the Depths {drain,
                  | *Corrode MP+9 Dex+6}
175107 | Zig:6    | Entered Level 6 of a ziggurat
175115 | Zig:6    | Reached skill level 17 in Short Blades
175115 | Zig:6    | Reached skill level 12 in Poison Magic
175115 | Zig:6    | Reached skill level 11 in Invocations
175169 | Zig:6    | Got the Secrets of Dimensional Unhallowed Rituals
175176 | Zig:6    | You pick up a book of the Earth and begin reading...
175188 | Zig:6    | Acquired 743 gold pieces
175189 | Zig:6    | Acquired 764 gold pieces
175195 | Zig:7    | Entered Level 7 of a ziggurat
175196 | Zig:7    | Noticed a royal mummy
175196 | Zig:7    | Noticed a royal mummy
175202 | Zig:7    | Killed a royal mummy
175202 | Zig:7    | Killed a royal mummy
175202 | Zig:7    | Noticed a royal mummy
175203 | Zig:7    | Reached skill level 13 in Maces & Flails
175207 | Zig:7    | Killed a royal mummy
175208 | Zig:7    | Reached skill level 13 in Poison Magic
175208 | Zig:7    | Reached skill level 12 in Invocations
175210 | Zig:7    | Reached skill level 11 in Long Blades
175211 | Zig:7    | Reached skill level 11 in Axes
175365 | Zig:7    | You pick up a book of the Dragon and begin reading...
175393 | Zig:8    | Entered Level 8 of a ziggurat
175400 | Zig:8    | Reached skill level 8 in Polearms
175518 | Zig:8    | Identified the +7 whip of Exquisite Torment {elec, Str+4}
175562 | Zig:9    | Entered Level 9 of a ziggurat
175567 | Zig:9    | Noticed a juggernaut
175570 | Zig:9    | Noticed a juggernaut
175571 | Zig:9    | Noticed a juggernaut
175572 | Zig:9    | Reached skill level 18 in Short Blades
175572 | Zig:9    | Reached skill level 12 in Long Blades
175572 | Zig:9    | Reached skill level 12 in Axes
175572 | Zig:9    | Reached skill level 14 in Maces & Flails
175572 | Zig:9    | Reached skill level 14 in Poison Magic
175572 | Zig:9    | Reached skill level 13 in Invocations
175574 | Zig:9    | Killed a juggernaut
175574 | Zig:9    | Killed a juggernaut
175574 | Zig:9    | Killed a juggernaut
175622 | Zig:9    | Identified the amulet of Awe {Spirit rCorr Stlth+}
175624 | Zig:9    | Identified the amulet "Umid" {rElec Regen+ Dex+3}
175626 | Zig:9    | Identified the +8 trident of Ryjoamnayr {vamp, rC+ Int+5
                  | Stlth+}
175737 | Zig:9    | Acquired 1125 gold pieces
175750 | Zig:10   | Entered Level 10 of a ziggurat
175756 | Zig:10   | Noticed a juggernaut
175758 | Zig:10   | Noticed a juggernaut
175759 | Zig:10   | Noticed a juggernaut
175759 | Zig:10   | Killed a juggernaut
175759 | Zig:10   | Killed a juggernaut
175759 | Zig:10   | Killed a juggernaut
175760 | Zig:10   | Reached skill level 9 in Polearms
175760 | Zig:10   | Reached skill level 15 in Poison Magic
175760 | Zig:10   | Noticed a juggernaut
175763 | Zig:10   | Reached skill level 14 in Invocations
175766 | Zig:10   | Killed a juggernaut
175767 | Zig:10   | Reached skill level 13 in Long Blades
175951 | Zig:10   | Got the Almanac of Enthralling Coordinates
175959 | Zig:10   | You pick up a book of Party Tricks and begin reading...
175967 | Zig:10   | You pick up a book of the Sky and begin reading...
175975 | Zig:10   | You pick up a book of Flames and begin reading...
175989 | Zig:10   | Got Jibrutoh's Reference Book on Charms
175995 | Zig:10   | Identified the +0 crystal plate armour of the Present {rC+
                  | Dex+4}
176023 | Zig:10   | Reached skill level 15 in Maces & Flails
176046 | Zig:11   | Entered Level 11 of a ziggurat
176052 | Zig:11   | Noticed an ancient lich
176057 | Zig:11   | Reached skill level 19 in Short Blades
176057 | Zig:11   | Killed an ancient lich
176058 | Zig:11   | Reached skill level 13 in Axes
176058 | Zig:11   | Reached skill level 10 in Polearms
176128 | Zig:11   | Identified the ring of Gafy {Wiz Str+2 Int+5}
176133 | Zig:11   | Got Sezxe's Papyrus of Mustering
176143 | Zig:11   | Identified the +11 hand axe "Ofir" {vorpal, rF+ Will+ Int-3
                  | Dex+4}
176243 | Zig:12   | Entered Level 12 of a ziggurat
176249 | Zig:12   | Noticed an orb of fire
176250 | Zig:12   | Noticed an orb of fire
176251 | Zig:12   | Noticed an orb of fire
176251 | Zig:12   | Noticed an orb of fire
176251 | Zig:12   | Noticed an orb of fire
176251 | Zig:12   | Noticed an orb of fire
176251 | Zig:12   | Noticed an orb of fire
176253 | Zig:12   | Noticed an orb of fire
176254 | Zig:12   | Reached skill level 16 in Poison Magic
176254 | Zig:12   | Killed an orb of fire
176254 | Zig:12   | Noticed an orb of fire
176254 | Zig:12   | Noticed an orb of fire
176255 | Zig:12   | Killed an orb of fire
176255 | Zig:12   | Killed an orb of fire
176255 | Zig:12   | Killed an orb of fire
176255 | Zig:12   | Killed an orb of fire
176256 | Zig:12   | Reached skill level 16 in Maces & Flails
176256 | Zig:12   | Killed an orb of fire
176256 | Zig:12   | Killed an orb of fire
176256 | Zig:12   | Killed an orb of fire
176256 | Zig:12   | Noticed an orb of fire
176256 | Zig:12   | Noticed an orb of fire
176257 | Zig:12   | Reached skill level 14 in Long Blades
176257 | Zig:12   | Reached skill level 15 in Invocations
176257 | Zig:12   | Noticed an orb of fire
176258 | Zig:12   | Killed an orb of fire
176259 | Zig:12   | Killed an orb of fire
176259 | Zig:12   | Killed an orb of fire
176259 | Zig:12   | Noticed an orb of fire
176261 | Zig:12   | Killed an orb of fire
176262 | Zig:12   | Killed an orb of fire
176262 | Zig:12   | Killed an orb of fire
176270 | Zig:12   | Found the +2 Maxwell's thermic engine {flame, freeze}
176414 | Zig:12   | Identified the +1 ring mail of the Watchman {Will+ Regen+
                  | rCorr Dex+4}
176471 | Zig:13   | Entered Level 13 of a ziggurat
176478 | Zig:13   | Noticed a dread lich
176479 | Zig:13   | Killed a dread lich
176480 | Zig:13   | Reached skill level 11 in Polearms
176481 | Zig:13   | Noticed an ancient lich
176482 | Zig:13   | Noticed a dread lich
176483 | Zig:13   | Killed an ancient lich
176484 | Zig:13   | Reached skill level 14 in Axes
176484 | Zig:13   | Reached skill level 17 in Maces & Flails
176484 | Zig:13   | Reached skill level 17 in Poison Magic
176487 | Zig:13   | Killed a dread lich
176595 | Zig:13   | You pick up a book of Geomancy and begin reading...
176603 | Zig:13   | You pick up a book of Hexes and begin reading...
176604 | Zig:13   | Identified the +9 morningstar of the Shallot {flame, rC+
                  | MP-9 Str+4 SInv}
176609 | Zig:13   | You pick up a book of Dangerous Friends and begin
                  | reading...
176616 | Zig:13   | Identified the +4 demon trident of Uffatt {drain, Fragile
                  | rF++ MP+9 Dex+4}
176628 | Zig:13   | Identified the ring of Gitoudghiuss {rPois rF+ Dex+4}
176675 | Zig:13   | You pick up a book of the Wilderness and begin reading...
176712 | Zig:14   | Entered Level 14 of a ziggurat
176723 | Zig:14   | Reached skill level 20 in Short Blades
176724 | Zig:14   | Reached skill level 16 in Invocations
176728 | Zig:14   | Reached skill level 15 in Long Blades
176731 | Zig:14   | Reached skill level 18 in Maces & Flails
176731 | Zig:14   | Reached skill level 12 in Polearms
176807 | Zig:14   | Got the Atlas of the Unholy Wayfarer
176826 | Zig:14   | Identified the +8 plate armour "Fuonkal" {Dex+5 SInv}
176831 | Zig:14   | You pick up a book of the Hunter and begin reading...
176833 | Zig:14   | You pick up a book of Spatial Translocations and begin
                  | reading...
176894 | Zig:14   | Identified the ring of the Locust {rCorr AC+4 Int+7 Dex+4
                  | Stlth+}
176966 | Zig:14   | Identified the +4 arbalest of Xom's Felicitations {venom,
                  | rCorr Str+6}
176967 | Zig:14   | Identified the +10 hand axe of Mingugeb {vamp, rPois}
176974 | Zig:14   | You pick up a book of Spectacle and begin reading...
176975 | Zig:14   | Identified the +1 robe of the Soldier {rN+ Str+3 Int+4
                  | SInv}
176978 | Zig:14   | Identified the ring "Akan" {rC+ rN+ Int+6 Dex-4}
177012 | Zig:15   | Entered Level 15 of a ziggurat
177027 | Zig:15   | Reached skill level 15 in Axes
177027 | Zig:15   | Reached skill level 18 in Poison Magic
177034 | Zig:15   | Reached skill level 19 in Maces & Flails
177038 | Zig:15   | Found the +10 tower shield of Ignorance {rN+ Int-4}
177041 | Zig:15   | Reached skill level 13 in Polearms
177041 | Zig:15   | Reached skill level 17 in Invocations
177105 | Zig:15   | Identified the +0 sling of Gluttony {freeze, Will+}
177113 | Zig:15   | Identified the +6 trident of Bloody Death {vorpal, Fragile
                  | rCorr Str+5 Dex-4}
177121 | Zig:15   | You pick up a book of the Hunter and begin reading...
177122 | Zig:15   | Identified the +10 whip of Spite {vorpal, rPois Will+}
177125 | Zig:15   | Identified the +6 demon whip "Maenotudd" {elec, rN+ Int+3
                  | Dex+2}
177215 | Zig:16   | Entered Level 16 of a ziggurat
177233 | Zig:16   | Reached skill level 16 in Long Blades
177237 | Zig:16   | Found the ring of the Octopus King
177239 | Zig:16   | Reached skill level 21 in Short Blades
177410 | Zig:16   | You pick up a book of Weapons and begin reading...
177424 | Zig:16   | Identified the ring of Qazlal's Displeasure {Fly rElec
                  | Will- Str+6 SInv}
177429 | Zig:16   | Identified a ring of the Octopus King {Wiz HP+2 AC+2 EV+2
                  | SH+2}
177447 | Zig:16   | Identified the +0 ring mail of Imperfection {-Tele rPois
                  | Regen+ Dex+5}
177512 | Zig:17   | Entered Level 17 of a ziggurat
177522 | Zig:17   | Noticed a juggernaut
177524 | Zig:17   | Killed a juggernaut
177525 | Zig:17   | Reached skill level 16 in Axes
177525 | Zig:17   | Reached skill level 20 in Maces & Flails
177525 | Zig:17   | Reached skill level 19 in Poison Magic
177525 | Zig:17   | Noticed a juggernaut
177527 | Zig:17   | Noticed a juggernaut
177529 | Zig:17   | Noticed a juggernaut
177529 | Zig:17   | Killed a juggernaut
177529 | Zig:17   | Killed a juggernaut
177530 | Zig:17   | Noticed a juggernaut
177531 | Zig:17   | Killed a juggernaut
177531 | Zig:17   | Killed a juggernaut
177532 | Zig:17   | Reached skill level 14 in Polearms
177537 | Zig:17   | Reached skill level 18 in Invocations
177695 | Zig:17   | Identified the +1 plate armour of the Bagpipe {rCorr}
177709 | Zig:17   | You pick up a book of Blood and begin reading...
177947 | Zig:18   | Entered Level 18 of a ziggurat
177971 | Zig:18   | Reached skill level 17 in Long Blades
177971 | Zig:18   | Reached skill level 21 in Maces & Flails
177978 | Zig:18   | Reached skill level 20 in Poison Magic
178019 | Zig:18   | Identified the +1 morningstar of Wisdom {vorpal, Dex+4
                  | SInv}
178024 | Zig:18   | Identified the ring "Paomil" {Ice Str+2}
178081 | Zig:18   | Identified the +5 mace "Qonucum" {flame, rC+ SInv}
178095 | Zig:18   | Identified the +0 plate armour "Kuigo" {Str+3}
178098 | Zig:18   | Got the Anthology of the Mountains
178114 | Zig:18   | You pick up a book of Fire and begin reading...
178119 | Zig:18   | Identified the +0 helmet of the Meadowlark {rPois rF++
                  | Int+2 Stlth+}
178124 | Zig:18   | Identified the +8 rapier of Tinlum {venom, rF- rN+ Str+3
                  | Int+3}
178182 | Zig:19   | Entered Level 19 of a ziggurat
178197 | Zig:19   | Reached skill level 17 in Axes
178202 | Zig:19   | Reached skill level 15 in Polearms
178213 | Zig:19   | Reached skill level 22 in Short Blades
178216 | Zig:19   | Reached skill level 19 in Invocations
178337 | Zig:19   | Identified the +0 ring mail of the True Pharaoh {-Tele rN++
                  | Str+3 Stlth+}
178338 | Zig:19   | Identified the +8 long sword "Hustipt" {freeze, *Rage Will-
                  | rCorr Int+6}
178340 | Zig:19   | Identified the ring "Wuossamu" {*Slow rPois rCorr Int+8}
178347 | Zig:19   | Got the Guide on Filthy Hoarfrost
178360 | Zig:19   | Identified the ring "Pova" {rF+ rC+ Str+6}
178362 | Zig:19   | Identified the ring of Etuczupnux {Will+++ Str-5 Int+6
                  | Dex+4 Stlth+}
178441 | Zig:19   | Got Ureul's Disquisition on Twisted Conflagration
178603 | Zig:19   | Reached skill level 18 in Long Blades
178603 | Zig:19   | Reached skill level 22 in Maces & Flails
178604 | Zig:19   | Reached skill level 21 in Poison Magic
178613 | Zig:20   | Entered Level 20 of a ziggurat
178623 | Zig:20   | Noticed a curse skull
178625 | Zig:20   | Noticed a curse skull
178626 | Zig:20   | Noticed a curse skull
178627 | Zig:20   | Noticed Huju's ghost (legendary HOFi)
178627 | Zig:20   | Noticed Nenig's ghost (legendary GnFi)
178627 | Zig:20   | Noticed a curse skull
178629 | Zig:20   | Noticed Dittersdorf's ghost (legendary MiBe)
178630 | Zig:20   | Noticed Huju's ghost (legendary HOFi)
178630 | Zig:20   | Noticed a curse skull
178631 | Zig:20   | Noticed Anafel's ghost (legendary GrFi)
178632 | Zig:20   | Noticed WiseOSalty's ghost (legendary TrGl)
178632 | Zig:20   | Noticed Dalot's ghost (legendary OpCj)
178632 | Zig:20   | Noticed Xutext's ghost (adept DsAK)
178632 | Zig:20   | Noticed thechecker02's ghost (master DDFi)
178632 | Zig:20   | Noticed Zonian's ghost (legendary HOFi)
178632 | Zig:20   | Noticed Walil's ghost (veteran MiMo)
178632 | Zig:20   | Noticed Rueful's ghost (legendary TrWr)
178633 | Zig:20   | Noticed Kucykkydd's ghost (legendary MiFi)
178633 | Zig:20   | Noticed Waohesse's ghost (legendary VSFi)
178633 | Zig:20   | Noticed Nenig's ghost (legendary GnFi)
178633 | Zig:20   | Noticed Uhosoup's ghost (veteran GrFi)
178633 | Zig:20   | Noticed scarywalker64's ghost (legendary GrEE)
178633 | Zig:20   | Noticed Himmaryad's ghost (adept TrMo)
178634 | Zig:20   | Noticed Heartburn's ghost (veteran MiFi)
178634 | Zig:20   | Noticed Qupubruts's ghost (master HOFi)
178634 | Zig:20   | Noticed Polaczum's ghost (adept TrMo)
178634 | Zig:20   | Noticed heteroy's ghost (legendary DsHu)
178634 | Zig:20   | Noticed Anafel's ghost (legendary GrFi)
178634 | Zig:20   | Killed a curse skull
178634 | Zig:20   | Killed a curse skull
178634 | Zig:20   | Killed a curse skull
178634 | Zig:20   | Killed a curse skull
178634 | Zig:20   | Noticed a curse toe
178635 | Zig:20   | Noticed Denobboc's ghost (legendary OpMo)
178636 | Zig:20   | Killed thechecker02's ghost
178636 | Zig:20   | Killed Polaczum's ghost
178636 | Zig:20   | Noticed a curse skull
178636 | Zig:20   | Noticed Pohawk's ghost (adept MiGl)
178637 | Zig:20   | Noticed thechecker02's ghost (master DDFi)
178637 | Zig:20   | Killed Dittersdorf's ghost
178637 | Zig:20   | Killed Anafel's ghost
178637 | Zig:20   | Killed Walil's ghost
178637 | Zig:20   | Killed WiseOSalty's ghost
178637 | Zig:20   | Killed Xutext's ghost
178637 | Zig:20   | Killed Waohesse's ghost
178637 | Zig:20   | Killed a curse skull
178637 | Zig:20   | Killed Anafel's ghost
178637 | Zig:20   | Killed a curse toe
178637 | Zig:20   | Noticed a curse skull
178637 | Zig:20   | Noticed a curse skull
178638 | Zig:20   | Reached skill level 18 in Axes
178638 | Zig:20   | Reached skill level 16 in Polearms
178638 | Zig:20   | Killed Nenig's ghost
178638 | Zig:20   | Killed Nenig's ghost
178638 | Zig:20   | Killed Zonian's ghost
178638 | Zig:20   | Killed Dalot's ghost
178638 | Zig:20   | Killed a curse skull
178638 | Zig:20   | Killed Himmaryad's ghost
178638 | Zig:20   | Killed Heartburn's ghost
178638 | Zig:20   | Noticed Janeylunn's ghost (veteran GnWn)
178638 | Zig:20   | Noticed a curse skull
178638 | Zig:20   | Noticed Huju's ghost (legendary HOFi)
178639 | Zig:20   | Noticed Xuqyot's ghost (legendary DsFi)
178639 | Zig:20   | Noticed Oreexun's ghost (legendary DECj)
178639 | Zig:20   | Noticed Anafel's ghost (legendary GrFi)
178640 | Zig:20   | Noticed Vuopse's ghost (legendary GnIE)
178640 | Zig:20   | Noticed a curse skull
178640 | Zig:20   | Noticed a curse skull
178641 | Zig:20   | Killed a curse skull
178641 | Zig:20   | Killed a curse skull
178641 | Zig:20   | Killed Denobboc's ghost
178642 | Zig:20   | Killed Janeylunn's ghost
178642 | Zig:20   | Killed thechecker02's ghost
178642 | Zig:20   | Killed scarywalker64's ghost
178642 | Zig:20   | Killed Kucykkydd's ghost
178642 | Zig:20   | Killed heteroy's ghost
178642 | Zig:20   | Killed a curse skull
178642 | Zig:20   | Killed Pohawk's ghost
178642 | Zig:20   | Killed Uhosoup's ghost
178642 | Zig:20   | Noticed swap's ghost (legendary DEFE)
178643 | Zig:20   | Reached skill level 20 in Invocations
178643 | Zig:20   | Killed Qupubruts's ghost
178643 | Zig:20   | Killed Oreexun's ghost
178643 | Zig:20   | Killed Anafel's ghost
178644 | Zig:20   | Killed Huju's ghost
178644 | Zig:20   | Killed Rueful's ghost
178644 | Zig:20   | Killed a curse skull
178650 | Zig:20   | Killed a curse skull
178650 | Zig:20   | Killed Huju's ghost
178656 | Zig:20   | Killed swap's ghost
178658 | Zig:20   | Killed Xuqyot's ghost
178659 | Zig:20   | Killed Vuopse's ghost
178661 | Zig:20   | Killed Huju's ghost
178662 | Zig:20   | Reached skill level 22 in Poison Magic
178666 | Zig:20   | Reached skill level 23 in Short Blades
178666 | Zig:20   | Noticed sleeves's ghost (legendary HuSk)
178673 | Zig:20   | Killed sleeves's ghost
178674 | Zig:20   | Reached skill level 19 in Long Blades
178692 | Zig:20   | Identified the ring "Elyetudgh" {rPois rCorr MP+9 Int-3}
178962 | Zig:20   | Identified the amulet of Fuff {Reflect rF+ SH+5 SInv}
178967 | Zig:20   | Got Qoleam's Quarto of the Commander and Rime
178978 | Zig:20   | Got the Volume of Ensnaring Gloom
178981 | Zig:20   | Identified the ring "Hiyba" {rElec rF++ rCorr Str+4 Stlth-}
178983 | Zig:20   | Identified the ring of Lugonu's Hatred {rF- rN+ rCorr Int+8
                  | Dex-3}
178991 | Zig:20   | Identified the +5 morningstar of Dominance {antimagic,
                  | Str+6 Dex+3}
179032 | Zig:20   | Got the Precepts of Orientation and the Dead
179035 | Zig:20   | You pick up a book of the Wilderness and begin reading...
179040 | Zig:20   | Identified the +5 shortbow "Saudghal" {speed, rElec rN+}
179046 | Zig:20   | You pick up a book of the Spheres and begin reading...
179048 | Zig:20   | You pick up a book of Armaments and begin reading...
179056 | Zig:20   | Identified the +8 scimitar of Uzycsuc {freeze, Will+ Dex+3}
179123 | Zig:21   | Entered Level 21 of a ziggurat
179145 | Zig:21   | Reached skill level 17 in Polearms
179150 | Zig:21   | Reached skill level 19 in Axes
179150 | Zig:21   | Reached skill level 23 in Maces & Flails
179151 | Zig:21   | Found the +9 heavy crossbow "Sniper" {vorpal, Acc+∞ SInv}
179256 | Zig:21   | Identified the ring of Hytoetewk {Fire Fly rCorr SInv}
179273 | Zig:21   | Identified the +2 scale mail "Plog" {Dex+4}
179280 | Zig:21   | Acquired 387 gold pieces
179281 | Zig:21   | Acquired 1320 gold pieces
179286 | Zig:21   | Identified the +7 sling of Spring {vorpal, +Blink rF- rC+
                  | rN++}
179289 | Zig:21   | Identified the ring of Heiref {rF+ rN+ MP+9 Str+6}
179393 | Zig:22   | Entered Level 22 of a ziggurat
179413 | Zig:22   | Reached skill level 21 in Invocations
179419 | Zig:22   | Reached skill level 23 in Poison Magic
179424 | Zig:22   | Reached skill level 18 in Polearms
179429 | Zig:22   | Reached skill level 20 in Long Blades
179736 | Zig:22   | Identified the ring "Kose Kie" {Fly Dex+2}
179744 | Zig:22   | Identified the +8 war axe of the Thirteen Coins {speed,
                  | Drain Will++ rCorr Int+4}
179745 | Zig:22   | Identified the +1 great mace of Vosman {protect, Str+5
                  | Int+3}
179809 | Zig:22   | Identified the ring "Coimoy Burie" {Fly rF- Str+2 Dex+2}
179812 | Zig:22   | Identified the ring of Hard Scrabble {rPois rC+ EV+4}
179816 | Zig:22   | You pick up a book of the Sky and begin reading...
179881 | Zig:23   | Entered Level 23 of a ziggurat
179890 | Zig:23   | Noticed Jourok the pandemonium lord
179891 | Zig:23   | Noticed Rianon the pandemonium lord
179892 | Zig:23   | Noticed Plog the pandemonium lord
179892 | Zig:23   | Noticed Vunlohut the pandemonium lord
179893 | Zig:23   | Noticed Ifupla the pandemonium lord
179894 | Zig:23   | Noticed Moehal the pandemonium lord
179894 | Zig:23   | Noticed Wohufu Sukua the pandemonium lord
179894 | Zig:23   | Noticed Ruec the pandemonium lord
179895 | Zig:23   | Killed Rianon the pandemonium lord
179896 | Zig:23   | Noticed Yniaco the pandemonium lord
179896 | Zig:23   | Killed Ifupla the pandemonium lord
179897 | Zig:23   | Killed Plog the pandemonium lord
179897 | Zig:23   | Killed Vunlohut the pandemonium lord
179897 | Zig:23   | Noticed Eduesaj the pandemonium lord
179897 | Zig:23   | Noticed a caustic shrike
179897 | Zig:23   | Noticed Vufufrab the pandemonium lord
179899 | Zig:23   | Killed Wohufu Sukua the pandemonium lord
179899 | Zig:23   | Killed Moehal the pandemonium lord
179899 | Zig:23   | Noticed Peitzo the pandemonium lord
179899 | Zig:23   | Noticed Bafepinnu the pandemonium lord
179900 | Zig:23   | Killed Jourok the pandemonium lord
179900 | Zig:23   | Noticed Gacuaw the pandemonium lord
179900 | Zig:23   | Noticed Huirr the pandemonium lord
179901 | Zig:23   | Noticed Icvissu the pandemonium lord
179901 | Zig:23   | Noticed Atuineup the pandemonium lord
179902 | Zig:23   | Noticed Reufec the pandemonium lord
179902 | Zig:23   | Noticed Fikk the pandemonium lord
179903 | Zig:23   | Noticed Rymab the pandemonium lord
179904 | Zig:23   | Killed Yniaco the pandemonium lord
179904 | Zig:23   | Killed Ruec the pandemonium lord
179904 | Zig:23   | Killed a caustic shrike
179905 | Zig:23   | Reached skill level 24 in Short Blades
179905 | Zig:23   | Killed Peitzo the pandemonium lord
179905 | Zig:23   | Killed Eduesaj the pandemonium lord
179905 | Zig:23   | Killed Icvissu the pandemonium lord
179905 | Zig:23   | Killed Vufufrab the pandemonium lord
179905 | Zig:23   | Noticed Nairomehat the pandemonium lord
179906 | Zig:23   | Reached skill level 20 in Axes
179907 | Zig:23   | Killed Gacuaw the pandemonium lord
179907 | Zig:23   | Killed Huirr the pandemonium lord
179907 | Zig:23   | Killed Bafepinnu the pandemonium lord
179907 | Zig:23   | Noticed Rusid the pandemonium lord
179908 | Zig:23   | Reached skill level 22 in Invocations
179908 | Zig:23   | Killed Nairomehat the pandemonium lord
179908 | Zig:23   | Killed Fikk the pandemonium lord
179908 | Zig:23   | Noticed Fapuyxuc the pandemonium lord
179909 | Zig:23   | Noticed Ysa Ledo the pandemonium lord
179909 | Zig:23   | Killed Reufec the pandemonium lord
179909 | Zig:23   | Killed Atuineup the pandemonium lord
179909 | Zig:23   | Noticed Maohegaf the pandemonium lord
179910 | Zig:23   | Reached skill level 24 in Maces & Flails
179910 | Zig:23   | Noticed Uluneanell the pandemonium lord
179910 | Zig:23   | Noticed Qosiom the pandemonium lord
179911 | Zig:23   | Noticed Lemoacw the pandemonium lord
179911 | Zig:23   | Killed Rymab the pandemonium lord
179911 | Zig:23   | Noticed Mifisuat the pandemonium lord
179914 | Zig:23   | Noticed Qoixtugh the pandemonium lord
179914 | Zig:23   | Killed Fapuyxuc the pandemonium lord
179914 | Zig:23   | Killed Ysa Ledo the pandemonium lord
179914 | Zig:23   | Killed Rusid the pandemonium lord
179915 | Zig:23   | Killed Uluneanell the pandemonium lord
179915 | Zig:23   | Killed Lemoacw the pandemonium lord
179915 | Zig:23   | Killed Qosiom the pandemonium lord
179916 | Zig:23   | Reached skill level 24 in Poison Magic
179916 | Zig:23   | Killed Maohegaf the pandemonium lord
179916 | Zig:23   | Noticed Rotumm the pandemonium lord
179917 | Zig:23   | Killed Mifisuat the pandemonium lord
179918 | Zig:23   | Killed Qoixtugh the pandemonium lord
179918 | Zig:23   | Noticed Kekhloco the pandemonium lord
179919 | Zig:23   | Reached skill level 19 in Polearms
179919 | Zig:23   | Killed Rotumm the pandemonium lord
179931 | Zig:23   | Killed Kekhloco the pandemonium lord
179941 | Zig:23   | Noticed Duhoq the pandemonium lord
179943 | Zig:23   | Killed Duhoq the pandemonium lord
179945 | Zig:23   | Noticed Esialud the pandemonium lord
179946 | Zig:23   | Noticed Vagubiu the pandemonium lord
179949 | Zig:23   | Paralysed by you for 2 turns
179951 | Zig:23   | Noticed Uppiloe the pandemonium lord
179953 | Zig:23   | Killed Esialud the pandemonium lord
179954 | Zig:23   | Killed Vagubiu the pandemonium lord
179961 | Zig:23   | Killed Uppiloe the pandemonium lord
180282 | Zig:23   | You pick up a book of Rime and begin reading...
180298 | Zig:23   | You pick up a book of Death and begin reading...
180301 | Zig:23   | Acquired 1167 gold pieces
180302 | Zig:23   | Acquired the +8 lance "Wyrmbane" {slay drac, rPois rF+ rC+
                  | AC+3}
180302 | Zig:23   | Found the +8 lance "Wyrmbane" {slay drac, rPois rF+ rC+
                  | AC+3}
180309 | Zig:23   | Identified the ring "Ruhi Abe" {Fly rF- Str+6 Int+3 Dex+4}
180314 | Zig:23   | Got Punih's Lost Incunable of Sif Muna
180318 | Zig:23   | Got the Reference Book on the Mutated Rocks
180319 | Zig:23   | Identified the +2 cloak of Winter {Harm Drain Str+4 Stlth+}
180325 | Zig:23   | Identified the ring of Checkmate {rC+ rN+ Will+ Int-2
                  | Dex+4}
180327 | Zig:23   | Identified the ring "Ecaol" {Will- EV+4 Int+4 Dex+4}
180379 | Zig:24   | Entered Level 24 of a ziggurat
180400 | Zig:24   | Reached skill level 21 in Long Blades
180407 | Zig:24   | Reached skill level 21 in Axes
180408 | Zig:24   | Reached skill level 23 in Invocations
180414 | Zig:24   | Reached skill level 25 in Short Blades
180420 | Zig:24   | Found the +8 frozen axe "Frostbite" {freezing cloud, *Noise
                  | Fly rC+}
180764 | Zig:24   | You pick up a book of the Dragon and begin reading...
180768 | Zig:24   | Identified the ring "Luheuck" {rElec rF+ rN+ Int+3 Slay-3}
180780 | Zig:24   | Identified the ring "Sataen" {Fire Str+5 Int+2}
180781 | Zig:24   | Identified the ring of Sunlight {Fly rPois Str+4}
180782 | Zig:24   | Identified the ring "Decrorha" {Fire Will+ Str-3 Dex+2}
180786 | Zig:24   | Got the Teachings on Reformation
180875 | Zig:25   | Entered Level 25 of a ziggurat
180890 | Zig:25   | Noticed a dread lich
180890 | Zig:25   | Noticed a dread lich
180894 | Zig:25   | Killed a dread lich
180895 | Zig:25   | Reached skill level 25 in Poison Magic
180896 | Zig:25   | Killed a dread lich
180901 | Zig:25   | Noticed a dread lich
180904 | Zig:25   | Reached skill level 20 in Polearms
180904 | Zig:25   | Killed a dread lich
180905 | Zig:25   | Reached skill level 25 in Maces & Flails
180905 | Zig:25   | Noticed a dread lich
180906 | Zig:25   | Noticed an ancient lich
180906 | Zig:25   | Noticed an ancient lich
180906 | Zig:25   | Noticed an ancient lich
180906 | Zig:25   | Noticed an ancient lich
180907 | Zig:25   | Noticed an ancient lich
180907 | Zig:25   | Noticed a dread lich
180908 | Zig:25   | Noticed an ancient lich
180908 | Zig:25   | Noticed an ancient lich
180909 | Zig:25   | Killed an ancient lich
180909 | Zig:25   | Noticed a dread lich
180910 | Zig:25   | Killed an ancient lich
180910 | Zig:25   | Killed an ancient lich
180910 | Zig:25   | Killed a dread lich
180910 | Zig:25   | Killed an ancient lich
180911 | Zig:25   | Reached skill level 22 in Long Blades
180911 | Zig:25   | Killed an ancient lich
180911 | Zig:25   | Killed a dread lich
180911 | Zig:25   | Killed an ancient lich
180911 | Zig:25   | Killed a dread lich
180911 | Zig:25   | Killed an ancient lich
180912 | Zig:25   | Noticed an ancient lich
180913 | Zig:25   | Noticed an ancient lich
180917 | Zig:25   | Killed an ancient lich
180917 | Zig:25   | Killed an ancient lich
180918 | Zig:25   | Reached skill level 22 in Axes
180919 | Zig:25   | Reached skill level 24 in Invocations
181048 | Zig:25   | Identified the +2 quarterstaff of Destiny {freeze, rC+++
                  | Will- Str+7 Int-3}
181052 | Zig:25   | You pick up a book of Misfortune and begin reading...
181241 | Zig:25   | Identified the +5 flail "Embalmer" {flame, Contam rC+++
                  | rCorr SInv}
181377 | Zig:25   | Reached skill level 26 in Poison Magic
181400 | Zig:26   | Entered Level 26 of a ziggurat
181427 | Zig:26   | Reached skill level 21 in Polearms
181432 | Zig:26   | Reached skill level 26 in Short Blades
181432 | Zig:26   | Reached skill level 27 in Poison Magic
181437 | Zig:26   | Reached skill level 26 in Maces & Flails
181441 | Zig:26   | Reached skill level 23 in Long Blades
181655 | Zig:26   | You pick up a book of Decay and begin reading...
181656 | Zig:26   | Identified the +5 sling "Ypoizale" {speed, rF+ rCorr Str+5
                  | Int+2}
181660 | Zig:26   | Got the Writings on Convocation and Battling
181689 | Zig:26   | You pick up a book of Death and begin reading...
181691 | Zig:26   | Identified the amulet of Acraat {Will+ Regen+ SInv}
181705 | Zig:26   | Got Sif Muna's Vellum of the Ensnaring Sky
181714 | Zig:26   | Identified the ring of Poawo {+Blink rPois Int-3 SInv}
181727 | Zig:26   | You pick up a book of Conjurations and begin reading...
181736 | Zig:26   | Identified the +8 great sword of Blind Justice {drain, rF+
                  | rC+ Dex+4}
181840 | Zig:26   | Reached skill level 23 in Axes
181840 | Zig:26   | Reached skill level 25 in Invocations
181843 | Zig:27   | Entered Level 27 of a ziggurat
181860 | Zig:27   | Noticed an ancient lich
181860 | Zig:27   | Noticed a dread lich
181864 | Zig:27   | Killed an ancient lich
181864 | Zig:27   | Killed a dread lich
181865 | Zig:27   | Noticed a dread lich
181867 | Zig:27   | Noticed an ancient lich
181868 | Zig:27   | Noticed an ancient lich
181868 | Zig:27   | Noticed a dread lich
181869 | Zig:27   | Noticed a dread lich
181870 | Zig:27   | Killed an ancient lich
181870 | Zig:27   | Killed a dread lich
181870 | Zig:27   | Killed an ancient lich
181870 | Zig:27   | Noticed an ancient lich
181871 | Zig:27   | Killed a dread lich
181871 | Zig:27   | Killed a dread lich
181871 | Zig:27   | Killed an ancient lich
181872 | Zig:27   | Reached skill level 22 in Polearms
181872 | Zig:27   | Noticed a dread lich
181872 | Zig:27   | Noticed an ancient lich
181873 | Zig:27   | Noticed a dread lich
181874 | Zig:27   | Noticed an ancient lich
181874 | Zig:27   | Killed a dread lich
181874 | Zig:27   | Noticed a dread lich
181875 | Zig:27   | Killed a dread lich
181875 | Zig:27   | Killed an ancient lich
181875 | Zig:27   | Killed a dread lich
181875 | Zig:27   | Killed an ancient lich
181876 | Zig:27   | Noticed an ancient lich
181876 | Zig:27   | Noticed a dread lich
181877 | Zig:27   | Noticed an ancient lich
181877 | Zig:27   | Noticed an ancient lich
181877 | Zig:27   | Noticed a dread lich
181878 | Zig:27   | Noticed a dread lich
181878 | Zig:27   | Killed an ancient lich
181878 | Zig:27   | Killed an ancient lich
181879 | Zig:27   | Reached skill level 27 in Short Blades
181879 | Zig:27   | Killed a dread lich
181879 | Zig:27   | Killed an ancient lich
181879 | Zig:27   | Killed a dread lich
181879 | Zig:27   | Killed a dread lich
181880 | Zig:27   | Reached skill level 24 in Long Blades
181880 | Zig:27   | Noticed an ancient lich
181882 | Zig:27   | Noticed a dread lich
181883 | Zig:27   | Killed a dread lich
181884 | Zig:27   | Killed an ancient lich
181885 | Zig:27   | Reached skill level 27 in Maces & Flails
181885 | Zig:27   | Reached skill level 26 in Invocations
181886 | Zig:27   | Reached skill level 24 in Axes
181888 | Zig:27   | Found the +3 crown of Dyrovepreva {rElec Int+2 SInv}
182279 | Zig:27   | Got Witchcraft Continued
182284 | Zig:27   | Identified the +0 ring mail of Fortification {Rampage
                  | *Corrode Dex+5 Stlth+}
182286 | Zig:27   | Identified the +9 glaive "Faudoi" {venom, Str+4 Int+3 Dex-4
                  | Stlth+}
182290 | Zig:27   | You pick up a book of Iron and begin reading...
182315 | Zig:27   | Identified the +9 scimitar of the Present {vorpal, Str+4
                  | Int+7}
182448 | Zig:1    | Entered Level 1 of a ziggurat
182531 | Zig:2    | Entered Level 2 of a ziggurat
182574 | Zig:2    | You pick up a book of Chaos and begin reading...
182585 | Zig:3    | Entered Level 3 of a ziggurat
182585 | Zig:3    | Noticed a royal mummy
182585 | Zig:3    | Noticed a royal mummy
182587 | Zig:3    | Killed a royal mummy
182587 | Zig:3    | Killed a royal mummy
182588 | Zig:3    | Reached skill level 23 in Polearms
182663 | Zig:3    | You pick up a book of Geomancy and begin reading...
182698 | Zig:4    | Entered Level 4 of a ziggurat
182734 | Zig:4    | You pick up a book of Sloth and begin reading...
182774 | Zig:5    | Entered Level 5 of a ziggurat
182775 | Zig:5    | Noticed a caustic shrike
182776 | Zig:5    | Noticed a caustic shrike
182777 | Zig:5    | Killed a caustic shrike
182778 | Zig:5    | Killed a caustic shrike
182862 | Zig:5    | You pick up a book of Chaos and begin reading...
182865 | Zig:5    | Identified the +1 pair of gloves of Xom's Condemnation
                  | {rPois Will- rCorr Int-2}
182913 | Zig:6    | Entered Level 6 of a ziggurat
182919 | Zig:6    | Reached skill level 25 in Long Blades
183056 | Zig:7    | Entered Level 7 of a ziggurat
183065 | Zig:7    | Reached skill level 27 in Invocations
183139 | Zig:7    | You pick up a book of the Hunter and begin reading...
183142 | Zig:7    | You pick up a book of Changes and begin reading...
183229 | Zig:8    | Entered Level 8 of a ziggurat
183230 | Zig:8    | Noticed a juggernaut
183233 | Zig:8    | Killed a juggernaut
183234 | Zig:8    | Reached skill level 25 in Axes
183234 | Zig:8    | Reached skill level 24 in Polearms
183236 | Zig:8    | Found the +8 longbow "Zephyr" {speed, Dex+3 SInv}
183242 | Zig:8    | Reached skill level 26 in Long Blades
183378 | Zig:8    | You pick up a book of the Warp and begin reading...
183379 | Zig:8    | Identified the +11 trident "Octopus's Regret" {speed,
                  | Fragile rElec rPois rCorr}
183403 | Zig:8    | Got the Papyrus of Unified Damage Dealing
183405 | Zig:8    | Identified the +12 plate armour of the Original Sin {rC+
                  | Int+3 Stlth+}
183411 | Zig:8    | Got the Tome of Lethal Vitiation
183412 | Zig:8    | Identified the +0 helmet "Sucvosm" {Fly}
183418 | Zig:8    | Identified the +8 great sword "Acvaer" {pain, rElec rPois
                  | Str+3 Dex+4}
183466 | Zig:9    | Entered Level 9 of a ziggurat
183475 | Zig:9    | Reached skill level 25 in Polearms
183532 | Zig:9    | Identified the +5 great sword of Qazlal's Generosity
                  | {antimagic, rElec rN+ Dex+2}
183545 | Zig:9    | You pick up a book of Displacement and begin reading...
183558 | Zig:9    | Identified the amulet of Hyizoj {Spirit Slay+5 Stlth+}
183673 | Zig:10   | Entered Level 10 of a ziggurat
183681 | Zig:10   | Reached skill level 27 in Long Blades
183684 | Zig:10   | Reached skill level 26 in Polearms
183687 | Zig:10   | Reached skill level 26 in Axes
183769 | Zig:10   | Identified the +5 ring mail of Monotheism {+Blink Str+5}
183796 | Zig:10   | Identified the +3 quarterstaff of Wyrd {flame, rPois}
183809 | Zig:10   | You pick up a book of the Hunter and begin reading...
183818 | Zig:10   | Identified the +9 great mace "Ommiade" {vorpal, Will+}
183855 | Zig:11   | Entered Level 11 of a ziggurat
183922 | Zig:11   | Got Sif Muna's Quarto of Nocuous Creation
183949 | Zig:11   | You pick up a book of Dreams and begin reading...
183952 | Zig:11   | You pick up a book of Callings and begin reading...
183959 | Zig:11   | Identified the +2 cloak "Vaegitet" {+Inv rF++ Will+}
183964 | Zig:11   | You pick up a book of Dreams and begin reading...
184059 | Zig:12   | Entered Level 12 of a ziggurat
184063 | Zig:12   | Noticed a juggernaut
184065 | Zig:12   | Noticed a juggernaut
184067 | Zig:12   | Killed a juggernaut
184067 | Zig:12   | Killed a juggernaut
184068 | Zig:12   | Reached skill level 27 in Axes
184068 | Zig:12   | Reached skill level 27 in Polearms
184068 | Zig:12   | Reached skill level 1 in Summonings
184072 | Zig:12   | Reached skill level 5 in Summonings
184073 | Zig:12   | Reached skill level 6 in Summonings
184283 | Zig:12   | Got the Codex of Charms
184322 | Zig:12   | Identified the +1 ring mail of Experimentation {Fly Slay+3}
184324 | Zig:12   | Identified the +5 hand axe "Efimofafod" {elec, MP+9 Dex+3}
184360 | Zig:12   | Identified the +6 long sword "Mabevu" {vamp, Fly rF+ Int+3}
184374 | Zig:12   | Learned a level 1 spell: Summon Small Mammal
184377 | Zig:12   | Reached skill level 8 in Summonings
184383 | Zig:13   | Entered Level 13 of a ziggurat
184393 | Zig:13   | Reached skill level 10 in Summonings
184395 | Zig:13   | Reached skill level 11 in Summonings
184396 | Zig:13   | Reached skill level 12 in Summonings
184397 | Zig:13   | Reached skill level 13 in Summonings
184402 | Zig:13   | Reached skill level 14 in Summonings
184654 | Zig:13   | Identified the +7 fire dragon scales of Nice Lucidity
                  | {-Cast rF++ rC- Dex+3 Stlth+}
184666 | Zig:13   | Identified the +2 hand axe "Saf Lem" {flame, rC+}
184672 | Zig:13   | Identified the +0 chain mail "Uziov" {Regen+ SInv}
184680 | Zig:13   | You pick up a book of Burglary and begin reading...
184682 | Zig:13   | You pick up a book of Misfortune and begin reading...
184716 | Zig:14   | Entered Level 14 of a ziggurat
184721 | Zig:14   | Noticed a pearl dragon
184722 | Zig:14   | Noticed a pearl dragon
184723 | Zig:14   | Noticed a pearl dragon
184724 | Zig:14   | Noticed a pearl dragon
184725 | Zig:14   | Noticed a pearl dragon
184725 | Zig:14   | Noticed a pearl dragon
184725 | Zig:14   | Noticed a pearl dragon
184725 | Zig:14   | Noticed a pearl dragon
184725 | Zig:14   | Identified the +0 tower shield "Zyliosaq" {Dex+2}
184726 | Zig:14   | Noticed a pearl dragon
184726 | Zig:14   | Noticed a pearl dragon
184727 | Zig:14   | Noticed a pearl dragon
184727 | Zig:14   | Noticed a pearl dragon
184727 | Zig:14   | Noticed a pearl dragon
184727 | Zig:14   | Noticed a pearl dragon
184727 | Zig:14   | Noticed a pearl dragon
184728 | Zig:14   | Killed a pearl dragon
184728 | Zig:14   | Killed a pearl dragon
184728 | Zig:14   | Killed a pearl dragon
184728 | Zig:14   | Killed a pearl dragon
184728 | Zig:14   | Killed a pearl dragon
184728 | Zig:14   | Killed a pearl dragon
184728 | Zig:14   | Killed a pearl dragon
184728 | Zig:14   | Killed a pearl dragon
184728 | Zig:14   | Killed a pearl dragon
184728 | Zig:14   | Noticed a pearl dragon
184728 | Zig:14   | Noticed a pearl dragon
184729 | Zig:14   | Reached skill level 15 in Summonings
184729 | Zig:14   | Killed a pearl dragon
184729 | Zig:14   | Killed a pearl dragon
184729 | Zig:14   | Killed a pearl dragon
184729 | Zig:14   | Killed a pearl dragon
184729 | Zig:14   | Killed a pearl dragon
184729 | Zig:14   | Killed a pearl dragon
184729 | Zig:14   | Killed a pearl dragon
184730 | Zig:14   | Reached skill level 16 in Summonings
184731 | Zig:14   | Killed a pearl dragon
184731 | Zig:14   | Killed a pearl dragon
184731 | Zig:14   | Killed a pearl dragon
184732 | Zig:14   | Reached skill level 17 in Summonings
184732 | Zig:14   | Noticed a pearl dragon
184732 | Zig:14   | Noticed a pearl dragon
184734 | Zig:14   | Noticed a pearl dragon
184735 | Zig:14   | Killed a pearl dragon
184735 | Zig:14   | Killed a pearl dragon
184735 | Zig:14   | Killed a pearl dragon
184736 | Zig:14   | Reached skill level 18 in Summonings
185099 | Zig:14   | Identified the ring of Hivunue {Ice Fly rPois Str-5 SInv}
185165 | Zig:14   | Identified the ring "Doami" {rF+ rN+ AC+4 Int-3}
185171 | Zig:14   | Identified the amulet of Resumed Hostilities {Faith rF-
                  | Int+10 SInv}
185176 | Zig:14   | Identified the +6 mace of Ashenzari's Grace {vamp, +Blink
                  | Str+4 Int+4 Dex-3}
185179 | Zig:14   | You pick up a book of the Tundra and begin reading...
185183 | Zig:14   | Got the Cyclopedia of the Shocking Grave
185189 | Zig:14   | Identified the +1 chain mail "Hanizo" {rPois rN+}
185293 | Zig:15   | Entered Level 15 of a ziggurat
185306 | Zig:15   | Reached skill level 19 in Summonings
185307 | Zig:15   | Reached skill level 20 in Summonings
185317 | Zig:15   | Reached skill level 21 in Summonings
185427 | Zig:15   | You pick up a book of Misfortune and begin reading...
185431 | Zig:15   | You pick up a book of Misfortune and begin reading...
185436 | Zig:15   | Identified the +1 buckler of Intense Birdsong {SInv}
185445 | Zig:15   | Identified the +10 short sword of Doom {venom, rF- rN++
                  | Str+4 Dex+2}
185602 | Zig:16   | Entered Level 16 of a ziggurat
185616 | Zig:16   | Reached skill level 22 in Summonings
185621 | Zig:16   | Noticed an ancient lich
185623 | Zig:16   | Reached skill level 23 in Summonings
185623 | Zig:16   | Killed an ancient lich
185632 | Zig:16   | Reached skill level 24 in Summonings
185994 | Zig:16   | Got Inyn's Witchery, Part Four
185997 | Zig:16   | Got Hoxisun's Writings on Shapes
186007 | Zig:16   | Identified the ring "Uffif" {rCorr Str+7 Dex+3}
186068 | Zig:16   | magus.rc [v1.11.3]
186071 | Zig:17   | Entered Level 17 of a ziggurat
186084 | Zig:17   | Reached skill level 25 in Summonings
186086 | Zig:17   | Noticed Kaip the pandemonium lord
186091 | Zig:17   | Reached skill level 26 in Summonings
186092 | Zig:17   | Killed Kaip the pandemonium lord
186512 | Zig:17   | You pick up a book of Blood and begin reading...
186525 | Zig:17   | You pick up a book of Burglary and begin reading...
186529 | Zig:17   | You pick up a book of Chaos and begin reading...
186531 | Zig:17   | Identified the ring "Qaynuomo" {Will+ Str+2 Int+4 SInv}
186537 | Zig:17   | Identified the +9 glaive of Starshine {spect, rF+}
186540 | Zig:17   | Identified the +7 spear of the Incandescent {vorpal, rCorr
                  | Str+3}
186560 | Zig:17   | Identified the -1 cloak "Xaetabb" {rElec rF- rCorr SInv}
186563 | Zig:17   | Got the Writings on Production
186570 | Zig:17   | Got Reimpuv's Excursus on Geological Clouds
186571 | Zig:17   | Identified the ring "Rohaofee" {rC+ Will+ Str+2}
186606 | Zig:18   | Entered Level 18 of a ziggurat
186624 | Zig:18   | Reached skill level 27 in Summonings
186624 | Zig:18   | Found the +7 great mace "Undeadhunter" {disrupt, rN+}
186727 | Zig:18   | 5 large rocks {=f}; a +0 arbalest; a +4 triple sword of
                  | holy wrath {rare}
186731 | Zig:18   | Got the Precepts of Vlad
186831 | Zig:18   | You pick up a book of Cantrips and begin reading...
186856 | Zig:18   | Identified the +2 leather armour of Wizxy {MP+9 Int-4
                  | Slay+3}
186858 | Zig:18   | Identified the +2 ring mail of Slimy Amelioration {-Tele
                  | Harm Regen+ Str-2}
186868 | Zig:18   | Identified the ring "Ytaiw" {*Slow rC+++ rN++ Str+6 Dex+3}
186875 | Zig:18   | You pick up a book of Fire and begin reading...
186894 | Zig:18   | Identified the +7 glaive "Iwkaritisy" {antimagic, rElec
                  | rN+}
186910 | Zig:18   | Got the Tractate on Warped Damage Dealing
186913 | Zig:18   | Identified the +0 plate armour of Optimism {Rampage rC+
                  | SInv}
186917 | Zig:18   | Identified the ring of Lugonu's Anger {Fly rF+ Str-4 Dex+6}
187006 | Zig:19   | Entered Level 19 of a ziggurat
187010 | Zig:19   | Noticed a royal mummy
187010 | Zig:19   | Noticed a royal mummy
187016 | Zig:19   | Killed a royal mummy
187016 | Zig:19   | Killed a royal mummy
187016 | Zig:19   | Noticed a royal mummy
187016 | Zig:19   | Noticed a royal mummy
187016 | Zig:19   | Noticed a royal mummy
187016 | Zig:19   | Noticed a royal mummy
187018 | Zig:19   | Noticed a royal mummy
187019 | Zig:19   | Killed a royal mummy
187019 | Zig:19   | Killed a royal mummy
187019 | Zig:19   | Killed a royal mummy
187019 | Zig:19   | Killed a royal mummy
187020 | Zig:19   | Noticed a royal mummy
187020 | Zig:19   | Noticed a royal mummy
187020 | Zig:19   | Noticed a royal mummy
187021 | Zig:19   | Noticed a royal mummy
187022 | Zig:19   | Killed a royal mummy
187022 | Zig:19   | Killed a royal mummy
187022 | Zig:19   | Noticed a royal mummy
187022 | Zig:19   | Noticed a royal mummy
187023 | Zig:19   | Killed a royal mummy
187023 | Zig:19   | Killed a royal mummy
187026 | Zig:19   | Killed a royal mummy
187026 | Zig:19   | Killed a royal mummy
187026 | Zig:19   | Noticed a royal mummy
187027 | Zig:19   | Killed a royal mummy
187028 | Zig:19   | Noticed a royal mummy
187030 | Zig:19   | Killed a royal mummy
187030 | Zig:19   | Killed a royal mummy
187033 | Zig:19   | Noticed a royal mummy
187034 | Zig:19   | Noticed a royal mummy
187036 | Zig:19   | Killed a royal mummy
187037 | Zig:19   | Killed a royal mummy
187038 | Zig:19   | Noticed a royal mummy
187042 | Zig:19   | Killed a royal mummy
187054 | Zig:19   | Found the amulet of Vitality {RegenMP++ Regen++}
187136 | Zig:19   | You pick up a book of Debilitation and begin reading...
187140 | Zig:19   | Identified the +2 leather armour "Hubbacha" {Str+2 Int+2}
187142 | Zig:19   | You pick up a book of Dreams and begin reading...
187151 | Zig:19   | Identified the +4 halberd "Tuhiojeh" {flame, rElec rPois
                  | Dex+4}
187162 | Zig:19   | Identified the +6 broad axe "Xinov" {chaos, rF+ Dex+2}
187189 | Zig:19   | You pick up a book of Conjurations and begin reading...
187196 | Zig:19   | Got the Volume of the Productive Assassin
187202 | Zig:19   | Identified the +2 ring mail of Demons {rPois Str+4 Dex+3}
187448 | Zig:20   | Entered Level 20 of a ziggurat
187576 | Zig:20   | Noticed Kesur the pandemonium lord
187579 | Zig:20   | Killed Kesur the pandemonium lord
187687 | Zig:20   | Found the +3 salamander hide armour {Flames rF++ rC--}
187907 | Zig:20   | Identified the +1 cloak of a volcano {Regen+ Dex+2}
187914 | Zig:20   | Identified the ring "Qaji" {rF+ AC+4 SInv}
187920 | Zig:20   | Identified the ring "Feux" {rF+ Str+3}
187924 | Zig:20   | Identified the +4 scimitar "Kofy" {vorpal, rElec rPois rF+}
187925 | Zig:20   | Identified the ring "Tudwyx" {rC+ rCorr}
188009 | Zig:21   | Entered Level 21 of a ziggurat
188015 | Zig:21   | Noticed a juggernaut
188019 | Zig:21   | Noticed a juggernaut
188019 | Zig:21   | Noticed a juggernaut
188020 | Zig:21   | Noticed a juggernaut
188022 | Zig:21   | Killed a juggernaut
188022 | Zig:21   | Killed a juggernaut
188022 | Zig:21   | Killed a juggernaut
188023 | Zig:21   | Noticed a juggernaut
188023 | Zig:21   | Noticed a juggernaut
188024 | Zig:21   | Noticed a juggernaut
188025 | Zig:21   | Noticed a juggernaut
188025 | Zig:21   | Noticed a juggernaut
188025 | Zig:21   | Noticed a juggernaut
188026 | Zig:21   | Killed a juggernaut
188026 | Zig:21   | Noticed a juggernaut
188026 | Zig:21   | Noticed a juggernaut
188026 | Zig:21   | Noticed a juggernaut
188027 | Zig:21   | Killed a juggernaut
188027 | Zig:21   | Killed a juggernaut
188027 | Zig:21   | Killed a juggernaut
188027 | Zig:21   | Killed a juggernaut
188027 | Zig:21   | Killed a juggernaut
188027 | Zig:21   | Killed a juggernaut
188028 | Zig:21   | Killed a juggernaut
188028 | Zig:21   | Killed a juggernaut
188028 | Zig:21   | Killed a juggernaut
188029 | Zig:21   | Noticed a juggernaut
188030 | Zig:21   | Killed a juggernaut
188255 | Zig:21   | Identified the +9 demon trident of Sudden Death {pain,
                  | *Noise +Blink rCorr Str+3}
188257 | Zig:21   | Identified the amulet of Doubts {Faith rElec MP+9 Str-4
                  | Dex+8}
188259 | Zig:21   | Got Yneifriho's Compendium of the Whammy and Moulding
188263 | Zig:21   | Identified the +8 demon trident "Grom" {pain, rCorr Str+3
                  | SInv}
188264 | Zig:21   | Identified the +5 ring mail of Kutizaisiss {+Inv}
188265 | Zig:21   | Identified the +8 demon trident of Umidytiv {elec, rCorr
                  | Dex+2 Stlth-}
188272 | Zig:21   | Got Leda's Handbook of Stones
188273 | Zig:21   | Identified the ring "Weruceji" {Wiz Will+ Int+2}
188280 | Zig:21   | You pick up a book of Minor Magic and begin reading...
188362 | Zig:22   | Entered Level 22 of a ziggurat
188668 | Zig:22   | Identified the amulet "Duiwehax" {Reflect rPois SH+5}
188674 | Zig:22   | You pick up a book of Blasting and begin reading...
188677 | Zig:22   | Identified the +2 robe of Gicoff {Rampage *Slow rN+ Str+9
                  | Archmagi}
188683 | Zig:22   | Identified the +1 chain mail of Honour {rElec rPois rC+
                  | Int-4 Dex+3}
188686 | Zig:22   | Got Qomo's Further Steps in Thaumaturgy
188841 | Zig:23   | Entered Level 23 of a ziggurat
188852 | Zig:23   | Noticed an ancient lich
188852 | Zig:23   | Noticed an ancient lich
188855 | Zig:23   | Killed an ancient lich
188856 | Zig:23   | Killed an ancient lich
188857 | Zig:23   | Noticed a dread lich
188858 | Zig:23   | Noticed an ancient lich
188859 | Zig:23   | Noticed an ancient lich
188859 | Zig:23   | Noticed an ancient lich
188860 | Zig:23   | Noticed a dread lich
188860 | Zig:23   | Noticed an ancient lich
188861 | Zig:23   | Killed an ancient lich
188861 | Zig:23   | Killed an ancient lich
188861 | Zig:23   | Killed an ancient lich
188861 | Zig:23   | Killed an ancient lich
188862 | Zig:23   | Killed a dread lich
188862 | Zig:23   | Killed a dread lich
188862 | Zig:23   | Noticed a dread lich
188862 | Zig:23   | Noticed an ancient lich
188862 | Zig:23   | Noticed an ancient lich
188863 | Zig:23   | Noticed an ancient lich
188863 | Zig:23   | Noticed an ancient lich
188864 | Zig:23   | Noticed a dread lich
188864 | Zig:23   | Noticed a dread lich
188865 | Zig:23   | Noticed a dread lich
188865 | Zig:23   | Noticed an ancient lich
188866 | Zig:23   | Noticed an ancient lich
188866 | Zig:23   | Killed an ancient lich
188866 | Zig:23   | Killed an ancient lich
188866 | Zig:23   | Killed a dread lich
188866 | Zig:23   | Killed an ancient lich
188866 | Zig:23   | Killed an ancient lich
188866 | Zig:23   | Killed a dread lich
188866 | Zig:23   | Killed a dread lich
188866 | Zig:23   | Killed an ancient lich
188866 | Zig:23   | Killed a dread lich
188866 | Zig:23   | Killed an ancient lich
188866 | Zig:23   | Noticed a dread lich
188867 | Zig:23   | Noticed a dread lich
188868 | Zig:23   | Noticed an ancient lich
188868 | Zig:23   | Noticed an ancient lich
188868 | Zig:23   | Noticed an ancient lich
188869 | Zig:23   | Noticed a dread lich
188869 | Zig:23   | Noticed a dread lich
188870 | Zig:23   | Killed an ancient lich
188871 | Zig:23   | Killed a dread lich
188871 | Zig:23   | Killed an ancient lich
188871 | Zig:23   | Killed a dread lich
188871 | Zig:23   | Killed a dread lich
188871 | Zig:23   | Killed an ancient lich
188873 | Zig:23   | Noticed a dread lich
188874 | Zig:23   | Noticed a dread lich
188878 | Zig:23   | Killed a dread lich
188878 | Zig:23   | Killed a dread lich
188878 | Zig:23   | Killed a dread lich
188955 | Zig:23   | You pick up a book of Blood and begin reading...
188966 | Zig:23   | You pick up a book of Maledictions and begin reading...
188979 | Zig:23   | You pick up a book of Hexes and begin reading...
188983 | Zig:23   | You pick up a book of Rime and begin reading...
188989 | Zig:23   | You pick up a book of Ice and begin reading...
188993 | Zig:23   | Identified the ring of Faga {Wiz *Corrode rElec rN++ Str+3}
188998 | Zig:23   | Identified the +6 lajatang of Animal Spirits {vorpal, rC+
                  | SInv}
189002 | Zig:23   | You pick up a book of Alchemy and begin reading...
189274 | Zig:24   | Entered Level 24 of a ziggurat
189282 | Zig:24   | Noticed a caustic shrike
189282 | Zig:24   | Noticed a caustic shrike
189282 | Zig:24   | Noticed a caustic shrike
189285 | Zig:24   | Killed a caustic shrike
189288 | Zig:24   | Noticed a caustic shrike
189288 | Zig:24   | Noticed a caustic shrike
189293 | Zig:24   | Killed a caustic shrike
189293 | Zig:24   | Killed a caustic shrike
189293 | Zig:24   | Killed a caustic shrike
189293 | Zig:24   | Killed a caustic shrike
189293 | Zig:24   | Noticed a dread lich
189293 | Zig:24   | Noticed a caustic shrike
189296 | Zig:24   | Killed a dread lich
189297 | Zig:24   | Killed a caustic shrike
189299 | Zig:24   | Noticed a caustic shrike
189299 | Zig:24   | Noticed a caustic shrike
189300 | Zig:24   | Killed a caustic shrike
189303 | Zig:24   | Noticed a caustic shrike
189303 | Zig:24   | Noticed a caustic shrike
189304 | Zig:24   | Noticed a caustic shrike
189304 | Zig:24   | Noticed a caustic shrike
189306 | Zig:24   | Killed a caustic shrike
189306 | Zig:24   | Noticed a caustic shrike
189307 | Zig:24   | Killed a caustic shrike
189307 | Zig:24   | Killed a caustic shrike
189307 | Zig:24   | Killed a caustic shrike
189309 | Zig:24   | Killed a caustic shrike
189310 | Zig:24   | Killed a caustic shrike
189311 | Zig:24   | Noticed a caustic shrike
189315 | Zig:24   | Killed a caustic shrike
189337 | Zig:24   | Found the +9 staff of Olgreb {rPois∞}
189595 | Zig:24   | You pick up a book of Blood and begin reading...
189596 | Zig:24   | Identified the +7 great sword of the Postmodern Coins
                  | {venom, rF- rC+ Dex+6 Stlth+}
189603 | Zig:24   | Identified the +5 quick blade of Proximity {vamp, Fragile
                  | rPois rF++ Dex+3}
189604 | Zig:24   | Could not pick up the +5 quick blade of Proximity {vamp,
                  | Fragile rPois rF++ Dex+3, rare} here; ([A]lways) ignore it?
189604 | Zig:24   | Could not pick up the +5 quick blade of Proximity {vamp,
                  | Fragile rPois rF++ Dex+3, rare} here; ([A]lways) ignore it?
189610 | Zig:24   | You pick up a book of Blasting and begin reading...
189613 | Zig:24   | You pick up a book of Dreams and begin reading...
189618 | Zig:24   | You pick up a book of Annihilations and begin reading...
189620 | Zig:24   | You pick up a book of Beasts and begin reading...
189725 | Zig:25   | Entered Level 25 of a ziggurat
189766 | Zig:25   | Found the macabre finger necklace {rN+}
189967 | Zig:25   | Identified the ring of Qammol {Drain rElec rF+ Dex+5}
189974 | Zig:25   | Identified the +3 rapier "Xurutoto" {pain, Drain Will+++
                  | Str+7}
189976 | Zig:25   | Identified the ring of Paryanoj {Fly Int+3}
189981 | Zig:25   | Identified the ring of the Quahog {Fire MP+9}
189984 | Zig:25   | Identified the +7 plate armour of Masochism {rN+ Str+3
                  | Dex+3}
189987 | Zig:25   | You pick up a book of Touch and begin reading...
190119 | Zig:26   | Entered Level 26 of a ziggurat
190131 | Zig:26   | Noticed a curse skull
190132 | Zig:26   | Noticed a curse skull
190133 | Zig:26   | Noticed a curse skull
190135 | Zig:26   | Noticed a curse skull
190136 | Zig:26   | Noticed a curse skull
190138 | Zig:26   | Killed a curse skull
190138 | Zig:26   | Killed a curse skull
190138 | Zig:26   | Killed a curse skull
190138 | Zig:26   | Killed a curse skull
190139 | Zig:26   | Noticed an ancient lich
190140 | Zig:26   | Noticed a curse skull
190140 | Zig:26   | Noticed an ancient lich
190141 | Zig:26   | Noticed a dread lich
190141 | Zig:26   | Noticed a curse skull
190142 | Zig:26   | Killed an ancient lich
190143 | Zig:26   | Killed a curse skull
190143 | Zig:26   | Killed a curse skull
190143 | Zig:26   | Killed an ancient lich
190143 | Zig:26   | Killed a dread lich
190143 | Zig:26   | Killed a curse skull
190143 | Zig:26   | Noticed a dread lich
190144 | Zig:26   | Noticed a curse skull
190145 | Zig:26   | Noticed a curse skull
190146 | Zig:26   | Noticed an ancient lich
190146 | Zig:26   | Noticed a dread lich
190147 | Zig:26   | Noticed an ancient lich
190147 | Zig:26   | Killed a dread lich
190147 | Zig:26   | Killed a curse skull
190148 | Zig:26   | Noticed a curse skull
190149 | Zig:26   | Noticed an ancient lich
190149 | Zig:26   | Noticed a dread lich
190149 | Zig:26   | Noticed an ancient lich
190149 | Zig:26   | Noticed a dread lich
190150 | Zig:26   | Killed a dread lich
190150 | Zig:26   | Killed an ancient lich
190150 | Zig:26   | Killed a curse skull
190150 | Zig:26   | Killed an ancient lich
190150 | Zig:26   | Killed a dread lich
190150 | Zig:26   | Killed a curse skull
190150 | Zig:26   | Killed a dread lich
190150 | Zig:26   | Noticed a curse skull
190151 | Zig:26   | Noticed an ancient lich
190152 | Zig:26   | Killed an ancient lich
190152 | Zig:26   | Killed an ancient lich
190152 | Zig:26   | Killed a curse skull
190152 | Zig:26   | Noticed a curse skull
190153 | Zig:26   | Noticed a curse skull
190154 | Zig:26   | Noticed a curse skull
190155 | Zig:26   | Killed an ancient lich
190156 | Zig:26   | Killed a curse skull
190156 | Zig:26   | Killed a curse skull
190163 | Zig:26   | Killed a curse skull
190228 | Zig:26   | You pick up a book of Chaos and begin reading...
190291 | Zig:26   | You pick up a book of Armaments and begin reading...
190293 | Zig:26   | Identified the +10 great sword of Exchange {spect, rElec}
190297 | Zig:26   | You pick up a book of Transfigurations and begin reading...
190435 | Zig:26   | Identified the +9 scimitar of the Grinning Gods {vamp,
                  | Fragile Str+7}
190436 | Zig:26   | Identified the +5 shortbow "Wanlon" {flame, rF- Str+6}
190445 | Zig:26   | Identified the ring "Ofish" {+Blink rPois rC- Will+ Int+3
                  | Dex+4}
190451 | Zig:26   | Identified the +3 scale mail of the Shore {Fly Regen+ Int+5
                  | Slay-3}
190454 | Zig:26   | Identified the +1 robe of Ashenzari's Hope {Slay+3}
190469 | Zig:26   | Identified the +5 whip "Jellybane" {flame, rN+ Int+3 Dex-5}
190474 | Zig:26   | You pick up a book of Ice and begin reading...
190476 | Zig:26   | Identified the ring "Nud Isou" {rPois Will+}
190477 | Zig:26   | Identified the +11 dire flail of Tifrapy {venom, *Slow rF+
                  | rN+++ Will+}
190480 | Zig:26   | Identified the +1 robe of Lethargy {+Inv Int+2 Dex+2}
190484 | Zig:26   | Identified the +7 sling "Kihagin" {speed, Str+6 Dex-5}
190492 | Zig:26   | You pick up a book of the Warp and begin reading...
190496 | Zig:26   | You pick up a book of Maledictions and begin reading...
190498 | Zig:26   | Identified the ring "Wimech" {Ice Str+5 Dex+2}
190659 | Zig:27   | Entered Level 27 of a ziggurat
190775 | Zig:27   | Identified the +8 quarterstaff "Yteen" {flame, rF+ rN+}
190778 | Zig:27   | Identified the amulet "Zauqiar" {RegenMP Harm rC- rCorr
                  | Stlth+}
190785 | Zig:27   | Got Telaoboats's Vademecum on the Map
190793 | Zig:27   | Identified the ring of Contentment {Ice Int+2}
190797 | Zig:27   | Identified the +9 arbalest "Vinec" {vorpal, Contam rN++
                  | Dex+2 Stlth+}
190806 | Zig:27   | You pick up a book of Blasting and begin reading...
190808 | Zig:27   | Identified the +4 hat "Hero's Friend" {rElec}
190946 | Zig:27   | You pick up a book of Beasts and begin reading...
190948 | Zig:27   | Acquired 1101 gold pieces
191097 | Zig:1    | Entered Level 1 of a ziggurat
191097 | Zig:1    | Noticed a pearl dragon
191098 | Zig:1    | Killed a pearl dragon
191135 | Zig:2    | Entered Level 2 of a ziggurat
191135 | Zig:2    | Noticed a dread lich
191135 | Zig:2    | Noticed a dread lich
191135 | Zig:2    | Noticed an ancient lich
191136 | Zig:2    | Noticed a dread lich
191137 | Zig:2    | Killed an ancient lich
191137 | Zig:2    | Killed a dread lich
191138 | Zig:2    | Killed a dread lich
191138 | Zig:2    | Killed a dread lich
191182 | Zig:3    | Entered Level 3 of a ziggurat
191185 | Zig:3    | Noticed Qiwa the pandemonium lord
191188 | Zig:3    | Killed Qiwa the pandemonium lord
191253 | Zig:3    | Got the Folio of Toxicity
191278 | Zig:4    | Entered Level 4 of a ziggurat
191357 | Zig:4    | Identified the ring "Jerorphie" {rF+ rC+ AC+4}
191362 | Zig:4    | You pick up a book of the Tundra and begin reading...
191384 | Zig:5    | Entered Level 5 of a ziggurat
191388 | Zig:5    | Noticed Peutaune the pandemonium lord
191393 | Zig:5    | Killed Peutaune the pandemonium lord
191449 | Zig:5    | Identified the +4 shortbow of Shame {venom, +Blink Stlth+}
191451 | Zig:5    | You pick up a book of Dangerous Friends and begin
                  | reading...
191505 | Zig:6    | Entered Level 6 of a ziggurat
191506 | Zig:6    | Noticed a dread lich
191506 | Zig:6    | Noticed an ancient lich
191506 | Zig:6    | Noticed a dread lich
191506 | Zig:6    | Noticed a dread lich
191507 | Zig:6    | Noticed an ancient lich
191508 | Zig:6    | Noticed an ancient lich
191509 | Zig:6    | Killed an ancient lich
191509 | Zig:6    | Killed an ancient lich
191510 | Zig:6    | Killed an ancient lich
191510 | Zig:6    | Killed a dread lich
191510 | Zig:6    | Killed a dread lich
191510 | Zig:6    | Killed a dread lich
191512 | Zig:6    | Found the ring of the Octopus King
191616 | Zig:6    | Identified a ring of the Octopus King {rN+ HP+2 AC+2 EV+2
                  | SH+2}
191622 | Zig:7    | Entered Level 7 of a ziggurat
191622 | Zig:7    | Noticed a juggernaut
191622 | Zig:7    | Noticed a juggernaut
191622 | Zig:7    | Noticed a juggernaut
191626 | Zig:7    | Killed a juggernaut
191626 | Zig:7    | Killed a juggernaut
191626 | Zig:7    | Killed a juggernaut
191676 | Zig:7    | Identified the +3 plate armour of Vohedykh {Will+++ Int-4
                  | Stlth+}
191692 | Zig:7    | Identified the +7 scale mail of Ujuommed {rCorr}
191844 | Zig:8    | Entered Level 8 of a ziggurat
191849 | Zig:8    | Noticed a caustic shrike
191849 | Zig:8    | Noticed a caustic shrike
191850 | Zig:8    | Noticed a caustic shrike
191850 | Zig:8    | Noticed a caustic shrike
191850 | Zig:8    | Noticed a caustic shrike
191852 | Zig:8    | Killed a caustic shrike
191852 | Zig:8    | Noticed a caustic shrike
191853 | Zig:8    | Killed a caustic shrike
191853 | Zig:8    | Killed a caustic shrike
191853 | Zig:8    | Killed a caustic shrike
191853 | Zig:8    | Killed a caustic shrike
191854 | Zig:8    | Killed a caustic shrike
191987 | Zig:8    | You pick up a book of Chaos and begin reading...
191995 | Zig:8    | Identified the +6 battleaxe "Toissud" {vamp, Drain rPois
                  | Dex+4}
192033 | Zig:9    | Entered Level 9 of a ziggurat
192093 | Zig:9    | You pick up a book of Callings and begin reading...
192180 | Zig:10   | Entered Level 10 of a ziggurat
192186 | Zig:10   | Noticed an orb of fire
192186 | Zig:10   | Noticed an orb of fire
192186 | Zig:10   | Noticed an orb of fire
192187 | Zig:10   | Noticed an orb of fire
192187 | Zig:10   | Noticed an orb of fire
192188 | Zig:10   | Noticed an orb of fire
192189 | Zig:10   | Noticed an orb of fire
192189 | Zig:10   | Noticed an orb of fire
192189 | Zig:10   | Noticed an orb of fire
192190 | Zig:10   | Killed an orb of fire
192190 | Zig:10   | Killed an orb of fire
192190 | Zig:10   | Killed an orb of fire
192190 | Zig:10   | Killed an orb of fire
192191 | Zig:10   | Killed an orb of fire
192191 | Zig:10   | Killed an orb of fire
192191 | Zig:10   | Noticed an orb of fire
192191 | Zig:10   | Noticed an orb of fire
192192 | Zig:10   | Noticed an orb of fire
192192 | Zig:10   | Noticed an orb of fire
192193 | Zig:10   | Killed an orb of fire
192193 | Zig:10   | Killed an orb of fire
192193 | Zig:10   | Killed an orb of fire
192194 | Zig:10   | Killed an orb of fire
192199 | Zig:10   | Killed an orb of fire
192199 | Zig:10   | Killed an orb of fire
192201 | Zig:10   | Killed an orb of fire
192321 | Zig:10   | Got the Omnibus of the Shifting Assassin
192323 | Zig:10   | Identified the +8 great sword "Qivvim" {flame, rN+ Str+4
                  | Int+4 Dex+3}
192330 | Zig:10   | You pick up a book of Power and begin reading...
192333 | Zig:10   | Got the Octavo of Striking and the Comitatus
192352 | Zig:10   | Identified the +2 trident "Anlero" {vamp, SInv}
192354 | Zig:10   | Identified the ring of the Dolphin {rF++ EV+4}
192361 | Zig:11   | Entered Level 11 of a ziggurat
192386 | Zig:11   | Paralysed by accursed screaming for 2 turns
192390 | Zig:11   | Found the +12 glaive of Prune {vorpal}
192533 | Zig:11   | Identified the +8 chain mail "Pexzuekh" {Rampage rPois
                  | MP+9}
192535 | Zig:11   | You pick up a book of Chaos and begin reading...
192539 | Zig:11   | Identified the +1 chain mail "Seink" {rN+}
192541 | Zig:11   | Identified the +1 robe "Cosiappethe" {Dex+2}
192555 | Zig:11   | Identified the ring of the Distant Future {rElec rPois
                  | rCorr Str+5 Dex-3 SInv}
192558 | Zig:11   | Got the Spellbook of Dislocated Battle Magic
192638 | Zig:12   | Entered Level 12 of a ziggurat
192661 | Zig:12   | Found the +8 orange crystal plate armour {Archmagi, Int+3
                  | Clar}
192662 | Zig:12   | Found the +4 moon troll leather armour {Spirit, Regen++
                  | MP+5}
192840 | Zig:12   | Identified the +6 hand axe of Hepliaklqana's Whim {freeze,
                  | rC+ Int+6}
192854 | Zig:12   | Identified the ring "Zibriril" {Drain Fly AC+4 Str+4
                  | Stlth+}
192872 | Zig:12   | Identified the +1 long sword of Excruciating Pain {vorpal,
                  | rPois rF- Str+9 Int-3}
192877 | Zig:12   | You pick up a book of Rime and begin reading...
192879 | Zig:12   | Got Sif Muna's Codex of Cloudy Production
192891 | Zig:12   | Identified the ring of Joer Rai {Ice Drain +Blink Int+4}
192895 | Zig:12   | Identified the +0 kite shield "Plog" {+Blink Regen+ Str-2
                  | Dex+10}
192930 | Zig:13   | Entered Level 13 of a ziggurat
192949 | Zig:13   | Found the +4 Cigotuvi's embrace {rMiasma Drain rN+}
192996 | Zig:13   | You pick up a book of the Dragon and begin reading...
193011 | Zig:13   | Identified the +9 spear "Linn" {flame, rElec}
193015 | Zig:13   | Identified the amulet "Nearih" {Faith +Inv rF+ Will+}
193020 | Zig:13   | Identified the +8 plate armour "Tinym" {rF- Str+4 Stlth+}
193021 | Zig:13   | Identified the +4 sling of Amorality {venom, Dex+6}
193037 | Zig:13   | Identified the ring "Hiraik" {rElec rF++ Will+ Str-5}
193236 | Zig:14   | Entered Level 14 of a ziggurat
193462 | Zig:14   | Identified the +11 short sword of the Eternal Warrior
                  | {freeze, Int+6}
193465 | Zig:14   | Identified the +5 broad axe of Supuwom {protect, Drain
                  | rC+++ Will+ Str+4}
193472 | Zig:14   | You pick up a book of Rime and begin reading...
193555 | Zig:15   | Entered Level 15 of a ziggurat
193657 | Zig:15   | Identified the +1 great sword of the Desert {speed, Drain
                  | +Blink Str+3}
193813 | Zig:15   | Acquired 1048 gold pieces
193835 | Zig:16   | Entered Level 16 of a ziggurat
194026 | Zig:16   | Identified the +9 quarterstaff "Awael" {speed, *Corrode
                  | rN++ Str+2}
194038 | Zig:16   | You pick up a book of Decay and begin reading...
194104 | Zig:17   | Entered Level 17 of a ziggurat
194243 | Zig:17   | You pick up a book of Weapons and begin reading...
194247 | Zig:17   | Identified the +1 pair of boots of Dogma {Fly}
194254 | Zig:17   | Identified the +0 scale mail of Ugioqusch {rC++}
194275 | Zig:17   | You pick up a book of Misfortune and begin reading...
194283 | Zig:17   | You pick up a book of Annihilations and begin reading...
194285 | Zig:17   | Got the Catalogue of Cloudy Transmigration
194288 | Zig:17   | Identified the +6 demon blade of Bimoofat {drain, rN+
                  | Dex+5}
194418 | Zig:17   | Identified the +3 battleaxe of Wyrd {elec, rPois Str+2}
194425 | Zig:18   | Entered Level 18 of a ziggurat
194436 | Zig:18   | Noticed Vaozxur the pandemonium lord
194438 | Zig:18   | Noticed Roopujymu the pandemonium lord
194438 | Zig:18   | Noticed Peofuwn the pandemonium lord
194438 | Zig:18   | Noticed Dusefu the pandemonium lord
194438 | Zig:18   | Noticed Zil Ruwu the pandemonium lord
194438 | Zig:18   | Noticed Ohadius the pandemonium lord
194439 | Zig:18   | Noticed Bausome the pandemonium lord
194439 | Zig:18   | Noticed Cexzo the pandemonium lord
194439 | Zig:18   | Noticed Xowaom the pandemonium lord
194439 | Zig:18   | Noticed Pufat the pandemonium lord
194440 | Zig:18   | Noticed Hiud the pandemonium lord
194440 | Zig:18   | Noticed Omocoale the pandemonium lord
194440 | Zig:18   | Noticed Faam the pandemonium lord
194441 | Zig:18   | Killed Xowaom the pandemonium lord
194442 | Zig:18   | Killed Vaozxur the pandemonium lord
194442 | Zig:18   | Killed Hiud the pandemonium lord
194442 | Zig:18   | Killed Omocoale the pandemonium lord
194442 | Zig:18   | Noticed Mifenle the pandemonium lord
194442 | Zig:18   | Noticed Bischibu the pandemonium lord
194442 | Zig:18   | Noticed Ril Ceasch the pandemonium lord
194442 | Zig:18   | Noticed Ylykh the pandemonium lord
194443 | Zig:18   | Noticed Gorihyax the pandemonium lord
194443 | Zig:18   | Noticed Caen the pandemonium lord
194443 | Zig:18   | Noticed Fioguogimob the pandemonium lord
194443 | Zig:18   | Noticed Hieclamp the pandemonium lord
194443 | Zig:18   | Noticed Filasoba the pandemonium lord
194443 | Zig:18   | Noticed Zufitrin the pandemonium lord
194443 | Zig:18   | Noticed Avvagy the pandemonium lord
194444 | Zig:18   | Noticed Gounex the pandemonium lord
194444 | Zig:18   | Killed Peofuwn the pandemonium lord
194444 | Zig:18   | Killed Faam the pandemonium lord
194444 | Zig:18   | Killed Roopujymu the pandemonium lord
194444 | Zig:18   | Noticed Isoroqeng the pandemonium lord
194444 | Zig:18   | Noticed Keawory the pandemonium lord
194445 | Zig:18   | Killed Pufat the pandemonium lord
194445 | Zig:18   | Killed Cexzo the pandemonium lord
194445 | Zig:18   | Killed Bausome the pandemonium lord
194445 | Zig:18   | Noticed Panohen the pandemonium lord
194446 | Zig:18   | Killed Gorihyax the pandemonium lord
194446 | Zig:18   | Killed Caen the pandemonium lord
194446 | Zig:18   | Killed Hieclamp the pandemonium lord
194446 | Zig:18   | Killed Gounex the pandemonium lord
194446 | Zig:18   | Killed Filasoba the pandemonium lord
194446 | Zig:18   | Killed Zil Ruwu the pandemonium lord
194446 | Zig:18   | Killed Fioguogimob the pandemonium lord
194446 | Zig:18   | Killed Mifenle the pandemonium lord
194454 | Zig:18   | Killed Ylykh the pandemonium lord
194455 | Zig:18   | Killed Isoroqeng the pandemonium lord
194455 | Zig:18   | Killed Keawory the pandemonium lord
194455 | Zig:18   | Killed Dusefu the pandemonium lord
194458 | Zig:18   | Noticed Mosuhitto the pandemonium lord
194459 | Zig:18   | Killed Ohadius the pandemonium lord
194459 | Zig:18   | Noticed Qukhleco the pandemonium lord
194461 | Zig:18   | Killed Mosuhitto the pandemonium lord
194461 | Zig:18   | Killed Zufitrin the pandemonium lord
194463 | Zig:18   | Killed Panohen the pandemonium lord
194463 | Zig:18   | Killed Avvagy the pandemonium lord
194464 | Zig:18   | Killed Qukhleco the pandemonium lord
194465 | Zig:18   | Killed Bischibu the pandemonium lord
194466 | Zig:18   | Noticed Zauhagh the pandemonium lord
194467 | Zig:18   | Killed Ril Ceasch the pandemonium lord
194470 | Zig:18   | Killed Zauhagh the pandemonium lord
194470 | Zig:18   | Noticed Liciz the pandemonium lord
194474 | Zig:18   | Noticed Yloymiw the pandemonium lord
194475 | Zig:18   | Noticed Bufucoam the pandemonium lord
194475 | Zig:18   | Noticed Fiamyeb the pandemonium lord
194477 | Zig:18   | Killed Liciz the pandemonium lord
194477 | Zig:18   | Killed Yloymiw the pandemonium lord
194477 | Zig:18   | Killed Fiamyeb the pandemonium lord
194477 | Zig:18   | Noticed Voxta the pandemonium lord
194477 | Zig:18   | Noticed Leoxove the pandemonium lord
194477 | Zig:18   | Noticed Cecvel the pandemonium lord
194478 | Zig:18   | Killed Bufucoam the pandemonium lord
194479 | Zig:18   | Killed Cecvel the pandemonium lord
194479 | Zig:18   | Noticed Tar Teorch the pandemonium lord
194482 | Zig:18   | Killed Voxta the pandemonium lord
194483 | Zig:18   | Killed Leoxove the pandemonium lord
194484 | Zig:18   | Killed Tar Teorch the pandemonium lord
194486 | Zig:18   | Noticed Qoddennuczo the pandemonium lord
194487 | Zig:18   | Noticed Ynuwk the pandemonium lord
194490 | Zig:18   | Killed Ynuwk the pandemonium lord
194491 | Zig:18   | Noticed Zacoc the pandemonium lord
194494 | Zig:18   | Killed Qoddennuczo the pandemonium lord
194512 | Zig:18   | Killed Zacoc the pandemonium lord
194705 | Zig:18   | Identified the +5 longbow of Sudden Death {freeze, +Blink
                  | rN++ rCorr MP-9}
194706 | Zig:18   | Identified the +6 war axe "Lyroc" {drain, rPois rF+ rN++}
194707 | Zig:18   | Identified the ring "Rouheb" {Ice Slay+3}
194712 | Zig:18   | Identified the +4 long sword of Wyrd {freeze, Fly rN+++
                  | Will- Dex-5}
194725 | Zig:18   | Identified the ring of the Lotus Blossom {AC+4 Str+4 Int+3}
194735 | Zig:18   | You pick up a book of Rime and begin reading...
194737 | Zig:18   | You pick up a book of Spatial Translocations and begin
                  | reading...
194741 | Zig:18   | You pick up a book of Lightning and begin reading...
194754 | Zig:18   | Identified the +1 leather armour of Amorality {rN+ rCorr
                  | Int+4}
194763 | Zig:19   | Entered Level 19 of a ziggurat
194768 | Zig:19   | Noticed a caustic shrike
194768 | Zig:19   | Noticed a caustic shrike
194769 | Zig:19   | Noticed a caustic shrike
194772 | Zig:19   | Noticed a caustic shrike
194775 | Zig:19   | Noticed a caustic shrike
194776 | Zig:19   | Noticed a caustic shrike
194776 | Zig:19   | Noticed a caustic shrike
194776 | Zig:19   | Noticed a caustic shrike
194776 | Zig:19   | Noticed a caustic shrike
194778 | Zig:19   | Noticed a caustic shrike
194778 | Zig:19   | Noticed a caustic shrike
194778 | Zig:19   | Noticed a caustic shrike
194779 | Zig:19   | Killed a caustic shrike
194779 | Zig:19   | Killed a caustic shrike
194779 | Zig:19   | Killed a caustic shrike
194779 | Zig:19   | Killed a caustic shrike
194779 | Zig:19   | Killed a caustic shrike
194779 | Zig:19   | Killed a caustic shrike
194780 | Zig:19   | Killed a caustic shrike
194780 | Zig:19   | Killed a caustic shrike
194780 | Zig:19   | Killed a caustic shrike
194780 | Zig:19   | Killed a caustic shrike
194780 | Zig:19   | Killed a caustic shrike
194781 | Zig:19   | Killed a caustic shrike
194781 | Zig:19   | Noticed a caustic shrike
194783 | Zig:19   | Killed a caustic shrike
194786 | Zig:19   | Noticed a caustic shrike
194788 | Zig:19   | Noticed a caustic shrike
194789 | Zig:19   | Noticed a caustic shrike
194791 | Zig:19   | Killed a caustic shrike
194792 | Zig:19   | Killed a caustic shrike
194792 | Zig:19   | Killed a caustic shrike
194793 | Zig:19   | Noticed a caustic shrike
194796 | Zig:19   | Killed a caustic shrike
195057 | Zig:19   | Identified the +5 leather armour "Uniryin" {rPois}
195058 | Zig:19   | Identified the +3 steam dragon scales of Panentheism
                  | {*Corrode rElec Regen+ SInv}
195073 | Zig:19   | Identified the ring of Zotwougo {Will+ AC+4}
195115 | Zig:19   | You pick up a book of Decay and begin reading...
195116 | Zig:19   | Identified the ring of Wuloo {rPois rF+ rCorr Str+4}
195127 | Zig:20   | Entered Level 20 of a ziggurat
195446 | Zig:20   | You pick up a book of Weapons and begin reading...
195452 | Zig:20   | You pick up a book of Winter and begin reading...
195456 | Zig:20   | You pick up a book of Party Tricks and begin reading...
195464 | Zig:20   | Identified the +7 spear "Jys Fues" {antimagic, rCorr Int+7}
195523 | Zig:20   | a +0 quick blade {rare}; a +0 quick blade {rare}; a +0
                  | leather armour
195561 | Zig:20   | You pick up a book of Misfortune and begin reading...
195562 | Zig:20   | Identified the ring of the Inviting Gods {Will+ MP+9
                  | Stlth+}
195569 | Zig:20   | Identified the +2 helmet of the Iron City of Dis {Contam
                  | MP+9 Str+4 Stlth+}
195579 | Zig:21   | Entered Level 21 of a ziggurat
195584 | Zig:21   | Noticed a caustic shrike
195584 | Zig:21   | Noticed a caustic shrike
195587 | Zig:21   | Noticed a caustic shrike
195588 | Zig:21   | Noticed a caustic shrike
195589 | Zig:21   | Noticed a caustic shrike
195589 | Zig:21   | Noticed a caustic shrike
195589 | Zig:21   | Noticed a caustic shrike
195590 | Zig:21   | Noticed a caustic shrike
195591 | Zig:21   | Noticed a caustic shrike
195591 | Zig:21   | Noticed a caustic shrike
195592 | Zig:21   | Killed a caustic shrike
195592 | Zig:21   | Killed a caustic shrike
195592 | Zig:21   | Killed a caustic shrike
195592 | Zig:21   | Killed a caustic shrike
195592 | Zig:21   | Killed a caustic shrike
195592 | Zig:21   | Killed a caustic shrike
195592 | Zig:21   | Killed a caustic shrike
195592 | Zig:21   | Noticed a caustic shrike
195593 | Zig:21   | Killed a caustic shrike
195593 | Zig:21   | Noticed a caustic shrike
195594 | Zig:21   | Killed a caustic shrike
195594 | Zig:21   | Killed a caustic shrike
195596 | Zig:21   | Noticed a caustic shrike
195596 | Zig:21   | Noticed a caustic shrike
195597 | Zig:21   | Noticed a caustic shrike
195598 | Zig:21   | Noticed a caustic shrike
195599 | Zig:21   | Noticed a caustic shrike
195601 | Zig:21   | Noticed a caustic shrike
195601 | Zig:21   | Killed a caustic shrike
195601 | Zig:21   | Killed a caustic shrike
195601 | Zig:21   | Noticed a caustic shrike
195601 | Zig:21   | Noticed a caustic shrike
195601 | Zig:21   | Noticed a caustic shrike
195602 | Zig:21   | Killed a caustic shrike
195602 | Zig:21   | Killed a caustic shrike
195602 | Zig:21   | Killed a caustic shrike
195603 | Zig:21   | Killed a caustic shrike
195603 | Zig:21   | Killed a caustic shrike
195604 | Zig:21   | Killed a caustic shrike
195604 | Zig:21   | Killed a caustic shrike
195604 | Zig:21   | Killed a caustic shrike
195604 | Zig:21   | Killed a caustic shrike
195611 | Zig:21   | Noticed a caustic shrike
195618 | Zig:21   | Killed a caustic shrike
195692 | Zig:21   | Found the +1 Delatra's gloves {ID++}
195705 | Zig:21   | You pick up a book of Frost and begin reading...
195720 | Zig:21   | Identified the ring of Life {Int+4 SInv}
195723 | Zig:21   | You pick up a book of Party Tricks and begin reading...
195727 | Zig:21   | Got the Folio of Vitiation
195734 | Zig:21   | Identified the +8 arbalest of Tortfeasance {speed, rElec}
195741 | Zig:21   | You pick up a book of the Dragon and begin reading...
196005 | Zig:21   | Identified the +7 quarterstaff "Japito" {vorpal, rCorr
                  | Dex+4}
196061 | Zig:22   | Entered Level 22 of a ziggurat
196081 | Zig:22   | Identified a +2 robe of the Archmagi
196096 | Zig:22   | Noticed Daull the pandemonium lord
196099 | Zig:22   | Killed Daull the pandemonium lord
196371 | Zig:22   | Identified the +0 helmet of the Several Spirits {Fly rC+
                  | Dex+2 Slay-3}
196373 | Zig:22   | You pick up a book of Frost and begin reading...
196378 | Zig:22   | You pick up a book of Flames and begin reading...
196380 | Zig:22   | Identified the +12 sling of Tartarus {freeze, +Blink rN+
                  | Int+4 Dex-5}
196382 | Zig:22   | Identified the +9 dagger of Xitsed {vorpal, Drain rCorr
                  | Str+6 Stlth+}
196401 | Zig:22   | Identified the +4 ring mail "Gocsereim" {rElec Str+4 Int+2
                  | Slay-4}
196404 | Zig:22   | Got the Volume of Sinister Attacks
196405 | Zig:22   | Identified the +1 plate armour of the Evening Star {rC+}
196435 | Zig:22   | You pick up a book of the Dragon and begin reading...
196523 | Zig:23   | Entered Level 23 of a ziggurat
196625 | Zig:23   | Identified the ring of Qene {rN+ Will+ SInv}
196633 | Zig:23   | Identified the +1 leather armour "Ruthel" {Regen+}
196635 | Zig:23   | Identified the +3 pearl dragon scales "Xinnoics" {rF+ rN+
                  | Str+4 Int-3}
196643 | Zig:23   | You pick up a book of Misfortune and begin reading...
196644 | Zig:23   | Identified the ring "Rithra Diego" {rElec rPois rC+ rN++
                  | Int-2}
196648 | Zig:23   | You pick up a book of Armaments and begin reading...
196661 | Zig:23   | Got the Atlas of Outbursts
196665 | Zig:23   | Identified the +0 robe "Vugierut" {+Blink rF+ Regen+ Int+4}
196675 | Zig:23   | You pick up a book of the Wilderness and begin reading...
196683 | Zig:23   | Got the Papyrus of the Legion
196684 | Zig:23   | Identified the +7 quarterstaff of the Priest {vorpal, Will+
                  | Int+2}
196693 | Zig:23   | You pick up a book of Scorching and begin reading...
196699 | Zig:23   | Got the Writings on Rocky Poisoning
197008 | Zig:24   | Entered Level 24 of a ziggurat
197024 | Zig:24   | Noticed an ancient lich
197025 | Zig:24   | Noticed an ancient lich
197026 | Zig:24   | Killed an ancient lich
197027 | Zig:24   | Killed an ancient lich
197027 | Zig:24   | Noticed an ancient lich
197029 | Zig:24   | Noticed a dread lich
197029 | Zig:24   | Noticed a dread lich
197030 | Zig:24   | Noticed an ancient lich
197030 | Zig:24   | Noticed a dread lich
197030 | Zig:24   | Noticed an ancient lich
197030 | Zig:24   | Noticed an ancient lich
197031 | Zig:24   | Noticed a dread lich
197031 | Zig:24   | Noticed an ancient lich
197031 | Zig:24   | Noticed an ancient lich
197032 | Zig:24   | Killed an ancient lich
197032 | Zig:24   | Killed an ancient lich
197032 | Zig:24   | Killed an ancient lich
197032 | Zig:24   | Killed an ancient lich
197033 | Zig:24   | Killed a dread lich
197033 | Zig:24   | Killed a dread lich
197033 | Zig:24   | Killed a dread lich
197033 | Zig:24   | Killed an ancient lich
197033 | Zig:24   | Killed a dread lich
197033 | Zig:24   | Noticed a dread lich
197033 | Zig:24   | Noticed a dread lich
197034 | Zig:24   | Noticed a dread lich
197035 | Zig:24   | Killed an ancient lich
197035 | Zig:24   | Killed a dread lich
197035 | Zig:24   | Killed a dread lich
197035 | Zig:24   | Noticed an ancient lich
197036 | Zig:24   | Noticed an ancient lich
197036 | Zig:24   | Noticed an ancient lich
197037 | Zig:24   | Noticed a dread lich
197038 | Zig:24   | Killed a dread lich
197039 | Zig:24   | Killed an ancient lich
197039 | Zig:24   | Killed an ancient lich
197039 | Zig:24   | Killed an ancient lich
197039 | Zig:24   | Killed a dread lich
197039 | Zig:24   | Noticed an ancient lich
197040 | Zig:24   | Noticed an ancient lich
197040 | Zig:24   | Noticed an ancient lich
197040 | Zig:24   | Noticed an ancient lich
197040 | Zig:24   | Noticed an ancient lich
197041 | Zig:24   | Noticed a dread lich
197041 | Zig:24   | Noticed an ancient lich
197042 | Zig:24   | Noticed an ancient lich
197043 | Zig:24   | Noticed a dread lich
197043 | Zig:24   | Killed an ancient lich
197043 | Zig:24   | Killed an ancient lich
197044 | Zig:24   | Killed an ancient lich
197044 | Zig:24   | Killed an ancient lich
197044 | Zig:24   | Killed an ancient lich
197044 | Zig:24   | Killed a dread lich
197044 | Zig:24   | Killed an ancient lich
197044 | Zig:24   | Killed an ancient lich
197044 | Zig:24   | Killed a dread lich
197046 | Zig:24   | Noticed a dread lich
197049 | Zig:24   | Killed a dread lich
197287 | Zig:24   | Identified the +0 scale mail of Resourcefulness {Will+
                  | Regen+ rCorr}
197291 | Zig:24   | Identified the +8 quick blade of Ruwig {pain, Fragile
                  | Dex+3}
197293 | Zig:24   | Identified the +6 morningstar "Cotaz" {antimagic, Str+3
                  | Dex+7}
197315 | Zig:24   | You pick up a book of Dangerous Friends and begin
                  | reading...
197321 | Zig:24   | You pick up a book of Misfortune and begin reading...
197332 | Zig:24   | Identified the +6 war axe "Secret Weapon" {elec, Will+
                  | rCorr Int+4}
197340 | Zig:24   | Identified the ring of Satisfaction {rC+ Will+}
197346 | Zig:24   | Identified the +7 spear "Aguit" {vorpal, Dex+3}
197357 | Zig:24   | Identified the ring "Boung" {+Blink MP+9 Int+4 Dex+4}
197360 | Zig:24   | Identified the +9 lajatang of Jiluidgh {vorpal, Int+5
                  | Dex+3}
197367 | Zig:24   | Identified the +0 robe of Undesirable Species {Rampage
                  | rElec Slay-4}
197368 | Zig:24   | Identified the ring "Jiaptuu" {rF+ rC- Will+ rCorr}
197449 | Zig:25   | Entered Level 25 of a ziggurat
197503 | Zig:25   | Noticed Wivesur the pandemonium lord
197507 | Zig:25   | Killed Wivesur the pandemonium lord
197895 | Zig:25   | Identified the +6 mace of Jyofrump {pain, rF+++ Str-3 Int+4
                  | Dex+4 Stlth+}
197907 | Zig:25   | You pick up a book of Chaos and begin reading...
197911 | Zig:25   | You pick up a book of Armaments and begin reading...
197915 | Zig:25   | Identified the ring of the Princeling {+Blink Fly MP+9
                  | Slay+3}
197923 | Zig:25   | You pick up a book of Sloth and begin reading...
197926 | Zig:25   | Got Acibuer's Parchment of Petrous Sculpting
197932 | Zig:25   | Identified the +7 shortbow of the Forest {venom, rPois
                  | Will++ Str-2 SInv}
197933 | Zig:25   | Identified the +3 battleaxe "Demonbane" {vamp, Will+}
197935 | Zig:25   | Got Cerebov's Reference Book on Conjury
197940 | Zig:25   | Identified the +6 long sword of Diet Blood {vorpal,
                  | *Corrode rElec rPois Int-2}
197945 | Zig:25   | You pick up a book of the Warp and begin reading...
197946 | Zig:25   | Identified the ring "Catreif" {rPois rN+ Stlth+}
197952 | Zig:25   | Identified the +5 ring mail of Sophism {Rampage rF+ rC+
                  | Int+3}
198024 | Zig:25   | Acquired 1241 gold pieces
198026 | Zig:25   | Acquired 325 gold pieces
198028 | Zig:25   | Acquired 457 gold pieces
198032 | Zig:26   | Entered Level 26 of a ziggurat
198074 | Zig:26   | Found the +1 robe of Vines {NoPotionHeal Regen++++}
198405 | Zig:26   | Got Qiekk's Handbook of the Assassin and Shifting
198447 | Zig:26   | Identified the +11 scale mail of the End {rPois rF- Str+4}
198455 | Zig:26   | You pick up a book of Misfortune and begin reading...
198460 | Zig:26   | You pick up a book of Necromancy and begin reading...
198461 | Zig:26   | Identified the +5 flail of the Witching Augurer {vorpal,
                  | rElec rPois rC+ Str+2}
198467 | Zig:26   | Identified the +8 shortbow of Zoery {flame, rPois rN+ Str+6
                  | Int+4}
198477 | Zig:26   | Got the Grimoire of Intoxicating Dislocation
198486 | Zig:26   | You pick up a book of Callings and begin reading...
198489 | Zig:26   | You pick up a book of Necromancy and begin reading...
198492 | Zig:26   | Identified the +8 dagger "Sihaxzui" {freeze, rF++ Dex+3}
198599 | Zig:27   | Entered Level 27 of a ziggurat
198606 | Zig:27   | Noticed a royal mummy
198610 | Zig:27   | Noticed a royal mummy
198611 | Zig:27   | Noticed a royal mummy
198611 | Zig:27   | Noticed a royal mummy
198613 | Zig:27   | Noticed a royal mummy
198613 | Zig:27   | Noticed a royal mummy
198614 | Zig:27   | Killed a royal mummy
198615 | Zig:27   | Killed a royal mummy
198615 | Zig:27   | Noticed a royal mummy
198616 | Zig:27   | Killed a royal mummy
198616 | Zig:27   | Killed a royal mummy
198616 | Zig:27   | Killed a royal mummy
198616 | Zig:27   | Noticed a royal mummy
198616 | Zig:27   | Noticed a royal mummy
198616 | Zig:27   | Noticed a royal mummy
198617 | Zig:27   | Killed a royal mummy
198617 | Zig:27   | Killed a royal mummy
198617 | Zig:27   | Noticed a royal mummy
198617 | Zig:27   | Noticed a royal mummy
198617 | Zig:27   | Noticed a royal mummy
198617 | Zig:27   | Noticed a royal mummy
198618 | Zig:27   | Killed a royal mummy
198618 | Zig:27   | Killed a royal mummy
198618 | Zig:27   | Killed a royal mummy
198619 | Zig:27   | Killed a royal mummy
198619 | Zig:27   | Killed a royal mummy
198619 | Zig:27   | Killed a royal mummy
198620 | Zig:27   | Noticed an ancient lich
198620 | Zig:27   | Noticed a royal mummy
198620 | Zig:27   | Noticed a royal mummy
198621 | Zig:27   | Noticed a royal mummy
198621 | Zig:27   | Noticed a royal mummy
198622 | Zig:27   | Noticed a royal mummy
198622 | Zig:27   | Noticed a dread lich
198622 | Zig:27   | Noticed a royal mummy
198622 | Zig:27   | Noticed a royal mummy
198622 | Zig:27   | Noticed a royal mummy
198623 | Zig:27   | Killed a royal mummy
198623 | Zig:27   | Killed a royal mummy
198623 | Zig:27   | Killed a royal mummy
198623 | Zig:27   | Killed a dread lich
198623 | Zig:27   | Killed a royal mummy
198623 | Zig:27   | Killed a royal mummy
198624 | Zig:27   | Killed a royal mummy
198624 | Zig:27   | Killed a royal mummy
198624 | Zig:27   | Killed a royal mummy
198624 | Zig:27   | Noticed a royal mummy
198624 | Zig:27   | Noticed a royal mummy
198625 | Zig:27   | Killed an ancient lich
198625 | Zig:27   | Killed a royal mummy
198625 | Zig:27   | Noticed a royal mummy
198626 | Zig:27   | Noticed a royal mummy
198627 | Zig:27   | Noticed a royal mummy
198628 | Zig:27   | Noticed a royal mummy
198628 | Zig:27   | Noticed a royal mummy
198629 | Zig:27   | Noticed a royal mummy
198629 | Zig:27   | Noticed a royal mummy
198629 | Zig:27   | Noticed a royal mummy
198630 | Zig:27   | Killed a royal mummy
198630 | Zig:27   | Killed a royal mummy
198630 | Zig:27   | Killed a royal mummy
198630 | Zig:27   | Killed a royal mummy
198630 | Zig:27   | Killed a royal mummy
198630 | Zig:27   | Killed a royal mummy
198631 | Zig:27   | Killed a royal mummy
198631 | Zig:27   | Killed a royal mummy
198632 | Zig:27   | Killed a royal mummy
198632 | Zig:27   | Noticed a royal mummy
198633 | Zig:27   | Killed a royal mummy
198633 | Zig:27   | Noticed a royal mummy
198634 | Zig:27   | Noticed a royal mummy
198634 | Zig:27   | Noticed a royal mummy
198635 | Zig:27   | Noticed a royal mummy
198636 | Zig:27   | Noticed a royal mummy
198637 | Zig:27   | Killed a royal mummy
198637 | Zig:27   | Killed a royal mummy
198638 | Zig:27   | Killed a royal mummy
198638 | Zig:27   | Killed a royal mummy
198638 | Zig:27   | Killed a royal mummy
198638 | Zig:27   | Killed a royal mummy
198638 | Zig:27   | Noticed a royal mummy
198639 | Zig:27   | Noticed a royal mummy
198640 | Zig:27   | Noticed a royal mummy
198641 | Zig:27   | Noticed a royal mummy
198641 | Zig:27   | Noticed a royal mummy
198642 | Zig:27   | Killed a royal mummy
198643 | Zig:27   | Killed a royal mummy
198643 | Zig:27   | Killed a royal mummy
198643 | Zig:27   | Killed a royal mummy
198643 | Zig:27   | Noticed a royal mummy
198645 | Zig:27   | Noticed a royal mummy
198645 | Zig:27   | Noticed a royal mummy
198647 | Zig:27   | Noticed a royal mummy
198648 | Zig:27   | Noticed a royal mummy
198649 | Zig:27   | Killed a royal mummy
198649 | Zig:27   | Killed a royal mummy
198649 | Zig:27   | Killed a royal mummy
198649 | Zig:27   | Killed a royal mummy
198650 | Zig:27   | Killed a royal mummy
198652 | Zig:27   | Killed a royal mummy
198732 | Zig:27   | Identified the +3 ring mail of Action {Str+3}
198736 | Zig:27   | Got the Writings on Jinxing and Geology
198739 | Zig:27   | Identified the amulet of Disaster {Acrobat Will+}
198751 | Zig:27   | Got Sif Muna's Octavo of Shadowy Accomplices
198758 | Zig:27   | Identified the +3 pair of boots "Noti Keagri" {Contam rC+
                  | rCorr Slay+3}
198765 | Zig:27   | Got the Catalogue of the Gathering and Ozone
198776 | Zig:27   | You pick up a book of Weapons and begin reading...
198784 | Zig:27   | Identified the +0 pair of boots "Leavaschau" {Int+4}
199366 | Zig:1    | Entered Level 1 of a ziggurat
199412 | Zig:2    | Entered Level 2 of a ziggurat
199508 | Zig:3    | Entered Level 3 of a ziggurat
199508 | Zig:3    | Identified a +2 robe of the Archmagi
199508 | Zig:3    | Noticed a juggernaut
199508 | Zig:3    | Noticed a juggernaut
199508 | Zig:3    | Noticed a juggernaut
199510 | Zig:3    | Noticed a juggernaut
199511 | Zig:3    | Killed a juggernaut
199511 | Zig:3    | Killed a juggernaut
199511 | Zig:3    | Killed a juggernaut
199511 | Zig:3    | Killed a juggernaut
199629 | Zig:4    | Entered Level 4 of a ziggurat
199630 | Zig:4    | Noticed a caustic shrike
199631 | Zig:4    | Noticed a caustic shrike
199634 | Zig:4    | Killed a caustic shrike
199635 | Zig:4    | Killed a caustic shrike
199747 | Zig:5    | Entered Level 5 of a ziggurat
199749 | Zig:5    | Noticed an ancient lich
199752 | Zig:5    | Killed an ancient lich
199752 | Zig:5    | Noticed an ancient lich
199754 | Zig:5    | Killed an ancient lich
199832 | Zig:5    | Identified +0 gold dragon scales
199871 | Zig:6    | Entered Level 6 of a ziggurat
199873 | Zig:6    | Noticed a caustic shrike
199874 | Zig:6    | Noticed a caustic shrike
199875 | Zig:6    | Noticed a caustic shrike
199875 | Zig:6    | Noticed a caustic shrike
199876 | Zig:6    | Noticed a dread lich
199877 | Zig:6    | Noticed a caustic shrike
199878 | Zig:6    | Killed a caustic shrike
199878 | Zig:6    | Killed a caustic shrike
199878 | Zig:6    | Killed a caustic shrike
199878 | Zig:6    | Killed a caustic shrike
199878 | Zig:6    | Killed a dread lich
199880 | Zig:6    | Killed a caustic shrike
199882 | Zig:6    | Found the +8 Wrath of Trog {antimagic, *Rage Rampage}
199971 | Zig:6    | You pick up a book of Armaments and begin reading...
200001 | Zig:6    | You pick up a book of the Warp and begin reading...
200029 | Zig:7    | Entered Level 7 of a ziggurat
200029 | Zig:7    | Noticed a royal mummy
200029 | Zig:7    | Noticed a royal mummy
200029 | Zig:7    | Noticed a royal mummy
200030 | Zig:7    | Killed a royal mummy
200031 | Zig:7    | Killed a royal mummy
200031 | Zig:7    | Killed a royal mummy
200032 | Zig:7    | Noticed a royal mummy
200032 | Zig:7    | Noticed a royal mummy
200033 | Zig:7    | Noticed a royal mummy
200035 | Zig:7    | Killed a royal mummy
200035 | Zig:7    | Killed a royal mummy
200038 | Zig:7    | Killed a royal mummy
200039 | Zig:7    | Noticed a royal mummy
200039 | Zig:7    | Noticed a royal mummy
200040 | Zig:7    | Noticed a royal mummy
200041 | Zig:7    | Noticed a royal mummy
200041 | Zig:7    | Noticed a royal mummy
200044 | Zig:7    | Killed a royal mummy
200044 | Zig:7    | Killed a royal mummy
200044 | Zig:7    | Killed a royal mummy
200046 | Zig:7    | Killed a royal mummy
200046 | Zig:7    | Killed a royal mummy
200221 | Zig:7    | Identified the ring "Kejeac" {Wiz rF+ Int+3}
200223 | Zig:7    | Identified the ring "Moajalug" {Fire Str+2}
200229 | Zig:7    | You pick up a book of Burglary and begin reading...
200235 | Zig:8    | Entered Level 8 of a ziggurat
200235 | Zig:8    | Noticed a curse skull
200235 | Zig:8    | Noticed a curse skull
200236 | Zig:8    | Noticed an ancient lich
200236 | Zig:8    | Noticed a dread lich
200239 | Zig:8    | Noticed a dread lich
200239 | Zig:8    | Killed an ancient lich
200240 | Zig:8    | Killed a curse skull
200240 | Zig:8    | Killed a curse skull
200240 | Zig:8    | Killed a dread lich
200240 | Zig:8    | Noticed a curse skull
200240 | Zig:8    | Noticed a curse skull
200241 | Zig:8    | Noticed an ancient lich
200242 | Zig:8    | Noticed a dread lich
200243 | Zig:8    | Noticed an ancient lich
200244 | Zig:8    | Noticed a dread lich
200244 | Zig:8    | Killed an ancient lich
200244 | Zig:8    | Killed a dread lich
200245 | Zig:8    | Killed a curse skull
200245 | Zig:8    | Killed a dread lich
200245 | Zig:8    | Killed a curse skull
200245 | Zig:8    | Killed a dread lich
200245 | Zig:8    | Killed an ancient lich
200353 | Zig:8    | You pick up a book of Lightning and begin reading...
200365 | Zig:8    | Got the Codex of Hypothermia
200389 | Zig:9    | Entered Level 9 of a ziggurat
200396 | Zig:9    | Noticed a curse skull
200396 | Zig:9    | Noticed an ancient lich
200396 | Zig:9    | Noticed a curse skull
200396 | Zig:9    | Noticed a dread lich
200396 | Zig:9    | Noticed a curse skull
200397 | Zig:9    | Noticed a curse skull
200397 | Zig:9    | Noticed a curse skull
200397 | Zig:9    | Noticed a curse skull
200397 | Zig:9    | Noticed a curse skull
200398 | Zig:9    | Noticed a dread lich
200398 | Zig:9    | Noticed a dread lich
200398 | Zig:9    | Noticed a curse skull
200401 | Zig:9    | Killed a dread lich
200401 | Zig:9    | Killed an ancient lich
200401 | Zig:9    | Killed a curse skull
200401 | Zig:9    | Killed a curse skull
200401 | Zig:9    | Noticed a curse skull
200401 | Zig:9    | Noticed a curse skull
200402 | Zig:9    | Killed a curse skull
200402 | Zig:9    | Killed a curse skull
200402 | Zig:9    | Killed a curse skull
200402 | Zig:9    | Killed a curse skull
200402 | Zig:9    | Killed a curse skull
200402 | Zig:9    | Killed a curse skull
200402 | Zig:9    | Killed a dread lich
200402 | Zig:9    | Killed a curse skull
200402 | Zig:9    | Killed a dread lich
200402 | Zig:9    | Killed a curse skull
200402 | Zig:9    | Noticed a dread lich
200404 | Zig:9    | Noticed a curse skull
200405 | Zig:9    | Noticed a curse skull
200405 | Zig:9    | Noticed an ancient lich
200406 | Zig:9    | Killed a dread lich
200407 | Zig:9    | Killed a curse skull
200407 | Zig:9    | Killed a curse skull
200407 | Zig:9    | Killed an ancient lich
200482 | Zig:9    | Identified the +9 flail of Balance {vorpal, rN+}
200486 | Zig:9    | Identified the +3 leather armour "Quumy" {Will+}
200488 | Zig:9    | Got the Grimoire of the Legion
200581 | Zig:10   | Entered Level 10 of a ziggurat
200744 | Zig:10   | Got the Cyclopedia of the Hurtful Iceberg
200747 | Zig:10   | You pick up a book of the Sky and begin reading...
200748 | Zig:10   | Identified the +1 troll leather armour "Earthly Heaven"
                  | {rElec rN+ Regen+ Int-4 SInv}
200752 | Zig:10   | You pick up a book of Alchemy and begin reading...
200808 | Zig:10   | Identified the ring "Gaufe" {rElec Will+ SInv}
200811 | Zig:10   | Got the Tome of the Snowflakes and the Lungs
200814 | Zig:10   | Got the Teachings on the Captivating Assassin
200843 | Zig:11   | Entered Level 11 of a ziggurat
200844 | Zig:11   | Noticed a pearl dragon
200844 | Zig:11   | Noticed a pearl dragon
200846 | Zig:11   | Noticed a pearl dragon
200846 | Zig:11   | Noticed a pearl dragon
200846 | Zig:11   | Noticed a pearl dragon
200847 | Zig:11   | Noticed a pearl dragon
200848 | Zig:11   | Noticed a pearl dragon
200848 | Zig:11   | Noticed a pearl dragon
200848 | Zig:11   | Noticed a pearl dragon
200848 | Zig:11   | Noticed a pearl dragon
200849 | Zig:11   | Noticed a pearl dragon
200849 | Zig:11   | Noticed a pearl dragon
200849 | Zig:11   | Noticed a pearl dragon
200849 | Zig:11   | Noticed a pearl dragon
200850 | Zig:11   | Killed a pearl dragon
200850 | Zig:11   | Killed a pearl dragon
200850 | Zig:11   | Killed a pearl dragon
200850 | Zig:11   | Killed a pearl dragon
200850 | Zig:11   | Killed a pearl dragon
200850 | Zig:11   | Killed a pearl dragon
200850 | Zig:11   | Killed a pearl dragon
200850 | Zig:11   | Killed a pearl dragon
200850 | Zig:11   | Killed a pearl dragon
200850 | Zig:11   | Killed a pearl dragon
200850 | Zig:11   | Killed a pearl dragon
200850 | Zig:11   | Noticed a pearl dragon
200851 | Zig:11   | Noticed a pearl dragon
200851 | Zig:11   | Noticed a pearl dragon
200852 | Zig:11   | Killed a pearl dragon
200853 | Zig:11   | Noticed a pearl dragon
200854 | Zig:11   | Killed a pearl dragon
200854 | Zig:11   | Noticed a pearl dragon
200855 | Zig:11   | Killed a pearl dragon
200855 | Zig:11   | Killed a pearl dragon
200855 | Zig:11   | Killed a pearl dragon
200855 | Zig:11   | Killed a pearl dragon
200855 | Zig:11   | Noticed a pearl dragon
200856 | Zig:11   | Noticed a pearl dragon
200856 | Zig:11   | Noticed a pearl dragon
200857 | Zig:11   | Noticed a pearl dragon
200857 | Zig:11   | Noticed a pearl dragon
200869 | Zig:11   | Killed a pearl dragon
200871 | Zig:11   | Killed a pearl dragon
200874 | Zig:11   | Noticed a pearl dragon
200875 | Zig:11   | Killed a pearl dragon
200875 | Zig:11   | Killed a pearl dragon
200879 | Zig:11   | Noticed a pearl dragon
200880 | Zig:11   | Killed a pearl dragon
200880 | Zig:11   | Killed a pearl dragon
200880 | Zig:11   | Killed a pearl dragon
200880 | Zig:11   | Killed a pearl dragon
200883 | Zig:11   | Killed a pearl dragon
200937 | Zig:11   | Found the ring of the Octopus King
200950 | Zig:11   | Got Neurr's Disquisition on Evolution and Minerals
200957 | Zig:11   | Identified a ring of the Octopus King {rCorr HP+2 AC+2 EV+2
                  | SH+2}
200964 | Zig:11   | Identified the +4 eveningstar "Gebidaf" {pain, +Blink Int+2
                  | Dex+2 Stlth+}
200965 | Zig:11   | S - the +4 eveningstar "Gebidaf" {pain, +Blink Int+2 Dex+2
                  | Stlth+, rare}
201083 | Zig:12   | Entered Level 12 of a ziggurat
201088 | Zig:12   | Noticed an ancient lich
201089 | Zig:12   | Noticed a dread lich
201091 | Zig:12   | Killed an ancient lich
201091 | Zig:12   | Killed a dread lich
201259 | Zig:12   | Identified the +0 ring mail "Ponery" {Slay+2}
201263 | Zig:12   | Identified the amulet "Loroodurgh" {Reflect Fly rElec rC+
                  | Regen+ SH+5}
201274 | Zig:12   | Got the Spellbook of Grisly Putrescence
201300 | Zig:12   | Got the Papyrus of Kinetic Evil
201305 | Zig:12   | Got the Volume of the Energetic Voyage
201307 | Zig:12   | You pick up a book of Winter and begin reading...
201308 | Zig:12   | Identified the +3 dagger of Lixekh {drain, SInv}
201352 | Zig:13   | Entered Level 13 of a ziggurat
201354 | Zig:13   | Noticed Rirumasy's ghost (legendary OpWn)
201354 | Zig:13   | Noticed a curse skull
201354 | Zig:13   | Noticed Zeph's ghost (adept NaFi)
201355 | Zig:13   | Noticed SevenDeadlySins's ghost (legendary DrCj)
201355 | Zig:13   | Noticed Oreexun's ghost (legendary DECj)
201355 | Zig:13   | Noticed stevelinton's ghost (legendary KoBe)
201355 | Zig:13   | Noticed a curse skull
201356 | Zig:13   | Noticed Uhosoup's ghost (veteran GrFi)
201356 | Zig:13   | Noticed Giojuova's ghost (legendary GnBe)
201356 | Zig:13   | Noticed Ebassic's ghost (veteran GrFi)
201356 | Zig:13   | Noticed Xuqyot's ghost (legendary DsFi)
201356 | Zig:13   | Noticed Talannal's ghost (legendary GnHW)
201357 | Zig:13   | Noticed Veodywke's ghost (legendary MiBe)
201357 | Zig:13   | Noticed a curse skull
201357 | Zig:13   | Noticed a curse skull
201357 | Zig:13   | Noticed BerryKnight's ghost (legendary DgFi)
201357 | Zig:13   | Noticed a curse skull
201357 | Zig:13   | Noticed Xutext's ghost (adept DsAK)
201357 | Zig:13   | Noticed a curse skull
201357 | Zig:13   | Noticed Alysiarr's ghost (legendary KoHu)
201357 | Zig:13   | Noticed Zoplarin's ghost (legendary BaSk)
201358 | Zig:13   | Noticed Fouwomub's ghost (legendary FoEE)
201358 | Zig:13   | Noticed thechecker02's ghost (legendary DDFi)
201358 | Zig:13   | Noticed Dittersdorf's ghost (legendary MiBe)
201358 | Zig:13   | Noticed andrewp's ghost (veteran MiBe)
201358 | Zig:13   | Noticed a curse skull
201358 | Zig:13   | Noticed tigertrap's ghost (legendary DgHW)
201358 | Zig:13   | Killed a curse skull
201359 | Zig:13   | Killed a curse skull
201359 | Zig:13   | Killed a curse skull
201359 | Zig:13   | Killed a curse skull
201359 | Zig:13   | Killed a curse skull
201359 | Zig:13   | Killed a curse skull
201359 | Zig:13   | Killed a curse skull
201359 | Zig:13   | Noticed a curse skull
201360 | Zig:13   | Killed a curse skull
201360 | Zig:13   | Noticed grandjackal's ghost (legendary DsGl)
201360 | Zig:13   | Noticed Xutext's ghost (adept DsAK)
201361 | Zig:13   | Killed stevelinton's ghost
201361 | Zig:13   | Killed Zeph's ghost
201361 | Zig:13   | Killed Oreexun's ghost
201361 | Zig:13   | Noticed Pikuto's ghost (adept MiBe)
201361 | Zig:13   | Noticed thechecker02's ghost (legendary DDFi)
201362 | Zig:13   | Noticed a curse toe
201362 | Zig:13   | Killed Rirumasy's ghost
201362 | Zig:13   | Killed Uhosoup's ghost
201362 | Zig:13   | Killed Xutext's ghost
201363 | Zig:13   | Killed Giojuova's ghost
201363 | Zig:13   | Killed SevenDeadlySins's ghost
201363 | Zig:13   | Killed Fouwomub's ghost
201363 | Zig:13   | Killed Dittersdorf's ghost
201363 | Zig:13   | Killed thechecker02's ghost
201363 | Zig:13   | Killed Ebassic's ghost
201363 | Zig:13   | Killed Alysiarr's ghost
201363 | Zig:13   | Killed Xutext's ghost
201363 | Zig:13   | Killed Talannal's ghost
201363 | Zig:13   | Noticed Rocah's ghost (veteran GrFi)
201363 | Zig:13   | Noticed Zeph's ghost (adept NaFi)
201363 | Zig:13   | Noticed Dittersdorf's ghost (legendary MiBe)
201363 | Zig:13   | Noticed Xatwola's ghost (legendary DDFi)
201364 | Zig:13   | Killed thechecker02's ghost
201364 | Zig:13   | Killed a curse toe
201364 | Zig:13   | Killed Pikuto's ghost
201365 | Zig:13   | Killed Zoplarin's ghost
201365 | Zig:13   | Killed grandjackal's ghost
201365 | Zig:13   | Killed tigertrap's ghost
201365 | Zig:13   | Noticed a curse skull
201366 | Zig:13   | Killed BerryKnight's ghost
201367 | Zig:13   | Killed Xuqyot's ghost
201367 | Zig:13   | Killed Veodywke's ghost
201368 | Zig:13   | Killed andrewp's ghost
201368 | Zig:13   | Killed a curse skull
201369 | Zig:13   | Killed Rocah's ghost
201369 | Zig:13   | Killed Dittersdorf's ghost
201369 | Zig:13   | Noticed Godueg's ghost (veteran HOFi)
201370 | Zig:13   | Killed Xatwola's ghost
201370 | Zig:13   | Killed Zeph's ghost
201370 | Zig:13   | Noticed Hacvoq's ghost (legendary HOFi)
201376 | Zig:13   | Found the +11 plutonium sword {Contam Stlth-}
201379 | Zig:13   | Killed Godueg's ghost
201385 | Zig:13   | Killed Hacvoq's ghost
201444 | Zig:13   | Identified the +1 leather armour "Acaep" {Rampage rC+++
                  | Stlth+}
201447 | Zig:13   | Identified the +0 plate armour "Dante" {rPois Will- SInv}
201461 | Zig:13   | Identified the +9 trident of Jiffyxel {venom, *Rage rCorr
                  | Dex+7 SInv}
201467 | Zig:13   | Identified the +1 morningstar "Duxzuilo" {holy, Will-
                  | Int+4}
201594 | Zig:13   | Identified the +0 plate armour of Qinuvuad {rN+}
201599 | Zig:14   | Entered Level 14 of a ziggurat
201599 | Zig:14   | Noticed a royal mummy
201599 | Zig:14   | Noticed a royal mummy
201599 | Zig:14   | Noticed a royal mummy
201599 | Zig:14   | Noticed a royal mummy
201599 | Zig:14   | Noticed a royal mummy
201599 | Zig:14   | Noticed a royal mummy
201600 | Zig:14   | Noticed a royal mummy
201601 | Zig:14   | Killed a royal mummy
201601 | Zig:14   | Killed a royal mummy
201601 | Zig:14   | Killed a royal mummy
201601 | Zig:14   | Killed a royal mummy
201601 | Zig:14   | Killed a royal mummy
201601 | Zig:14   | Killed a royal mummy
201602 | Zig:14   | Killed a royal mummy
201605 | Zig:14   | Noticed an ancient lich
201606 | Zig:14   | Noticed a royal mummy
201606 | Zig:14   | Noticed a royal mummy
201607 | Zig:14   | Noticed a royal mummy
201607 | Zig:14   | Noticed a royal mummy
201608 | Zig:14   | Noticed a royal mummy
201608 | Zig:14   | Noticed a royal mummy
201610 | Zig:14   | Killed a royal mummy
201610 | Zig:14   | Killed a royal mummy
201610 | Zig:14   | Killed a royal mummy
201610 | Zig:14   | Killed a royal mummy
201610 | Zig:14   | Killed a royal mummy
201610 | Zig:14   | Killed an ancient lich
201612 | Zig:14   | Noticed a royal mummy
201613 | Zig:14   | Noticed a royal mummy
201613 | Zig:14   | Noticed a royal mummy
201613 | Zig:14   | Noticed a royal mummy
201614 | Zig:14   | Noticed a royal mummy
201615 | Zig:14   | Noticed a royal mummy
201616 | Zig:14   | Killed a royal mummy
201616 | Zig:14   | Killed a royal mummy
201616 | Zig:14   | Killed a royal mummy
201616 | Zig:14   | Killed a royal mummy
201616 | Zig:14   | Killed a royal mummy
201616 | Zig:14   | Noticed a royal mummy
201617 | Zig:14   | Killed a royal mummy
201618 | Zig:14   | Found the +3 pair of seven-league boots {Rampage+∞}
201619 | Zig:14   | Killed a royal mummy
201620 | Zig:14   | Killed a royal mummy
201909 | Zig:14   | Identified the amulet "Iroot" {Acrobat rCorr Int+4}
201926 | Zig:14   | Identified the +6 spear "Faol Ery" {freeze, rC+ Int+2
                  | Stlth+}
201939 | Zig:14   | Identified the ring "Xuopotihutz" {Fire +Blink rPois rN+}
201941 | Zig:14   | You pick up a book of Blasting and begin reading...
201943 | Zig:14   | Got the Lessons on Charms
201945 | Zig:14   | You pick up a book of the Wilderness and begin reading...
201947 | Zig:14   | Got Veidien's Secrets of Voltaic Stones
201949 | Zig:14   | You pick up a book of Maledictions and begin reading...
202018 | Zig:15   | Entered Level 15 of a ziggurat
202018 | Zig:15   | Noticed a caustic shrike
202018 | Zig:15   | Noticed a caustic shrike
202018 | Zig:15   | Noticed a caustic shrike
202018 | Zig:15   | Noticed a caustic shrike
202022 | Zig:15   | Noticed a caustic shrike
202024 | Zig:15   | Noticed a caustic shrike
202024 | Zig:15   | Noticed a caustic shrike
202024 | Zig:15   | Noticed a caustic shrike
202024 | Zig:15   | Noticed a caustic shrike
202025 | Zig:15   | Noticed a caustic shrike
202025 | Zig:15   | Noticed a caustic shrike
202025 | Zig:15   | Killed a caustic shrike
202025 | Zig:15   | Killed a caustic shrike
202025 | Zig:15   | Killed a caustic shrike
202025 | Zig:15   | Killed a caustic shrike
202025 | Zig:15   | Killed a caustic shrike
202025 | Zig:15   | Killed a caustic shrike
202025 | Zig:15   | Noticed a caustic shrike
202027 | Zig:15   | Noticed a caustic shrike
202027 | Zig:15   | Noticed a caustic shrike
202027 | Zig:15   | Killed a caustic shrike
202028 | Zig:15   | Noticed a caustic shrike
202028 | Zig:15   | Killed a caustic shrike
202028 | Zig:15   | Killed a caustic shrike
202029 | Zig:15   | Killed a caustic shrike
202029 | Zig:15   | Killed a caustic shrike
202029 | Zig:15   | Killed a caustic shrike
202030 | Zig:15   | Killed a caustic shrike
202030 | Zig:15   | Killed a caustic shrike
202032 | Zig:15   | Killed a caustic shrike
202033 | Zig:15   | Noticed a caustic shrike
202034 | Zig:15   | Found the +2 cloak of the Thief {*Fog Slay-2 SInv Stlth+}
202041 | Zig:15   | Killed a caustic shrike
202053 | Zig:15   | You pick up a book of Ice and begin reading...
202058 | Zig:15   | Identified the +8 scimitar of Armageddon {antimagic, rElec}
202063 | Zig:15   | You pick up a book of Chaos and begin reading...
202067 | Zig:15   | Acquired 904 gold pieces
202072 | Zig:15   | You pick up a book of the Dragon and begin reading...
202082 | Zig:15   | Identified the ring of Vabliext {rElec rC+ MP+9 Str+4}
202084 | Zig:15   | Identified the ring "Huariu" {rF+ rN+ Str+6}
202091 | Zig:15   | Got the Compilation of the Vexing Summer
202315 | Zig:16   | Entered Level 16 of a ziggurat
202432 | Zig:16   | You pick up a book of Lightning and begin reading...
202433 | Zig:16   | Identified the +10 falchion "Sacuz" {vamp, Dex+3}
202436 | Zig:16   | Got the Cyclopedia of the Jaunt and the Rocks
202446 | Zig:16   | Identified the +6 scale mail of Jeedgh {Will+ SInv}
202448 | Zig:16   | You pick up a book of Burglary and begin reading...
202458 | Zig:16   | Identified the ring "Vaghy" {Fire *Slow rElec Str+4 Dex+8}
202520 | Zig:17   | Entered Level 17 of a ziggurat
202539 | Zig:17   | Paralysed by a wendigo for 1 turns
202635 | Zig:17   | Identified the +7 arbalest "Vekytep" {venom, rF+}
202660 | Zig:17   | Got Vodubihi's Encyclopedia of the Transformed Compass
202661 | Zig:17   | Identified the +8 mace of Dishonesty {vorpal, *Corrode Fly
                  | rElec Stlth+}
202664 | Zig:17   | Identified the +2 chain mail of Grace {rN+}
202695 | Zig:17   | You pick up a book of Lightning and begin reading...
202697 | Zig:17   | You pick up a book of Party Tricks and begin reading...
202702 | Zig:17   | Acquired 849 gold pieces
202850 | Zig:18   | Entered Level 18 of a ziggurat
202850 | Zig:18   | Noticed a royal mummy
202850 | Zig:18   | Noticed a royal mummy
202850 | Zig:18   | Noticed a royal mummy
202850 | Zig:18   | Noticed a royal mummy
202850 | Zig:18   | Noticed a royal mummy
202850 | Zig:18   | Noticed a royal mummy
202850 | Zig:18   | Noticed a royal mummy
202850 | Zig:18   | Noticed a royal mummy
202850 | Zig:18   | Noticed a royal mummy
202850 | Zig:18   | Noticed a royal mummy
202850 | Zig:18   | Noticed a royal mummy
202850 | Zig:18   | Noticed a royal mummy
202852 | Zig:18   | Killed a royal mummy
202852 | Zig:18   | Killed a royal mummy
202852 | Zig:18   | Killed a royal mummy
202852 | Zig:18   | Killed a royal mummy
202852 | Zig:18   | Killed a royal mummy
202852 | Zig:18   | Killed a royal mummy
202852 | Zig:18   | Killed a royal mummy
202852 | Zig:18   | Killed a royal mummy
202852 | Zig:18   | Killed a royal mummy
202852 | Zig:18   | Killed a royal mummy
202852 | Zig:18   | Killed a royal mummy
202853 | Zig:18   | Killed a royal mummy
202856 | Zig:18   | Noticed a royal mummy
202856 | Zig:18   | Noticed a royal mummy
202856 | Zig:18   | Noticed a royal mummy
202856 | Zig:18   | Noticed a royal mummy
202857 | Zig:18   | Noticed a royal mummy
202857 | Zig:18   | Noticed a royal mummy
202858 | Zig:18   | Noticed a royal mummy
202858 | Zig:18   | Noticed a royal mummy
202859 | Zig:18   | Killed a royal mummy
202859 | Zig:18   | Killed a royal mummy
202859 | Zig:18   | Killed a royal mummy
202859 | Zig:18   | Killed a royal mummy
202859 | Zig:18   | Noticed a royal mummy
202860 | Zig:18   | Noticed a royal mummy
202860 | Zig:18   | Noticed a royal mummy
202861 | Zig:18   | Killed a royal mummy
202861 | Zig:18   | Killed a royal mummy
202861 | Zig:18   | Noticed a royal mummy
202862 | Zig:18   | Noticed a royal mummy
202862 | Zig:18   | Noticed a royal mummy
202862 | Zig:18   | Noticed a royal mummy
202862 | Zig:18   | Noticed a royal mummy
202862 | Zig:18   | Noticed a royal mummy
202863 | Zig:18   | Killed a royal mummy
202864 | Zig:18   | Killed a royal mummy
202864 | Zig:18   | Killed a royal mummy
202864 | Zig:18   | Killed a royal mummy
202864 | Zig:18   | Killed a royal mummy
202864 | Zig:18   | Killed a royal mummy
202864 | Zig:18   | Killed a royal mummy
202864 | Zig:18   | Killed a royal mummy
202864 | Zig:18   | Noticed a royal mummy
202864 | Zig:18   | Noticed a royal mummy
202865 | Zig:18   | Killed a royal mummy
202866 | Zig:18   | Killed a royal mummy
202866 | Zig:18   | Noticed a royal mummy
202867 | Zig:18   | Killed a royal mummy
202870 | Zig:18   | Killed a royal mummy
202871 | Zig:18   | Killed a royal mummy
202871 | Zig:18   | Killed a royal mummy
202872 | Zig:18   | Noticed a royal mummy
202873 | Zig:18   | Noticed a royal mummy
202874 | Zig:18   | Noticed a royal mummy
202876 | Zig:18   | Killed a royal mummy
202877 | Zig:18   | Killed a royal mummy
202877 | Zig:18   | Killed a royal mummy
203199 | Zig:18   | Identified the +10 triple sword "Liggeag" {venom, rF- Int+5
                  | Dex+4}
203200 | Zig:18   | Identified the +3 long sword "Fidel" {vamp, Fly rC+}
203207 | Zig:18   | Identified the ring of the Oligarchy {Fire Str+4 SInv}
203211 | Zig:18   | You pick up a book of Winter and begin reading...
203238 | Zig:18   | Identified the +4 halberd of Big Damage {venom, rPois MP+9
                  | Str+6}
203275 | Zig:19   | Entered Level 19 of a ziggurat
203578 | Zig:20   | Entered Level 20 of a ziggurat
203578 | Zig:20   | Noticed a juggernaut
203578 | Zig:20   | Noticed a juggernaut
203579 | Zig:20   | Noticed a juggernaut
203579 | Zig:20   | Noticed a juggernaut
203581 | Zig:20   | Killed a juggernaut
203581 | Zig:20   | Killed a juggernaut
203581 | Zig:20   | Killed a juggernaut
203582 | Zig:20   | Killed a juggernaut
203582 | Zig:20   | Noticed a juggernaut
203582 | Zig:20   | Noticed a juggernaut
203583 | Zig:20   | Noticed a juggernaut
203584 | Zig:20   | Noticed a juggernaut
203584 | Zig:20   | Noticed a juggernaut
203586 | Zig:20   | Killed a juggernaut
203586 | Zig:20   | Noticed a juggernaut
203588 | Zig:20   | Killed a juggernaut
203588 | Zig:20   | Killed a juggernaut
203588 | Zig:20   | Killed a juggernaut
203588 | Zig:20   | Killed a juggernaut
203589 | Zig:20   | Noticed a juggernaut
203589 | Zig:20   | Noticed a juggernaut
203591 | Zig:20   | Noticed a juggernaut
203593 | Zig:20   | Killed a juggernaut
203593 | Zig:20   | Noticed a juggernaut
203594 | Zig:20   | Killed a juggernaut
203594 | Zig:20   | Killed a juggernaut
203595 | Zig:20   | Noticed a juggernaut
203596 | Zig:20   | Found the +1 cloak of Starlight {*Dazzle EV+4 Stlth--}
203600 | Zig:20   | Killed a juggernaut
203600 | Zig:20   | Killed a juggernaut
203601 | Zig:20   | Killed a juggernaut
203974 | Zig:20   | Identified the +2 flail of Jeryqaz {vorpal, rPois rC++
                  | Int-3}
204046 | Zig:20   | Got the Book of the Frigid Tempest
204052 | Zig:20   | Got Tauf's Compendium of Deathly Changing
204062 | Zig:20   | Identified the +3 shortbow "Keshede" {vorpal, +Blink rF+
                  | rC+ Int-5}
204068 | Zig:20   | Identified the +2 leather armour of Circular Logic {rF+++
                  | MP+9 Dex-2 Stlth+}
204075 | Zig:20   | Identified the +6 spear "Unwib" {chaos, Drain rC+ rCorr
                  | Str+4}
204088 | Zig:20   | Got the Spellbook of Battling
204104 | Zig:21   | Entered Level 21 of a ziggurat
204108 | Zig:21   | Noticed an ancient lich
204109 | Zig:21   | Noticed an ancient lich
204110 | Zig:21   | Noticed an ancient lich
204111 | Zig:21   | Noticed an ancient lich
204111 | Zig:21   | Noticed an ancient lich
204112 | Zig:21   | Killed an ancient lich
204113 | Zig:21   | Killed an ancient lich
204113 | Zig:21   | Killed an ancient lich
204113 | Zig:21   | Killed an ancient lich
204113 | Zig:21   | Killed an ancient lich
204115 | Zig:21   | Noticed an ancient lich
204116 | Zig:21   | Noticed an ancient lich
204118 | Zig:21   | Noticed an ancient lich
204118 | Zig:21   | Noticed an ancient lich
204119 | Zig:21   | Killed an ancient lich
204119 | Zig:21   | Killed an ancient lich
204119 | Zig:21   | Killed an ancient lich
204119 | Zig:21   | Killed an ancient lich
204119 | Zig:21   | Noticed an ancient lich
204121 | Zig:21   | Noticed an ancient lich
204122 | Zig:21   | Noticed an ancient lich
204122 | Zig:21   | Killed an ancient lich
204122 | Zig:21   | Killed an ancient lich
204122 | Zig:21   | Noticed an ancient lich
204124 | Zig:21   | Killed an ancient lich
204124 | Zig:21   | Killed an ancient lich
204128 | Zig:21   | Noticed an ancient lich
204130 | Zig:21   | Killed an ancient lich
204277 | Zig:21   | Got the Volume of Formation
204284 | Zig:21   | Identified the +9 halberd of Ascent {holy, *Rage +Blink rC+
                  | rN+}
204294 | Zig:21   | Got the Guide on Damaging Gusts
204296 | Zig:21   | Got Raoco's Early Guide to Hermeneutics
204301 | Zig:21   | Identified the +7 demon blade of the Unseen Realm {venom,
                  | +Blink rF- Will+++ MP-9}
204310 | Zig:21   | Identified the +1 chain mail of Pipne {Str+4}
204341 | Zig:21   | You pick up a book of Dreams and begin reading...
204496 | Zig:21   | You pick up a book of Decay and begin reading...
204503 | Zig:22   | Entered Level 22 of a ziggurat
204787 | Zig:22   | Identified the +9 scimitar of Cocytus {venom, rC+ Dex+2}
204854 | Zig:22   | Identified the ring "Azoroili" {*Slow rElec rPois Str+3
                  | SInv}
204864 | Zig:22   | Identified the +5 flail of Pilyliy {freeze, rF+}
204867 | Zig:22   | Got the Papyrus of Vexing Shapes
204869 | Zig:22   | Got the Reference Book on the Throng and the Iceberg
204879 | Zig:22   | Got the Discourse on Boreal Blows and Bruises
204899 | Zig:22   | Identified the ring "Amif" {rF+ Str+5}
204904 | Zig:22   | Identified the +2 scimitar of Lojes {flame, rC- rN+ MP+9
                  | SInv}
204905 | Zig:22   | Identified the amulet "Oraum" {Acrobat rCorr}
204920 | Zig:22   | Identified the +9 falchion of Distant Shores {flame, *Slow
                  | rC+++ Dex+4}
204977 | Zig:23   | Entered Level 23 of a ziggurat
204983 | Zig:23   | Noticed a dread lich
204983 | Zig:23   | Noticed an ancient lich
204984 | Zig:23   | Noticed an ancient lich
204985 | Zig:23   | Noticed an ancient lich
204986 | Zig:23   | Noticed an ancient lich
204987 | Zig:23   | Noticed an ancient lich
204987 | Zig:23   | Noticed a dread lich
204987 | Zig:23   | Noticed a dread lich
204988 | Zig:23   | Killed an ancient lich
204989 | Zig:23   | Killed an ancient lich
204989 | Zig:23   | Killed an ancient lich
204989 | Zig:23   | Killed an ancient lich
204989 | Zig:23   | Killed a dread lich
204989 | Zig:23   | Killed an ancient lich
204989 | Zig:23   | Killed a dread lich
204989 | Zig:23   | Noticed an ancient lich
204990 | Zig:23   | Killed a dread lich
204990 | Zig:23   | Noticed an ancient lich
204990 | Zig:23   | Noticed an ancient lich
204990 | Zig:23   | Noticed an ancient lich
204991 | Zig:23   | Noticed an ancient lich
204991 | Zig:23   | Noticed a dread lich
204991 | Zig:23   | Killed an ancient lich
204993 | Zig:23   | Killed an ancient lich
204993 | Zig:23   | Killed an ancient lich
204993 | Zig:23   | Killed an ancient lich
204993 | Zig:23   | Noticed an ancient lich
204994 | Zig:23   | Noticed an ancient lich
204994 | Zig:23   | Killed a dread lich
204994 | Zig:23   | Killed an ancient lich
204998 | Zig:23   | Noticed an ancient lich
204999 | Zig:23   | Noticed an ancient lich
205000 | Zig:23   | Killed an ancient lich
205001 | Zig:23   | Killed an ancient lich
205001 | Zig:23   | Killed an ancient lich
205002 | Zig:23   | Noticed a dread lich
205003 | Zig:23   | Noticed a dread lich
205003 | Zig:23   | Killed a dread lich
205004 | Zig:23   | Killed a dread lich
205005 | Zig:23   | Noticed a dread lich
205008 | Zig:23   | Noticed an ancient lich
205008 | Zig:23   | Noticed a dread lich
205008 | Zig:23   | Noticed an ancient lich
205009 | Zig:23   | Noticed a dread lich
205009 | Zig:23   | Noticed an ancient lich
205010 | Zig:23   | Noticed an ancient lich
205010 | Zig:23   | Noticed an ancient lich
205011 | Zig:23   | Killed an ancient lich
205011 | Zig:23   | Killed a dread lich
205011 | Zig:23   | Killed a dread lich
205011 | Zig:23   | Killed an ancient lich
205011 | Zig:23   | Noticed an ancient lich
205011 | Zig:23   | Noticed a dread lich
205012 | Zig:23   | Noticed an ancient lich
205012 | Zig:23   | Noticed an ancient lich
205012 | Zig:23   | Killed a dread lich
205012 | Zig:23   | Killed an ancient lich
205012 | Zig:23   | Killed an ancient lich
205012 | Zig:23   | Killed a dread lich
205012 | Zig:23   | Killed an ancient lich
205012 | Zig:23   | Noticed an ancient lich
205013 | Zig:23   | Killed an ancient lich
205013 | Zig:23   | Killed an ancient lich
205013 | Zig:23   | Killed an ancient lich
205014 | Zig:23   | Noticed an ancient lich
205014 | Zig:23   | Noticed a dread lich
205016 | Zig:23   | Killed an ancient lich
205016 | Zig:23   | Killed an ancient lich
205017 | Zig:23   | Killed an ancient lich
205017 | Zig:23   | Killed a dread lich
205019 | Zig:23   | Noticed a dread lich
205024 | Zig:23   | Killed a dread lich
205085 | Zig:23   | Found the +3 woodcutter's axe {vorpal}
205157 | Zig:23   | Identified the +7 war axe of Cheese {elec, rC+}
205163 | Zig:23   | Got the Book of Blows and Bruises
205164 | Zig:23   | Identified the ring of Xom's Ringing Laughter {Will+ Str+9
                  | Int+5 SInv Stlth-}
205180 | Zig:23   | You pick up a book of Debilitation and begin reading...
205181 | Zig:23   | Identified the +4 broad axe of Impeachment {vorpal, Str+2}
205188 | Zig:23   | Got the Discourse on Superposition and Reformation
205194 | Zig:23   | You pick up a book of Storms and begin reading...
205198 | Zig:23   | Identified the +9 war axe of a bailey {drain, Str-3 Dex+4}
205212 | Zig:23   | You pick up a book of Spatial Translocations and begin
                  | reading...
205219 | Zig:23   | Identified the +6 plate armour "Cedohari" {Regen+ Str-4
                  | Int+3}
205244 | Zig:23   | Got the Anthology of Floating Shaping
205427 | Zig:24   | Entered Level 24 of a ziggurat
205432 | Zig:24   | Noticed Ehytrix the pandemonium lord
205432 | Zig:24   | Noticed Keuppul the pandemonium lord
205432 | Zig:24   | Noticed Zesm the pandemonium lord
205433 | Zig:24   | Noticed Fuagaemot the pandemonium lord
205434 | Zig:24   | Noticed Aptirext the pandemonium lord
205434 | Zig:24   | Noticed Feukk the pandemonium lord
205434 | Zig:24   | Noticed Itifoduob the pandemonium lord
205434 | Zig:24   | Noticed Sivvaol the pandemonium lord
205434 | Zig:24   | Noticed Naeguy the pandemonium lord
205435 | Zig:24   | Noticed Hiarhuj the pandemonium lord
205435 | Zig:24   | Noticed Yfoapruf the pandemonium lord
205435 | Zig:24   | Noticed Soss the pandemonium lord
205436 | Zig:24   | Noticed Eceleno the pandemonium lord
205436 | Zig:24   | Killed Ehytrix the pandemonium lord
205436 | Zig:24   | Noticed Ziull the pandemonium lord
205436 | Zig:24   | Noticed Siom the pandemonium lord
205436 | Zig:24   | Noticed Ymmuf the pandemonium lord
205437 | Zig:24   | Killed Zesm the pandemonium lord
205437 | Zig:24   | Killed Keuppul the pandemonium lord
205437 | Zig:24   | Noticed Qeschur the pandemonium lord
205438 | Zig:24   | Noticed Ufre the pandemonium lord
205438 | Zig:24   | Killed Fuagaemot the pandemonium lord
205438 | Zig:24   | Killed Itifoduob the pandemonium lord
205438 | Zig:24   | Killed Aptirext the pandemonium lord
205438 | Zig:24   | Killed Hiarhuj the pandemonium lord
205438 | Zig:24   | Noticed Sytofuasm the pandemonium lord
205438 | Zig:24   | Noticed Tericeat the pandemonium lord
205438 | Zig:24   | Noticed Teinuiss the pandemonium lord
205438 | Zig:24   | Noticed Oseqiliujer the pandemonium lord
205438 | Zig:24   | Noticed Voschiac the pandemonium lord
205439 | Zig:24   | Noticed Waifom the pandemonium lord
205439 | Zig:24   | Killed Soss the pandemonium lord
205440 | Zig:24   | Noticed Cohoffe the pandemonium lord
205440 | Zig:24   | Noticed Qoez the pandemonium lord
205441 | Zig:24   | Killed Feukk the pandemonium lord
205441 | Zig:24   | Killed Sytofuasm the pandemonium lord
205441 | Zig:24   | Killed Waifom the pandemonium lord
205441 | Zig:24   | Noticed Xakkianu the pandemonium lord
205441 | Zig:24   | Noticed Useem the pandemonium lord
205441 | Zig:24   | Noticed Ohonu the pandemonium lord
205442 | Zig:24   | Killed Teinuiss the pandemonium lord
205442 | Zig:24   | Killed Eceleno the pandemonium lord
205442 | Zig:24   | Killed Sivvaol the pandemonium lord
205442 | Zig:24   | Killed Qeschur the pandemonium lord
205442 | Zig:24   | Noticed Kitoange the pandemonium lord
205442 | Zig:24   | Noticed Qas Ull the pandemonium lord
205443 | Zig:24   | Killed Ymmuf the pandemonium lord
205443 | Zig:24   | Killed Tericeat the pandemonium lord
205443 | Zig:24   | Noticed Veucoib the pandemonium lord
205443 | Zig:24   | Noticed Ruogufua the pandemonium lord
205443 | Zig:24   | Noticed Fuetzagh the pandemonium lord
205444 | Zig:24   | Killed Voschiac the pandemonium lord
205444 | Zig:24   | Killed Oseqiliujer the pandemonium lord
205444 | Zig:24   | Killed Siom the pandemonium lord
205444 | Zig:24   | Killed Ziull the pandemonium lord
205444 | Zig:24   | Killed Yfoapruf the pandemonium lord
205444 | Zig:24   | Killed Qoez the pandemonium lord
205444 | Zig:24   | Killed Ohonu the pandemonium lord
205444 | Zig:24   | Noticed Sovoergh the pandemonium lord
205444 | Zig:24   | Noticed Kaukastra the pandemonium lord
205446 | Zig:24   | Killed Cohoffe the pandemonium lord
205446 | Zig:24   | Killed Sovoergh the pandemonium lord
205446 | Zig:24   | Noticed Jolitial the pandemonium lord
205447 | Zig:24   | Noticed Ystredum the pandemonium lord
205447 | Zig:24   | Noticed Juff the pandemonium lord
205447 | Zig:24   | Killed Ufre the pandemonium lord
205447 | Zig:24   | Killed Ruogufua the pandemonium lord
205447 | Zig:24   | Killed Veucoib the pandemonium lord
205447 | Zig:24   | Noticed Lotsor the pandemonium lord
205447 | Zig:24   | Noticed Emulocw the pandemonium lord
205448 | Zig:24   | Killed Xakkianu the pandemonium lord
205448 | Zig:24   | Killed Kitoange the pandemonium lord
205448 | Zig:24   | Killed Ystredum the pandemonium lord
205448 | Zig:24   | Killed Qas Ull the pandemonium lord
205448 | Zig:24   | Noticed Ysitoyff the pandemonium lord
205449 | Zig:24   | Killed Jolitial the pandemonium lord
205449 | Zig:24   | Noticed Wucy the pandemonium lord
205450 | Zig:24   | Noticed Jola Ymue the pandemonium lord
205450 | Zig:24   | Killed Fuetzagh the pandemonium lord
205450 | Zig:24   | Killed Lotsor the pandemonium lord
205450 | Zig:24   | Noticed Palefesm the pandemonium lord
205450 | Zig:24   | Noticed Qirphaki the pandemonium lord
205450 | Zig:24   | Noticed Duylion the pandemonium lord
205451 | Zig:24   | Noticed Buenirph the pandemonium lord
205452 | Zig:24   | Killed Kaukastra the pandemonium lord
205452 | Zig:24   | Killed Useem the pandemonium lord
205452 | Zig:24   | Killed Juff the pandemonium lord
205452 | Zig:24   | Killed Naeguy the pandemonium lord
205452 | Zig:24   | Noticed Gunteq the pandemonium lord
205453 | Zig:24   | Noticed Orezen the pandemonium lord
205453 | Zig:24   | Noticed Osoprix the pandemonium lord
205453 | Zig:24   | Killed Osoprix the pandemonium lord
205453 | Zig:24   | Noticed Byxkeod the pandemonium lord
205453 | Zig:24   | Noticed Wuaves the pandemonium lord
205454 | Zig:24   | Noticed Vyop the pandemonium lord
205454 | Zig:24   | Killed Ysitoyff the pandemonium lord
205454 | Zig:24   | Killed Emulocw the pandemonium lord
205454 | Zig:24   | Killed Buenirph the pandemonium lord
205454 | Zig:24   | Killed Palefesm the pandemonium lord
205454 | Zig:24   | Noticed Juheat the pandemonium lord
205455 | Zig:24   | Killed Gunteq the pandemonium lord
205455 | Zig:24   | Killed Wuaves the pandemonium lord
205455 | Zig:24   | Killed Wucy the pandemonium lord
205455 | Zig:24   | Killed Jola Ymue the pandemonium lord
205455 | Zig:24   | Noticed Bexy the pandemonium lord
205455 | Zig:24   | Noticed Abust the pandemonium lord
205457 | Zig:24   | Noticed Xaeckueng the pandemonium lord
205458 | Zig:24   | Killed Orezen the pandemonium lord
205458 | Zig:24   | Noticed Nismus the pandemonium lord
205459 | Zig:24   | Killed Byxkeod the pandemonium lord
205459 | Zig:24   | Killed Vyop the pandemonium lord
205459 | Zig:24   | Killed Abust the pandemonium lord
205459 | Zig:24   | Killed Duylion the pandemonium lord
205459 | Zig:24   | Killed Qirphaki the pandemonium lord
205459 | Zig:24   | Killed Juheat the pandemonium lord
205460 | Zig:24   | Noticed Adghowk the pandemonium lord
205460 | Zig:24   | Noticed Nuosiodu the pandemonium lord
205460 | Zig:24   | Noticed Qym Qym the pandemonium lord
205460 | Zig:24   | Noticed Ybaizi the pandemonium lord
205460 | Zig:24   | Noticed Qideif the pandemonium lord
205461 | Zig:24   | Noticed Linyra the pandemonium lord
205461 | Zig:24   | Noticed Qefauqy the pandemonium lord
205461 | Zig:24   | Noticed Lyajen the pandemonium lord
205461 | Zig:24   | Noticed Mutest the pandemonium lord
205461 | Zig:24   | Noticed Jetyq the pandemonium lord
205461 | Zig:24   | Noticed Cist the pandemonium lord
205462 | Zig:24   | Killed Xaeckueng the pandemonium lord
205462 | Zig:24   | Noticed Aciumeib the pandemonium lord
205463 | Zig:24   | Noticed Homafu the pandemonium lord
205463 | Zig:24   | Noticed Leklap the pandemonium lord
205463 | Zig:24   | Killed Qefauqy the pandemonium lord
205463 | Zig:24   | Killed Nuosiodu the pandemonium lord
205464 | Zig:24   | Killed Homafu the pandemonium lord
205464 | Zig:24   | Killed Linyra the pandemonium lord
205464 | Zig:24   | Killed Lyajen the pandemonium lord
205464 | Zig:24   | Killed Qym Qym the pandemonium lord
205464 | Zig:24   | Killed Qideif the pandemonium lord
205464 | Zig:24   | Noticed Emuof the pandemonium lord
205465 | Zig:24   | Killed Nismus the pandemonium lord
205465 | Zig:24   | Killed Bexy the pandemonium lord
205465 | Zig:24   | Killed Ybaizi the pandemonium lord
205465 | Zig:24   | Killed Leklap the pandemonium lord
205465 | Zig:24   | Killed Jetyq the pandemonium lord
205465 | Zig:24   | Noticed Yngestim the pandemonium lord
205465 | Zig:24   | Noticed Zyur the pandemonium lord
205466 | Zig:24   | Killed Mutest the pandemonium lord
205466 | Zig:24   | Noticed Voroirog the pandemonium lord
205467 | Zig:24   | Killed Aciumeib the pandemonium lord
205467 | Zig:24   | Killed Emuof the pandemonium lord
205467 | Zig:24   | Noticed Qiuley the pandemonium lord
205468 | Zig:24   | Killed Adghowk the pandemonium lord
205468 | Zig:24   | Killed Zyur the pandemonium lord
205468 | Zig:24   | Killed Voroirog the pandemonium lord
205469 | Zig:24   | Killed Yngestim the pandemonium lord
205469 | Zig:24   | Killed Qiuley the pandemonium lord
205469 | Zig:24   | Noticed Kato Eralo the pandemonium lord
205471 | Zig:24   | Noticed Ishruxai the pandemonium lord
205472 | Zig:24   | Killed Cist the pandemonium lord
205472 | Zig:24   | Noticed Ruicuf the pandemonium lord
205472 | Zig:24   | Noticed Mouz the pandemonium lord
205473 | Zig:24   | Killed Kato Eralo the pandemonium lord
205474 | Zig:24   | Noticed Tikhur the pandemonium lord
205474 | Zig:24   | Killed Ruicuf the pandemonium lord
205474 | Zig:24   | Killed Ishruxai the pandemonium lord
205476 | Zig:24   | Killed Tikhur the pandemonium lord
205495 | Zig:24   | Killed Mouz the pandemonium lord
205703 | Zig:24   | You pick up a book of Necromancy and begin reading...
205711 | Zig:24   | Identified the +5 falchion "Jiehu" {speed, rN+ Dex+3}
205717 | Zig:24   | Got the Grimoire of the Modern Orbs
205721 | Zig:24   | Identified the amulet of Duuce {Faith Dex+4}
205725 | Zig:24   | Identified the +7 falchion of Zeoref {vorpal, +Blink rPois}
205727 | Zig:24   | Got Ushiuhuy's Omnibus of Sinister Rituals
205730 | Zig:24   | Identified the +0 robe of Vunax {Dex+4}
205732 | Zig:24   | You pick up a book of Cantrips and begin reading...
205734 | Zig:24   | Identified the +10 double sword of Hacking and Slashing
                  | {antimagic, Dex+5}
205735 | Zig:24   | Identified the +2 robe of Crawling {Int+6}
205746 | Zig:24   | Identified the ring "Poini" {rN+ Str+6}
205752 | Zig:24   | You pick up a book of Party Tricks and begin reading...
205758 | Zig:24   | You pick up a book of the Hunter and begin reading...
205814 | Zig:25   | Entered Level 25 of a ziggurat
205867 | Zig:25   | Noticed Oqur the pandemonium lord
205873 | Zig:25   | Killed Oqur the pandemonium lord
206254 | Zig:25   | Identified the +9 mace of the Heart {flame, Will+ Str+2}
206259 | Zig:25   | You pick up a book of the Tundra and begin reading...
206260 | Zig:25   | Identified the +3 ring mail of the Lizard {rElec Int+5
                  | Dex+2}
206265 | Zig:25   | You pick up a book of Storms and begin reading...
206270 | Zig:25   | Got the Directory of Changing and Cold
206272 | Zig:25   | Identified the +0 ring mail "Luamo" {Str+4}
206277 | Zig:25   | Identified the +3 demon blade of Xoceos {flame, +Blink rC+
                  | Dex+3}
206286 | Zig:25   | You pick up a book of Winter and begin reading...
206293 | Zig:25   | Identified the +6 hand axe "Araask" {vorpal, Str+6 Int+3}
206298 | Zig:25   | Identified the +1 pair of boots of Oskuypokh {Dex+4}
206310 | Zig:25   | Identified the amulet "Ziusmief" {Spirit rPois rF+ Will+
                  | Dex+2}
206320 | Zig:26   | Entered Level 26 of a ziggurat
206371 | Zig:26   | Noticed Lierairch the pandemonium lord
206395 | Zig:26   | Killed Lierairch the pandemonium lord
206757 | Zig:26   | Identified the +4 flail of the Wicked God {vamp, Str+3
                  | Int-2 Stlth+}
206759 | Zig:26   | Got the Tractate on Firn
206769 | Zig:26   | You pick up a book of Blood and begin reading...
206771 | Zig:26   | You pick up a book of Displacement and begin reading...
206773 | Zig:26   | Got the Anthology of the Winter and Translocation
206776 | Zig:26   | Identified the ring "Veageix" {Fire MP+9 Str+6}
206785 | Zig:26   | Acquired 638 gold pieces
206795 | Zig:26   | Identified a +1 robe of the Archmagi
206798 | Zig:26   | Identified the +7 chain mail "Cutyinwel" {Will+ Dex+4}
206803 | Zig:26   | Got the Secrets of Variable Hoarfrost
206804 | Zig:26   | Identified the ring "Ybligu Xilie" {Contam AC+4 Slay+5}
206805 | Zig:26   | Identified the +0 plate armour "Wair" {Str+4}
206809 | Zig:26   | Got A Thorough Guide to Wizardry
206813 | Zig:26   | Identified the ring "Zivvuh" {Fire Will+++ Int+5 Dex-3}
206854 | Zig:27   | Entered Level 27 of a ziggurat
206915 | Zig:27   | Acquired 796 gold pieces
206916 | Zig:27   | Acquired 761 gold pieces
206917 | Zig:27   | Acquired 875 gold pieces
206919 | Zig:27   | Identified a +2 robe of the Archmagi
206925 | Zig:27   | Identified the +10 quarterstaff of Big Damage {elec, Int+6}
206931 | Zig:27   | Identified the ring "Earthly Heaven" {MP+9 Str+4 Dex+4
                  | Stlth+}
206941 | Zig:27   | You pick up a book of Lightning and begin reading...
206958 | Zig:27   | Identified a +2 crystal plate armour
207084 | Zig:27   | You pick up a book of Spectacle and begin reading...
207086 | Zig:27   | Got the Precepts of Heat and Outbursts
207089 | Zig:27   | You drop the +4 eveningstar "Gebidaf" {pain, +Blink Int+2
                  | Dex+2 Stlth+, rare}.
207092 | Zig:27   | Identified the +10 great sword "Kitone" {venom, Drain Str+4
                  | Int+3}
207101 | Zig:27   | Identified the +11 glaive "Yfaghed" {vorpal, rPois Int+2}
207412 | Depths:2 | magus.rc [v1.11.3]
207413 | Depths:2 | magus.rc [v1.11.3]
207672 | Zot:5    | Noticed an orb of fire
207672 | Zot:5    | Noticed an ancient lich
207675 | Zot:5    | Noticed an orb of fire
207676 | Zot:5    | Killed an ancient lich
207680 | Zot:5    | Killed an orb of fire
207681 | Zot:5    | Noticed an orb of fire
207682 | Zot:5    | Killed an orb of fire
207687 | Zot:5    | Noticed an orb of fire
207688 | Zot:5    | Killed an orb of fire
207691 | Zot:5    | Noticed a dread lich
207698 | Zot:5    | Noticed a dread lich
207699 | Zot:5    | Killed a dread lich
207699 | Zot:5    | Noticed an orb of fire
207700 | Zot:5    | Killed a dread lich
207702 | Zot:5    | Killed an orb of fire
207702 | Zot:5    | Noticed an ancient lich
207704 | Zot:5    | Killed an ancient lich
207708 | Zot:5    | Killed an orb of fire
207762 | Zot:5    | Identified the +7 morningstar "Demonbane" {protect, rElec
                  | rPois Str+5 Dex-2}
207767 | Zot:5    | Noticed an electric golem
207768 | Zot:5    | Noticed an electric golem
207774 | Zot:5    | Killed an electric golem
207774 | Zot:5    | Killed an electric golem
207908 | Zot:5    | Got the Orb of Zot
207941 | Zot:5    | Noticed Jiybaug the pandemonium lord
207956 | Zot:5    | Killed Jiybaug the pandemonium lord
208074 | Zot:2    | Noticed Mekoerag the pandemonium lord
208075 | Zot:2    | Killed Mekoerag the pandemonium lord
208525 | D:1      | Noticed Xulum the pandemonium lord
208527 | D:1      | Killed Xulum the pandemonium lord
208567 | D:$      | Escaped with the Orb!

Vanquished Creatures
  Cerebov (Pan)
  Antaeus (Coc:7)
  The ghost of Vuopse the Conqueror, a legendary GnIE of Ashenzari (Zig:20)
  The ghost of SevenDeadlySins the Archmage, a legendary DrCj of Vehumet (Zig:13)
  Asmodeus (Geh:7)
  the Royal Jelly (Slime:5)
  The ghost of Dalot the Archmage, a legendary OpCj of Gozag (Zig:20)
  Ereshkigal (Tar:7)
  Mnoleg (Pan)
  The ghost of scarywalker64 the Petrodigitator, a legendary GrEE of Vehumet (Zig:20)
  the Serpent of Hell (Dis:7)
  Gloorx Vloq (Pan)
  The ghost of Nenig the Conqueror, a legendary GnFi of Okawaru (Zig:20)
  The ghost of Nenig the Conqueror, a legendary GnFi of Okawaru (Zig:20)
  Lom Lobon (Pan)
  The ghost of Huju the Spawn of Chaos, a legendary HOFi of Makhleb (Zig:20)
  The ghost of Huju the Spawn of Chaos, a legendary HOFi of Makhleb (Zig:20)
  The ghost of Huju the Spawn of Chaos, a legendary HOFi of Makhleb (Zig:20)
  The ghost of Oreexun the Archmage, a legendary DECj of Vehumet (Zig:20)
  The ghost of Oreexun the Archmage, a legendary DECj of Vehumet (Zig:13)
  119 dread liches
  The ghost of tigertrap the Metallomancer, a legendary DgHW (Zig:13)
  The ghost of WiseOSalty the Conqueror, a legendary TrGl of Qazlal (Zig:20)
  161 ancient liches
  The ghost of Xuqyot the Conqueror, a legendary DsFi of Jiyva (Zig:20)
  The ghost of Xuqyot the Conqueror, a legendary DsFi of Jiyva (Zig:13)
  The ghost of swap the Archmage, a legendary DEFE of Vehumet (Zig:20)
  The ghost of Kucykkydd the Axe Maniac, a legendary MiFi of Gozag (Zig:20)
  The ghost of BerryKnight the Divine Blade, a legendary DgFi (Zig:13)
  Dispater (Dis:7)
  The ghost of Rueful the Heavyweight Champion, a legendary TrWr of Qazlal (Zig:20)
  Khufu (Crypt:3)
  40 orbs of fire
  The ghost of Dittersdorf the Conqueror, a legendary MiBe of Trog (Zig:20)
  The ghost of Hacvoq the Conqueror, a legendary HOFi of Zin (Zig:13)
  The ghost of sleeves the Acolyte, a legendary HuSk of the Shining One (Zig:20)
  The ghost of Dittersdorf the Conqueror, a legendary MiBe of Trog (Zig:13)
  The ghost of Dittersdorf the Conqueror, a legendary MiBe of Trog (Zig:13)
  The ghost of Fouwomub the Sorcerer, a legendary FoEE of Vehumet (Zig:13)
  The ghost of Zonian the Slayer, a legendary HOFi of Beogh (Zig:20)
  The ghost of Xatwola the Axe Maniac, a legendary DDFi of Makhleb (Zig:13)
  The ghost of Veodywke the Conqueror, a legendary MiBe of the Shining One (Zig:13)
  The ghost of thechecker02 the Slayer, a master DDFi of Makhleb (Zig:20)
  The ghost of thechecker02 the Slayer, a master DDFi of Makhleb (Zig:20)
  The ghost of Giojuova the Slayer, a legendary GnBe of Trog (Zig:13)
  91 juggernauts
  The ghost of grandjackal the Rhythm of Life and Death, a legendary DsGl of Uskayaw (Zig:13)
  The ghost of Denobboc the Imperceptible, a legendary OpMo of Jiyva (Zig:20)
  Mara (Depths:1)
  The ghost of Zoplarin the Conqueror, a legendary BaSk of Cheibriados (Zig:13)
  Josephina (Crypt:2)
  The ghost of Qupubruts the Slayer, a master HOFi of Okawaru (Zig:20)
  The ghost of Talannal the Sharpshooter, a legendary GnHW of Cheibriados (Zig:13)
  The ghost of Alysiarr the Cutthroat, a legendary KoHu of Okawaru (Zig:13)
  229 royal mummies
  Vv (Crypt:3)
  The ghost of stevelinton the Ninja, a legendary KoBe of Trog (Zig:13)
  The ghost of andrewp the Conqueror, a veteran MiBe of Trog (Zig:13)
  The ghost of Rirumasy the Octopoid Blade, a legendary OpWn of Gozag (Zig:13)
  The ghost of Walil the Intangible, a veteran MiMo of Dithmenos (Zig:20)
  The ghost of thechecker02 the Impregnable, a legendary DDFi of Makhleb (Zig:13)
  The ghost of thechecker02 the Impregnable, a legendary DDFi of Makhleb (Zig:13)
  The ghost of heteroy the Invulnerable, a legendary DsHu of Uskayaw (Zig:20)
  Boris (4 times) (Crypt:3 Depths:3 Depths:4 Tomb:1)
  The ghost of Waohesse the Slayer, a legendary VSFi of the Shining One (Zig:20)
  Margery (Crypt:2)
  The ghost of Godueg the Slayer, a veteran HOFi of the Shining One (Zig:13)
  86 Killer Klowns
  95 shard shrikes
  Frederick (Crypt:2)
  6 curse toes
  The ghost of Heartburn the Minotaur Barricade, a veteran MiFi of Okawaru (Zig:20)
  Xtahua (Crypt:2)
  A caustic shrike (shapeshifter) (Zig:23)
  The ghost of Janeylunn the Struggler, a veteran GnWn of Okawaru (Zig:20)
  The ghost of Anafel the Impregnable, a legendary GrFi of the Shining One (Zig:20)
  The ghost of Anafel the Impregnable, a legendary GrFi of the Shining One (Zig:20)
  The ghost of Anafel the Impregnable, a legendary GrFi of the Shining One (Zig:20)
  133 caustic shrikes
  228 golden dragons
  Geryon (Hell)
  The ghost of Pohawk the Severer, an adept MiGl of the Shining One (Zig:20)
  2 golden dragons (shapeshifter)
  The ghost of Uhosoup the Slayer, a veteran GrFi of Okawaru (Zig:13)
  The ghost of Uhosoup the Slayer, a veteran GrFi of Okawaru (Zig:20)
  Nikola (Spider:4)
  The ghost of Ebassic the Hoplite, a veteran GrFi of the Shining One (Zig:13)
  235 pandemonium lords
  The ghost of Rocah the Hoplite, a veteran GrFi of the Shining One (Zig:13)
  82 bone dragons
  The ghost of Pikuto the Slayer, an adept MiBe of Trog (Zig:13)
  30 profane servitors
  49 pearl dragons
  122 Brimstone Fiends
  A shard shrike zombie (Crypt:2)
  43 doom hounds
  120 iron giants
  The ghost of Xutext the Spry, an adept DsAK of Lugonu (Zig:20)
  The ghost of Xutext the Spry, an adept DsAK of Lugonu (Zig:13)
  The ghost of Xutext the Spry, an adept DsAK of Lugonu (Zig:13)
  A spectral shard shrike (Tar:2)
  105 hellephants
  Zenata (Crypt:3)
  50 tainted leviathans
  11 electric golems
  27 Orb Guardians
  253 Ice Fiends
  126 Tzitzimimeh
  The ghost of Zeph the Severer, an adept NaFi of Cheibriados (Zig:13)
  The ghost of Zeph the Severer, an adept NaFi of Cheibriados (Zig:13)
  120 tentacled monstrosities
  201 Hell Sentinels
  243 acid blobs
  76 liches
  Asterion (Depths:1)
  80 searing wretches
  3 walking earthen tomes
  90 deep elf master archers
  57 deep elf blademasters
  Murray (Hell)
  4 quicksilver dragons (shapeshifter) (Zig:24)
  20 quicksilver dragons
  200 titans
  133 Executioners
  92 sphinxes
  An acid blob (shapeshifter) (Zig:24)
  5 thorn hunters
  28 shadow dragons
  112 ancient champions
  9 death cobs
  The ghost of Himmaryad the Brawler, an adept TrMo of Nemelex Xobeh (Zig:20)
  The ghost of Polaczum the Brawler, an adept TrMo of Nemelex Xobeh (Zig:20)
  An eldritch tentacle (Zig:2)
  24 storm dragons
  73 tengu reavers
  12 sphinxes (shapeshifter)
  2 storm dragons (shapeshifter) (Zig:23)
  32 tentacled starspawn
  Kirke (D:12)
  Donald (Elf:3)
  Frances (Swamp:1)
  7 shadow dragons (shapeshifter)
  106 draconian monks
  100 fire giants
  111 demonspawn warmongers
  71 revenants
  6 fenstrider witches
  6 azure jellies (shapeshifter)
  89 azure jellies
  83 rockslimes
  5 fenstrider witches (shapeshifter)
  40 daevas
  11 fire giants (shapeshifter)
  173 narguns
  229 nagarajas
  Louise (D:14)
  101 frost giants
  46 deep elf sorcerers
  186 draconian knights
  95 quicksilver elementals
  An emperor scorpion (shapeshifter) (Zig:24)
  6 shard shrike simulacra
  178 orc warlords
  Aizul (Depths:1)
  6 frost giants (shapeshifter)
  A spectral caustic shrike (Zig:27)
  145 emperor scorpions
  2 ghost moths (shapeshifter)
  107 cacodemons
  249 balrugs
  43 iron dragons
  11 juggernaut zombies
  231 ghost moths
  9 caustic shrike zombies
  65 curse skulls
  21 ghouls
  165 draconian annihilators
  56 ironbound preservers
  115 reapers
  8 deep elf elementalists
  131 draconian stormcallers
  71 vault wardens
  161 draconian scorchers
  124 draconian shifters
  A spriggan defender (Depths:2)
  29 angels
  130 demonspawn corrupters
  201 stone giants
  5 stone giants (shapeshifter)
  A broodmother (shapeshifter) (Zig:13)
  124 demonspawn blood saints
  2 quicksilver oozes (shapeshifter)
  79 quicksilver oozes
  14 juggernaut skeletons
  104 very ugly things
  26 broodmothers
  121 war gargoyles
  6 caustic shrike skeletons
  30 eleionomae
  55 green draconians
  2 entropy weavers (shapeshifter)
  40 vampire knights
  9 ironbound thunderhulks
  127 demonspawn black suns
  26 ophanim
  84 deep elf demonologists
  21 apis
  20 elemental wellsprings
  2 spectral titans (Tar:1)
  4 eleionomae (shapeshifter)
  87 lorocyprocas
  86 bennus
  173 wendigos
  Nessos (D:13)
  80 putrid mouths
  6 dire elephants (shapeshifter)
  68 yellow draconians
  2 spark wasps (shapeshifter)
  68 purple draconians
  34 spark wasps
  2 spectral hellephants (Crypt:2)
  132 deep elf annihilators
  64 red draconians
  48 dire elephants
  62 white draconians
  3 bunyips (shapeshifter)
  27 bunyips
  61 black draconians
  75 ettins
  189 blizzard demons
  2 spectral quicksilver dragons
  168 entropy weavers
  74 merfolk javelineers
  196 mummy priests
  95 iron golems
  12 crystal guardians
  53 eidola
  2 spectral elves (Crypt:2)
  3 ettins (shapeshifter)
  155 green deaths
  54 deep elf death magi
  3 quicksilver dragon zombies
  38 fire dragons
  A spectral golden dragon (Zig:4)
  27 jiangshi
  6 merfolk impalers
  Fannar (D:11)
  3 fire dragons (shapeshifter)
  98 deep elf high priests
  5 great orbs of eyes (shapeshifter)
  105 yaktaur captains
  The ghost of tself55 the Cleaver, a journeyman PaDe of Okawaru (D:10)
  192 hydras
  17 rakshasas
  72 shambling mangroves
  53 great orbs of eyes
  An ice dragon (shapeshifter) (Zig:23)
  A spectral shadow dragon (Zig:14)
  18 spriggan skeletons
  59 ice dragons
  20 caustic shrike simulacra
  4 spectral spriggans
  2 boulder beetles (shapeshifter) (Zig:25)
  Erolcha (D:9)
  30 vault guards
  A fenstrider witch zombie (Tomb:2)
  26 ogre magi
  26 jorogumos
  4 quicksilver dragon skeletons
  40 boulder beetles
  46 catoblepae
  2 jorogumos (shapeshifter)
  2 spectral sphinxes
  151 salamander tyrants
  27 ghost crabs
  A catoblepas (shapeshifter) (Zig:23)
  61 hell beasts
  6 ironbound frosthearts
  A fenstrider witch skeleton (Pan)
  15 juggernaut simulacra
  11 stokers
  34 spriggan air magi
  A hydra (shapeshifter) (Zig:23)
  Erica (D:8)
  20 alligator snapping turtles
  43 radroaches
  7 death knights
  5 merfolk avatars
  45 merfolk aquamancers
  9 two-headed ogres (shapeshifter)
  4 anacondas (shapeshifter)
  34 anacondas
  11 deep troll shamans
  35 satyrs
  148 death scarabs
  130 dancing weapons
  35 alligators
  4 alligator snapping turtles (shapeshifter)
  2 satyrs (shapeshifter)
  25 two-headed ogres
  41 hell hogs
  A death yak (shapeshifter) (Zig:23)
  46 naga warriors
  41 centaur warriors
  14 deep troll earth magi
  A radroach (shapeshifter) (Zig:18)
  Urug (D:10)
  8 tengu warriors
  46 vampire magi
  41 thrashing horrors
  13 death yaks
  A quicksilver ooze zombie (Crypt:1)
  A bennu skeleton (Crypt:1)
  207 orc high priests
  13 titan zombies
  4 shock serpents (shapeshifter)
  52 wretched stars
  63 shock serpents
  6 storm dragon zombies
  84 deep elf knights
  70 crystal echidnas
  20 hell knights
  140 soul eaters
  239 sun demons
  11 spriggan berserkers
  A spectral storm dragon (Zig:27)
  Sonja (D:13)
  103 naga sharpshooters
  21 salamander mystics
  80 iron trolls
  104 sixfirhies
  6 fire crabs (shapeshifter)
  64 pharaoh ants
  13 titan skeletons
  65 shadow wraiths
  27 sun moths
  8 quicksilver dragon simulacra
  27 goliath frogs
  9 glowing orange brains (shapeshifter)
  9 golden dragon zombies
  67 death drakes
  19 fire crabs
  60 deep trolls
  8 sea snakes (shapeshifter)
  33 skeletal warriors
  A spectral anaconda (Tar:1)
  4 goliath frogs (shapeshifter)
  A spectral spark wasp (Zig:4)
  9 iron trolls (shapeshifter)
  155 orb spiders
  106 shadow demons
  50 steelbarb worms
  7 steelbarb worms (shapeshifter)
  4 storm dragon skeletons
  33 cherubim
  2 spark wasp zombies
  14 spatial maelstroms
  64 spriggan druids
  8 death drakes (shapeshifter)
  18 glowing orange brains
  4 orb spiders (shapeshifter)
  90 swamp dragons
  9 sea snakes
  75 deep elf archers
  192 large abominations
  8 obsidian statues
  11 tengu zombies
  3 swamp dragons (shapeshifter)
  4 deep trolls (shapeshifter)
  50 ironbound convokers
  7 kraken simulacra (Coc:1)
  23 wizards
  14 bog bodies
  An anaconda skeleton (Pan)
  30 flayed ghosts
  29 naga ritualists
  123 deep elf pyromancers
  25 harpies
  10 spriggan simulacra
  4 lindwurms (shapeshifter)
  8 orange crystal statues
  52 phantasmal warriors
  29 necromancers
  11 lindwurms
  4 spectral iron dragons
  10 golden dragon skeletons
  88 orc knights
  A broodmother zombie (Crypt:2)
  90 wolf spiders
  6 sphinx zombies
  A harpy (shapeshifter) (Zig:23)
  3 glowing shapeshifters
  10 mana vipers (shapeshifter)
  4 shining eyes (shapeshifter)
  134 deep elf zephyrmancers
  2 fire giant zombies
  61 ugly things
  9 shadow dragon skeletons
  5 shadow dragon zombies
  62 shining eyes
  13 manticores
  139 orc sorcerers
  163 moths of wrath
  2 fauns (shapeshifter)
  29 mana vipers
  11 tengu skeletons
  5 cyclopes (shapeshifter)
  13 salamanders
  2 spectral ettins
  5 iron dragon zombies
  7 manticores (shapeshifter)
  9 sphinx skeletons
  A spectral alligator snapping turtle (Tar:1)
  5 worldbinders
  28 will-o-the-wisps
  5 wolf spiders (shapeshifter)
  60 cyclopes
  2 spectral centaurs (Tar:1)
  32 fauns
  A fire giant skeleton (Zig:7)
  16 ice statues
  138 black mambas
  2 moths of wrath (shapeshifter)
  4 salamanders (shapeshifter)
  3 frost giant skeletons
  47 apocalypse crabs
  28 elephants
  10 merfolk sirens
  88 guardian serpents
  49 vault sentinels
  6 guardian serpents (shapeshifter)
  4 black mambas (shapeshifter)
  20 water nymphs
  4 elephants (shapeshifter)
  233 smoke demons
  165 torpor snails
  3 water nymphs (shapeshifter)
  2 toenail golems
  27 rust devils
  3 eyes of devastation (shapeshifter)
  90 naga magi
  9 molten gargoyles
  2 stone giant skeletons
  38 eyes of devastation
  7 iron dragon skeletons
  91 orange demons
  15 titan simulacra
  66 cane toads
  133 demonic crawlers
  6 gargoyles
  4 torpor snails (shapeshifter)
  An alligator snapping turtle zombie (Abyss:3)
  A cane toad (shapeshifter) (Zig:16)
  2 storm dragon simulacra
  7 unseen horrors
  2 dire elephant skeletons
  11 spriggan zombies
  3 yaktaurs (shapeshifter)
  A rime drake (shapeshifter) (Zig:27)
  2 unseen horrors (shapeshifter)
  25 yaktaurs
  34 rime drakes
  A spark wasp simulacrum (Zig:10)
  202 hellions
  4 komodo dragons (shapeshifter)
  32 freezing wraiths
  An anaconda simulacrum (Hell)
  2 kobold demonologists (D:12)
  200 tormentors
  27 efreet
  3 spectral glowing shapeshifters
  A purple draconian skeleton (Crypt:2)
  3 bunyip simulacra (Coc:1)
  A harpy zombie (Crypt:1)
  2 spectral nagas
  5 tengu conjurers
  31 ice devils
  57 komodo dragons
  68 hellwings
  8 golden dragon simulacra
  393 guardian mummies
  42 ancient zymes
  34 merfolk
  36 red devils
  A grey draconian skeleton (Crypt:1)
  7 iron giant simulacra (Coc:7)
  3 polar bears (shapeshifter)
  3 merfolk (shapeshifter)
  4 silent spectres
  15 polar bears
  4 meliai (shapeshifter)
  A minotaur skeleton (Pan)
  150 hornets
  5 tengu simulacra
  4 spectral harpies
  2 tyrant leeches (shapeshifter) (Zig:24)
  16 tyrant leeches
  3 hornets (shapeshifter)
  19 meliai
  2 trolls (shapeshifter)
  A wind drake (shapeshifter) (Zig:24)
  4 queen bees (shapeshifter)
  3 snapping turtles (shapeshifter)
  4 tarantellas (shapeshifter)
  74 trolls
  Grinder (D:3)
  4 slime creatures (shapeshifter)
  11 bloated husks
  11 wind drakes
  69 tarantellas
  2 raiju (shapeshifter)
  A shadow dragon simulacrum (Zig:23)
  5 sphinx simulacra
  4 dream sheep (shapeshifter)
  276 slime creatures
  23 raiju
  Prince Ribbit (D:9)
  30 blink frogs
  5 blink frogs (shapeshifter)
  2 harpy skeletons (Pan)
  An ice dragon skeleton (Pan)
  5 iron dragon simulacra
  2 stone giant simulacra
  63 jumping spiders
  9 snapping turtles
  A fire giant simulacrum (Zig:4)
  174 flying skulls
  13 dream sheep
  9 dire elephant simulacra
  37 spriggans
  A centaur simulacrum (Tomb:3)
  A jumping spider (shapeshifter) (Zig:25)
  2 spriggans (shapeshifter)
  9 wraiths
  3 culicivoras (shapeshifter)
  77 starcursed masses
  An ettin skeleton (Pan)
  129 ynoxinuls
  62 culicivoras
  28 air elementals
  8 shadows
  178 ushabtiu
  Sigmund (D:2)
  A wyvern (shapeshifter) (Zig:23)
  21 wyverns
  82 yaks
  39 water elementals
  A human (shapeshifter) (Zig:27)
  2 naga simulacra
  30 golden eyes
  A steam dragon (shapeshifter) (Zig:23)
  A black mamba skeleton (Crypt:2)
  A fire bat (shapeshifter) (D:14)
  8 fire bats
  A yak (shapeshifter) (Zig:24)
  22 basilisks
  53 fire elementals
  2 golden eyes (shapeshifter)
  3 steam dragons
  130 redbacks
  10 redbacks (shapeshifter)
  Grum (Lair:1)
  11 vampire mosquitoes
  158 chaos spawn
  68 neqoxecs
  5 swamp worm simulacra (Swamp:4)
  2 two-headed ogre zombies
  51 nagas
  A naga (shapeshifter) (Zig:23)
  13 harpy simulacra
  12 swamp worms
  70 wargs
  An acid dragon (shapeshifter) (Zig:23)
  11 glowing shapeshifter zombies
  18 hydra simulacra
  4 swamp worms (shapeshifter)
  The ghost of Jackthecabe the Caller, an amateur OpSu (D:7)
  3 acid dragons
  17 floating eyes
  A naga zombie (Tomb:1)
  64 water moccasins
  Pargi (D:4)
  5 glowing shapeshifter skeletons
  22 hell hounds
  11 floating eyes (shapeshifter)
  A sky beast (D:8)
  372 orc warriors
  3 swamp drakes
  A black bear (shapeshifter) (Zig:21)
  2 black bears
  A fire dragon simulacrum (Hell)
  A black mamba simulacrum (Crypt:2)
  7 ettin simulacra
  17 ice beasts
  5 boggarts (Vaults:3)
  2 ogres (shapeshifter)
  172 ogres
  A dream sheep skeleton (Crypt:1)
  15 wolves
  34 centaurs
  2 phantoms
  4 kobold brigands
  Blork the orc (D:5)
  A rime drake skeleton (Crypt:2)
  6 gnoll sergeants
  23 bullfrogs
  8 glowing shapeshifter simulacra
  A yaktaur skeleton (Crypt:1)
  7 necrophages
  3 scorpions (D:6)
  41 earth elementals
  29 wights
  A floating eye simulacrum (Depths:3)
  A raiju zombie (Crypt:1)
  5 killer bees (D:9)
  2 troll zombies (D:9)
  A swamp dragon simulacrum (Coc:1)
  4 howler monkeys
  2 electric eels (Spider:4)
  3 crimson imps (Abyss:3)
  3 quasits
  70 orc priests
  2 bullfrog zombies (D:4)
  4 jellies
  7 gnoll boudas
  Crazy Yiuf (D:4)
  6 hounds
  2 iguanas
  4 iron imps (Abyss:2)
  Natasha (thrice) (D:3)
  71 orc wizards
  7 hell rats
  17 small abominations
  5 ogre zombies (D:9)
  A deep dwarf zombie (Crypt:2)
  625 mummies
  34 gnolls
  A howler monkey skeleton (D:4)
  10 adders
  A river rat (D:3)
  A shadow imp (Tar:7)
  7 white imps
  3 swamp drake simulacra (Swamp:4)
  2 ufetubi (D:6)
  6 worms
  4 adder zombies (D:4)
  A worm (shapeshifter) (Zig:23)
  4 dart slugs
  97 orcs
  10 bats
  9 endoplasms
  6 giant cockroaches
  10 goblins
  6 hobgoblins
  8 jackals
  5 quokkas
  11 ball pythons
  3 frilled lizards
  A goblin skeleton (D:9)
  5 goblin zombies (D:9)
  A hobgoblin skeleton (D:9)
  4 hobgoblin zombies (D:9)
  25 kobolds
  3 orc skeletons (D:9)
  11 orc zombies (D:9)
  12 rats
  A river rat skeleton (Crypt:2)
  A butterfly (D:4)
  2 creeping infernos
  3 fire vortices
  2 fulminant prisms
  A lurking horror (Abyss:3)
  7 starspawn tentacles
  4 tentacles (Coc:1)
23872 creatures vanquished.

Vanquished Creatures (collateral kills)
  Mennas (Pan)
  A Tzitzimitl (Zig:21)
  A doom hound (Zig:21)
  A tainted leviathan (Zig:21)
  An Orb Guardian (D:1)
  An Executioner (Zig:26)
  A demonspawn black sun (Zig:26)
  A putrid mouth (Zig:21)
  A hell beast (Zig:26)
  A death scarab (Tomb:3)
  A fire crab (Zig:14)
  3 sixfirhies
  A spectral iron dragon (Zig:21)
  An efreet (Zig:14)
  2 fire elementals (Zig:14)
  2 hell hounds (Zig:14)
  2 mummies (Tomb:3)
22 creatures vanquished.

Vanquished Creatures (others)
  2 ancient liches
  8 pandemonium lords
  A Tzitzimitl (Zig:20)
  7 tentacled monstrosities
  An Ice Fiend (Pan)
  A thorn hunter (Zig:16)
  A demonspawn warmonger (Zig:26)
  2 cacodemons
  2 draconian knights
  A draconian scorcher (Zig:23)
  2 shard shrike simulacra
  A curse skull (Zig:13)
  A very ugly thing (Zig:24)
  A broodmother (shapeshifter) (Zig:24)
  An eleionoma (Zig:22)
  A lorocyproca (Pan)
  A bunyip (Zig:22)
  A blizzard demon (Pan)
  A green death (Zig:22)
  3 hydras
  3 juggernaut simulacra
  A dancing weapon (Pan)
  2 alligators
  A merfolk aquamancer (Zig:19)
  A death scarab (Tomb:3)
  A spriggan berserker (Depths:3)
  An iron troll (Depths:3)
  2 spriggans (Zig:13)
  A sixfirhy (Pan)
  A goliath frog (Swamp:4)
  2 death drakes (Zig:22)
  A bog body (Zig:22)
  4 quicksilver dragon simulacra
  A harpy (Zig:18)
  2 swamp dragons
  An ugly thing (Zig:18)
  A will-o-the-wisp (Zig:22)
  A black mamba (Zig:12)
  An iron giant simulacrum (Coc:7)
  6 bloated husks
  A meliai (shapeshifter) (Zig:23)
  A dream sheep (shapeshifter) (Zig:24)
  5 hornets
  A frost giant simulacrum (Zig:9)
  A flying skull (Tomb:3)
  A dire elephant simulacrum (Coc:7)
  A spriggan (shapeshifter) (Zig:24)
  An air elemental (Zig:20)
  5 humans (D:12)
  A golden eye (shapeshifter) (Zig:19)
  A chaos spawn (Pan)
  2 small abominations
  3 glowing shapeshifter simulacra
  A mummy (Tomb:3)
  21 ball lightnings
  4 demonic plants
  12 fire vortices
  27 foxfires
  206 fulminant prisms
  59 fungi
  146 plants
  3 starspawn tentacles
  4 tentacles (Coc:1)
  2 withered plants (D:4)
582 creatures vanquished.

Grand Total: 24476 creatures vanquished

Table legend:
 A = Non-vault XP
 B = Vault XP
 C = Vault XP percentage of total XP
 D = Non-vault monster count
 E = Vault monster count
 F = Vault count percentage of total count
                 A         B        C        D         E       F
            +---------+---------+-------+---------+---------+-------
      Total | 7107767 | 1832627 |  20.5 |   21821 |    2057 |   8.6
            +---------+---------+-------+---------+---------+-------
        D:1 |      38 |       2 |   5.0 |      21 |       1 |   4.5
        D:2 |     127 |     210 |  62.3 |      30 |       1 |   3.2
        D:3 |      97 |     419 |  81.2 |      18 |      24 |  57.1
        D:4 |     307 |     387 |  55.8 |      22 |      12 |  35.3
        D:5 |     632 |      94 |  12.9 |      20 |       1 |   4.8
        D:6 |    1168 |       0 |   0.0 |      25 |       0 |   0.0
        D:7 |     919 |     156 |  14.5 |      26 |       1 |   3.7
        D:8 |    2643 |    1951 |  42.5 |      28 |      31 |  52.5
        D:9 |    3405 |    3158 |  48.1 |      48 |      42 |  46.7
       D:10 |    1594 |    2990 |  65.2 |      14 |       8 |  36.4
       D:11 |    4155 |     899 |  17.8 |      19 |       1 |   5.0
       D:12 |    8352 |    1396 |  14.3 |      39 |       1 |   2.5
       D:13 |    4382 |    6740 |  60.6 |       8 |      15 |  65.2
       D:14 |    6974 |    1270 |  15.4 |      22 |       1 |   4.3
       D:15 |   11249 |    1798 |  13.8 |      20 |       2 |   9.1
     Lair:1 |    6139 |     533 |   8.0 |      26 |       4 |  13.3
     Lair:2 |    8221 |    1599 |  16.3 |      25 |       3 |  10.7
     Lair:3 |     976 |    7119 |  87.9 |       4 |      19 |  82.6
     Lair:4 |    6115 |     393 |   6.0 |      23 |       4 |  14.8
     Lair:5 |   13453 |   10312 |  43.4 |      44 |      34 |  43.6
    Swamp:1 |   12120 |    5313 |  30.5 |      26 |       6 |  18.8
    Swamp:2 |   10881 |       0 |   0.0 |      18 |       0 |   0.0
    Swamp:3 |   12296 |       0 |   0.0 |      24 |       0 |   0.0
    Swamp:4 |   10474 |   11685 |  52.7 |      18 |      34 |  65.4
   Spider:1 |   20467 |       0 |   0.0 |      55 |       0 |   0.0
   Spider:2 |    8495 |    4340 |  33.8 |      26 |       5 |  16.1
   Spider:3 |   22012 |    5092 |  18.8 |      50 |       5 |   9.1
   Spider:4 |   15730 |   22076 |  58.4 |      39 |      32 |  45.1
    Slime:1 |    3711 |       0 |   0.0 |       9 |       0 |   0.0
    Slime:2 |    4845 |       0 |   0.0 |      13 |       0 |   0.0
    Slime:3 |   13028 |       0 |   0.0 |      20 |       0 |   0.0
    Slime:4 |   16409 |       0 |   0.0 |      22 |       0 |   0.0
    Slime:5 |   13776 |   21352 |  60.8 |      31 |      18 |  36.7
      Orc:1 |    4460 |       0 |   0.0 |      55 |       0 |   0.0
      Orc:2 |    3812 |    8072 |  67.9 |      41 |      12 |  22.6
      Elf:1 |    4784 |   20546 |  81.1 |       8 |      31 |  79.5
      Elf:2 |   10078 |   25749 |  71.9 |      23 |      34 |  59.6
      Elf:3 |   14870 |   38938 |  72.4 |      23 |      50 |  68.5
   Vaults:1 |   15823 |   26229 |  62.4 |      20 |      34 |  63.0
   Vaults:2 |   18338 |    8512 |  31.7 |      24 |      12 |  33.3
   Vaults:3 |   15387 |   12753 |  45.3 |      29 |      20 |  40.8
   Vaults:4 |   19835 |   17725 |  47.2 |      26 |      27 |  50.9
   Vaults:5 |   12246 |  138309 |  91.9 |      21 |     117 |  84.8
    Crypt:1 |   19678 |       0 |   0.0 |      29 |       0 |   0.0
    Crypt:2 |   17655 |   28308 |  61.6 |      27 |      19 |  41.3
    Crypt:3 |       0 |   77564 | 100.0 |       0 |     125 | 100.0
     Tomb:1 |   13852 |  120661 |  89.7 |      27 |      66 |  71.0
     Tomb:2 |   19515 |   26376 |  57.5 |      35 |      46 |  56.8
     Tomb:3 |    7153 |   75536 |  91.3 |      22 |      80 |  78.4
   Depths:1 |   41352 |    9935 |  19.4 |      53 |       6 |  10.2
   Depths:2 |   47737 |   54682 |  53.4 |      52 |      47 |  47.5
   Depths:3 |   52057 |   63299 |  54.9 |      64 |      65 |  50.4
   Depths:4 |   22574 |   18268 |  44.7 |      20 |      16 |  44.4
       Hell |   17124 |   22620 |  56.9 |      24 |      25 |  51.0
      Dis:1 |   15675 |    2807 |  15.2 |      13 |       3 |  18.8
      Dis:2 |    2654 |       0 |   0.0 |       3 |       0 |   0.0
      Dis:3 |    7165 |       0 |   0.0 |       6 |       0 |   0.0
      Dis:4 |    8998 |       0 |   0.0 |       8 |       0 |   0.0
      Dis:6 |   11512 |       0 |   0.0 |       8 |       0 |   0.0
      Dis:7 |   15450 |  147089 |  90.5 |      14 |      87 |  86.1
      Geh:1 |       0 |    9555 | 100.0 |       0 |      11 | 100.0
      Geh:2 |     812 |       0 |   0.0 |       1 |       0 |   0.0
      Geh:3 |    8950 |       0 |   0.0 |       8 |       0 |   0.0
      Geh:4 |    1760 |       0 |   0.0 |       1 |       0 |   0.0
      Geh:5 |   18490 |   29964 |  61.8 |      15 |      25 |  62.5
      Geh:6 |   12215 |       0 |   0.0 |       8 |       0 |   0.0
      Geh:7 |   18489 |   50595 |  73.2 |      14 |      43 |  75.4
      Coc:1 |    8021 |    4940 |  38.1 |      15 |       7 |  31.8
      Coc:2 |   14949 |       0 |   0.0 |      12 |       0 |   0.0
      Coc:3 |    2587 |       0 |   0.0 |       2 |       0 |   0.0
      Coc:4 |   28278 |       0 |   0.0 |      39 |       0 |   0.0
      Coc:5 |   29558 |       0 |   0.0 |      20 |       0 |   0.0
      Coc:7 |   32071 |   74672 |  70.0 |      39 |      56 |  58.9
      Tar:1 |    9864 |       0 |   0.0 |      14 |       0 |   0.0
      Tar:2 |    2258 |       0 |   0.0 |       2 |       0 |   0.0
      Tar:4 |    2689 |       0 |   0.0 |       3 |       0 |   0.0
      Tar:5 |   10755 |       0 |   0.0 |       8 |       0 |   0.0
      Tar:6 |   15551 |       0 |   0.0 |      14 |       0 |   0.0
      Tar:7 |   22218 |  142872 |  86.5 |      15 |     103 |  87.3
      Zot:1 |   35197 |       0 |   0.0 |      23 |       0 |   0.0
      Zot:2 |   31454 |       0 |   0.0 |      24 |       0 |   0.0
      Zot:3 |   68526 |   13711 |  16.7 |      64 |      10 |  13.5
      Zot:4 |   19749 |       0 |   0.0 |      14 |       0 |   0.0
      Zot:5 |   14542 |   15189 |  51.1 |      28 |      46 |  62.2
    Abyss:2 |   17940 |     785 |   4.2 |      47 |       1 |   2.1
    Abyss:3 |   42470 |    4243 |   9.1 |      80 |      12 |  13.0
        Pan |  936086 |  421708 |  31.1 |    1357 |     465 |  25.5
      Zig:1 |    9402 |       0 |   0.0 |      46 |       0 |   0.0
      Zig:2 |   17194 |    2129 |  11.0 |      98 |       4 |   3.9
      Zig:3 |   33982 |       0 |   0.0 |     137 |       0 |   0.0
      Zig:4 |   38693 |       0 |   0.0 |     162 |       4 |   2.4
      Zig:5 |   52172 |       0 |   0.0 |     174 |       0 |   0.0
      Zig:6 |   60621 |       0 |   0.0 |     254 |       0 |   0.0
      Zig:7 |   85247 |       0 |   0.0 |     396 |       0 |   0.0
      Zig:8 |  102213 |       0 |   0.0 |     362 |       8 |   2.2
      Zig:9 |  136802 |       0 |   0.0 |     363 |       0 |   0.0
     Zig:10 |  122284 |       0 |   0.0 |     456 |       0 |   0.0
     Zig:11 |  146664 |       0 |   0.0 |     475 |       0 |   0.0
     Zig:12 |  201941 |       0 |   0.0 |     526 |       0 |   0.0
     Zig:13 |  160314 |       0 |   0.0 |     621 |       4 |   0.6
     Zig:14 |  215325 |    3461 |   1.6 |     736 |       8 |   1.1
     Zig:15 |  230236 |       0 |   0.0 |     666 |       0 |   0.0
     Zig:16 |  252558 |    2250 |   0.9 |     711 |       8 |   1.1
     Zig:17 |  302968 |       0 |   0.0 |     807 |       0 |   0.0
     Zig:18 |  311959 |       0 |   0.0 |     902 |       0 |   0.0
     Zig:19 |  326008 |       0 |   0.0 |    1086 |       4 |   0.4
     Zig:20 |  281338 |       0 |   0.0 |    1139 |       0 |   0.0
     Zig:21 |  309702 |       0 |   0.0 |    1028 |       4 |   0.4
     Zig:22 |  241128 |       0 |   0.0 |    1070 |       0 |   0.0
     Zig:23 |  224510 |       0 |   0.0 |     984 |       0 |   0.0
     Zig:24 |  243214 |       0 |   0.0 |    1061 |       0 |   0.0
     Zig:25 |  282387 |       0 |   0.0 |    1276 |       0 |   0.0
     Zig:26 |  297974 |       0 |   0.0 |    1372 |       0 |   0.0
     Zig:27 |  330478 |    1142 |   0.3 |    1538 |       4 |   0.3
      Sewer |       0 |     149 | 100.0 |       0 |       3 | 100.0
            +---------+---------+-------+---------+---------+-------

Illustrated notes

Table legend:
 A = Kills in this place as a percentage of kills in entire the game.
 B = Kills by you in this place as a percentage of kills by you in the entire game.
 C = Kills by friends in this place as a percentage of kills by friends in the entire game.
 D = Other kills in this place as a percentage of other kills in the entire game.
 E = Experience gained in this place as a percentage of experience gained in the entire game.
 F = Experience gained in this place divided by the number of levels of this place that you have seen.
                   A       B       C       D       E      F
               +-------+-------+-------+-------+-------+----------------------
         Total | 100.0 | 100.0 | 100.0 | 100.0 | 100.0 | 24765.6
       Dungeon |   2.1 |   2.1 |   4.5 |   0.0 |   0.8 | 4500.8
          Lair |   0.8 |   0.8 |   0.0 |   0.0 |   0.6 | 10972.0
         Swamp |   0.5 |   0.5 |   0.0 |   6.5 |   0.7 | 15692.2
   Spider Nest |   0.9 |   0.9 |   0.0 |   0.0 |   1.1 | 24553.0
    Slime Pits |   0.5 |   0.5 |   0.0 |   0.0 |   0.8 | 14624.2
  Orcish Mines |   0.5 |   0.5 |   0.0 |   0.0 |   0.2 | 8172.0
   Elven Halls |   0.7 |   0.7 |   0.0 |   0.0 |   1.3 | 38321.7
        Vaults |   1.4 |   1.4 |   0.0 |   1.6 |   3.2 | 57031.4
         Crypt |   0.8 |   0.8 |   0.0 |   1.6 |   1.6 | 47735.0
          Tomb |   1.2 |   1.1 |  13.6 |   0.0 |   2.9 | 87697.7
        Depths |   1.4 |   1.4 |   0.0 |   3.2 |   3.5 | 77476.0
          Hell |   0.2 |   0.2 |   0.0 |   0.0 |   0.4 | 39744.0
           Dis |   0.6 |   0.6 |   0.0 |   0.0 |   2.4 | 35225.0
       Gehenna |   0.5 |   0.5 |   0.0 |   0.0 |   1.7 | 21547.1
       Cocytus |   0.8 |   0.8 |   0.0 |   3.2 |   2.2 | 27868.0
      Tartarus |   0.7 |   0.7 |   0.0 |   0.0 |   2.3 | 29458.1
           Zot |   0.9 |   0.9 |   0.0 |   0.0 |   2.2 | 39673.6
         Abyss |   0.6 |   0.6 |   0.0 |   0.0 |   0.7 | 21812.7
   Pandemonium |   7.6 |   7.6 |  13.6 |   9.7 |  15.2 | 45259.8
      Ziggurat |  77.3 |  77.4 |  68.2 |  74.2 |  56.2 | 21030.5
         Sewer |   0.0 |   0.0 |   0.0 |   0.0 |   0.0 | 149.0
               +-------+-------+-------+-------+-------+----------------------

Table legend: (Time is in decaauts)
 A = Elapsed time spent in this place.
 B = Non-inter-level travel time spent in this place.
 C = Inter-level travel time spent in this place.
 D = Time resting spent in this place.
 E = Time spent auto-exploring this place.
 F = Levels seen in this place.
 G = Mean time per level.
                   A        B        C        D        E       F      G
               +--------+--------+--------+--------+--------+-----+--------+
         Total | 233422 | 219454 |  13968 |  32938 | 128724 | 361 |  646.6 |
       Dungeon |  29761 |  24837 |   4924 |   4822 |  16841 |  15 | 1984.1 |
        Temple |    122 |    115 |      7 |      0 |     85 |   1 |  122.0 |
          Lair |   9357 |   8630 |    727 |   2027 |   5583 |   5 | 1871.4 |
         Swamp |   6797 |   6373 |    424 |   1183 |   4137 |   4 | 1699.2 |
   Spider Nest |   7643 |   7414 |    229 |    935 |   5226 |   4 | 1910.8 |
    Slime Pits |   2657 |   2500 |    157 |    604 |   1586 |   5 |  531.4 |
  Orcish Mines |   3057 |   2607 |    450 |    110 |   2106 |   2 | 1528.5 |
   Elven Halls |   5949 |   5115 |    834 |    675 |   3707 |   3 | 1983.0 |
        Vaults |  13315 |  11798 |   1517 |   2543 |   8017 |   5 | 2663.0 |
         Crypt |   6790 |   6080 |    710 |   1612 |   3255 |   3 | 2263.3 |
          Tomb |   4663 |   4325 |    338 |   1609 |   1547 |   3 | 1554.3 |
        Depths |  10097 |   7660 |   2437 |   1489 |   4498 |   4 | 2524.2 |
          Hell |    873 |    718 |    155 |     93 |    388 |   1 |  873.0 |
           Dis |   5628 |   5429 |    199 |   3466 |    168 |   6 |  938.0 |
       Gehenna |   3090 |   2930 |    160 |   1009 |    136 |   7 |  441.4 |
       Cocytus |   3599 |   3596 |      3 |   1855 |    111 |   7 |  514.1 |
      Tartarus |   5454 |   5294 |    160 |   1992 |   1868 |   7 |  779.1 |
           Zot |   5939 |   5410 |    529 |    253 |   4007 |   5 | 1187.8 |
         Abyss |   1498 |   1498 |      0 |    209 |     79 |   3 |  499.3 |
   Pandemonium |  44697 |  44697 |      0 |   3600 |  24124 |  30 | 1489.9 |
      Ziggurat |  61806 |  61806 |      0 |   2837 |  40733 | 239 |  258.6 |
        Bazaar |    455 |    455 |      0 |      0 |    400 |   1 |  455.0 |
         Sewer |    165 |    165 |      0 |     10 |    117 |   1 |  165.0 |
               +--------+--------+--------+--------+--------+-----+--------+

Top non-repeatable levels by time:
   Dis:7: 4911 daAuts
   Tar:7: 4798 daAuts
  Zig:27: 4095 daAuts
     D:9: 3859 daAuts
Vaults:4: 3836 daAuts
    D:15: 3790 daAuts
  Zig:26: 3787 daAuts
 Crypt:3: 3639 daAuts
  Zig:22: 3618 daAuts
  Zig:21: 3565 daAuts
  Zig:25: 3456 daAuts
Depths:2: 3303 daAuts
  Zig:24: 3261 daAuts
  Zig:23: 3147 daAuts
Vaults:1: 3119 daAuts
